 Dungeon Crawl Stone Soup version 0.29.1-14-g9c671dbff4 (webtiles) character file.

Game seed: 17723106539780533042

8798474 protoss039 the Archmage (level 27, 323/323 HPs)
             Began as a Demonspawn Earth Elementalist on Feb 11, 2023.
             Was an Initiate of Gozag.
             Escaped with the Orb
             ... and 15 runes on Feb 15, 2023!
             The game lasted 19:57:58 (211960 turns).

protoss039 the Archmage (DsEE)                    Turns: 211960, Time: 19:57:58

Health: 323/323    AC: 55    Str: 21    XL:     27
Magic:  67/73      EV: 12    Int: 50    God:    Gozag
Gold:   92074      SH: 36    Dex: 17    Spells: 0/80 levels left

rFire   + + +      SeeInvis +   f - +9 staff of Wucad Mu {*channel}
rCold   + + +      Faith    .   d - +18 shield of the Gong {rElec rN+ Will+ EV-5}
rNeg    + + +      Spirit   .   B - +8 orange crystal plate armour {Archmagi, Int+3 Clar}
rPois   ∞          Reflect  .   l - +3 hat of Pondering {ponderous, Will+ MP+10 Int+5}
rElec   +          Harm     .   n - scarf {repulsion}
rCorr   +          Rampage  .   G - +1 pair of gloves of Fymoajuwk {rF++ Int+6}
Will    +++++      Archmagi +   (boots unavailable)
Stlth   +......... Clarity  +   D - amulet of Vitality {RegenMP++ Regen++}
HPRegen 2.23/turn               c - ring of Psychosis {rN+ Str+6 Int+7 Dex-3 SInv}
MPRegen 1.23/turn               i - ring of the Cricket {MP+9 Str+6 Dex+5}

@: mighty, lich-form, resistant, hasted, studying 4 skills, invisible, repel
missiles, very quick
A: draining attack, torment immunity, no potions, hooves 3, icy blue scales 3,
demonic guardian 3, robust 3, demonic magic 3, passive freeze, evolution 1
0: Orb of Zot
}: 15/15 runes: barnacled, slimy, silver, golden, iron, obsidian, icy, bone,
abyssal, demonic, glowing, magical, fiery, dark, gossamer
a: End Transformation, Renounce Religion, Potion Petition, Call Merchant, Bribe
Branch


You escaped.
You worshipped Gozag.
Gozag was exalted by your worship.
You were an undead lich.
You visited 18 branches of the dungeon, and saw 87 of its levels.
You visited Pandemonium 4 times, and saw 13 of its levels.
You visited the Abyss 2 times.
You visited 1 bazaar.
You completed 12 ziggurats, and saw 324 of their levels.
You also visited: Bailey and Wizlab.

You collected 408009 gold pieces.
You spent 15227 gold pieces at shops.
You paid 300708 gold pieces to Gozag.

Inventory:

Hand Weapons
 b - the +8 mithril axe "Arga" {speed, Will+}
   (You found it on level 13 of a ziggurat)

   Attacks with this weapon are significantly faster.
   Will:      It increases your willpower.
 f - the +9 staff of Wucad Mu (weapon) {*channel}
   (You found it on level 12 of a ziggurat)

   It occasionally powers its wielder's spells, but with a chance of causing
   confusion or draining the wielder's intelligence.
   It becomes more likely to activate and less likely to backfire with increased
   Evocations skill.
Missiles
 X - 451 silver javelins (quivered)
Armour
 d - the +18 shield of the Gong (worn) {rElec rN+ Will+ EV-5}
   (You found it on level 14 of a ziggurat)

   It is deafeningly noisy when blocking attacks.
   EV:        It affects your evasion (-5).
   rElec:     It insulates you from electricity.
   rN:        It protects you from negative energy.
   Will:      It increases your willpower.
 l - the +3 hat of Pondering (worn) {ponderous, Will+ MP+10 Int+5}
   (You found it on level 13 of a ziggurat)

   Int:       It affects your intelligence (+5).
   MP:        It affects your magic capacity (+10).
   Will:      It increases your willpower.
 n - a scarf of repulsion (worn)
 B - the +8 orange crystal plate armour (worn) {Archmagi, Int+3 Clar}
   (You found it on level 24 of a ziggurat)

   Int:       It affects your intelligence (+3).
   Clar:      It protects you against confusion.
 G - the +1 pair of gloves of Fymoajuwk (worn) {rF++ Int+6}
   (You found it on level 24 of a ziggurat)

   Int:       It affects your intelligence (+6).
   rF:        It greatly protects you from fire.
Jewellery
 a - the amulet of Curiosity {Reflect Fragile Str+4 Int+2 Dex+3 SH+5}
   (You found it on level 5 of a ziggurat)

   [amulet of reflection]

   It reflects blocked missile attacks.
   Str:       It affects your strength (+4).
   Int:       It affects your intelligence (+2).
   Dex:       It affects your dexterity (+3).
   Fragile:   It will be destroyed if unequipped.
   SH:        It affects your SH (+5).
 c - the ring of Psychosis (left hand) {rN+ Str+6 Int+7 Dex-3 SInv}
   (You found it on level 8 of a ziggurat)

   [ring of strength]

   Str:       It affects your strength (+6).
   Int:       It affects your intelligence (+7).
   Dex:       It affects your dexterity (-3).
   rN:        It protects you from negative energy.
   SInv:      It lets you see invisible.
 i - the ring of the Cricket (right hand) {MP+9 Str+6 Dex+5}
   (You found it on level 25 of a ziggurat)

   [ring of strength]

   Str:       It affects your strength (+6).
   Dex:       It affects your dexterity (+5).
   MP:        It affects your magic capacity (+9).
 j - the ring of Shadows {Umbra +Inv Stlth+}
   (You found it on level 4 of a ziggurat)

   [ring of stealth]

   It surrounds you with an aura of shadow, increasing your stealth and reducing
   the accuracy of all others within it.
   +Inv:      It lets you turn invisible.
   Stlth:     It makes you more stealthy.
 k - the ring of the Prince of Darkness {rC+ rCorr Str+6 Int+4 SInv}
   (You acquired it on level 5 of the Pits of Slime)

   [ring of see invisible]

   Str:       It affects your strength (+6).
   Int:       It affects your intelligence (+4).
   rC:        It protects you from cold.
   SInv:      It lets you see invisible.
   rCorr:     It protects you from acid and corrosion.
 v - the dreamshard necklace {*Dream Drain}
   (You found it on level 23 of a ziggurat)

   [amulet of nothing]

   It shatters if its wearer takes lethal or near-lethal damage, preventing the
   blow and releasing protective dreams that heal and fight for the wearer.
   Drain:     It drains your maximum health when unequipped.
 D - the amulet of Vitality (around neck) {RegenMP++ Regen++}
   (You found it on level 5 of the Vaults)

   [amulet of magic regeneration]

   It increases your rate of magic regeneration.
   Regen:     It increases your rate of health regeneration.
 E - the ring of Peace {Wiz rElec rN+ Int+2 Stlth-}
   (You found it on level 19 of a ziggurat)

   [ring of wizardry]

   It improves your spell success rate.
   Int:       It affects your intelligence (+2).
   rElec:     It insulates you from electricity.
   rN:        It protects you from negative energy.
   Stlth:     It makes you less stealthy.
 J - the ring of the Mage {Wiz Archmagi}
   (You found it on level 16 of a ziggurat)

   [ring of wizardry]

   It improves your spell success rate.
   Archmagi:  It increases the power of your magical spells.
 K - the macabre finger necklace {rN+}
   (You found it on level 15 of a ziggurat)

   [amulet of nothing]

   It enables you to equip an extra ring.
   rN:        It protects you from negative energy.
 Y - the ring "Ucirel" {Fly Str+7}
   (You found it on level 17 of a ziggurat)

   [ring of flight]

   Str:       It affects your strength (+7).
   Fly:       It grants you flight.
Wands
 g - a wand of digging (10)
 s - a wand of roots (148)
 w - a wand of quicksilver (105)
Scrolls
 m - 95 scrolls of immolation
 q - 124 scrolls of enchant armour
 r - 116 scrolls of blinking
 u - 31 scrolls of torment
 I - 19 scrolls of summoning
 L - 80 scrolls of amnesia
 Z - 289 scrolls of teleportation
Potions
 o - 26 potions of might
 p - 127 potions of heal wounds
 t - 83 potions of curing
 x - 54 potions of cancellation
 y - 86 potions of magic
 z - 9 potions of mutation
 A - 17 potions of brilliance
 C - 14 potions of invisibility
 H - 12 potions of resistance
 M - 22 potions of ambrosia
 P - 96 potions of haste
Miscellaneous
 e - a +12 figurine of a ziggurat
 F - a condenser vane


   Skills:
 O Level 27 Fighting
 O Level 27 Short Blades
 O Level 27 Long Blades
 O Level 27 Axes
 O Level 27 Maces & Flails
 O Level 27 Polearms
 O Level 27 Staves
 O Level 27 Ranged Weapons
 O Level 27 Throwing
 O Level 27 Armour
 O Level 27 Dodging
 O Level 27 Stealth
 O Level 27 Shields
 O Level 27 Unarmed Combat
 O Level 27 Spellcasting
 O Level 27 Conjurations
 O Level 27 Hexes
 O Level 27 Summonings
 O Level 27 Necromancy
 O Level 27 Translocations
 O Level 27 Transmutations
 O Level 27 Fire Magic
 O Level 27 Ice Magic
 O Level 27 Air Magic
 O Level 27 Earth Magic
 O Level 27 Poison Magic
 O Level 27 Invocations
 O Level 27 Evocations


You couldn't memorise any spells.
You knew the following spells:

 Your Spells              Type           Power      Damage    Failure   Level
a - Necromutation         Tmut/Necr      100%       N/A       1%          8
b - Ozocubu's Refrigerat  Ice            86%        4d26      1%          7
c - Passwall              Tmut/Erth      100%       N/A       0%          2
d - Swiftness             Air            100%       N/A       0%          3
e - Fire Storm            Conj/Fire      86%        8d22      2%          9
f - Ignition              Fire           86%        3d22      1%          8
g - Shatter               Erth           86%        3d62*     2%          9
h - Polar Vortex          Ice            86%        N/A       2%          9
i - Chain Lightning       Conj/Air       86%        3d115     2%          9
j - Borgnjor's Vile Clut  Necr/Erth      100%       N/A       0%          5
l - Sublimation of Blood  Necr           100%       N/A       0%          2
m - Death's Door          Necr           100%       N/A       2%          9

Your spell library contained the following spells:

 Spells                   Type           Power      Damage    Failure   Level
 Apportation              Tloc           100%       N/A       0%          1
 Beastly Appendage        Tmut           100%       N/A       0%          1
 Foxfire                  Conj/Fire      100%       2x1d9     0%          1
 Freeze                   Ice            100%       1d11      0%          1
 Magic Dart               Conj           100%       1d8       0%          1
 Necrotise                Necr           100%       1d9       0%          1
 Sandblast                Erth           100%       2d20      0%          1
 Shock                    Conj/Air       100%       1d9       0%          1
 Slow                     Hex            100%       N/A       0%          1
 Sting                    Tmut/Pois      100%       1d8       0%          1
 Summon Small Mammal      Summ           100%       N/A       0%          1
 Blink                    Tloc           100%       N/A       0%          2
 Call Imp                 Summ           100%       N/A       0%          2
 Ensorcelled Hibernation  Hex/Ice        100%       N/A       0%          2
 Poisonous Vapours        Pois/Air       100%       N/A       0%          2
 Scorch                   Fire           100%       2d10      0%          2
 Searing Ray              Conj           100%       2d8       0%          2
 Static Discharge         Conj/Air       100%       3-16/arc  0%          2
 Wereblood                Tmut           100%       N/A       0%          2
 Call Canine Familiar     Summ           100%       N/A       0%          3
 Confusing Touch          Hex            100%       N/A       0%          3
 Conjure Flame            Conj/Fire      100%       6-21      0%          3
 Dazzling Flash           Conj/Hex       100%       N/A       0%          3
 Frozen Ramparts          Ice            100%       1d16      0%          3
 Gell's Gravitas          Tloc           100%       N/A       0%          3
 Ignite Poison            Fire/Tmut/Pois 100%       N/A       0%          3
 Inner Flame              Hex/Fire       100%       N/A       0%          3
 Lesser Beckoning         Tloc           100%       N/A       0%          3
 Mephitic Cloud           Conj/Pois/Air  100%       N/A       0%          3
 Ozocubu's Armour         Ice            100%       N/A       0%          3
 Portal Projectile        Hex/Tloc       100%       N/A       0%          3
 Spider Form              Tmut/Pois      100%       N/A       0%          3
 Stone Arrow              Conj/Erth      100%       3d13      0%          3
 Summon Guardian Golem    Hex/Summ       100%       N/A       0%          3
 Teleport Other           Tloc           100%       N/A       0%          3
 Tukima's Dance           Hex            100%       N/A       0%          3
 Vampiric Draining        Necr           100%       2d13      0%          3
 Airstrike                Air            86%        2d(13-29) 0%          4
 Anguish                  Hex/Necr       100%       N/A       0%          4
 Animate Armour           Summ/Erth      100%       N/A       0%          4
 Cause Fear               Hex            86%        N/A       0%          4
 Dispel Undead            Necr           100%       3d31      0%          4
 Flame Wave               Conj/Fire      100%       2d21      0%          4
 Fulminant Prism          Conj/Hex       86%        3d35      0%          4
 Hailstorm                Conj/Ice       100%       3d20      0%          4
 Ice Form                 Ice/Tmut       100%       N/A       0%          4
 Iskenderun's Mystic Bla  Conj/Tloc      100%       2d19      0%          4
 Leda's Liquefaction      Hex/Erth       86%        N/A       0%          4
 Olgreb's Toxic Radiance  Pois           100%       N/A       0%          4
 Passage of Golubria      Tloc           100%       N/A       0%          4
 Petrify                  Tmut/Erth      100%       N/A       0%          4
 Sticky Flame             Conj/Fire      100%       2d11      0%          4
 Summon Ice Beast         Ice/Summ       100%       N/A       0%          4
 Summon Lightning Spire   Summ/Air       100%       N/A       0%          4
 Agony                    Necr           100%       N/A       0%          5
 Alistair's Intoxication  Tmut/Pois      100%       N/A       0%          5
 Blade Hands              Tmut           86%        N/A       0%          5
 Fireball                 Conj/Fire      86%        3d32      0%          5
 Freezing Cloud           Conj/Ice/Air   86%        6-21      0%          5
 Irradiate                Conj/Tmut      86%        3d40      0%          5
 Iskenderun's Battlesphe  Conj           100%       2d15      0%          5
 Lee's Rapid Deconstruct  Erth           86%        3d39*     0%          5
 Lightning Bolt           Conj/Air       86%        1d114     0%          5
 Manifold Assault         Tloc           100%       N/A       0%          5
 Metabolic Englaciation   Hex/Ice        86%        N/A       0%          5
 Silence                  Hex/Air        86%        N/A       0%          5
 Summon Forest            Summ/Tloc      86%        N/A       0%          5
 Summon Mana Viper        Hex/Summ       100%       N/A       0%          5
 Yara's Violent Unravell  Hex/Tmut       86%        3d31      0%          5
 Conjure Ball Lightning   Conj/Air       86%        3x3d32    0%          6
 Death Channel            Necr           100%       N/A       0%          6
 Dispersal                Tloc           86%        N/A       0%          6
 Eringya's Noxious Bog    Tmut/Pois      86%        N/A       0%          6
 Iron Shot                Conj/Erth      86%        9d16      0%          6
 Starburst                Conj/Fire      86%        6d22      0%          6
 Statue Form              Tmut/Erth      100%       N/A       0%          6
 Summon Cactus Giant      Summ           86%        N/A       0%          6
 Dragon Form              Tmut           86%        N/A       1%          7
 Enfeeble                 Hex            86%        N/A       1%          7
 Haunt                    Necr/Summ      100%       N/A       1%          7
 Malign Gateway           Summ/Tloc      86%        N/A       1%          7
 Monstrous Menagerie      Summ           86%        N/A       1%          7
 Orb of Destruction       Conj           86%        9d19      1%          7
 Spellforged Servitor     Conj/Summ      86%        N/A       1%          7
 Storm Form               Tmut/Air       86%        N/A       1%          7
 Summon Hydra             Summ           86%        N/A       1%          7
 Borgnjor's Revivificati  Necr           100%       N/A       1%          8
 Discord                  Hex            86%        N/A       1%          8
 Disjunction              Tloc           86%        N/A       1%          8
 Infestation              Necr           100%       N/A       1%          8
 Lehudib's Crystal Spear  Conj/Erth      86%        10d19     1%          8
 Maxwell's Capacitive Co  Air            86%        ∞         1%          8
 Summon Horrible Things   Summ           86%        N/A       1%          8
 Dragon's Call            Summ           86%        N/A       2%          9
 Animate Dead             Necr           Unusable   N/A       N/A         4
 Corpse Rot               Necr/Pois/Air  Unusable   N/A       N/A         4
 Simulacrum               Ice/Necr       Unusable   N/A       N/A         6

Dungeon Overview and Level Annotations

Branches:
Dungeon (15/15)            Temple (1/1) D:5            Lair (5/5) D:9
 Shoals (4/4) Lair:2       Spider (4/4) Lair:3        Slime (5/5) Lair:4
    Orc (2/2) D:11            Elf (3/3) Orc:2        Vaults (5/5) D:13
  Crypt (3/3) Vaults:2       Tomb (3/3) Crypt:3      Depths (4/4) D:15
   Hell (visited)             Dis (7/7) Hell            Geh (7/7) Hell
    Coc (7/7) Hell            Tar (7/7) Hell            Zot (5/5) Depths:4
 Bailey (visited)          WizLab (visited)

Altars:
Ashenzari
Cheibriados
Dithmenos
Fedhas
Gozag
Hepliaklqana
Kikubaaqudgha
Makhleb
Nemelex Xobeh
Okawaru
Qazlal
Ru
Sif Muna
Trog
Uskayaw
Vehumet
Wu Jian
Xom
Yredelemnul

Shops:
D:1 *   D:6 (   Orc:1 !   Orc:2 ***:   Elf:2 !(:=   Elf:3 :   Shoals:2 ?
Depths:3 !

Portals:
Hell: Depths:1 Depths:2 Depths:3 Depths:4
Abyss: Depths:1 Depths:3
Pandemonium: Depths:1 Depths:2 Depths:3
Ziggurat: Depths:4


Innate Abilities, Weirdness & Mutations

You are an undead lich.
Your unarmed attacks are suffused with negative energy.
You are immune to unholy pain and torment.
Your necromantic spells are more powerful.
You cannot drink.
You are immune to poison.
You have hooves in place of feet.
You are completely covered in icy blue scales. (AC +4, rC+)
A powerful demonic guardian rushes to your aid.
You are extremely robust. (+30% HP)
Spells you cast and wands you use may paralyse nearby enemies.
A frigid envelope surrounds you and freezes all who hurt you.
You have hidden genetic potential.


Message History

Purchase which effect?
You feel protected.
You fade into invisibility!
You feel a little less mighty now.
Unknown command. [a] - 630 gold - heal wounds, curing, magic and berserk rage [b] - 110 gold - heal wounds [c] - 100 gold - heal wounds Purchase which effect?
You feel much better.
You feel better. Magic courses through your body.
You feel slightly irritated.
Unknown command.
Unknown command. [a] - 368 gold - heal wounds, curing and magic [b] - 210 gold - resistance [c] - 500 gold - haste, heal wounds and resistance Purchase which effect?
You feel yourself speed up.
You feel much better.
You feel protected.
Unknown command.
Unknown command. [a] - 600 gold - haste and resistance [b] - 420 gold - heal wounds, curing, magic and brilliance [c] - 360 gold - haste and heal wounds Purchase which effect?
You feel as though your hastened speed will last longer.
You feel protected.
You feel a little less clever now.
Unknown command.
Unknown command.
You feel yourself come back to life.
Unknown command.
You feel very mighty all of a sudden.
Casting: Passwall (safe; 0% risk of failure)
Confirm with . or Enter, or press ? or * to list all spells.
You feel a surge of power!
Your body is suffused with negative energy!
Malevolent energies surge around you.
Your head hurts.
You feel momentarily confused.
Unknown command.
Unknown command.
You have escaped!

..........##.......##
..........##..######
..........##.)######
..........##.......##
..........###.......#
..........# ######..#
..........# ###..#..#
..........###.......#
..........##....L..##
..........##..#..###
....#..##.##..######
###...###.##.......##
....#.# #.###.......#
.##.#.# #.# ######..#
......# #.# ######..#
..#######.###.......#
..........##.......##


There were no monsters in sight!

Vanquished Creatures
  Cerebov (Pan)
  Antaeus (Coc:7)
  The ghost of Haitsiopt the Axe Maniac, a legendary DsGl of Makhleb (Zig:9)
  Asmodeus (Geh:7)
  the Royal Jelly (Slime:5)
  Gloorx Vloq (Pan)
  Ereshkigal (Tar:7)
  Lom Lobon (Pan)
  A seraph (Pan)
  the Serpent of Hell (Coc:7)
  Mnoleg (Pan)
  The ghost of Xiwu the Conqueror, a legendary MiFi of the Shining One (Zig:22)
  Khufu (Tomb:1)
  237 dread liches
  Dispater (Dis:7)
  The ghost of tigertrap the Metallomancer, a legendary DgHW (Zig:22)
  The ghost of WiseOSalty the Conqueror, a legendary TrGl of Qazlal (Zig:22)
  The ghost of xelsha the Merry Gnoll, a legendary GnAE of Cheibriados (Zig:22)
  The ghost of Manman the Conqueror, a legendary HOGl of Makhleb (Zig:22)
  258 ancient liches
  The ghost of ragingrage the Ruinous, a legendary OpFE of Vehumet (Zig:22)
  The ghost of Ekeiwkem the Impregnable, a legendary DsFi of Makhleb (Zig:22)
  158 orbs of fire
  Mara (Depths:2)
  The ghost of Discosetron the Archmage, a legendary DjCj of Makhleb (Zig:22)
  The ghost of corvin the Slayer, a legendary OgWn of Dithmenos (Zig:9)
  The ghost of Xorhowon the Invulnerable, a legendary MiBe of Trog (Zig:9)
  The ghost of Fouwomub the Sorcerer, a legendary FoEE of Vehumet (Zig:9)
  The ghost of Ucrups the Swordmaster, a legendary MiFi of the Shining One (Zig:22)
  The ghost of Veodywke the Conqueror, a legendary MiBe of the Shining One (Zig:9)
  The ghost of Jeklifit the Conqueror, a legendary FoFi of the Shining One (Zig:9)
  The ghost of Becvyf the Sluggish Gnoll, a legendary GnFi of Cheibriados (Zig:9)
  258 juggernauts
  The ghost of Denobboc the Imperceptible, a legendary OpMo of Jiyva (Zig:22)
  The ghost of Denobboc the Imperceptible, a legendary OpMo of Jiyva (Zig:22)
  The ghost of Kalug the Executioner, a legendary DrFi of Cheibriados (Zig:9)
  The ghost of Fueng the Anchorite, a legendary HOFi of Zin (Zig:9)
  The ghost of Zoplarin the Conqueror, a legendary BaSk of Cheibriados (Zig:9)
  The ghost of Zoplarin the Conqueror, a legendary BaSk of Cheibriados (Zig:9)
  The ghost of Xaowkis the Impregnable, a legendary GnWr of Cheibriados (Zig:9)
  The ghost of Qupubruts the Slayer, a master HOFi of Okawaru (Zig:9)
  475 royal mummies
  The ghost of Alysiarr the Cutthroat, a legendary KoHu of Okawaru (Zig:22)
  Josephina (Depths:4)
  Boris (thrice) (Depths:4 Crypt:1 Tomb:2)
  The ghost of stevelinton the Ninja, a legendary KoBe of Trog (Zig:22)
  Vv (Depths:1)
  The ghost of Pegasus the Cryomancer, a veteran DgIE (Zig:22)
  The ghost of Dameikh the Hoplite, a veteran FoFi of Nemelex Xobeh (Zig:22)
  184 shard shrikes
  Saint Roka (Elf:3)
  242 Killer Klowns
  The ghost of Ycuhohed the Acrobat, a veteran TeBe of Trog (Zig:22)
  The ghost of Pusocauss the Warrior, a legendary VSBe of Trog (Zig:22)
  Geryon (Hell)
  Frederick (Vaults:3)
  5 caustic shrikes (shapeshifter)
  307 caustic shrikes
  579 pandemonium lords
  12 curse toes
  The ghost of Pohawk the Severer, an adept MiGl of the Shining One (Zig:22)
  Nikola (Shoals:1)
  The ghost of Gemnonof the Warrior, an adept DgCj (Zig:22)
  253 golden dragons
  The ghost of Ycyi the Executioner, an adept MiFi of the Shining One (Crypt:3)
  The ghost of yalue the Executioner, an adept MiFi of the Shining One (Crypt:3)
  The ghost of Uhosoup the Slayer, a veteran GrFi of Okawaru (Zig:22)
  the Enchantress (Depths:2)
  2 golden dragons (shapeshifter)
  The ghost of Ebassic the Hoplite, a veteran GrFi of the Shining One (Zig:22)
  The ghost of Ebassic the Hoplite, a veteran GrFi of the Shining One (Zig:22)
  The ghost of Ebassic the Hoplite, a veteran GrFi of the Shining One (Zig:22)
  164 profane servitors
  The ghost of Rocah the Hoplite, a veteran GrFi of the Shining One (Zig:9)
  76 doom hounds
  The ghost of Pikuto the Slayer, an adept MiBe of Trog (Zig:9)
  357 bone dragons
  Arachne (Spider:4)
  The ghost of p0werm0de the Brawler, an adept PaIE of Jiyva (Zig:22)
  77 pearl dragons
  3 iron giants (shapeshifter)
  99 iron giants
  107 Tzitzimimeh
  The ghost of p0werm0de the Severer, an adept PaCK of Xom (Zig:9)
  388 hellephants
  50 electric golems
  A shard shrike zombie (Tomb:2)
  228 Brimstone Fiends
  Jorgrun (Elf:1)
  264 searing wretches
  239 liches
  60 tainted leviathans
  4 walking crystal tomes
  407 Ice Fiends
  196 Hell Sentinels
  23 quicksilver dragons (shapeshifter)
  324 tentacled monstrosities
  The ghost of Zeph the Severer, an adept NaFi of Cheibriados (Zig:22)
  The ghost of p0werm0de the Brawler, an adept PaIE of Cheibriados (Zig:22)
  274 titans
  201 deep elf blademasters
  24 Orb Guardians (Zot:5)
  152 quicksilver dragons
  3 walking frostbound tomes
  247 deep elf master archers
  A walking divine tome (Zig:23)
  7 death cobs
  408 acid blobs
  86 sphinxes
  2 krakens
  145 Executioners
  The ghost of frimble the Victor of a Thousand Battles, an adept DsGl of Okawaru (Zig:22)
  11 thorn hunters
  17 sphinxes (shapeshifter)
  4 eldritch tentacles
  The ghost of Himmaryad the Brawler, an adept TrMo of Nemelex Xobeh (Zig:9)
  The ghost of Viocziel the Brawler, an adept TrMo of Nemelex Xobeh (Zig:9)
  321 ancient champions
  95 tengu reavers
  14 shadow dragons (shapeshifter)
  The ghost of Yolobob the Bludgeoner, an adept PaAK of Lugonu (Elf:1)
  11 azure jellies (shapeshifter)
  167 draconian monks
  13 fenstrider witches
  The ghost of Discosetron the Crack Shot, an adept MiHu of Hepliaklqana (Spider:1)
  166 tentacled starspawn
  72 storm dragons
  95 demonspawn warmongers
  35 shadow dragons
  49 daevas
  278 revenants
  A storm dragon (shapeshifter) (Zig:24)
  907 nagarajas
  143 rockslimes
  256 narguns
  197 fire giants
  124 azure jellies
  116 frost giants
  262 draconian knights
  11 fire giants (shapeshifter)
  285 emperor scorpions
  77 deep elf sorcerers
  3 emperor scorpions (shapeshifter)
  Louise (Spider:4)
  12 fenstrider witches (shapeshifter)
  622 balrugs
  An iron dragon (shapeshifter) (Zig:12)
  96 vault wardens
  2 spectral juggernauts (Zig:21)
  477 ghost moths
  18 caustic shrike zombies
  149 draconian shifters
  44 ghouls
  559 orc warlords
  16 frost giants (shapeshifter)
  3 ghost moths (shapeshifter)
  7 shard shrike simulacra
  218 curse skulls
  63 quicksilver elementals
  59 iron dragons
  16 juggernaut zombies
  215 draconian scorchers
  4 spectral caustic shrikes
  38 broodmothers
  111 cacodemons
  287 demonspawn corrupters
  46 ironbound preservers
  138 demonspawn blood saints
  158 draconian stormcallers
  26 deep elf elementalists
  46 angels
  4 spriggan defenders (Depths:2)
  97 war gargoyles
  3 quicksilver oozes (shapeshifter)
  190 very ugly things
  228 draconian annihilators
  43 ophanim
  2 broodmothers (shapeshifter)
  101 quicksilver oozes
  305 stone giants
  30 elemental wellsprings
  15 juggernaut skeletons
  14 stone giants (shapeshifter)
  155 reapers
  166 bennus
  69 black draconians
  29 caustic shrike skeletons
  170 vampire knights
  A starflower (Abyss:3)
  13 eleionomae (shapeshifter)
  460 starcursed masses
  338 entropy weavers
  58 eleionomae
  7 ironbound thunderhulks
  11 dire elephants (shapeshifter)
  81 white draconians
  87 green draconians
  3 minotaurs (shapeshifter)
  46 apis
  117 demonspawn black suns
  251 deep elf annihilators
  57 bunyips
  94 yellow draconians
  152 dire elephants
  A bunyip (shapeshifter) (Zig:11)
  192 deep elf demonologists
  7 spectral titans
  91 putrid mouths
  6 spark wasps (shapeshifter)
  83 lorocyprocas
  2 entropy weavers (shapeshifter)
  84 purple draconians
  84 spark wasps
  227 wendigos
  A minotaur (Elf:1)
  76 red draconians
  254 blizzard demons
  3 ettins (shapeshifter)
  71 merfolk impalers
  365 mummy priests
  202 eidola
  83 iron golems
  112 deep elf death magi
  84 ettins
  28 crystal guardians
  219 merfolk javelineers
  2 fire dragons (shapeshifter)
  7 quicksilver dragon zombies
  202 shambling mangroves
  126 fire dragons
  235 green deaths
  217 deep elf high priests
  2 spectral golden dragons
  55 ice dragons
  A spectral tengu (Zig:21)
  A fenstrider witch zombie (Crypt:3)
  2 great orbs of eyes (shapeshifter)
  9 spectral spriggans
  398 hydras
  28 jiangshi
  67 boulder beetles
  107 yaktaur captains
  66 great orbs of eyes
  Erolcha (Orc:1)
  5 boulder beetles (shapeshifter)
  2 ice dragons (shapeshifter)
  24 ghost crabs
  10 quicksilver dragon skeletons
  715 salamander tyrants
  3 jorogumos (shapeshifter)
  15 caustic shrike simulacra
  6 rakshasas
  109 spriggan air magi
  34 vault guards
  65 alligator snapping turtles
  38 jorogumos
  176 catoblepae
  41 centaur warriors
  A peacekeeper (Vaults:2)
  52 hell beasts
  46 two-headed ogres
  19 alligator snapping turtles (shapeshifter)
  13 juggernaut simulacra
  12 anacondas (shapeshifter)
  5 catoblepae (shapeshifter)
  An Orb Guardian zombie (Crypt:1)
  A spectral sphinx (Zig:21)
  28 ogre magi
  2 hydras (shapeshifter)
  16 merfolk avatars
  12 ironbound frosthearts
  97 anacondas
  49 radroaches
  180 merfolk aquamancers
  3 death knights
  3 radroaches (shapeshifter)
  21 stokers
  148 naga warriors
  A spectral frost giant (Zig:10)
  324 dancing weapons
  An alligator (shapeshifter) (Zig:15)
  14 two-headed ogres (shapeshifter)
  17 death yaks
  3 death yaks (shapeshifter)
  A spectral fire giant (Zig:7)
  The ghost of gargbit the Geomancer, a novice DgEE (D:13)
  48 satyrs
  8 tengu warriors
  4 deep troll shamans
  10 deep troll earth magi
  3 spectral nagas
  47 alligators
  69 hell hogs
  204 death scarabs
  2 spectral storm dragons
  183 vampire magi
  553 orc high priests
  184 thrashing horrors
  14 shock serpents (shapeshifter)
  267 naga sharpshooters
  9 spriggan berserkers
  64 hell knights
  100 soul eaters
  30 titan zombies
  14 storm dragon zombies
  58 sun demons
  Urug (D:12)
  230 shock serpents
  Sonja (D:10)
  3 spectral dire elephants
  26 sun moths
  77 sixfirhies
  2 spectral bunyips (Tar:1)
  7 death drakes (shapeshifter)
  A fire crab (shapeshifter) (Zig:22)
  393 wretched stars
  An emperor scorpion zombie (Crypt:1)
  146 iron trolls
  11 sea snakes (shapeshifter)
  40 crystal echidnas
  58 fire crabs
  51 salamander mystics
  36 skeletal warriors
  19 iron trolls (shapeshifter)
  6 spark wasp zombies
  178 deep elf knights
  3 spectral anacondas
  6 goliath frogs (shapeshifter)
  64 spatial maelstroms
  25 titan skeletons
  135 death drakes
  119 shadow wraiths
  9 steelbarb worms (shapeshifter)
  204 spriggan druids
  14 golden dragon zombies
  2 iron giant zombies
  88 pharaoh ants
  125 flayed ghosts
  38 obsidian statues
  64 sea snakes
  83 shadow demons
  5 deep trolls (shapeshifter)
  A bunyip zombie (Tomb:3)
  33 goliath frogs
  282 orb spiders
  18 bog bodies
  12 storm dragon skeletons
  72 steelbarb worms
  181 swamp dragons
  10 swamp dragons (shapeshifter)
  2 bunyip skeletons
  29 orange crystal statues
  12 quicksilver dragon simulacra
  42 cherubim
  51 ironbound convokers
  93 phantasmal warriors
  97 naga ritualists
  11 orb spiders (shapeshifter)
  11 sphinx zombies
  10 glowing orange brains (shapeshifter)
  186 deep elf archers
  37 glowing orange brains
  14 lindwurms
  18 tengu zombies
  A spectral hydra (Tar:1)
  19 deep trolls
  11 spriggan simulacra
  314 deep elf zephyrmancers
  16 golden dragon skeletons
  18 shadow dragon zombies
  13 iron dragon zombies
  2 spectral iron dragons (Zig:21)
  10 lindwurms (shapeshifter)
  31 wizards
  2 harpies (shapeshifter)
  111 ugly things
  34 necromancers
  73 harpies
  86 orc knights
  13 shadow dragon skeletons
  147 wolf spiders
  18 mana vipers (shapeshifter)
  7 shining eyes (shapeshifter)
  232 orc sorcerers
  6 wolf spiders (shapeshifter)
  55 will-o-the-wisps
  44 salamanders
  4 frost giant zombies
  15 cyclopes (shapeshifter)
  10 fauns (shapeshifter)
  304 deep elf pyromancers
  86 mana vipers
  16 tengu skeletons
  5 manticores (shapeshifter)
  20 worldbinders
  A glowing shapeshifter (Zig:11)
  40 oklob plants
  367 moths of wrath
  91 fauns
  67 cyclopes
  45 elephants
  12 iron dragon skeletons
  3 fire giant zombies
  70 manticores
  87 shining eyes
  7 salamanders (shapeshifter)
  A spectral alligator snapping turtle (Tar:1)
  2 toenail golems
  4 frost giant skeletons
  11 moths of wrath (shapeshifter)
  11 sphinx skeletons
  2 stone giant skeletons
  A spectral centaur (Tar:2)
  A dire elephant zombie (Crypt:1)
  44 merfolk sirens
  9 water nymphs (shapeshifter)
  239 guardian serpents
  202 smoke demons
  4 black mambas (shapeshifter)
  7 fire giant skeletons
  6 eyes of devastation (shapeshifter)
  13 titan simulacra
  249 naga magi
  3 storm dragon simulacra
  8 elephants (shapeshifter)
  161 water nymphs
  515 black mambas
  10 guardian serpents (shapeshifter)
  22 rust devils
  145 apocalypse crabs
  45 vault sentinels
  Joseph (D:8)
  A centaur skeleton (Pan)
  12 molten gargoyles
  49 orange demons
  27 ice statues
  390 torpor snails
  8 torpor snails (shapeshifter)
  96 cane toads
  61 eyes of devastation
  230 hellions
  3 cane toads (shapeshifter)
  10 gargoyles
  7 unseen horrors
  2 rime drakes (shapeshifter)
  91 demonic crawlers
  40 freezing wraiths
  6 unseen horrors (shapeshifter)
  3 dire elephant skeletons
  259 tormentors
  2 kobold demonologists (Pan)
  52 rime drakes
  4 anaconda simulacra
  4 tengu conjurers
  31 ice devils
  66 efreet
  3 komodo dragons (shapeshifter)
  A sea snake skeleton (Crypt:3)
  3 yaktaurs (shapeshifter)
  A yaktaur skeleton (Vaults:5)
  6 iron giant simulacra
  34 red devils
  An alligator snapping turtle skeleton (Crypt:3)
  84 komodo dragons
  5 spectral glowing shapeshifters
  57 yaktaurs
  25 spriggan skeletons
  11 golden dragon simulacra
  646 guardian mummies
  2 spectral harpies (Tar:1)
  155 ancient zymes
  110 trolls
  A pale draconian skeleton (Crypt:3)
  8 shadow dragon simulacra
  16 silent spectres
  77 hellwings
  20 bloated husks
  8 merfolk (shapeshifter)
  25 meliai
  A queen bee (shapeshifter) (Zig:25)
  198 merfolk
  28 polar bears
  8 sphinx simulacra
  3 meliai (shapeshifter)
  A troll (shapeshifter) (Zig:22)
  4 tyrant leeches (shapeshifter)
  30 tyrant leeches
  4 polar bears (shapeshifter)
  2 hornets (shapeshifter)
  4 wind drakes (shapeshifter)
  40 wind drakes
  The ghost of bananaglory the Slasher, an amateur MfGl (D:4)
  47 blink frogs
  2 blink frogs (shapeshifter)
  6 harpy skeletons
  8 tengu simulacra
  8 slime creatures (shapeshifter)
  Grinder (D:5)
  97 tarantellas
  5 tarantellas (shapeshifter)
  13 dream sheep (shapeshifter)
  370 hornets
  6 iron dragon simulacra
  2 raiju (shapeshifter)
  2 ettin zombies
  2 great orb of eyes zombies (Crypt:2)
  445 slime creatures
  A frost giant simulacrum (Zig:8)
  324 large abominations
  86 raiju
  2 human simulacra (Vaults:4)
  56 snapping turtles
  A fire giant simulacrum (Zig:9)
  9 snapping turtles (shapeshifter)
  23 dream sheep
  2 stone giant simulacra (Coc:3)
  2 fire dragon zombies (Geh:6)
  92 air elementals
  94 jumping spiders
  An ice dragon skeleton (Pan)
  101 yaks
  9 vampires
  2 fire dragon skeletons (Pan)
  217 flying skulls
  8 jumping spiders (shapeshifter)
  4 yaks (shapeshifter)
  136 water elementals
  88 culicivoras
  Sigmund (D:4)
  A culicivora (shapeshifter) (Zig:15)
  56 spriggans
  5 spriggans (shapeshifter)
  3 dire elephant simulacra
  268 ushabtiu
  4 shadows
  94 ynoxinuls
  An alligator skeleton (Crypt:2)
  53 golden eyes
  3 golden eyes (shapeshifter)
  4 naga simulacra
  16 wraiths
  Eustachio (D:4)
  2 black mamba skeletons (Pan)
  137 fire elementals
  3 humans (shapeshifter)
  25 wyverns
  4 fire bats
  5 alligator snapping turtle simulacra
  31 basilisks
  149 neqoxecs
  169 redbacks
  A hog (shapeshifter) (Elf:3)
  109 chaos spawn
  13 redbacks (shapeshifter)
  5 steam dragons
  17 vampire mosquitoes
  136 nagas
  A warg (shapeshifter) (D:13)
  97 wargs
  6 swamp worms (shapeshifter)
  A water moccasin (shapeshifter) (Zig:25)
  17 harpy simulacra
  16 glowing shapeshifter zombies
  4 spatial vortices
  59 hell hounds
  A glowing orange brain zombie (Crypt:3)
  4 two-headed ogre zombies (WizLab)
  117 water moccasins
  7 acid dragons
  4 hydra simulacra
  A dream sheep zombie (Crypt:2)
  30 floating eyes
  5 floating eyes (shapeshifter)
  6 swamp drakes
  An ice beast (shapeshifter) (Zig:13)
  20 glowing shapeshifter skeletons
  7 black bears
  17 ice beasts
  2 naga skeletons
  A manticore zombie (Crypt:1)
  2 sky beasts
  4 floating eye zombies
  An ice dragon simulacrum (Hell)
  492 orc warriors
  2 ettin simulacra
  181 ogres
  A swamp dragon skeleton (Crypt:3)
  A wolf (shapeshifter) (Zig:25)
  43 wolves
  11 boggarts
  25 centaurs
  2 human zombies
  8 kobold brigands
  15 bullfrogs
  11 necrophages
  3 gnoll sergeants
  32 scorpions
  An ogre simulacrum (Vaults:4)
  96 earth elementals
  A scorpion (shapeshifter) (Zig:22)
  5 glowing shapeshifter simulacra
  A wyvern skeleton (Crypt:2)
  15 wights
  26 small abominations
  A floating eye simulacrum (Zig:9)
  5 killer bees
  9 troll zombies (WizLab)
  22 spriggan zombies
  6 electric eels
  6 howler monkeys
  2 bullfrog zombies (D:5)
  5 crimson imps
  A hound (shapeshifter) (Zig:22)
  A quasit (Abyss:1)
  6 hounds
  85 orc priests
  6 gnoll boudas
  7 jellies
  An iguana (shapeshifter) (Zig:24)
  4 iron imps
  2 human skeletons
  7 iguanas
  Ijyb (D:4)
  86 orc wizards
  4 lightning spires (Zig:17)
  9 hell rats
  7 ogre zombies (WizLab)
  A bullfrog simulacrum (D:4)
  2 centaur simulacra
  1100 mummies
  2 scorpion simulacra (D:4)
  A howler monkey zombie (Crypt:2)
  17 gnolls
  A steam dragon zombie (Crypt:3)
  9 adders
  A howler monkey skeleton (Crypt:2)
  7 white imps
  6 ufetubi
  An adder zombie (D:3)
  A jelly zombie (Crypt:1)
  An iguana skeleton (Crypt:2)
  A worm (D:5)
  4 dart slugs
  An adder simulacrum (D:4)
  92 orcs
  7 ball pythons
  2 bat skeletons
  9 endoplasms
  2 giant cockroaches
  13 goblins
  5 hobgoblins
  6 jackals (D:1)
  2 quokkas
  5 bats
  6 frilled lizards
  A giant cockroach zombie (D:3)
  A hobgoblin skeleton (Crypt:2)
  A jackal zombie (Crypt:3)
  18 kobolds
  A quokka simulacrum (D:4)
  2 rats (D:3)
  13 ball lightnings
  57 briar patches
  2 creeping infernos (Geh:7)
  294 fire vortices
  8 plants
  33 starspawn tentacles
  2 tentacles
  3 withered plants (Crypt:3)
44020 creatures vanquished.

Vanquished Creatures (collateral kills)
  An orb of fire (Zot:5)
  2 ancient liches
  3 royal mummies
  6 pandemonium lords
  4 Killer Klowns
  A profane servitor (Zig:3)
  A bone dragon (Tar:2)
  2 iron giants
  A Brimstone Fiend (Zig:22)
  2 Hell Sentinels
  An Ice Fiend (Zig:21)
  A tentacled monstrosity (Pan)
  An Orb Guardian (Zot:5)
  A quicksilver dragon (Zig:21)
  4 titans
  5 acid blobs
  A sphinx (Zig:21)
  An Executioner (Zig:26)
  A tengu reaver (Zig:23)
  A demonspawn warmonger (Zig:26)
  A nargun (Coc:5)
  A fire giant (Vaults:5)
  4 rockslimes (Slime:5)
  3 frost giants
  A ghost moth (shapeshifter) (Zig:24)
  A shard shrike simulacrum (Coc:7)
  A draconian shifter (Zig:27)
  2 frost giants (shapeshifter)
  A cacodemon (Zig:6)
  A draconian annihilator (Zig:18)
  An ironbound preserver (Vaults:5)
  2 very ugly things
  A reaper (Zig:7)
  A stone giant (shapeshifter) (Zig:25)
  An elemental wellspring (Coc:5)
  An ophan (Pan)
  A putrid mouth (Zig:3)
  A green draconian (Zig:24)
  2 demonspawn black suns
  A spark wasp (Spider:3)
  A green death (Zig:21)
  A fire dragon (Zig:20)
  A salamander tyrant (Zig:18)
  A yaktaur captain (Vaults:5)
  A hell beast (Zig:26)
  An alligator snapping turtle (shapeshifter) (Zig:25)
  A merfolk avatar (Shoals:4)
  2 alligator snapping turtles
  2 hell hogs (Geh:6)
  A vampire mage (Zig:9)
  A wretched star (Zig:10)
  3 iron trolls (Zig:27)
  A sixfirhy (Zig:24)
  A sea snake (Shoals:4)
  2 phantasmal warriors
  A deep elf zephyrmancer (Elf:2)
  An iron dragon zombie (Zig:14)
  A mana viper (Zig:18)
  An oklob plant (Zig:18)
  3 ugly things
  A shining eye (Slime:1)
  A water nymph (Shoals:1)
  A merfolk siren (Shoals:4)
  3 black mambas (Zig:18)
  3 smoke demons
  An eye of devastation (Slime:1)
  A demonic crawler (Spider:3)
  An orange demon (Zig:22)
  A tormentor (Pan)
  A merfolk (Shoals:4)
  A red devil (Zig:13)
  A harpy zombie (Abyss:3)
  A slime creature (shapeshifter) (Zig:7)
  5 slime creatures
  A snapping turtle (shapeshifter) (Zig:10)
  A flying skull (Zig:14)
  A water elemental (Shoals:4)
  A wraith (Abyss:3)
  A chaos spawn (Zig:11)
  A harpy simulacrum (Coc:2)
  A hell hound (Zig:20)
  An ogre (Vaults:5)
  A gnoll sergeant (D:8)
  A necrophage (D:8)
  A starcursed mass (Abyss:3)
  3 mummies
131 creatures vanquished.

Vanquished Creatures (others)
  A dread lich (Zig:14)
  A juggernaut (Zig:20)
  2 Killer Klowns
  2 curse toes (Zig:22)
  A caustic shrike (Zig:12)
  12 pandemonium lords
  3 golden dragons
  A Tzitzimitl (Zig:26)
  2 Brimstone Fiends (Zig:25)
  9 tentacled monstrosities
  2 deep elf master archers
  3 quicksilver dragons (shapeshifter)
  An Executioner (Zig:6)
  A deep elf blademaster (Zig:22)
  2 eldritch tentacles
  A shadow dragon (Zig:22)
  2 revenants (Zig:22)
  2 azure jellies (shapeshifter)
  An emperor scorpion (Zig:26)
  A fenstrider witch (Zig:26)
  A nagaraja (Zig:26)
  An orc warlord (Zig:11)
  A cacodemon (Zig:17)
  An iron dragon (Zig:12)
  A vault warden (Zig:15)
  A curse skull (Zig:22)
  2 balrugs
  A ghost moth (shapeshifter) (Zig:25)
  2 ghost moths
  2 shard shrike simulacra (Coc:7)
  A reaper (Zig:14)
  7 very ugly things
  2 eleionomae (shapeshifter)
  A vampire knight (Crypt:2)
  3 demonspawn black suns
  5 eidola (Zig:22)
  A green death (Zig:17)
  A dire elephant (shapeshifter) (Zig:25)
  A merfolk impaler (Zig:15)
  A deep elf high priest (Zig:24)
  2 fire dragons
  A great orb of eyes (shapeshifter) (Zig:7)
  3 shambling mangroves
  A salamander tyrant (Zig:5)
  2 juggernaut simulacra
  4 hydras
  An ogre mage (Zig:21)
  A caustic shrike simulacrum (Zig:9)
  A merfolk aquamancer (Zig:15)
  An anaconda (Zig:13)
  An alligator (Zig:8)
  A dancing weapon (Zig:24)
  2 alligator snapping turtles
  A shock serpent (Zig:15)
  A spriggan (Zig:5)
  A soul eater (Crypt:1)
  2 iron trolls (shapeshifter)
  2 goliath frogs (Zig:4)
  A spriggan druid (Zig:15)
  A salamander mystic (Zig:27)
  A death drake (Zig:15)
  An orb spider (Zig:27)
  2 steelbarb worms (shapeshifter)
  A bog body (Zig:20)
  An orange crystal statue (Zig:15)
  2 phantasmal warriors (Zig:22)
  A starcursed mass (Zig:26)
  A glowing orange brain (shapeshifter) (Zig:25)
  An orb spider (shapeshifter) (Zig:18)
  A swamp dragon (Zig:4)
  A mana viper (Zig:13)
  A moth of wrath (shapeshifter) (Zig:14)
  2 fauns (shapeshifter)
  2 will-o-the-wisps
  8 ugly things
  A salamander (Zig:18)
  2 ice statues (Zig:25)
  A guardian serpent (shapeshifter) (Zig:22)
  A torpor snail (shapeshifter) (Zig:11)
  13 apocalypse crabs
  2 titan simulacra
  A smoke demon (Pan)
  A komodo dragon (shapeshifter) (Zig:22)
  A tormentor (Zig:26)
  A hellion (Zig:25)
  A hellwing (Zig:26)
  A troll (Zig:21)
  A shadow dragon simulacrum (Depths:4)
  A tengu simulacrum (Zig:20)
  A merfolk (Zig:7)
  A blink frog (shapeshifter) (Zig:25)
  5 hornets
  2 iron dragon simulacra
  A snapping turtle (shapeshifter) (Zig:14)
  A yak (shapeshifter) (Zig:25)
  4 air elementals
  2 culicivoras (shapeshifter)
  A dire elephant simulacrum (Coc:7)
  6 water elementals
  A golden eye (shapeshifter) (Zig:25)
  A vampire mosquito (Zig:15)
  11 chaos spawn
  2 redbacks (shapeshifter)
  A harpy simulacrum (Coc:7)
  A floating eye (shapeshifter) (Zig:22)
  An ogre (shapeshifter) (Zig:22)
  An ogre (Zig:27)
  A glowing shapeshifter simulacrum (Zig:9)
  An electric eel (Lair:1)
  28 ball lightnings
  941 fire vortices
  24 foxfires
  41 fungi
  251 plants
  27 starspawn tentacles
  9 tentacles
  3 withered plants (Crypt:3)
1539 creatures vanquished.

Grand Total: 45690 creatures vanquished

Notes
Turn   | Place    | Note
-------+----------+-------------------------------------------
     0 | D:1      | protoss039 the Demonspawn Earth Elementalist began the
                  | quest for the Orb.
     0 | D:1      | Reached XP level 1. HP: 13/13 MP: 3/3
   202 | D:1      | Found Jaygukh's General Store.
   205 | D:1      | Gained mutation: Spells you cast may paralyse adjacent
                  | enemies. [demonic ancestry]
   205 | D:1      | Reached XP level 2. HP: 20/20 MP: 0/5
   279 | D:1      | Reached skill level 1 in Fighting
   370 | D:1      | Gained mutation: You are partially covered in icy blue
                  | scales. (AC +2) [demonic ancestry]
   370 | D:1      | Reached XP level 3. HP: 15/26 MP: 1/6
  1029 | D:1      | Bought a potion of degeneration for 10 gold pieces
  1186 | D:1      | Learned a level 2 spell: Passwall
  1744 | D:2      | Found a faded altar of an unknown god.
  2226 | D:3      | Identified the +1 scale mail of the Valley {Str+2 Int+5}
  2362 | D:3      | Reached XP level 4. HP: 33/33 MP: 8/8
  2559 | D:3      | Found a basalt altar of Yredelemnul.
  2908 | D:3      | Found a shimmering altar of Xom.
  3217 | D:4      | Noticed a scorpion
  3231 | D:4      | Killed a scorpion
  3232 | D:4      | Reached skill level 1 in Armour
  3232 | D:4      | Reached XP level 5. HP: 39/39 MP: 6/9
  3310 | D:4      | Noticed Eustachio
  3327 | D:4      | Killed Eustachio
  3328 | D:4      | Gained mutation: You have large cloven feet. [demonic
                  | ancestry]
  3328 | D:4      | Reached XP level 6. HP: 38/47 MP: 6/11
  3450 | D:4      | Found a runed translucent gate.
  3450 | D:4      | Found a runed translucent gate.
  3450 | D:4      | Found a runed translucent gate.
  3463 | D:4      | Noticed Ijyb
  3470 | D:4      | Killed Ijyb
  3601 | D:4      | Identified the +5 spear "Pixtutof" {antimagic, Int+3}
  3743 | D:4      | Noticed Sigmund
  3748 | D:4      | Killed Sigmund
  3749 | D:4      | Gained mutation: You have hoof-like feet. [demonic
                  | ancestry]
  3749 | D:4      | Reached XP level 7. HP: 41/52 MP: 7/13
  4007 | D:4      | Noticed bananaglory's ghost (amateur MfGl)
  4049 | D:4      | Learned a level 3 spell: Stone Arrow
  4344 | D:4      | Learned a level 3 spell: Mephitic Cloud
  4345 | D:5      | Entered Level 5 of the Dungeon
  4345 | D:5      | Noticed Grinder
  4352 | D:5      | Killed Grinder
  4353 | D:5      | Reached skill level 1 in Poison Magic
  4360 | D:5      | Found a blossoming altar of Fedhas.
  4501 | D:5      | Reached skill level 1 in Air Magic
  4503 | D:5      | Found a staircase to the Ecumenical Temple.
  4512 | Temple   | Entered the Ecumenical Temple
  4728 | Temple   | Became a worshipper of Vehumet
  4738 | D:5      | Reached XP level 8. HP: 60/60 MP: 12/14
  4762 | D:5      | Reached skill level 1 in Conjurations
  5807 | D:5      | Reached skill level 5 in Earth Magic
  6036 | D:5      | Reached * piety under Vehumet
  6036 | D:5      | Offered knowledge of Freeze by Vehumet.
  6209 | D:6      | Found a hazy altar of Hepliaklqana.
  6246 | D:6      | Reached skill level 5 in Armour
  6319 | D:6      | Reached XP level 9. HP: 65/66 MP: 16/16
  6425 | D:6      | Found Netur's Weapon Shoppe.
  6918 | D:6      | Found a stormy altar of Qazlal.
  6948 | D:6      | Reached skill level 5 in Spellcasting
  7068 | D:6      | Found a hide-covered altar of Uskayaw.
  7765 | D:7      | Reached skill level 1 in Transmutations
  7893 | D:7      | Reached skill level 5 in Fighting
  7947 | D:7      | Found an opulent altar of Gozag.
  8328 | D:7      | Noticed a komodo dragon
  8344 | D:7      | Killed a komodo dragon
  8353 | D:7      | Reached ** piety under Vehumet
  8353 | D:7      | Offered knowledge of Foxfire by Vehumet.
  8714 | D:7      | Found an ornate altar of the Wu Jian Council.
  8904 | D:8      | Found a burning altar of Makhleb.
  8905 | D:8      | Noticed Joseph
  9120 | D:8      | Killed Joseph
  9121 | D:8      | Found a sacrificial altar of Ru.
  9442 | D:8      | Reached XP level 10. HP: 75/76 MP: 16/18
  9598 | D:8      | Noticed a two-headed ogre
  9623 | D:8      | Killed a two-headed ogre
  9628 | D:8      | HP: 2/77 [gnoll sergeant/+3 trident of freezing (5)]
 10046 | D:8      | Identified the +7 hand axe of Piylyddi {antimagic, Fragile
                  | rF+ rC+}
 10309 | D:8      | Offered knowledge of Inner Flame by Vehumet.
 10578 | D:8      | Learned a level 3 spell: Swiftness
 10579 | D:9      | Found a snail-covered altar of Cheibriados.
 10602 | D:9      | Found a staircase to the Lair.
 11156 | D:9      | Reached *** piety under Vehumet
 11729 | D:10     | Entered Level 10 of the Dungeon
 11749 | D:10     | Found a bloodstained altar of Trog.
 11789 | D:10     | Found a flagged portal.
 11805 | Bailey   | Entered a bailey
 11962 | Bailey   | Offered knowledge of Iskenderun's Mystic Blast by Vehumet.
 12053 | Bailey   | Reached skill level 5 in Conjurations
 12290 | Bailey   | Noticed an orc knight
 12316 | Bailey   | Killed an orc knight
 12322 | Bailey   | Gained mutation: You have hooves in place of feet. [demonic
                  | ancestry]
 12322 | Bailey   | Reached XP level 11. HP: 84/84 MP: 15/20
 12361 | Bailey   | Identified the +8 bardiche "Egann" {vorpal, rF- Dex+6}
 12624 | D:1      | Bought a potion of berserk rage for 50 gold pieces
 12624 | D:1      | Bought a potion of mutation for 80 gold pieces
 12624 | D:1      | Bought a potion of heal wounds for 50 gold pieces
 12925 | D:10     | Noticed Sonja
 12930 | D:10     | Killed Sonja
 13132 | D:10     | Reached **** piety under Vehumet
 14025 | D:10     | Learned a level 4 spell: Iskenderun's Mystic Blast
 14095 | D:11     | Noticed a boulder beetle
 14109 | D:11     | Offered knowledge of Yara's Violent Unravelling by Vehumet.
 14116 | D:11     | Killed a boulder beetle
 14312 | D:11     | Found a stormy altar of Qazlal.
 14578 | D:11     | Noticed a two-headed ogre
 14585 | D:11     | Killed a two-headed ogre
 15214 | D:11     | Found a staircase to the Orcish Mines.
 15458 | D:11     | Learned a level 4 spell: Olgreb's Toxic Radiance
 15694 | D:12     | Noticed a green ugly thing
 15707 | D:12     | Noticed a white ugly thing
 15714 | D:12     | Reached XP level 12. HP: 70/94 MP: 13/23
 16768 | D:12     | Noticed Urug
 16779 | D:12     | Killed Urug
 16828 | D:12     | Noticed a two-headed ogre
 16835 | D:12     | Killed a two-headed ogre
 17146 | D:12     | Noticed an ogre mage
 17151 | D:12     | Killed an ogre mage
 17177 | D:12     | Reached ***** piety under Vehumet
 17293 | D:12     | Offered knowledge of Hailstorm by Vehumet.
 17294 | D:12     | Reached skill level 10 in Fighting
 18096 | D:12     | Noticed a boulder beetle
 18111 | D:12     | Killed a boulder beetle
 18223 | D:12     | Noticed a five-headed hydra
 18229 | D:12     | Killed a five-headed hydra
 18234 | D:12     | Reached XP level 13. HP: 48/104 MP: 3/26
 18814 | D:12     | Found the +2 hat of the Bear Spirit {Spirit, *Rage Will++}
 18969 | D:13     | Found the +2 shield of Resistance {rF++ rC++ Will++}
 19287 | D:13     | Reached skill level 10 in Spellcasting
 19375 | D:13     | Found a runed translucent door.
 19378 | D:13     | Noticed gargbit's ghost (novice DgEE)
 19378 | D:13     | Identified the +7 spear "Vinuf" {venom, Fly Str+5 Dex+3}
 19910 | D:13     | Noticed an ironbound preserver
 19911 | D:13     | Found a gate to the Vaults.
 19923 | D:13     | Killed an ironbound preserver
 20361 | D:13     | Reached skill level 1 in Shields
 20610 | D:13     | Killed gargbit's ghost
 21093 | D:14     | Found a shimmering altar of Xom.
 21093 | D:14     | Found the +7 mace of Variability {chain chaos}
 22125 | D:15     | Entered Level 15 of the Dungeon
 22307 | D:15     | Gained mutation: A weak demonic guardian rushes to your
                  | aid. [demonic ancestry]
 22307 | D:15     | Reached XP level 14. HP: 105/114 MP: 20/28
 22888 | D:15     | Found a staircase to the Depths.
 23361 | Lair:1   | Entered Level 1 of the Lair of Beasts
 23393 | D:9      | Reached skill level 10 in Armour
 23394 | D:9      | Offered knowledge of Sticky Flame by Vehumet.
 25278 | Lair:2   | Found a staircase to the Shoals.
 25766 | Lair:2   | Identified the +7 trident of the Final Souls {speed, rN+
                  | SInv Stlth-}
 26030 | Lair:2   | Learned a level 5 spell: Borgnjor's Vile Clutch
 26030 | Lair:2   | Identified 4 scrolls of acquirement
 26031 | Lair:2   | Acquired the Octavo of Mortification and Flames
 26033 | Lair:2   | Acquired 687 gold pieces
 26036 | Lair:2   | Acquired 573 gold pieces
 26038 | Lair:2   | Acquired 502 gold pieces
 26349 | Lair:3   | Found a hole to the Spider Nest.
 26494 | Lair:3   | Reached skill level 5 in Shields
 26547 | Lair:3   | Reached skill level 1 in Necromancy
 26547 | Lair:3   | Reached skill level 10 in Earth Magic
 27843 | Lair:4   | Found a staircase to the Slime Pits.
 28593 | Lair:5   | Entered Level 5 of the Lair of Beasts
 28664 | Lair:5   | Offered knowledge of Conjure Ball Lightning by Vehumet.
 28683 | Lair:5   | Reached XP level 15. HP: 56/122 MP: 7/30
 30323 | Lair:5   | Offered knowledge of Orb of Destruction by Vehumet.
 30483 | Lair:5   | Found a blossoming altar of Fedhas.
 30903 | Orc:1    | Entered Level 1 of the Orcish Mines
 31154 | Orc:1    | Noticed an orc warlord
 31171 | Orc:1    | Noticed an orc warlord
 31178 | Orc:1    | Killed an orc warlord
 31184 | Orc:1    | Reached skill level 10 in Conjurations
 31197 | Orc:1    | Killed an orc warlord
 31610 | Orc:1    | Found Ziurirr's Distillery.
 31646 | Orc:1    | Bought a potion of mutation for 120 gold pieces
 31646 | Orc:1    | Bought a potion of curing for 45 gold pieces
 31646 | Orc:1    | Bought a potion of resistance for 150 gold pieces
 31842 | Orc:1    | Noticed Erolcha
 31854 | Orc:1    | Killed Erolcha
 32046 | Orc:2    | Entered Level 2 of the Orcish Mines
 32340 | Orc:2    | Found a staircase to the Elven Halls.
 32744 | Orc:2    | Offered knowledge of Iskenderun's Battlesphere by Vehumet.
 32852 | Orc:2    | Found Bakytsacs's Book Shop.
 32873 | Orc:2    | Found Abbuke's General Store.
 33011 | Orc:2    | Bought a scroll of teleportation for 39 gold pieces
 33011 | Orc:2    | Bought a Trismegistus Codex for 364 gold pieces
 33011 | Orc:2    | Bought a scroll of identify for 26 gold pieces
 33011 | Orc:2    | Found Higaz's Assorted Antiques.
 33013 | Orc:2    | Found Cyroa's Assorted Antiques.
 33019 | Orc:2    | Bought 2 scrolls of teleportation for 198 gold pieces
 33019 | Orc:2    | Bought an inky potion for 29 gold pieces
 33019 | Orc:2    | Bought a scroll labelled VYALYACROF for 33 gold pieces
 33019 | Orc:2    | Bought a potion of heal wounds for 165 gold pieces
 33019 | Orc:2    | Bought a scroll labelled FAVAHE ZIPI for 33 gold pieces
 33019 | Orc:2    | Bought a scroll of identify for 66 gold pieces
 33022 | Orc:2    | Bought a masterwork ring mail for 270 gold pieces
 33022 | Orc:2    | Identified the +1 ring mail "Gumulel" {Will- Regen+ Str+3
                  | Stlth+} (You bought it in a shop on level 2 of the Orcish
                  | Mines)
 33258 | Shoals:1 | Entered Level 1 of the Shoals
 33438 | Shoals:1 | Noticed Nikola
 33932 | Shoals:1 | Killed Nikola
 33933 | Shoals:1 | Reached skill level 5 in Necromancy
 34555 | Lair:2   | Learned a level 5 spell: Freezing Cloud
 34886 | Shoals:1 | Gained mutation: You are robust. (+10% HP) [demonic
                  | ancestry]
 34886 | Shoals:1 | Reached XP level 16. HP: 103/145 MP: 28/32
 34963 | Shoals:1 | Reached skill level 1 in Ice Magic
 35871 | Shoals:1 | Got the Atlas of the Undead and the Zephyr
 36486 | Shoals:2 | Reached ****** piety under Vehumet
 36911 | Shoals:2 | Offered knowledge of Spellforged Servitor by Vehumet.
 37263 | Shoals:2 | Found Feorch's Magic Scroll Boutique.
 37420 | Shoals:2 | Bought a scroll of amnesia for 48 gold pieces
 37420 | Shoals:2 | Bought a scroll of identify for 24 gold pieces
 37420 | Shoals:2 | Bought a scroll of identify for 24 gold pieces
 37420 | Shoals:2 | Bought a scroll of amnesia for 48 gold pieces
 37420 | Shoals:2 | Bought 3 scrolls of summoning for 342 gold pieces
 37420 | Shoals:2 | Bought a scroll of teleportation for 36 gold pieces
 37420 | Shoals:2 | Bought a scroll of blinking for 90 gold pieces
 38531 | Shoals:3 | Noticed a kraken
 38539 | Shoals:3 | Killed a kraken
 38952 | Shoals:3 | Offered knowledge of Eringya's Noxious Bog by Vehumet.
 39732 | Shoals:4 | Entered Level 4 of the Shoals
 39923 | Shoals:4 | Reached XP level 17. HP: 146/154 MP: 25/34
 40754 | Shoals:4 | Identified the +0 chain mail "Kosi" {rF+ rCorr Str+4}
 41525 | Shoals:4 | Noticed a kraken
 41541 | Shoals:4 | Killed a kraken
 41742 | Shoals:4 | Got a barnacled rune of Zot
 41899 | Shoals:4 | Reached skill level 15 in Fighting
 42048 | Shoals:4 | Identified the +9 short sword of Hacking and Slashing
                  | {freeze, rPois Dex+2}
 42347 | Spider:1 | Entered Level 1 of the Spider Nest
 42395 | Spider:1 | Offered knowledge of Lehudib's Crystal Spear by Vehumet.
 42395 | Spider:1 | Offered knowledge of Fire Storm by Vehumet.
 42395 | Spider:1 | Offered knowledge of Chain Lightning by Vehumet.
 43311 | Spider:1 | Noticed Discosetron's ghost (adept MiHu)
 43325 | Spider:1 | Found a runed translucent door.
 44011 | Spider:2 | Reached skill level 10 in Shields
 45756 | Spider:3 | Gained mutation: Spells you cast may paralyse nearby
                  | enemies. [demonic ancestry]
 45756 | Spider:3 | Reached XP level 18. HP: 149/163 MP: 35/36
 47134 | Spider:4 | Entered Level 4 of the Spider Nest
 47579 | Spider:4 | Noticed Louise
 47588 | Spider:4 | Killed Louise
 48734 | Spider:4 | Acquired 534 gold pieces
 49259 | Spider:4 | Noticed Arachne
 49278 | Spider:4 | Killed Arachne
 49908 | Spider:4 | Got a gossamer rune of Zot
 50183 | Elf:1    | Entered Level 1 of the Elven Halls
 50768 | Elf:1    | Noticed Jorgrun
 50774 | Elf:1    | Killed Jorgrun
 51087 | Elf:1    | Got the Catalogue of the Impact
 51335 | Elf:1    | Found a runed translucent gate.
 51335 | Elf:1    | Found a runed translucent gate.
 51335 | Elf:1    | Found an iron altar of Okawaru.
 51335 | Elf:1    | Found a runed translucent gate.
 51335 | Elf:1    | Noticed Yolobob's ghost (adept PaAK)
 51700 | Elf:1    | Paralysed by an air elemental for 1 turns
 51703 | Elf:1    | Paralysed by an air elemental for 1 turns
 51863 | Elf:2    | Found Esirig's Jewellery Boutique.
 51956 | Elf:2    | Found Xuf Jony's Book Boutique.
 51958 | Elf:2    | Paralysed by an air elemental for 1 turns
 51995 | Elf:2    | Gained mutation: You are very robust. (+20% HP) [demonic
                  | ancestry]
 51995 | Elf:2    | Reached XP level 19. HP: 141/188 MP: 36/37
 52110 | Elf:2    | Bought a book of Power for 504 gold pieces
 52120 | Elf:2    | Learned a level 9 spell: Fire Storm
 52150 | Elf:2    | Found Wigas Quith's Antique Weapon Emporium.
 52238 | Elf:2    | Found Eriugadi's Distillery.
 52245 | Elf:2    | Bought 2 potions of ambrosia for 304 gold pieces
 52245 | Elf:2    | Bought a potion of curing for 57 gold pieces
 52245 | Elf:2    | Bought a potion of curing for 57 gold pieces
 52245 | Elf:2    | Bought a potion of curing for 57 gold pieces
 52245 | Elf:2    | Bought a potion of brilliance for 76 gold pieces
 52245 | Elf:2    | Bought a potion of haste for 190 gold pieces
 52245 | Elf:2    | Bought a potion of haste for 190 gold pieces
 52249 | Elf:2    | Identified the +7 bardiche "Palugus" {vamp, rF++ Str+2}
 52345 | Elf:2    | Found a runed translucent gate.
 52347 | Elf:2    | Found a runed translucent gate.
 52364 | Elf:2    | Found a runed translucent gate.
 52684 | Elf:2    | Reached skill level 5 in Air Magic
 52912 | Elf:2    | Reached skill level 15 in Spellcasting
 52960 | Elf:2    | Reached skill level 5 in Ice Magic
 53498 | Elf:2    | Learned a level 9 spell: Chain Lightning
 53507 | Elf:2    | Learned a level 6 spell: Iron Shot
 53559 | Elf:3    | Entered Level 3 of the Elven Halls
 53662 | Elf:3    | Noticed Saint Roka
 53675 | Elf:3    | Killed Saint Roka
 53981 | Elf:3    | Found a shimmering blue altar of Sif Muna.
 54536 | Elf:3    | Found Kucsanir's Book Emporium.
 55101 | Elf:3    | Identified the +3 halberd of the Shark {vorpal, Drain rC+
                  | Will+ Int+2}
 55102 | Elf:3    | Paralysed by an air elemental for 1 turns
 55105 | Elf:3    | Paralysed by an air elemental for 1 turns
 55453 | Elf:3    | Identified the +9 great sword "Zemah" {vamp, Int+4 Dex+2}
 55787 | Elf:3    | Identified the +1 ring mail of Focus {rN+}
 56044 | Elf:3    | Identified the +0 robe of Pleasant Breezes {rPois Str+4
                  | Archmagi}
 56051 | Elf:3    | Got the Reference Book on Conflict
 56058 | Elf:3    | Identified the +0 robe "Solasy" {+Inv}
 56059 | Elf:3    | Identified the +9 spear "Yqeerusist" {freeze, rF++ rN+++
                  | Dex-2}
 56076 | Elf:3    | Identified the ring "Neych" {rF+ Str+4 Int-2 Dex+2}
 56257 | Elf:3    | Bought Great Wizards, Vol. VII for 420 gold pieces
 56257 | Elf:3    | Bought a Necronomicon for 784 gold pieces
 56607 | Elf:1    | Killed Yolobob's ghost
 56909 | Elf:1    | Identified the +2 pair of gloves of Reitzoqi {Harm rElec
                  | rC-}
 57205 | Spider:1 | Killed Discosetron's ghost
 57817 | D:4      | Killed bananaglory's ghost
 58191 | Vaults:1 | Entered Level 1 of the Vaults
 58472 | Vaults:1 | Found a huge runed gate.
 58472 | Vaults:1 | Found a huge runed gate.
 58473 | Vaults:1 | Found a huge runed gate.
 58473 | Vaults:1 | Found a huge runed gate.
 58475 | Vaults:1 | Found a huge runed gate.
 58481 | Vaults:1 | Found a huge runed gate.
 58481 | Vaults:1 | Found a huge runed gate.
 58483 | Vaults:1 | Found a huge runed gate.
 58483 | Vaults:1 | Found a huge runed gate.
 58483 | Vaults:1 | Found a huge runed gate.
 58491 | Vaults:1 | Found a huge runed gate.
 58491 | Vaults:1 | Found a huge runed gate.
 58491 | Vaults:1 | Found a huge runed gate.
 58491 | Vaults:1 | Found a huge runed gate.
 58491 | Vaults:1 | Found a huge runed gate.
 58491 | Vaults:1 | Found a huge runed gate.
 58491 | Vaults:1 | Found a huge runed gate.
 58492 | Vaults:1 | Found a huge runed gate.
 58493 | Vaults:1 | Found a huge runed gate.
 58568 | Vaults:1 | Found a magical portal.
 58577 | WizLab   | Entered Zonguldrok's Shrine
 58831 | WizLab   | Gained mutation: You are mostly covered in icy blue scales.
                  | (AC +3) [demonic ancestry]
 58831 | WizLab   | Reached XP level 20. HP: 140/196 MP: 5/39
 58994 | WizLab   | Noticed an antique lich
 58995 | WizLab   | Found the +9 sword of Zonguldrok {reap}
 59000 | WizLab   | Killed an antique lich
 59854 | Vaults:1 | Found a huge runed gate.
 59854 | Vaults:1 | Found a huge runed gate.
 59855 | Vaults:1 | Found a huge runed gate.
 59855 | Vaults:1 | Found a huge runed gate.
 59856 | Vaults:1 | Found a huge runed gate.
 59858 | Vaults:1 | Found a huge runed gate.
 59858 | Vaults:1 | Found a huge runed gate.
 59858 | Vaults:1 | Found a huge runed gate.
 59859 | Vaults:1 | Found a huge runed gate.
 59864 | Vaults:1 | Found a huge runed gate.
 59864 | Vaults:1 | Found a huge runed gate.
 59864 | Vaults:1 | Found a huge runed gate.
 59864 | Vaults:1 | Found a huge runed gate.
 59864 | Vaults:1 | Found a huge runed gate.
 59864 | Vaults:1 | Found a huge runed gate.
 59865 | Vaults:1 | Found a huge runed gate.
 59875 | Vaults:1 | Found a huge runed gate.
 62369 | Vaults:2 | Found the +5 glaive of the Guard {elec, spectral, AC+5}
 62486 | Vaults:2 | Found a staircase to the Crypt.
 63955 | Vaults:3 | Noticed Frederick
 63962 | Vaults:3 | Killed Frederick
 64628 | Vaults:3 | Reached XP level 21. HP: 193/212 MP: 36/41
 67202 | Vaults:4 | Reached skill level 1 in Fire Magic
 67357 | Vaults:4 | Found a gateway to a bazaar.
 67430 | Bazaar   | Entered a bazaar
 67490 | Bazaar   | Found Bosoec's General Store.
 67490 | Bazaar   | Found Xaot Lou's Distillery.
 67495 | Bazaar   | Bought a scroll of blinking for 112 gold pieces
 67495 | Bazaar   | Bought a potion of brilliance for 60 gold pieces
 67501 | Bazaar   | Bought 2 potions of mutation for 112 gold pieces
 67501 | Bazaar   | Bought a potion of heal wounds for 35 gold pieces
 67501 | Bazaar   | Bought a potion of ambrosia for 56 gold pieces
 67501 | Bazaar   | Bought a potion of brilliance for 28 gold pieces
 67501 | Bazaar   | Bought 2 potions of haste for 140 gold pieces
 67501 | Bazaar   | Bought a potion of heal wounds for 35 gold pieces
 67512 | Bazaar   | Found Anny's Magic Scroll Shoppe.
 67512 | Bazaar   | Found Waapaf's Weapon Emporium.
 67517 | Bazaar   | Bought a scroll of teleportation for 39 gold pieces
 67587 | Bazaar   | Bought a scroll of enchant armour for 97 gold pieces
 67601 | Bazaar   | Bought 2 potions of might for 56 gold pieces
 68261 | Vaults:4 | Reached skill level 15 in Shields
 69439 | Depths:1 | Entered Level 1 of the Depths
 69439 | Depths:1 | Found a one-way gate to the infinite horrors of the Abyss.
 69638 | Depths:1 | Found an ornate altar of the Wu Jian Council.
 70301 | Depths:1 | Found a one-way gate leading to the halls of Pandemonium.
 70500 | Depths:1 | Reached skill level 15 in Conjurations
 70607 | Depths:1 | Found a gateway to Hell.
 70922 | Depths:2 | Noticed Mara
 70935 | Depths:2 | Noticed protoss039's illusion
 71606 | Depths:2 | Noticed protoss039's illusion
 71789 | Depths:2 | Killed Mara
 71790 | Depths:2 | Reached skill level 5 in Fire Magic
 71792 | Depths:2 | Noticed Vv
 71937 | Depths:1 | Learned a level 8 spell: Lehudib's Crystal Spear
 72354 | Depths:1 | Killed Vv
 72355 | Depths:1 | Gained mutation: A demonic guardian rushes to your aid.
                  | [demonic ancestry]
 72355 | Depths:1 | Reached XP level 22. HP: 214/220 MP: 2/42
 73550 | Depths:2 | Noticed the Enchantress
 73554 | Depths:2 | Killed the Enchantress
 73559 | Depths:2 | Reached skill level 15 in Earth Magic
 74743 | Depths:3 | Found Xiurheur's Distillery.
 74748 | Depths:3 | Bought a potion of mutation for 112 gold pieces
 74748 | Depths:3 | Bought a potion of heal wounds for 70 gold pieces
 74748 | Depths:3 | Bought a potion of curing for 42 gold pieces
 74748 | Depths:3 | Bought 2 potions of heal wounds for 140 gold pieces
 74748 | Depths:3 | Bought 2 potions of haste for 280 gold pieces
 74748 | Depths:3 | Bought a potion of curing for 42 gold pieces
 74748 | Depths:3 | Bought a potion of magic for 112 gold pieces
 74748 | Depths:3 | Bought a potion of curing for 42 gold pieces
 75738 | Depths:3 | Noticed a juggernaut
 76168 | Depths:3 | Noticed a golden dragon
 76175 | Depths:3 | Killed a golden dragon
 76364 | Depths:3 | Noticed a golden dragon
 76369 | Depths:3 | Killed a golden dragon
 77553 | Depths:3 | Killed a juggernaut
 77837 | Depths:4 | Entered Level 4 of the Depths
 78114 | Depths:4 | Found a one-way gateway to a ziggurat.
 78748 | Depths:4 | Noticed Boris
 78757 | Depths:4 | Killed Boris
 78916 | Depths:4 | Reached skill level 10 in Fire Magic
 79095 | Depths:4 | Identified the ring "Fallaal" {Ice rCorr Int+4}
 79095 | Depths:4 | Noticed Josephina
 79130 | Depths:4 | Killed Josephina
 79768 | Depths:4 | Gained mutation: You are completely covered in icy blue
                  | scales. (AC +4, rC+) [demonic ancestry]
 79768 | Depths:4 | Reached XP level 23. HP: 98/228 MP: 31/45
 80238 | Depths:4 | Found a runed translucent door.
 80238 | Depths:4 | Found a runed translucent door.
 80347 | Depths:4 | Found a runed translucent door.
 80348 | Depths:4 | Found a runed translucent door.
 80355 | Depths:4 | Found a runed translucent door.
 80476 | Depths:4 | Found a runed translucent door.
 81480 | Depths:4 | Found Erritao's Distillery.
 81487 | Depths:4 | Bought a potion of heal wounds for 110 gold pieces
 81487 | Depths:4 | Bought a potion of haste for 220 gold pieces
 81487 | Depths:4 | Bought a potion of mutation for 176 gold pieces
 81487 | Depths:4 | Bought a potion of curing for 66 gold pieces
 81487 | Depths:4 | Bought a potion of mutation for 176 gold pieces
 81487 | Depths:4 | Bought a potion of heal wounds for 110 gold pieces
 81487 | Depths:4 | Bought a potion of curing for 66 gold pieces
 81487 | Depths:4 | Bought 2 potions of haste for 440 gold pieces
 81487 | Depths:4 | Bought a potion of brilliance for 88 gold pieces
 81682 | Depths:4 | Found a gate to the Realm of Zot.
 81742 | Depths:4 | Learned a level 8 spell: Ignition
 82167 | Vaults:1 | Gained mutation: Your magical capacity is low. (-10% MP)
                  | [mutagenic glow]
 83178 | Vaults:5 | Entered Level 5 of the Vaults
 83187 | Vaults:5 | Noticed an ancient lich
 83552 | Vaults:5 | Killed an ancient lich
 84297 | Vaults:5 | Noticed an ancient lich
 84303 | Vaults:5 | Killed an ancient lich
 84794 | Vaults:5 | Got Sif Muna's Verses on the Elliptic Volcanoes
 84796 | Vaults:5 | Identified the ring of Couhusm {EV+4 Dex+4}
 85550 | Vaults:5 | Noticed an ancient lich
 85555 | Vaults:5 | Killed an ancient lich
 85556 | Vaults:5 | Gained mutation: A powerful demonic guardian rushes to your
                  | aid. [demonic ancestry]
 85556 | Vaults:5 | Reached XP level 24. HP: 236/236 MP: 27/41
 85663 | Vaults:5 | Reached skill level 15 in Fire Magic
 85713 | Vaults:5 | Identified the +5 flail "Tathec" {vorpal, Will+}
 85952 | Vaults:5 | Got a silver rune of Zot
 86150 | Vaults:5 | Identified the +7 whip of the Ghost {vorpal, Fragile Str+5}
 86329 | Vaults:5 | Found the amulet of Vitality {RegenMP++ Regen++}
 86336 | Vaults:5 | Identified the +11 short sword "Gapaecol" {freeze, rF+
                  | Int+5 Dex-2 Stlth+}
 86337 | Vaults:5 | Identified the +3 ring mail "Bacofu" {rPois rC++ Str+2}
 86439 | Vaults:5 | Identified the ring "Kuqaycos" {rPois MP+9 Int+3}
 86449 | Vaults:5 | Identified the amulet "Mehiviej" {rPois Regen+}
 87080 | Crypt:1  | Entered Level 1 of the Crypt
 87083 | Crypt:1  | Noticed Boris
 87094 | Crypt:1  | Killed Boris
 87463 | Crypt:1  | Identified the amulet "Gituro" {Spirit Drain Fly rPois
                  | Stlth+}
 88133 | Crypt:2  | Reached skill level 10 in Necromancy
 88483 | Crypt:3  | Entered Level 3 of the Crypt
 88483 | Crypt:3  | Found the +8 Vampire's Tooth {vamp}
 88528 | Crypt:3  | Reached skill level 5 in Transmutations
 88595 | Crypt:3  | Found the +3 greatsling "Punk" {acid, rCorr}
 89362 | Crypt:3  | Found a staircase to the Tomb.
 89417 | Crypt:3  | Found a runed translucent gate.
 89418 | Crypt:3  | Found a runed translucent gate.
 89419 | Crypt:3  | Found a runed translucent gate.
 89424 | Crypt:3  | Noticed Ycyi's ghost (adept MiFi)
 89424 | Crypt:3  | Noticed yalue's ghost (adept MiFi)
 89450 | Crypt:3  | Noticed a dread lich
 89553 | Crypt:3  | Identified the amulet of the Tuna {RegenMP Stlth+}
 89554 | Crypt:3  | Identified the ring of Monotheism {rN+ Dex+3}
 89554 | Crypt:3  | Identified the ring "Pepsizxy" {rElec rF+ rN+ Int+4 Dex-5}
 89554 | Crypt:3  | Identified the ring of the Rabble {rPois rN+ Will+ Int+3
                  | Dex+3}
 89648 | Crypt:3  | Identified the +12 glaive "Desove" {venom, rF+ Str+5
                  | Stlth+}
 90187 | Hell     | Entered the Vestibule of Hell
 90187 | Hell     | Noticed Geryon
 90644 | Depths:4 | Learned a level 4 spell: Iskenderun's Mystic Blast
 90650 | Depths:4 | Learned a level 5 spell: Irradiate
 90708 | Hell     | Killed Geryon
 90861 | Hell     | Gained mutation: Spells you cast and wands you use may
                  | paralyse nearby enemies. [demonic ancestry]
 90861 | Hell     | Reached XP level 25. HP: 247/247 MP: 32/41
 90977 | Hell     | Found a gateway to the ashen valley of Gehenna.
 91026 | Hell     | Found a gateway to the decaying netherworld of Tartarus.
 91063 | Hell     | Found a gateway to the freezing wastes of Cocytus.
 91066 | Hell     | Paralysed by a wendigo for 1 turns
 91069 | Hell     | Reached skill level 15 in Armour
 91226 | Hell     | Found a gateway to the Iron City of Dis.
 92024 | Hell     | Learned a level 8 spell: Necromutation
 92077 | Hell     | Upgraded the game from 0.29.1-13-g9f3cf754e1 to
                  | 0.29.1-14-g9c671dbff4
 92138 | Coc:1    | Entered Level 1 of Cocytus
 92147 | Hell     | Gained mutation: You occasionally lose the ability to drink
                  | potions when taking damage. [mutagenic glow]
 92903 | Coc:4    | HP: 10/208 [quicksilver dragon simulacrum (21)]
 93321 | Zot:1    | Entered Level 1 of the Realm of Zot
 94443 | Zot:2    | Identified the ring "Ipaf" {Ice Str+4}
 94566 | Zot:2    | Identified the +10 halberd of Zamam {flame, rPois Str+5
                  | Dex+3}
 94568 | Zot:2    | Identified the +5 mace of Harmony {venom, Dex+7}
 94900 | Zot:2    | Noticed a Killer Klown
 94911 | Zot:2    | Killed a Killer Klown
 95855 | Zot:3    | Reached skill level 10 in Transmutations
 96558 | Zot:3    | Reached XP level 26. HP: 261/261 MP: 30/42
 97300 | Zot:4    | Noticed an orb of fire
 97304 | Zot:4    | Killed an orb of fire
 97465 | Zot:4    | Reached skill level 15 in Necromancy
 98685 | Coc:6    | Paralysed by a wendigo for 1 turns
 98690 | Coc:6    | Paralysed by a wendigo for 1 turns
 98916 | Coc:7    | Entered Level 7 of Cocytus
 99220 | Zot:5    | Entered Level 5 of the Realm of Zot
 99391 | Zot:5    | Noticed an orb of fire
 99469 | Zot:5    | Killed an orb of fire
100214 | Zot:5    | Noticed an ancient lich
100220 | Zot:5    | Noticed an orb of fire
100228 | Zot:5    | Killed an ancient lich
100229 | Zot:5    | Noticed an orb of fire
100367 | Zot:5    | Killed an orb of fire
100551 | Zot:5    | Noticed a dread lich
100564 | Zot:5    | Killed a dread lich
100708 | Zot:5    | Noticed an orb of fire
101017 | Zot:5    | Killed an orb of fire
101134 | Zot:5    | Noticed an orb of fire
101154 | Zot:5    | Gained mutation: You are weak. (Str -2) [an orb of fire]
101155 | Zot:5    | Killed an orb of fire
101582 | Zot:5    | Noticed an orb of fire
101582 | Zot:5    | Noticed an orb of fire
101588 | Zot:5    | Killed an orb of fire
101588 | Zot:5    | Noticed an orb of fire
101589 | Zot:5    | Gained mutation: You are extremely robust. (+30% HP)
                  | [demonic ancestry]
101589 | Zot:5    | Reached XP level 27. HP: 246/296 MP: 32/43
101590 | Zot:5    | Noticed an orb of fire
101692 | Zot:4    | Killed an orb of fire
101796 | Zot:5    | Gained mutation: Your spells are a little harder to cast,
                  | but a little more powerful. [an orb of fire]
101800 | Zot:5    | Killed an orb of fire
102129 | Zot:5    | Noticed an orb of fire
102422 | Zot:5    | Killed an orb of fire
102597 | Zot:5    | Killed an orb of fire
102710 | Zot:5    | Noticed a dread lich
102712 | Zot:5    | Gained mutation: You sometimes lose your temper in combat.
                  | [an orb of fire]
102721 | Zot:5    | Killed an orb of fire
102726 | Zot:5    | Killed a dread lich
103742 | Slime:1  | Entered Level 1 of the Pits of Slime
103825 | Lair:4   | Gained mutation: You occasionally lose the ability to read
                  | scrolls when taking damage. [mutagenic glow]
103843 | Lair:4   | Lost mutation: Your spells are a little harder to cast, but
                  | a little more powerful. [potion of mutation]
103843 | Lair:4   | Lost mutation: Your magical capacity is low. (-10% MP)
                  | [potion of mutation]
103843 | Lair:4   | Gained mutation: You have hidden genetic defects. [potion
                  | of mutation]
103843 | Lair:4   | Gained mutation: Your flesh is cold resistant. (rC+)
                  | [potion of mutation]
103844 | Lair:4   | Lost mutation: Your flesh is cold resistant. (rC+) [potion
                  | of mutation]
103844 | Lair:4   | Lost mutation: You occasionally lose the ability to drink
                  | potions when taking damage. [potion of mutation]
103844 | Lair:4   | Lost mutation: You occasionally lose the ability to read
                  | scrolls when taking damage. [potion of mutation]
103844 | Lair:4   | Lost mutation: You sometimes lose your temper in combat.
                  | [potion of mutation]
103844 | Lair:4   | Gained mutation: You occasionally lose the ability to read
                  | scrolls when taking damage. [potion of mutation]
103845 | Lair:4   | Lost mutation: You have hidden genetic defects. [potion of
                  | mutation]
103845 | Lair:4   | Lost mutation: You occasionally lose the ability to read
                  | scrolls when taking damage. [potion of mutation]
103845 | Lair:4   | Lost mutation: You are weak. (Str -2) [potion of mutation]
103845 | Lair:4   | Gained mutation: You sometimes lose your temper in combat.
                  | [potion of mutation]
103846 | Lair:4   | Lost mutation: You sometimes lose your temper in combat.
                  | [potion of mutation]
103846 | Lair:4   | Gained mutation: You have hidden genetic potential. [potion
                  | of mutation]
103846 | Lair:4   | Lost mutation: You have hidden genetic potential. [potion
                  | of mutation]
103846 | Lair:4   | Gained mutation: You have a somewhat thin skeletal
                  | structure. (Dex +2, Stealth+) [potion of mutation]
104176 | Slime:5  | Entered Level 5 of the Pits of Slime
104197 | Slime:5  | Noticed the Royal Jelly
104203 | Slime:5  | Killed the Royal Jelly
104336 | Slime:5  | Identified the +7 falchion of Quham {spect, rCorr}
104338 | Slime:5  | Identified the ring of Lofotedo {rPois rC+ Str+3}
104364 | Slime:5  | Identified the ring "Zyeteed" {rElec rPois rF+}
104368 | Slime:5  | Got a slimy rune of Zot
104370 | Slime:5  | Identified the +0 leather armour "Qagidakk" {Contam rF++
                  | Str+3 Slay+2}
104455 | Slime:5  | Identified the ring "Arej" {Fly rN+ rCorr}
104644 | Slime:5  | Acquired the ring of the Prince of Darkness {rC+ rCorr
                  | Str+6 Int+4 SInv}
105646 | Coc:7    | Noticed the Serpent of Hell
105668 | Coc:7    | Killed the Serpent of Hell
105669 | Coc:7    | Reached skill level 15 in Transmutations
106243 | Coc:7    | Paralysed by a wendigo for 1 turns
106345 | Coc:7    | Noticed Antaeus
106359 | Coc:7    | Killed Antaeus
106372 | Coc:7    | Identified the ring "Qesoliamp" {Fly rElec Will+ Stlth-}
106374 | Coc:7    | Identified the +5 chain mail of Restlessness {-Cast -Tele
                  | rPois Dex+8}
106376 | Coc:7    | Got an icy rune of Zot
106395 | Coc:7    | Identified the +6 hand axe of Acvuph {vorpal, Dex+2 Stlth+}
106397 | Coc:7    | Identified the +2 broad axe of Conformity {protect, Fragile
                  | Str+4 SInv}
106419 | Coc:7    | Learned a level 9 spell: Shatter
106454 | Hell     | Learned a level 7 spell: Ozocubu's Refrigeration
106497 | Geh:1    | Entered Level 1 of Gehenna
106587 | Hell     | Gained mutation: Your body sometimes deteriorates upon
                  | taking damage. [mutagenic glow]
106659 | Geh:1    | Noticed a juggernaut
106664 | Geh:1    | Killed a juggernaut
106753 | Geh:1    | Noticed a juggernaut
106766 | Geh:1    | Killed a juggernaut
107223 | Geh:6    | Noticed a dread lich
107224 | Geh:6    | Killed a dread lich
107333 | Geh:7    | Entered Level 7 of Gehenna
107792 | Geh:7    | Identified the +2 ring mail of Lawich {Stlth+}
108077 | Geh:7    | Identified the +4 war axe of the Badger {vorpal, rC++}
108129 | Geh:7    | Learned a level 4 spell: Passage of Golubria
108130 | Geh:7    | Found the +7 sceptre of Asmodeus
108130 | Geh:7    | Noticed Asmodeus
108162 | Geh:7    | Killed Asmodeus
108163 | Geh:7    | Reached skill level 10 in Ice Magic
108182 | Geh:7    | Got an obsidian rune of Zot
108335 | Tar:1    | Entered Level 1 of Tartarus
108787 | Tar:3    | You are sucked into a shaft and drop 2 floors!
108845 | Tar:6    | Noticed an ancient lich
108845 | Tar:6    | Noticed an ancient lich
108845 | Tar:6    | Noticed an ancient lich
108845 | Tar:6    | Noticed an ancient lich
108845 | Tar:6    | Noticed a dread lich
108846 | Tar:6    | Noticed a dread lich
108846 | Tar:6    | Noticed a dread lich
108846 | Tar:6    | Noticed a dread lich
108848 | Tar:6    | Noticed an ancient lich
108849 | Tar:6    | Noticed a dread lich
108851 | Tar:6    | Killed an ancient lich
108851 | Tar:6    | Killed a dread lich
108852 | Tar:6    | Killed an ancient lich
108852 | Tar:6    | Killed a dread lich
108854 | Tar:6    | Killed an ancient lich
108854 | Tar:6    | Killed a dread lich
108855 | Tar:6    | Killed a dread lich
108855 | Tar:6    | Killed an ancient lich
108855 | Tar:6    | Killed a dread lich
108895 | Tar:7    | Entered Level 7 of Tartarus
109306 | Tar:7    | Identified the +3 leather armour "Hefysiod" {Str-5 Slay+3
                  | SInv}
109366 | Tar:7    | Noticed a dread lich
109368 | Tar:7    | Noticed a dread lich
109376 | Tar:7    | Killed a dread lich
109376 | Tar:7    | Paralysed by a dread lich for 5 turns
109384 | Tar:7    | Killed a dread lich
109396 | Tar:7    | Identified the +7 plate armour of Plog {rElec rC- rN+
                  | rCorr}
109487 | Tar:7    | Identified the +7 shortbow of Buqatz {freeze, Fly rElec
                  | Dex+5}
109620 | Tar:7    | Found the +5 scythe "Finisher" {speed, eviscerate}
109622 | Tar:7    | Noticed a dread lich
109624 | Tar:7    | Noticed an ancient lich
109629 | Tar:7    | Killed an ancient lich
109629 | Tar:7    | Killed a dread lich
109636 | Tar:7    | Identified the +1 scale mail of Darkness {Contam Will+
                  | Str+3}
110054 | Tar:7    | Noticed Ereshkigal
110062 | Tar:7    | Killed Ereshkigal
110157 | Tar:7    | Got a bone rune of Zot
110216 | Hell     | Lost mutation: Your body sometimes deteriorates upon taking
                  | damage. [potion of mutation]
110216 | Hell     | Lost mutation: You have a somewhat thin skeletal structure.
                  | (Dex +2, Stealth+) [potion of mutation]
110216 | Hell     | Gained mutation: You have a pair of small horns on your
                  | head. [potion of mutation]
110217 | Hell     | Lost mutation: You have a pair of small horns on your head.
                  | [potion of mutation]
110217 | Hell     | Gained mutation: Your spells are a little easier to cast,
                  | but a little less powerful. [potion of mutation]
110217 | Hell     | Gained mutation: Your body sometimes deteriorates upon
                  | taking damage. [potion of mutation]
110217 | Hell     | Gained mutation: Your mind is acute. (Int +4, Str/Dex -1)
                  | [potion of mutation]
110218 | Hell     | Lost mutation: Your mind is acute. (Int +4, Str/Dex -1)
                  | [potion of mutation]
110218 | Hell     | Lost mutation: Your spells are a little easier to cast, but
                  | a little less powerful. [potion of mutation]
110218 | Hell     | Lost mutation: Your body sometimes deteriorates upon taking
                  | damage. [potion of mutation]
110218 | Hell     | Gained mutation: You have hidden genetic potential. [potion
                  | of mutation]
110388 | Zig:1    | Entered Level 1 of a ziggurat
110410 | Zig:2    | Entered Level 2 of a ziggurat
110448 | Zig:3    | Entered Level 3 of a ziggurat
110512 | Zig:4    | Entered Level 4 of a ziggurat
110513 | Zig:4    | Noticed Paunn the pandemonium lord
110523 | Zig:4    | Killed Paunn the pandemonium lord
110582 | Zig:5    | Entered Level 5 of a ziggurat
110603 | Zig:5    | Identified the +6 battleaxe of Iconoclasm {freeze, rF++ rC+
                  | Str-3 Dex-3}
110634 | Zig:6    | Entered Level 6 of a ziggurat
110652 | Zig:6    | Identified the +6 spear of Luxury {vorpal, +Blink MP+9
                  | Str+3}
110700 | Zig:7    | Entered Level 7 of a ziggurat
110856 | Zig:8    | Entered Level 8 of a ziggurat
110873 | Zig:8    | Identified the amulet "Zoggaah" {Reflect Slay+2 SH+5}
110914 | Zig:9    | Entered Level 9 of a ziggurat
111010 | Zig:10   | Entered Level 10 of a ziggurat
111017 | Zig:10   | Noticed Ifryihiu the pandemonium lord
111017 | Zig:10   | Noticed Oficix the pandemonium lord
111017 | Zig:10   | Noticed Fihaxt the pandemonium lord
111018 | Zig:10   | Noticed Keec the pandemonium lord
111023 | Zig:10   | Killed Fihaxt the pandemonium lord
111025 | Zig:10   | Killed Keec the pandemonium lord
111030 | Zig:10   | Killed Ifryihiu the pandemonium lord
111031 | Zig:10   | Killed Oficix the pandemonium lord
111112 | Zig:10   | Identified the +10 broad axe of Bahenoo {flame, rF+ Int+4}
111150 | Zig:11   | Entered Level 11 of a ziggurat
111239 | Zig:12   | Entered Level 12 of a ziggurat
111289 | Zig:12   | Identified the +5 broad axe "Ityr" {freeze, rF+ Str+3
                  | Dex-2}
111354 | Zig:13   | Entered Level 13 of a ziggurat
111369 | Zig:13   | Found the +11 plutonium sword {Contam Stlth-}
111401 | Zig:13   | Identified the ring "Kukyaphi" {rC- rN++ AC+4 Str+9}
111469 | Zig:14   | Entered Level 14 of a ziggurat
111521 | Zig:14   | Identified the amulet "Unnaobbu" {Spirit rF+}
111531 | Zig:14   | Identified the +6 morningstar "Jauci" {freeze, Int+6 Dex-3}
111582 | Zig:15   | Entered Level 15 of a ziggurat
111625 | Zig:15   | Identified the ring "Daruarow" {+Blink rPois rN++ Dex+6}
111627 | Zig:15   | Identified the +1 morningstar of Zumoel {freeze, rF+ rC++
                  | rCorr}
111628 | Zig:15   | Identified the ring "Zyplischu" {Wiz Contam rElec Dex+5}
111635 | Zig:15   | Identified the ring of Ehowogh {rF+ AC+4}
111701 | Zig:16   | Entered Level 16 of a ziggurat
111758 | Zig:16   | Identified the +5 great sword "Ybliyq" {drain, rC+ rN+
                  | Stlth+}
111764 | Zig:16   | Got Sif Muna's Volume of Hazy Glaciation
111831 | Zig:16   | Acquired 855 gold pieces
111833 | Zig:16   | Acquired 667 gold pieces
111844 | Zig:17   | Entered Level 17 of a ziggurat
111869 | Zig:17   | Found the necklace of Bloodlust {*Rage Will++ Int-3 Slay+6}
111900 | Zig:17   | Identified the amulet of Limuesyl {Reflect Str+2 SH+5}
111909 | Zig:17   | Identified the +8 scimitar "Nodiq" {venom, rN++}
111910 | Zig:17   | Identified the +8 short sword of Gallantry {vamp, MP+9
                  | Str+2}
112059 | Zig:18   | Entered Level 18 of a ziggurat
112177 | Zig:18   | Identified the +3 shortbow "Buadirch" {speed, *Corrode
                  | rPois Str+4}
112178 | Zig:18   | Identified the +9 falchion of Ash {freeze, rCorr Int-2
                  | SInv}
112182 | Zig:18   | Identified the +1 pair of gloves of the Miller {Contam
                  | Str+4}
112190 | Zig:18   | Identified the amulet of the Bequeathed God {Reflect Str+3
                  | SH+5 SInv}
112265 | Zig:19   | Entered Level 19 of a ziggurat
112285 | Zig:19   | Noticed an ancient lich
112289 | Zig:19   | Killed an ancient lich
112315 | Zig:19   | Found the +12 pair of quick blades "Gyre" and "Gimble"
                  | {protect}
112321 | Zig:19   | Identified the +0 cloak of Boghoz {rN++ Stlth-}
112351 | Zig:19   | Identified the +4 short sword "Luemn" {flame, rPois rN+}
112352 | Zig:19   | Identified the +4 robe "Puemet" {-Cast +Inv rElec Will+}
112460 | Zig:20   | Entered Level 20 of a ziggurat
112505 | Zig:20   | Identified the amulet of the Lobster {Spirit rC- Str+7}
112610 | Zig:20   | Learned a level 2 spell: Sublimation of Blood
112619 | Zig:21   | Entered Level 21 of a ziggurat
112646 | Zig:21   | Found the +0 mask of the Dragon {Will+ Slay+3 SInv}
112672 | Zig:21   | Identified the +8 triple sword of Halegiol {venom, rElec
                  | rCorr Str+3 Int-3}
112694 | Zig:21   | Identified the +9 mace "Wuihiuw" {speed, *Corrode rF+ Dex+2
                  | Stlth+}
112784 | Zig:22   | Entered Level 22 of a ziggurat
112812 | Zig:22   | Noticed Meshrem the pandemonium lord
112818 | Zig:22   | Killed Meshrem the pandemonium lord
112923 | Zig:22   | Identified the +0 plate armour of the Pure Ghosts {+Inv
                  | Slay+3}
112924 | Zig:22   | Identified the ring of Pahorcho {rN+ Will+ Dex+4}
112927 | Zig:22   | Identified the amulet "Iqeextik" {Acrobat Dex+2}
112928 | Zig:22   | Identified the +4 hand axe "Kuet" {spect, Will++}
112931 | Zig:22   | Identified the +0 leather armour of Experimentation {Int+3}
112951 | Zig:22   | Identified the +0 robe of Antique Salvation {Str+2 Dex+4
                  | Slay+3}
112962 | Zig:22   | Identified the +0 pair of boots "Ibigici" {Regen+ rCorr
                  | Str+2}
112966 | Zig:22   | Identified the +8 mace "Tusyl" {freeze, *Noise rC- rCorr
                  | Dex+9}
113063 | Zig:23   | Entered Level 23 of a ziggurat
113083 | Zig:23   | Noticed an ancient lich
113084 | Zig:23   | Noticed an ancient lich
113085 | Zig:23   | Noticed an ancient lich
113086 | Zig:23   | Killed an ancient lich
113088 | Zig:23   | Killed an ancient lich
113088 | Zig:23   | Killed an ancient lich
113091 | Zig:23   | Noticed an ancient lich
113095 | Zig:23   | Killed an ancient lich
113121 | Zig:23   | Identified the +3 leather armour "Suluaqa" {rF+ Will+ Str+9
                  | Stlth-}
113123 | Zig:23   | Identified the +7 hand axe "Doirph" {vorpal, *Slow rC++}
113124 | Zig:23   | Identified the +8 quarterstaff "Alilyted" {venom, Int+5
                  | SInv}
113127 | Zig:23   | Identified the +8 falchion "Sibehim" {drain, Str+4}
113243 | Zig:23   | Reached skill level 15 in Ice Magic
113253 | Zig:24   | Entered Level 24 of a ziggurat
113293 | Zig:24   | Found the +2 cloak of the Thief {*Fog Slay-2 SInv Stlth+}
113319 | Zig:24   | Identified the +1 pair of gloves of Fymoajuwk {rF++ Int+6}
113339 | Zig:24   | Identified the ring of Knowledge {Str+6 Dex+4}
113525 | Zig:25   | Entered Level 25 of a ziggurat
113539 | Zig:25   | Noticed a dread lich
113539 | Zig:25   | Noticed a dread lich
113542 | Zig:25   | Killed a dread lich
113544 | Zig:25   | Killed a dread lich
113557 | Zig:25   | Noticed a dread lich
113563 | Zig:25   | Killed a dread lich
113605 | Zig:25   | Identified the +1 plate armour "Kylof" {Dex+2 Slay+2}
113608 | Zig:25   | Identified the +6 quarterstaff of the Furious {vamp, rF+++
                  | MP-9 Dex+3}
113611 | Zig:25   | Identified the +2 mace of the Smoking Priest {venom, rPois
                  | rN+ Stlth-}
113612 | Zig:25   | Identified the +1 buckler "Vober" {rCorr Dex+3}
113615 | Zig:25   | Identified the ring "Sethros" {Drain rF+ rC+ rN+ Int+3}
113617 | Zig:25   | Identified the +7 lajatang of Tedid {vorpal, *Slow rN++
                  | SInv Stlth+}
113618 | Zig:25   | Identified the amulet of Wait {Regen+ Str+4}
113764 | Zig:26   | Entered Level 26 of a ziggurat
113781 | Zig:26   | Noticed a juggernaut
113782 | Zig:26   | Noticed a juggernaut
113786 | Zig:26   | Noticed a juggernaut
113787 | Zig:26   | Noticed a juggernaut
113787 | Zig:26   | Noticed a juggernaut
113789 | Zig:26   | Noticed a juggernaut
113790 | Zig:26   | Noticed a juggernaut
113790 | Zig:26   | Noticed a juggernaut
113790 | Zig:26   | Noticed a juggernaut
113791 | Zig:26   | Noticed a juggernaut
113791 | Zig:26   | Noticed a juggernaut
113791 | Zig:26   | Noticed a juggernaut
113791 | Zig:26   | Noticed a juggernaut
113792 | Zig:26   | Killed a juggernaut
113792 | Zig:26   | Killed a juggernaut
113792 | Zig:26   | Noticed a juggernaut
113792 | Zig:26   | Noticed a juggernaut
113793 | Zig:26   | Killed a juggernaut
113793 | Zig:26   | Killed a juggernaut
113793 | Zig:26   | Killed a juggernaut
113793 | Zig:26   | Killed a juggernaut
113793 | Zig:26   | Killed a juggernaut
113793 | Zig:26   | Killed a juggernaut
113793 | Zig:26   | Noticed a juggernaut
113793 | Zig:26   | Noticed a juggernaut
113793 | Zig:26   | Noticed a juggernaut
113794 | Zig:26   | Killed a juggernaut
113794 | Zig:26   | Killed a juggernaut
113794 | Zig:26   | Killed a juggernaut
113795 | Zig:26   | Killed a juggernaut
113795 | Zig:26   | Killed a juggernaut
113795 | Zig:26   | Killed a juggernaut
113796 | Zig:26   | Killed a juggernaut
113796 | Zig:26   | Killed a juggernaut
113796 | Zig:26   | Killed a juggernaut
113797 | Zig:26   | Killed a juggernaut
113884 | Zig:26   | Found the +7 great mace "Firestarter" {inner flame, rF++}
113912 | Zig:26   | Identified the +5 shortbow of Valour {vorpal, rElec}
113914 | Zig:26   | Identified the ring of Grontol {rN+ Str-4 Dex+6 Slay+4}
113919 | Zig:26   | Identified the +0 short sword of Honour {vorpal, Stlth+}
113929 | Zig:26   | Identified the amulet of Dallicetu {Faith Str+7}
113933 | Zig:26   | Identified the +4 quarterstaff of the Hammering Gnat
                  | {flame, Int+4}
114093 | Zig:27   | Entered Level 27 of a ziggurat
114111 | Zig:27   | Noticed a juggernaut
114113 | Zig:27   | Noticed a juggernaut
114117 | Zig:27   | Killed a juggernaut
114117 | Zig:27   | Killed a juggernaut
114117 | Zig:27   | Noticed a juggernaut
114117 | Zig:27   | Noticed a juggernaut
114119 | Zig:27   | Noticed a juggernaut
114120 | Zig:27   | Noticed a juggernaut
114121 | Zig:27   | Killed a juggernaut
114121 | Zig:27   | Killed a juggernaut
114121 | Zig:27   | Noticed a juggernaut
114121 | Zig:27   | Noticed a juggernaut
114122 | Zig:27   | Killed a juggernaut
114124 | Zig:27   | Noticed a juggernaut
114125 | Zig:27   | Killed a juggernaut
114126 | Zig:27   | Killed a juggernaut
114126 | Zig:27   | Killed a juggernaut
114127 | Zig:27   | Killed a juggernaut
114313 | Zig:27   | Identified the +6 steam dragon scales of Dithmenos's
                  | Vengeance {Harm *Corrode Fly Int+3}
114319 | Zig:27   | Identified the +1 chain mail of Supple Strength {Str+4}
114690 | Zig:1    | Entered Level 1 of a ziggurat
114717 | Zig:2    | Entered Level 2 of a ziggurat
114717 | Zig:2    | Found the +4 moon troll leather armour {Spirit, Regen++
                  | MP+5}
114755 | Zig:3    | Entered Level 3 of a ziggurat
114779 | Zig:3    | Identified the +2 leather armour of Kuegh {Will+}
114792 | Zig:4    | Entered Level 4 of a ziggurat
114793 | Zig:4    | Found the ring of Shadows {Umbra +Inv Stlth+}
114794 | Zig:4    | Paralysed by an air elemental for 1 turns
114813 | Zig:4    | Identified the ring of Moral Flaws {rCorr Str+6}
114826 | Zig:5    | Entered Level 5 of a ziggurat
114874 | Zig:6    | Entered Level 6 of a ziggurat
114878 | Zig:6    | Noticed Fes Qeh the pandemonium lord
114881 | Zig:6    | Killed Fes Qeh the pandemonium lord
114893 | Zig:6    | Identified the +9 crystal plate armour "Niuhaab" {Fly
                  | rElec}
114946 | Zig:7    | Entered Level 7 of a ziggurat
114952 | Zig:7    | Noticed a dread lich
114955 | Zig:7    | Killed a dread lich
115010 | Zig:7    | Identified the ring "Wiamuom" {*Corrode Fly Will+ Str+6
                  | SInv}
115023 | Zig:7    | Learned a level 9 spell: Polar Vortex
115035 | Zig:8    | Entered Level 8 of a ziggurat
115086 | Zig:8    | Identified the +9 falchion "Xanur" {drain, Int+5}
115124 | Zig:9    | Entered Level 9 of a ziggurat
115132 | Zig:9    | Noticed an ancient lich
115134 | Zig:9    | Noticed an ancient lich
115134 | Zig:9    | Noticed an ancient lich
115136 | Zig:9    | Killed an ancient lich
115136 | Zig:9    | Killed an ancient lich
115137 | Zig:9    | Killed an ancient lich
115158 | Zig:9    | Identified the +6 scale mail of Impermeability {rPois rN+
                  | Str-2}
115160 | Zig:9    | Identified the +0 helmet of Naseuts {Harm MP+9 Str-4 Dex+7}
115167 | Zig:9    | Identified the +10 great sword of the Grey Skies {vorpal,
                  | MP+9}
115202 | Zig:10   | Entered Level 10 of a ziggurat
115284 | Zig:11   | Entered Level 11 of a ziggurat
115297 | Zig:11   | Noticed a juggernaut
115297 | Zig:11   | Noticed a juggernaut
115297 | Zig:11   | Noticed a juggernaut
115297 | Zig:11   | Noticed a juggernaut
115300 | Zig:11   | Killed a juggernaut
115300 | Zig:11   | Killed a juggernaut
115301 | Zig:11   | Killed a juggernaut
115301 | Zig:11   | Killed a juggernaut
115326 | Zig:11   | Identified the +6 halberd of Supporting Execution {drain,
                  | rF+ Dex-3 SInv}
115371 | Zig:12   | Entered Level 12 of a ziggurat
115420 | Zig:12   | Identified the +9 short sword "Ewag" {flame, rC+ Will+
                  | Int+6}
115461 | Zig:13   | Entered Level 13 of a ziggurat
115508 | Zig:13   | Identified the +3 mace of Razihuuk {drain, *Slow rElec
                  | rPois Will++}
115521 | Zig:13   | Identified the +3 dagger of Zin's Displeasure {holy, Fly
                  | rF- rC+ Dex+7}
115582 | Zig:14   | Entered Level 14 of a ziggurat
115601 | Zig:14   | Noticed a royal mummy
115604 | Zig:14   | Killed a royal mummy
115615 | Zig:14   | Identified the +2 robe of Winter {Contam rPois rF+ Int+5}
115630 | Zig:14   | Identified the ring of Leaves {rF+ Int+4}
115636 | Zig:14   | Identified the +10 trident of Obsession {flame, Fragile
                  | rCorr Dex+2}
115681 | Zig:15   | Entered Level 15 of a ziggurat
115725 | Zig:15   | Identified the ring "Suamubeyph" {Contam rC+ Str+4 Int+4
                  | Dex+6}
115780 | Zig:16   | Entered Level 16 of a ziggurat
115854 | Zig:16   | Identified the +10 great mace "Qenkedum" {vorpal, Int+3
                  | Dex+2}
115856 | Zig:16   | Identified the +4 rapier "Dragonbane" {flame, *Corrode
                  | +Blink Str-4 SInv}
115862 | Zig:16   | Identified the ring of Duimier {rC+++ MP+9 Str+3 Int-5
                  | Dex+4}
115868 | Zig:16   | Identified the +9 shortbow "Sijadgh" {flame, Str+3}
115919 | Zig:17   | Entered Level 17 of a ziggurat
115955 | Zig:17   | Identified the +5 arbalest "Mieph" {flame, rElec rN+}
115956 | Zig:17   | Identified the amulet "Cuwneluil" {Spirit rN++ Int-5 Dex+5}
115966 | Zig:17   | Identified the ring of Dozuam {rElec rPois rC+ rCorr Int+2}
115986 | Zig:17   | Identified the +1 robe of Ipyusu {Rampage}
116041 | Zig:18   | Entered Level 18 of a ziggurat
116059 | Zig:18   | Noticed a dread lich
116061 | Zig:18   | Noticed a dread lich
116061 | Zig:18   | Noticed an ancient lich
116061 | Zig:18   | Found the +5 lochaber axe {reach-cleave, poleaxe}
116061 | Zig:18   | Found the +2 Maxwell's thermic engine {flame, freeze}
116062 | Zig:18   | Killed a dread lich
116063 | Zig:18   | Killed a dread lich
116063 | Zig:18   | Killed an ancient lich
116071 | Zig:18   | Found the +3 robe of Clouds {*Thunder rCloud rElec}
116093 | Zig:18   | Identified the +5 rapier of Parts Unknown {pain, rCorr
                  | Str+5 Int+5}
116103 | Zig:18   | Got the Guidebook on the Morbid Oath
116105 | Zig:18   | Identified the +7 arbalest of Kyedut {freeze, rN+}
116106 | Zig:18   | Identified the +2 scale mail "Ekaurry" {rElec Int-5 Dex+3}
116178 | Zig:19   | Entered Level 19 of a ziggurat
116232 | Zig:19   | Identified the +5 sling "Demon's Undoing" {speed, Str+3}
116237 | Zig:19   | Identified the amulet "Vues" {Faith Dex+4}
116242 | Zig:19   | Identified the +9 dagger "Jogeotunt" {distort, Int+5}
116322 | Zig:20   | Entered Level 20 of a ziggurat
116362 | Zig:20   | Found the +8 frozen axe "Frostbite" {freezing cloud, *Noise
                  | Fly rC+}
116393 | Zig:20   | Got the Papyrus of Damaging Silt
116402 | Zig:20   | Identified the +0 pair of gloves "Tiutsiph" {Int+2}
116413 | Zig:20   | Identified the +9 battleaxe "Xocos" {drain, Drain rN+ Str+4
                  | Dex+7}
116425 | Zig:20   | Identified the +11 sling of Soaheleo {venom, +Blink Dex+5}
116426 | Zig:20   | Identified the +1 dagger "Embalmer" {vorpal, rC+ Int+4}
116498 | Zig:21   | Entered Level 21 of a ziggurat
116531 | Zig:21   | Found the amulet of the Air {Inacc Air Fly rElec RMsl}
116552 | Zig:21   | Identified the ring "Iconkat" {AC+4 Str+4}
116555 | Zig:21   | Identified the +3 short sword of the Stoat {vorpal, rPois
                  | Str+3 Dex+2}
116567 | Zig:21   | Identified the ring of Fengigem {Wiz MP+9}
116569 | Zig:21   | Identified the ring "Farruf" {Str+4 Int-5 Dex+3 SInv}
116580 | Zig:21   | Identified the ring "Ossumm" {Drain rPois rF+ MP+9 Dex+4}
116587 | Zig:21   | Identified the +4 battleaxe of the World {freeze, Int+4}
116643 | Zig:22   | Entered Level 22 of a ziggurat
116684 | Zig:22   | Identified the +10 dagger of the Changing Fox {protect,
                  | rF+}
116695 | Zig:22   | Identified the +7 glaive of protoss039's Terror {protect,
                  | MP-9 Int+4}
116706 | Zig:22   | Identified the +10 scimitar "Transmigrator" {vorpal, rF+}
116768 | Zig:23   | Entered Level 23 of a ziggurat
116815 | Zig:23   | Found the dreamshard necklace {*Dream Drain}
116834 | Zig:23   | Identified the +1 pair of gloves of Bad Feelings {rC+ rN+}
116875 | Zig:23   | Identified the +9 spear of Grontol {flame, rN+ Dex+2}
117000 | Zig:24   | Entered Level 24 of a ziggurat
117011 | Zig:24   | Noticed Otugos the pandemonium lord
117021 | Zig:24   | Noticed Inaidul the pandemonium lord
117022 | Zig:24   | Killed Otugos the pandemonium lord
117028 | Zig:24   | Noticed Usocwa the pandemonium lord
117035 | Zig:24   | Killed Usocwa the pandemonium lord
117040 | Zig:24   | Killed Inaidul the pandemonium lord
117045 | Zig:24   | Noticed Fesm the pandemonium lord
117045 | Zig:24   | Noticed Wesev the pandemonium lord
117045 | Zig:24   | Noticed Xonaen the pandemonium lord
117046 | Zig:24   | Noticed Pon Mir the pandemonium lord
117046 | Zig:24   | Noticed Xeewemad the pandemonium lord
117047 | Zig:24   | Noticed Ehioxki the pandemonium lord
117048 | Zig:24   | Killed Wesev the pandemonium lord
117048 | Zig:24   | Killed Fesm the pandemonium lord
117048 | Zig:24   | Noticed Futag the pandemonium lord
117049 | Zig:24   | Killed Pon Mir the pandemonium lord
117050 | Zig:24   | Noticed Goibitere the pandemonium lord
117053 | Zig:24   | Killed Futag the pandemonium lord
117054 | Zig:24   | Killed Xeewemad the pandemonium lord
117056 | Zig:24   | Noticed Xukuv the pandemonium lord
117058 | Zig:24   | Killed Ehioxki the pandemonium lord
117058 | Zig:24   | Killed Xukuv the pandemonium lord
117059 | Zig:24   | Killed Xonaen the pandemonium lord
117059 | Zig:24   | Noticed Zemav the pandemonium lord
117062 | Zig:24   | Killed Goibitere the pandemonium lord
117063 | Zig:24   | Noticed Pinait the pandemonium lord
117064 | Zig:24   | Noticed Akokar the pandemonium lord
117066 | Zig:24   | Killed Akokar the pandemonium lord
117067 | Zig:24   | Noticed Fumonexy the pandemonium lord
117071 | Zig:24   | Killed Zemav the pandemonium lord
117071 | Zig:24   | Noticed Qaiqoyl the pandemonium lord
117072 | Zig:24   | Killed Fumonexy the pandemonium lord
117078 | Zig:24   | Noticed Zemel the pandemonium lord
117078 | Zig:24   | Noticed Umuenk the pandemonium lord
117079 | Zig:24   | Killed Pinait the pandemonium lord
117079 | Zig:24   | Killed Qaiqoyl the pandemonium lord
117081 | Zig:24   | Killed Umuenk the pandemonium lord
117087 | Zig:24   | Killed Zemel the pandemonium lord
117200 | Zig:24   | Found the +8 demon trident "Rift" {distort, reach+}
117208 | Zig:24   | Identified the +6 scale mail of the Great Game {+Inv}
117209 | Zig:24   | Identified the ring of Laptat {Wiz MP+9}
117211 | Zig:24   | Got the Octavo of Death
117222 | Zig:24   | Identified the ring "Sunasol" {*Slow rF++ Str+6}
117223 | Zig:24   | Identified the +7 trident "Igipoif" {venom, rElec rC-
                  | Str+3}
117224 | Zig:24   | Identified the +0 scale mail "Aguilat" {Will+ Dex+3}
117228 | Zig:24   | Identified the +5 long sword "Mubb" {freeze, rPois rC++
                  | Dex-4}
117266 | Zig:25   | Entered Level 25 of a ziggurat
117307 | Zig:25   | Found the +9 staff of Olgreb {rPois∞}
117327 | Zig:25   | Identified the +3 glaive of Peril {vorpal, SInv}
117330 | Zig:25   | Identified the ring "Ratredal" {+Blink rN+ Stlth+}
117482 | Zig:26   | Entered Level 26 of a ziggurat
117500 | Zig:26   | Noticed an orb of fire
117503 | Zig:26   | Noticed an orb of fire
117505 | Zig:26   | Killed an orb of fire
117506 | Zig:26   | Noticed an orb of fire
117506 | Zig:26   | Noticed an orb of fire
117511 | Zig:26   | Killed an orb of fire
117515 | Zig:26   | Killed an orb of fire
117516 | Zig:26   | Killed an orb of fire
117516 | Zig:26   | Noticed an orb of fire
117524 | Zig:26   | Noticed an orb of fire
117527 | Zig:26   | Killed an orb of fire
117529 | Zig:26   | Killed an orb of fire
117569 | Zig:26   | Noticed an orb of fire
117570 | Zig:26   | Noticed an orb of fire
117576 | Zig:26   | Noticed an orb of fire
117578 | Zig:26   | Killed an orb of fire
117578 | Zig:26   | Killed an orb of fire
117589 | Zig:26   | Killed an orb of fire
117592 | Zig:26   | Noticed an orb of fire
117594 | Zig:26   | Noticed an orb of fire
117602 | Zig:26   | Killed an orb of fire
117602 | Zig:26   | Killed an orb of fire
117730 | Zig:26   | Identified the amulet "Otoe" {RegenMP rElec rCorr Int+3}
117734 | Zig:26   | Identified the ring of Weshutov {rC- EV+4 Str+5 Dex+2 SInv}
117758 | Zig:26   | Identified the +3 buckler of the Reasonable God {-Cast rN+
                  | Will+ Dex+4}
117767 | Zig:26   | Identified the +9 scimitar of the Thirteen Hells {protect,
                  | rPois rN+ Int+2}
117841 | Zig:27   | Entered Level 27 of a ziggurat
117959 | Zig:27   | Identified the +1 leather armour of Rotation {Rampage rC++
                  | Regen+ SInv}
117974 | Zig:27   | Identified the +1 robe of Vuluaf {rN++}
117987 | Zig:27   | Identified the ring of Jys Yng {rCorr Dex+2 SInv}
117989 | Zig:27   | Identified the +3 falchion "Sihecrokk" {drain, rC+ rN+
                  | Will-}
117994 | Zig:27   | Identified the amulet of the Death Scarab {Spirit Stlth+}
117998 | Zig:27   | Identified the +0 pair of boots of the Devil's Team {Regen+
                  | Str+4}
118068 | Zig:27   | Learned a level 9 spell: Chain Lightning
118079 | Zig:27   | Learned a level 9 spell: Death's Door
118160 | Zig:1    | Entered Level 1 of a ziggurat
118177 | Zig:2    | Entered Level 2 of a ziggurat
118191 | Zig:2    | Identified the +1 chain mail of the Keeping Gods {rN+
                  | Str+2}
118195 | Zig:3    | Entered Level 3 of a ziggurat
118198 | Zig:3    | Reached skill level 1 in Throwing
118229 | Zig:4    | Entered Level 4 of a ziggurat
118231 | Zig:4    | Noticed an ancient lich
118234 | Zig:4    | Killed an ancient lich
118267 | Zig:5    | Entered Level 5 of a ziggurat
118289 | Zig:5    | Identified the +6 chain mail of Fades {Will+ Dex+4}
118300 | Zig:6    | Entered Level 6 of a ziggurat
118343 | Zig:6    | Identified the +7 scimitar of Epylau Kayz {vorpal, +Blink
                  | rF+ rCorr SInv}
118352 | Zig:6    | Identified the +11 great sword of the Head {freeze,
                  | *Corrode rElec rN+ Str+2}
118363 | Zig:7    | Entered Level 7 of a ziggurat
118368 | Zig:7    | Noticed an ancient lich
118369 | Zig:7    | Noticed a dread lich
118372 | Zig:7    | Killed an ancient lich
118374 | Zig:7    | Reached skill level 27 in Spellcasting
118375 | Zig:7    | Killed a dread lich
118385 | Zig:7    | Identified the +2 morningstar "Poregh" {pain, rPois Str+2}
118394 | Zig:7    | Identified the +3 scale mail of Parts Unknown {Harm Str+7
                  | Dex-4}
118404 | Zig:8    | Entered Level 8 of a ziggurat
118416 | Zig:8    | Reached skill level 5 in Throwing
118416 | Zig:8    | Found the +10 zealot's sword {holy, *Rage rN+ EV+3}
118443 | Zig:9    | Entered Level 9 of a ziggurat
118449 | Zig:9    | Noticed an orb of fire
118449 | Zig:9    | Noticed an orb of fire
118449 | Zig:9    | Noticed an orb of fire
118451 | Zig:9    | Noticed an orb of fire
118454 | Zig:9    | Killed an orb of fire
118454 | Zig:9    | Killed an orb of fire
118455 | Zig:9    | Killed an orb of fire
118455 | Zig:9    | Killed an orb of fire
118480 | Zig:9    | Identified the +5 whip "Semon" {flame, rPois SInv}
118483 | Zig:9    | Identified the +9 spear "Rarocal" {spect, Drain rElec rF+
                  | Str+2}
118518 | Zig:10   | Entered Level 10 of a ziggurat
118580 | Zig:11   | Entered Level 11 of a ziggurat
118586 | Zig:11   | Noticed Gonosim the pandemonium lord
118588 | Zig:11   | Noticed Taocvamu the pandemonium lord
118589 | Zig:11   | Noticed Feotutt the pandemonium lord
118590 | Zig:11   | Noticed Ucag the pandemonium lord
118593 | Zig:11   | Reached skill level 10 in Air Magic
118593 | Zig:11   | Killed Gonosim the pandemonium lord
118593 | Zig:11   | Killed Feotutt the pandemonium lord
118594 | Zig:11   | Killed Taocvamu the pandemonium lord
118595 | Zig:11   | Killed Ucag the pandemonium lord
118660 | Zig:11   | Identified the ring "Noeb" {Wiz +Blink rF+ Stlth-}
118662 | Zig:11   | Identified the +9 quarterstaff of the Unkillable {freeze,
                  | rPois Str+4}
118663 | Zig:11   | Identified the +2 robe of Inevitability {rF- rC+ Str+2}
118687 | Zig:12   | Entered Level 12 of a ziggurat
118708 | Zig:12   | Reached skill level 10 in Throwing
118752 | Zig:12   | Identified the +1 chain mail "Vuhesik" {Dex+4 SInv}
118802 | Zig:13   | Entered Level 13 of a ziggurat
118806 | Zig:13   | Noticed a royal mummy
118808 | Zig:13   | Noticed a royal mummy
118808 | Zig:13   | Noticed a royal mummy
118810 | Zig:13   | Killed a royal mummy
118811 | Zig:13   | Noticed a royal mummy
118811 | Zig:13   | Noticed a royal mummy
118812 | Zig:13   | Killed a royal mummy
118812 | Zig:13   | Killed a royal mummy
118814 | Zig:13   | Killed a royal mummy
118814 | Zig:13   | Noticed a royal mummy
118816 | Zig:13   | Noticed a royal mummy
118817 | Zig:13   | Killed a royal mummy
118817 | Zig:13   | Killed a royal mummy
118818 | Zig:13   | Noticed a royal mummy
118819 | Zig:13   | Noticed a royal mummy
118819 | Zig:13   | Noticed a royal mummy
118820 | Zig:13   | Killed a royal mummy
118821 | Zig:13   | Killed a royal mummy
118821 | Zig:13   | Killed a royal mummy
118824 | Zig:13   | Killed a royal mummy
118833 | Zig:13   | Found the +8 mithril axe "Arga" {speed, Will+}
118836 | Zig:13   | Found the +8 storm bow {elec, penet}
118866 | Zig:13   | Identified the +7 war axe "Ciarria" {flame, rC- Dex+5}
118906 | Zig:14   | Entered Level 14 of a ziggurat
118962 | Zig:14   | Identified the +1 plate armour of Elyvilon's Displeasure
                  | {Int+2 Dex+3}
119010 | Zig:15   | Entered Level 15 of a ziggurat
119038 | Zig:15   | Found the +10 dark maul {vorpal}
119044 | Zig:15   | Identified the +5 scale mail "Boisitt" {Contam +Inv Str+7
                  | SInv}
119052 | Zig:15   | Identified the +0 halberd "Usoph" {vorpal, *Corrode *Slow
                  | rC+++ MP+9}
119058 | Zig:15   | Identified the +6 triple crossbow of the People {elec,
                  | +Blink}
119104 | Zig:16   | Entered Level 16 of a ziggurat
119137 | Zig:16   | Identified the +10 trident of Faqi {protect, Stlth+}
119140 | Zig:16   | Identified the +11 great mace "Nayth" {venom, rCorr SInv}
119143 | Zig:16   | Identified the +2 pair of boots of Anaesthesia {Str+3
                  | Int+2}
119147 | Zig:16   | Identified the +12 sling "Bingo" {freeze, rN+ Dex+3}
119148 | Zig:16   | Identified the +0 plate armour of the Immovable Bones
                  | {rElec}
119154 | Zig:16   | Identified the +2 scale mail "Urghuunwe" {*Corrode +Blink
                  | rF+++ Regen+}
119217 | Zig:17   | Entered Level 17 of a ziggurat
119232 | Zig:17   | Noticed a dread lich
119233 | Zig:17   | Noticed an ancient lich
119234 | Zig:17   | Killed a dread lich
119234 | Zig:17   | Killed an ancient lich
119235 | Zig:17   | Reached skill level 15 in Air Magic
119332 | Zig:17   | Identified the +0 scale mail of the Sturgeon {rElec rPois
                  | Will- Int+3}
119333 | Zig:17   | Identified the +7 short sword "Xosout" {flame, rC++ Str-4}
119335 | Zig:17   | Identified the +4 morningstar of Etupa {flame, Str+6}
119353 | Zig:17   | Identified the +9 battleaxe of Wounding {holy, rF+ rC- rN+
                  | Stlth+}
119354 | Zig:17   | Identified the +6 morningstar "Dorurch" {pain, rN+}
119355 | Zig:17   | Identified the +11 scimitar "Didos" {vorpal, *Noise rPois
                  | rC+ rN++}
119356 | Zig:17   | Identified the ring "Subetoask" {rF+ MP+9}
119362 | Zig:17   | Identified the amulet "Jeuce" {RegenMP Harm rCorr MP+9
                  | Str-3}
119402 | Zig:17   | Reached skill level 15 in Throwing
119412 | Zig:18   | Entered Level 18 of a ziggurat
119461 | Zig:18   | Identified the ring of the Shifting Genius {Fire rPois
                  | Slay+2}
119463 | Zig:18   | Identified the +8 mace "Tiarum" {holy, rN+ Int-2 Dex+3}
119470 | Zig:18   | Identified the +7 great mace "Earthworm" {venom, rElec
                  | rPois rCorr}
119542 | Zig:19   | Entered Level 19 of a ziggurat
119584 | Zig:19   | Found the +2 hood of the Assassin {Detection Stab+ Stlth++}
119597 | Zig:19   | Identified the +8 executioner's axe of Vuiz {vorpal, rN+
                  | Str+3 Int-3 Dex+4}
119599 | Zig:19   | Identified the +0 crystal plate armour of the Kangaroo
                  | {Harm SInv}
119603 | Zig:19   | Identified the amulet "Dyikkiupp" {Spirit rElec rCorr MP+9
                  | Int+2}
119614 | Zig:19   | Identified the +4 mace "Nommaf" {holy, rN+++ Str+2 SInv
                  | Stlth-}
119704 | Zig:20   | Entered Level 20 of a ziggurat
119719 | Zig:20   | Noticed an orb of fire
119719 | Zig:20   | Noticed an orb of fire
119720 | Zig:20   | Noticed an orb of fire
119721 | Zig:20   | Noticed an orb of fire
119724 | Zig:20   | Killed an orb of fire
119724 | Zig:20   | Killed an orb of fire
119724 | Zig:20   | Noticed an orb of fire
119724 | Zig:20   | Noticed an orb of fire
119725 | Zig:20   | Killed an orb of fire
119725 | Zig:20   | Killed an orb of fire
119726 | Zig:20   | Noticed an orb of fire
119726 | Zig:20   | Noticed an orb of fire
119727 | Zig:20   | Noticed an orb of fire
119730 | Zig:20   | Killed an orb of fire
119730 | Zig:20   | Killed an orb of fire
119730 | Zig:20   | Noticed an orb of fire
119731 | Zig:20   | Noticed an orb of fire
119732 | Zig:20   | Noticed an orb of fire
119733 | Zig:20   | Killed an orb of fire
119734 | Zig:20   | Killed an orb of fire
119734 | Zig:20   | Killed an orb of fire
119735 | Zig:20   | Killed an orb of fire
119736 | Zig:20   | Killed an orb of fire
119737 | Zig:20   | Noticed an orb of fire
119738 | Zig:20   | Killed an orb of fire
119738 | Zig:20   | Noticed an orb of fire
119743 | Zig:20   | Killed an orb of fire
119746 | Zig:20   | Killed an orb of fire
119828 | Zig:20   | Identified the amulet of Twilight {RegenMP rPois Str+4
                  | Dex-5 SInv}
119830 | Zig:20   | Identified the +9 scimitar of the Winnowing Rat {drain, rF+
                  | rC+}
119834 | Zig:20   | Identified the +2 ring mail of Binill {+Inv Regen+ Str+6
                  | Dex-4}
119845 | Zig:20   | Identified the +0 pair of boots of Rotation {Regen+ rCorr
                  | Str+3 Dex+3}
119847 | Zig:20   | Identified the +4 hand axe of Extinguishment {freeze, rF-
                  | rC- rN+ Dex+9}
119918 | Zig:21   | Entered Level 21 of a ziggurat
119935 | Zig:21   | Noticed a dread lich
119936 | Zig:21   | Noticed an ancient lich
119938 | Zig:21   | Killed a dread lich
119938 | Zig:21   | Killed an ancient lich
119938 | Zig:21   | Noticed a dread lich
119941 | Zig:21   | Killed a dread lich
119960 | Zig:21   | Found the +0 staff of Battle
120025 | Zig:21   | Identified the +10 spear "Bicuzaf" {vorpal, Dex+6}
120041 | Zig:21   | Identified the ring of Immorality {Fly rC+ rN+}
120125 | Zig:22   | Entered Level 22 of a ziggurat
120144 | Zig:22   | Noticed a juggernaut
120144 | Zig:22   | Noticed a juggernaut
120144 | Zig:22   | Noticed a juggernaut
120145 | Zig:22   | Killed a juggernaut
120146 | Zig:22   | Killed a juggernaut
120148 | Zig:22   | Noticed a juggernaut
120148 | Zig:22   | Killed a juggernaut
120149 | Zig:22   | Killed a juggernaut
120173 | Zig:22   | Found the +8 demon blade "Leech" {vamp, Harm Drain rN+}
120183 | Zig:22   | Identified the +9 morningstar of Tilaec {venom, rElec rPois
                  | rF+ rN++}
120193 | Zig:22   | Identified the +8 dagger of Viny Offence {distort, Will++
                  | Str+4 Int-3}
120200 | Zig:22   | Identified the +6 ice dragon scales "Jotogi" {rPois rF-
                  | rC++ MP+9 Int+5 Dex-4}
120201 | Zig:22   | Identified the +6 scale mail of Durable Satisfaction
                  | {Str+4}
120214 | Zig:22   | Identified the ring of Ziraaceu {Wiz rElec rPois rCorr
                  | Dex+3 SInv}
120325 | Zig:23   | Entered Level 23 of a ziggurat
120342 | Zig:23   | Noticed a juggernaut
120346 | Zig:23   | Killed a juggernaut
120347 | Zig:23   | Noticed a juggernaut
120352 | Zig:23   | Killed a juggernaut
120379 | Zig:23   | Identified the ring of Raxzocw {rN+ Will++}
120382 | Zig:23   | Identified the +8 shortbow "Aliwan" {venom, Int+5}
120511 | Zig:24   | Entered Level 24 of a ziggurat
120531 | Zig:24   | Reached skill level 1 in Axes
120540 | Zig:24   | Reached skill level 5 in Evocations
120544 | Zig:24   | Found the ring of the Octopus King
120547 | Zig:24   | Found the +14 obsidian axe {vorpal, Mesm Drain Fly SInv}
120594 | Zig:24   | Identified a ring of the Octopus King {rC+ HP+2 AC+2 EV+2
                  | SH+2}
120596 | Zig:24   | Identified the +5 mace "Aclik" {protect, rN++}
120608 | Zig:24   | Identified the ring "Puiblid" {Wiz rElec}
120611 | Zig:24   | Identified the +8 whip "Killer Bee's Peril" {vorpal, rPois
                  | rN++ MP+9 Dex-2}
120617 | Zig:24   | Identified the +9 rapier of Melee {flame, Str+3 Dex+3
                  | Stlth+}
120630 | Zig:24   | Identified the +9 eveningstar of Fisy {vorpal, rF++ Int+4}
120641 | Zig:24   | Identified the +0 morningstar of Tustats {freeze, rElec
                  | Int+2 Stlth+}
120755 | Zig:24   | Reached skill level 5 in Axes
120764 | Zig:25   | Entered Level 25 of a ziggurat
120788 | Zig:25   | Reached skill level 10 in Evocations
120802 | Zig:25   | Found the +3 warlock's mirror {reflect}
120805 | Zig:25   | Found the +3 pair of gauntlets of War {Slay+5}
120805 | Zig:25   | Found the +5 demon whip "Spellbinder" {antimagic, Will+}
120815 | Zig:25   | Identified the +8 sling "Sajah" {vorpal, rC+ Dex+4}
120818 | Zig:25   | Identified the +6 spear of the Puffin {freeze, rPois Int-2
                  | Dex+8}
120822 | Zig:25   | Identified the +2 flail of Fate {drain, Contam rElec rC+++
                  | SInv}
120823 | Zig:25   | Identified the ring of Otrung {Str+3 Int+6}
120825 | Zig:25   | Identified the +5 dire flail of Satof {drain, Dex+4}
120829 | Zig:25   | Identified the +1 morningstar of Destiny {drain, Str+2}
120836 | Zig:25   | Identified the +9 morningstar of the Depths {drain, rCorr}
120845 | Zig:25   | Identified the ring "Xeninori" {MP+9 Dex+9}
120851 | Zig:25   | Identified the +8 arbalest of Chaos {freeze, Will+ Int-4
                  | Dex+6}
120852 | Zig:25   | Identified the +0 robe "Qubeoclo" {rF+++ rN+++ Dex-4}
120974 | Zig:26   | Entered Level 26 of a ziggurat
120997 | Zig:26   | Reached skill level 10 in Axes
121004 | Zig:26   | Reached skill level 15 in Evocations
121018 | Zig:26   | Found the +3 Elemental Staff {rElec rF++ rC++ AC+5}
121019 | Zig:26   | Found the +6 arbalest "Damnation" {damnation}
121047 | Zig:26   | Identified the +10 hand axe "Beast's Nightmare" {vorpal,
                  | rF+}
121058 | Zig:26   | Identified the +0 scale mail "Kam Evy" {rF- Int+6 SInv
                  | Stlth+}
121060 | Zig:26   | Identified the +3 arbalest "Ekkaloys" {speed, Int+4}
121067 | Zig:26   | Identified the +3 sling of Archivil {flame, Will+}
121070 | Zig:26   | Identified the +6 longbow of Qupniock {vorpal, Str+3 Int+4
                  | SInv}
121220 | Zig:27   | Entered Level 27 of a ziggurat
121247 | Zig:27   | Reached skill level 15 in Axes
121267 | Zig:27   | Found the +13 scythe of Curses {drain, Drain}
121283 | Zig:27   | Identified the +3 rapier of the Rat {speed, rElec rF-
                  | Str+4}
121287 | Zig:27   | Identified the +3 arbalest of Excruciating Pain {vorpal,
                  | rN++ Stlth+}
121298 | Zig:27   | Identified the +0 crystal plate armour of Zun Aff {-Tele
                  | Harm rElec rF++}
121324 | Zig:27   | Identified the +9 sling of Responsibility {venom, rElec rN+
                  | SInv Stlth-}
121517 | Zig:1    | Entered Level 1 of a ziggurat
121638 | Zig:2    | Entered Level 2 of a ziggurat
121671 | Zig:3    | Entered Level 3 of a ziggurat
121681 | Zig:3    | Identified the +7 glaive of Indignation {flame, Dex+4 SInv
                  | Stlth-}
121694 | Zig:4    | Entered Level 4 of a ziggurat
121695 | Zig:4    | Noticed Ahaewouw the pandemonium lord
121698 | Zig:4    | Killed Ahaewouw the pandemonium lord
121740 | Zig:5    | Entered Level 5 of a ziggurat
121752 | Zig:5    | Found the ring of the Tortoise {AC+8}
121780 | Zig:5    | Identified the ring "Gilal" {rPois rF+ Str+5}
121889 | Zig:6    | Entered Level 6 of a ziggurat
121932 | Zig:7    | Entered Level 7 of a ziggurat
121933 | Zig:7    | Noticed a royal mummy
121938 | Zig:7    | Killed a royal mummy
121941 | Zig:7    | Noticed a royal mummy
121945 | Zig:7    | Killed a royal mummy
121956 | Zig:7    | Identified the +9 sling of Uncertain Death {speed, rF+}
121975 | Zig:8    | Entered Level 8 of a ziggurat
122006 | Zig:8    | Identified the ring of Psychosis {rN+ Str+6 Int+7 Dex-3
                  | SInv}
122008 | Zig:8    | Identified the +0 mace "Zomeigy" {spect, rC+}
122013 | Zig:8    | Identified the +5 scale mail of Taseciyff {SInv}
122043 | Zig:9    | Entered Level 9 of a ziggurat
122050 | Zig:9    | Noticed a dread lich
122050 | Zig:9    | Noticed an ancient lich
122051 | Zig:9    | Noticed a dread lich
122053 | Zig:9    | Killed an ancient lich
122053 | Zig:9    | Killed a dread lich
122053 | Zig:9    | Killed a dread lich
122060 | Zig:9    | Noticed an ancient lich
122064 | Zig:9    | Killed an ancient lich
122095 | Zig:9    | Identified the ring of Dathofun {rF+ rCorr MP+9 Str-2
                  | Int+5}
122149 | Zig:10   | Entered Level 10 of a ziggurat
122182 | Zig:10   | Identified the ring "Xoarimes" {rPois rF+++ Will+ rCorr
                  | Int-4}
122187 | Zig:10   | Identified the ring "Muadghev" {rN+ AC+4 Dex+4}
122242 | Zig:11   | Entered Level 11 of a ziggurat
122252 | Zig:11   | Noticed a dread lich
122253 | Zig:11   | Noticed an ancient lich
122253 | Zig:11   | Noticed an ancient lich
122256 | Zig:11   | Killed an ancient lich
122256 | Zig:11   | Killed an ancient lich
122256 | Zig:11   | Killed a dread lich
122256 | Zig:11   | Noticed an ancient lich
122257 | Zig:11   | Noticed an ancient lich
122259 | Zig:11   | Killed an ancient lich
122259 | Zig:11   | Killed an ancient lich
122265 | Zig:11   | Identified the +2 war axe of Ucsar {freeze, Will+ Stlth+}
122270 | Zig:11   | Identified the +5 flail "Qickung" {vorpal, rCorr Stlth+}
122330 | Zig:12   | Entered Level 12 of a ziggurat
122361 | Zig:12   | Identified the +8 quarterstaff of Foolhardiness {vorpal,
                  | rF+ rN+ Stlth-}
122367 | Zig:12   | Identified the +1 chain mail "Pymoyp" {Regen+ Int+4 Dex-5}
122368 | Zig:12   | Identified the +10 mace of Nymodosuf {freeze, Fragile rN+
                  | Int+6 Dex+3}
122378 | Zig:12   | Identified the +7 chain mail of the Ant {rElec}
122432 | Zig:13   | Entered Level 13 of a ziggurat
122448 | Zig:13   | Noticed Fomifeoh the pandemonium lord
122458 | Zig:13   | Killed Fomifeoh the pandemonium lord
122532 | Zig:13   | Found the +9 scales of the Dragon King {rPois rF+ rC+
                  | Will+}
122545 | Zig:13   | Identified the +1 steam dragon scales of the Moon {*Corrode
                  | Int+9}
122613 | Zig:14   | Entered Level 14 of a ziggurat
122620 | Zig:14   | Noticed a dread lich
122622 | Zig:14   | Noticed a dread lich
122624 | Zig:14   | Noticed a dread lich
122625 | Zig:14   | Killed a dread lich
122626 | Zig:14   | Noticed a dread lich
122627 | Zig:14   | Killed a dread lich
122628 | Zig:14   | Killed a dread lich
122628 | Zig:14   | Killed a dread lich
122660 | Zig:14   | Identified the +3 lajatang of Popular Demand {drain, rC-
                  | rN++ Str+3 Dex+2}
122665 | Zig:14   | Identified the +3 long sword "Zoofujom" {speed, *Corrode
                  | Fly rC+++ Str-5}
122669 | Zig:14   | Identified the +9 sling "Jun Uwk" {speed, SInv Stlth+}
122674 | Zig:14   | Identified the +4 broad axe "Qanwa" {vorpal, Int+2}
122679 | Zig:14   | Identified the +5 bardiche "Leviticus" {antimagic, Int+5}
122735 | Zig:15   | Entered Level 15 of a ziggurat
122751 | Zig:15   | Reached skill level 1 in Staves
122754 | Zig:15   | Noticed a dread lich
122755 | Zig:15   | Reached skill level 5 in Staves
122755 | Zig:15   | Killed a dread lich
122787 | Zig:15   | Identified the -2 pair of boots of Asceticism {rElec rF+
                  | rC+ Dex+3}
122788 | Zig:15   | Identified the amulet "Jusoleycat" {Spirit rN+ Will+ Str-3}
122792 | Zig:15   | Identified the +4 quarterstaff "Ronif" {vorpal, Will+}
122871 | Zig:16   | Entered Level 16 of a ziggurat
122887 | Zig:16   | Reached skill level 10 in Staves
122923 | Zig:16   | Identified the ring of Nesopoh {rN++ Will+ Str-3}
123021 | Zig:16   | Acquired 604 gold pieces
123056 | Zig:17   | Entered Level 17 of a ziggurat
123106 | Zig:17   | Identified the +1 acid dragon scales of Feqezxokh {Fly rF-
                  | rCorr Dex+8 Stlth+}
123112 | Zig:17   | Identified the +9 hand axe of Fatigue {freeze, rF- MP+9
                  | Dex-4 Stlth+}
123118 | Zig:17   | Identified the +6 glaive "Qanlel" {elec, *Slow SInv Stlth+}
123229 | Zig:18   | Entered Level 18 of a ziggurat
123241 | Zig:18   | Noticed an ancient lich
123244 | Zig:18   | Killed an ancient lich
123244 | Zig:18   | Paralysed by you for 5 turns
123250 | Zig:18   | Reached skill level 27 in Armour
123304 | Zig:18   | Identified the +7 rapier of Jonul Hemo {vorpal, rN+ Will+}
123309 | Zig:18   | Identified the +9 flail "Eseidaer" {drain, *Noise rC+ Str+2
                  | Dex+5}
123387 | Zig:18   | Acquired a manual of Staves
123389 | Zig:18   | Acquired 826 gold pieces
123393 | Zig:19   | Entered Level 19 of a ziggurat
123401 | Zig:19   | Noticed a juggernaut
123403 | Zig:19   | Noticed a juggernaut
123405 | Zig:19   | Noticed a juggernaut
123407 | Zig:19   | Noticed a juggernaut
123407 | Zig:19   | Noticed a juggernaut
123407 | Zig:19   | Noticed a juggernaut
123408 | Zig:19   | Killed a juggernaut
123409 | Zig:19   | Noticed a juggernaut
123409 | Zig:19   | Killed a juggernaut
123409 | Zig:19   | Killed a juggernaut
123409 | Zig:19   | Killed a juggernaut
123409 | Zig:19   | Killed a juggernaut
123409 | Zig:19   | Noticed a juggernaut
123410 | Zig:19   | Reached skill level 15 in Staves
123410 | Zig:19   | Reached skill level 27 in Shields
123410 | Zig:19   | Noticed a juggernaut
123411 | Zig:19   | Noticed a juggernaut
123411 | Zig:19   | Noticed a juggernaut
123411 | Zig:19   | Noticed a juggernaut
123412 | Zig:19   | Noticed a juggernaut
123412 | Zig:19   | Killed a juggernaut
123413 | Zig:19   | Killed a juggernaut
123413 | Zig:19   | Killed a juggernaut
123414 | Zig:19   | Killed a juggernaut
123414 | Zig:19   | Killed a juggernaut
123414 | Zig:19   | Killed a juggernaut
123414 | Zig:19   | Killed a juggernaut
123414 | Zig:19   | Killed a juggernaut
123423 | Zig:19   | Found the brooch of Shielding {Spirit SH+8}
123498 | Zig:19   | Identified the +10 spear "Kej Kiaj" {drain, rN+ Str-3 Int+3
                  | SInv}
123499 | Zig:19   | Identified the ring of Wu Jian's Displeasure {rN+ Int+6
                  | Dex+3}
123503 | Zig:19   | Identified the +1 leather armour of Distant Shores {rPois
                  | Will- Dex+10 Stlth+}
123512 | Zig:19   | Identified the +1 buckler of Defiance {Harm Will+ Str+6
                  | Dex+3}
123515 | Zig:19   | Identified the ring of the Golden God {rElec rF- rN+ rCorr
                  | AC+4}
123593 | Zig:20   | Entered Level 20 of a ziggurat
123615 | Zig:20   | Reached skill level 27 in Fighting
123615 | Zig:20   | Reached skill level 27 in Conjurations
123678 | Zig:20   | Got the Catalogue of Unhallowed Rites and Shapeshifting
123679 | Zig:20   | Identified the ring of the Squeaky Orange {Wiz Dex+4}
123764 | Zig:21   | Entered Level 21 of a ziggurat
123776 | Zig:21   | Noticed Xajon the pandemonium lord
123777 | Zig:21   | Noticed Qopniz the pandemonium lord
123777 | Zig:21   | Noticed Poshaso the pandemonium lord
123778 | Zig:21   | Noticed Raatu the pandemonium lord
123778 | Zig:21   | Noticed Ynucoedy the pandemonium lord
123781 | Zig:21   | Noticed Qeal the pandemonium lord
123782 | Zig:21   | Killed Xajon the pandemonium lord
123782 | Zig:21   | Killed Raatu the pandemonium lord
123782 | Zig:21   | Noticed Azecw the pandemonium lord
123782 | Zig:21   | Noticed Keisas the pandemonium lord
123784 | Zig:21   | Noticed Quacre the pandemonium lord
123784 | Zig:21   | Killed Qeal the pandemonium lord
123784 | Zig:21   | Noticed Emoip the pandemonium lord
123785 | Zig:21   | Killed Keisas the pandemonium lord
123785 | Zig:21   | Killed Quacre the pandemonium lord
123785 | Zig:21   | Noticed Mewept the pandemonium lord
123785 | Zig:21   | Noticed Loshreti the pandemonium lord
123786 | Zig:21   | Killed Poshaso the pandemonium lord
123787 | Zig:21   | Killed Loshreti the pandemonium lord
123789 | Zig:21   | Killed Mewept the pandemonium lord
123789 | Zig:21   | Killed Ynucoedy the pandemonium lord
123790 | Zig:21   | Reached skill level 5 in Stealth
123790 | Zig:21   | Killed Azecw the pandemonium lord
123790 | Zig:21   | Killed Emoip the pandemonium lord
123791 | Zig:21   | Reached skill level 5 in Dodging
123792 | Zig:21   | Noticed Jyorew Xiynn the pandemonium lord
123792 | Zig:21   | Noticed Miesov the pandemonium lord
123793 | Zig:21   | Killed Qopniz the pandemonium lord
123793 | Zig:21   | Noticed Balaniq the pandemonium lord
123794 | Zig:21   | Noticed Hybikoh the pandemonium lord
123795 | Zig:21   | Noticed Furos the pandemonium lord
123795 | Zig:21   | Noticed Ygyinag the pandemonium lord
123795 | Zig:21   | Noticed Rariquf the pandemonium lord
123796 | Zig:21   | Noticed Luraff the pandemonium lord
123797 | Zig:21   | Killed Jyorew Xiynn the pandemonium lord
123797 | Zig:21   | Killed Balaniq the pandemonium lord
123798 | Zig:21   | Killed Miesov the pandemonium lord
123798 | Zig:21   | Killed Ygyinag the pandemonium lord
123799 | Zig:21   | Killed Rariquf the pandemonium lord
123799 | Zig:21   | Noticed Zuimot the pandemonium lord
123800 | Zig:21   | Killed Hybikoh the pandemonium lord
123800 | Zig:21   | Killed Furos the pandemonium lord
123801 | Zig:21   | Noticed Puschuen the pandemonium lord
123802 | Zig:21   | Noticed Enosaz the pandemonium lord
123802 | Zig:21   | Noticed Mofril the pandemonium lord
123803 | Zig:21   | Killed Luraff the pandemonium lord
123803 | Zig:21   | Noticed Yghum the pandemonium lord
123804 | Zig:21   | Killed Enosaz the pandemonium lord
123804 | Zig:21   | Killed Zuimot the pandemonium lord
123804 | Zig:21   | Noticed Xyggu the pandemonium lord
123804 | Zig:21   | Noticed Tydeynoa the pandemonium lord
123804 | Zig:21   | Noticed Omuoddoqi the pandemonium lord
123805 | Zig:21   | Killed Mofril the pandemonium lord
123806 | Zig:21   | Killed Puschuen the pandemonium lord
123806 | Zig:21   | Killed Yghum the pandemonium lord
123806 | Zig:21   | Killed Tydeynoa the pandemonium lord
123807 | Zig:21   | Killed Xyggu the pandemonium lord
123807 | Zig:21   | Noticed Azyane the pandemonium lord
123808 | Zig:21   | Killed Omuoddoqi the pandemonium lord
123809 | Zig:21   | Noticed Teann the pandemonium lord
123810 | Zig:21   | Killed Azyane the pandemonium lord
123812 | Zig:21   | Noticed Mamimo the pandemonium lord
123813 | Zig:21   | Killed Teann the pandemonium lord
123815 | Zig:21   | Killed Mamimo the pandemonium lord
123816 | Zig:21   | Noticed Usikkusk the pandemonium lord
123822 | Zig:21   | Killed Usikkusk the pandemonium lord
123896 | Zig:21   | Identified the +5 shortbow "Seavve" {freeze, rElec rF- rC++
                  | SInv}
123898 | Zig:21   | Identified the +7 sling of Wyrd {venom, rElec rN+ Will+}
123902 | Zig:21   | Identified the +9 long sword of the Gibberer {freeze, rCorr
                  | Int+3 SInv}
123917 | Zig:21   | Identified the +0 ring mail of Elyvilon {+Inv Str+4}
123918 | Zig:21   | Identified the ring of Yesterday {AC+4 Int+4}
124014 | Zig:22   | Entered Level 22 of a ziggurat
124027 | Zig:22   | Noticed Ycuhohed's ghost (veteran TeBe)
124030 | Zig:22   | Noticed frimble's ghost (adept DsGl)
124030 | Zig:22   | Noticed stevelinton's ghost (legendary KoBe)
124030 | Zig:22   | Noticed Manman's ghost (legendary HOGl)
124032 | Zig:22   | Noticed Ekeiwkem's ghost (legendary DsFi)
124033 | Zig:22   | Killed Ycuhohed's ghost
124033 | Zig:22   | Noticed Uhosoup's ghost (veteran GrFi)
124033 | Zig:22   | Noticed Pusocauss's ghost (legendary VSBe)
124033 | Zig:22   | Noticed Alysiarr's ghost (legendary KoHu)
124034 | Zig:22   | Noticed Discosetron's ghost (legendary DjCj)
124034 | Zig:22   | Noticed Denobboc's ghost (legendary OpMo)
124034 | Zig:22   | Noticed Zeph's ghost (adept NaFi)
124034 | Zig:22   | Noticed xelsha's ghost (legendary GnAE)
124035 | Zig:22   | Noticed Ebassic's ghost (veteran GrFi)
124035 | Zig:22   | Noticed Xiwu's ghost (legendary MiFi)
124035 | Zig:22   | Noticed p0werm0de's ghost (adept PaIE)
124036 | Zig:22   | Noticed tigertrap's ghost (legendary DgHW)
124036 | Zig:22   | Noticed Ebassic's ghost (veteran GrFi)
124037 | Zig:22   | Killed frimble's ghost
124037 | Zig:22   | Noticed Dameikh's ghost (veteran FoFi)
124038 | Zig:22   | Killed stevelinton's ghost
124038 | Zig:22   | Noticed Ebassic's ghost (veteran GrFi)
124039 | Zig:22   | Killed p0werm0de's ghost
124039 | Zig:22   | Killed Discosetron's ghost
124040 | Zig:22   | Noticed Denobboc's ghost (legendary OpMo)
124040 | Zig:22   | Killed Ebassic's ghost
124040 | Zig:22   | Killed Alysiarr's ghost
124040 | Zig:22   | Killed Denobboc's ghost
124040 | Zig:22   | Killed Ebassic's ghost
124040 | Zig:22   | Killed Uhosoup's ghost
124040 | Zig:22   | Killed Zeph's ghost
124040 | Zig:22   | Noticed Ucrups's ghost (legendary MiFi)
124041 | Zig:22   | Reached skill level 10 in Dodging
124041 | Zig:22   | Killed Xiwu's ghost
124041 | Zig:22   | Killed Dameikh's ghost
124042 | Zig:22   | Noticed Pegasus's ghost (veteran DgIE)
124042 | Zig:22   | Noticed WiseOSalty's ghost (legendary TrGl)
124043 | Zig:22   | Noticed Pohawk's ghost (adept MiGl)
124043 | Zig:22   | Killed xelsha's ghost
124044 | Zig:22   | Killed Pusocauss's ghost
124044 | Zig:22   | Noticed Gemnonof's ghost (adept DgCj)
124045 | Zig:22   | Reached skill level 10 in Stealth
124045 | Zig:22   | Killed tigertrap's ghost
124045 | Zig:22   | Killed Denobboc's ghost
124045 | Zig:22   | Noticed ragingrage's ghost (legendary OpFE)
124047 | Zig:22   | Noticed p0werm0de's ghost (adept PaIE)
124048 | Zig:22   | Killed Ekeiwkem's ghost
124048 | Zig:22   | Killed Ebassic's ghost
124048 | Zig:22   | Killed Pohawk's ghost
124049 | Zig:22   | Killed Ucrups's ghost
124049 | Zig:22   | Killed Manman's ghost
124049 | Zig:22   | Killed WiseOSalty's ghost
124049 | Zig:22   | Killed Gemnonof's ghost
124050 | Zig:22   | Killed ragingrage's ghost
124050 | Zig:22   | Killed Pegasus's ghost
124051 | Zig:22   | Killed p0werm0de's ghost
124174 | Zig:22   | Identified the +1 war axe of Diet Blood {vorpal, Str+7
                  | Stlth-}
124186 | Zig:22   | Identified the +9 hand axe of Xihocet {flame, Str-4 Dex+4
                  | SInv Stlth+}
124209 | Zig:23   | Entered Level 23 of a ziggurat
124236 | Zig:23   | Noticed an ancient lich
124237 | Zig:23   | Noticed a dread lich
124239 | Zig:23   | Noticed a dread lich
124239 | Zig:23   | Noticed a dread lich
124239 | Zig:23   | Killed an ancient lich
124239 | Zig:23   | Noticed a dread lich
124240 | Zig:23   | Noticed an ancient lich
124240 | Zig:23   | Noticed an ancient lich
124241 | Zig:23   | Killed a dread lich
124242 | Zig:23   | Killed a dread lich
124242 | Zig:23   | Killed an ancient lich
124242 | Zig:23   | Killed an ancient lich
124242 | Zig:23   | Noticed an ancient lich
124243 | Zig:23   | Reached skill level 15 in Dodging
124243 | Zig:23   | Killed a dread lich
124243 | Zig:23   | Noticed a dread lich
124244 | Zig:23   | Killed a dread lich
124244 | Zig:23   | Killed an ancient lich
124244 | Zig:23   | Noticed a dread lich
124246 | Zig:23   | Killed a dread lich
124246 | Zig:23   | Killed a dread lich
124249 | Zig:23   | Reached skill level 15 in Stealth
124250 | Zig:23   | Noticed a dread lich
124253 | Zig:23   | Killed a dread lich
124329 | Zig:23   | Identified the +11 shortbow of Intimidation {flame, Contam
                  | Int+2 Stlth+}
124339 | Zig:23   | Identified the +2 hand axe "Beetleslayer" {holy, rElec
                  | rPois Str+3 Dex-2}
124340 | Zig:23   | Identified the +9 whip of Skirmishing {freeze, Contam rElec
                  | Int-2 SInv}
124341 | Zig:23   | Identified the ring "Liby" {rPois rF+ Will++ Str+6 Dex-5}
124446 | Zig:24   | Entered Level 24 of a ziggurat
124480 | Zig:24   | Found the +9 heavy crossbow "Sniper" {vorpal, Acc+∞ SInv}
124501 | Zig:24   | Found the +8 orange crystal plate armour {Archmagi, Int+3
                  | Clar}
124527 | Zig:24   | Identified the +9 battleaxe of Might {flame, rCorr Str+6}
124533 | Zig:24   | Identified the +2 sling "Omelette" {speed, rC+ Will++ rCorr
                  | Dex+2}
124534 | Zig:24   | Identified the +10 quarterstaff "Xiusob" {freeze, rN++}
124566 | Zig:24   | Identified the +3 trident of a wizard's laboratory {spect,
                  | rF+ Int+4}
124722 | Zig:25   | Entered Level 25 of a ziggurat
124753 | Zig:25   | Noticed a dread lich
124757 | Zig:25   | Killed a dread lich
124904 | Zig:25   | Found the +5 robe of Misfortune {Harm *Corrode *Slow EV+5}
124920 | Zig:25   | Identified the +2 dagger "Eceoc" {venom, rC+ Will+ Int+3
                  | SInv}
124922 | Zig:25   | Identified the ring "Onuysiho" {rElec rC++ Str+6 Int-4}
124925 | Zig:25   | Identified the ring "Notwulo" {Ice rPois rN++}
124928 | Zig:25   | Identified the +3 war axe of the Endless Beds {pain, rPois
                  | rF+ Str-2 Dex+6}
124944 | Zig:25   | Identified the amulet "Ludaine" {RegenMP Dex+6}
124949 | Zig:25   | Identified the +7 longbow "Arbiter" {venom, rElec rC+ rN+
                  | SInv}
124975 | Zig:25   | Identified the +8 shortbow of Vodghawki {flame, rPois rCorr
                  | MP-9 Dex+3}
125071 | Zig:26   | Entered Level 26 of a ziggurat
125112 | Zig:26   | Noticed Fyfolol the pandemonium lord
125118 | Zig:26   | Killed Fyfolol the pandemonium lord
125307 | Zig:26   | Identified the +5 hat of Jiggifer {Regen+ Str-3 Int-5
                  | Dex+6}
125311 | Zig:26   | Identified the +5 rapier of the Tomato {protect, Fragile
                  | rN+ Int+3 Dex+3}
125320 | Zig:26   | Identified the +3 leather armour "Damepuulu" {Rampage rPois
                  | Str+9 Int-2}
125324 | Zig:26   | Identified the +1 ring mail of Immorality {Dex+7}
125453 | Zig:27   | Entered Level 27 of a ziggurat
125466 | Zig:27   | Noticed a dread lich
125467 | Zig:27   | Noticed a dread lich
125471 | Zig:27   | Killed a dread lich
125471 | Zig:27   | Killed a dread lich
125471 | Zig:27   | Noticed a dread lich
125474 | Zig:27   | Noticed a dread lich
125474 | Zig:27   | Noticed an ancient lich
125476 | Zig:27   | Killed a dread lich
125476 | Zig:27   | Killed an ancient lich
125476 | Zig:27   | Killed a dread lich
125476 | Zig:27   | Noticed a dread lich
125477 | Zig:27   | Noticed a dread lich
125478 | Zig:27   | Killed a dread lich
125480 | Zig:27   | Killed a dread lich
125480 | Zig:27   | Noticed a dread lich
125480 | Zig:27   | Noticed a dread lich
125480 | Zig:27   | Noticed an ancient lich
125482 | Zig:27   | Noticed a dread lich
125482 | Zig:27   | Killed an ancient lich
125482 | Zig:27   | Killed a dread lich
125482 | Zig:27   | Killed a dread lich
125483 | Zig:27   | Noticed an ancient lich
125484 | Zig:27   | Killed a dread lich
125485 | Zig:27   | Killed an ancient lich
125485 | Zig:27   | Noticed an ancient lich
125488 | Zig:27   | Killed an ancient lich
125489 | Zig:27   | Noticed a dread lich
125491 | Zig:27   | Killed a dread lich
125501 | Zig:27   | Noticed an ancient lich
125504 | Zig:27   | Killed an ancient lich
125511 | Zig:27   | Identified the ring "Murefrai" {Wiz Str+2}
125522 | Zig:27   | Identified the +10 falchion of Kapuoz {spect, rPois Dex+4
                  | SInv}
125534 | Zig:27   | Identified the +1 robe "Erefed" {Str+4 Int+4 Archmagi}
125539 | Zig:27   | Identified the +10 shortbow of Skirmishing {venom, Fly
                  | Str+7}
125540 | Zig:27   | Identified the +0 plate armour of Tuluc {rF+ rN+ Str+3}
125542 | Zig:27   | Identified the +8 hand axe of Makhleb's Indignation {flame,
                  | Will+}
125543 | Zig:27   | Identified the quicksilver dragon scales of the Endless
                  | Wonders {Rampage rC- Will+ rCorr}
125554 | Zig:27   | Identified the +9 plate armour of Exkuyfen {Regen+ rCorr
                  | Str+8 Int-4}
125555 | Zig:27   | Identified the ring "Biapp" {rC+ rCorr Str+5 SInv Stlth-}
125560 | Zig:27   | Identified the +7 long sword of Conflict {chaos, Str+2}
125563 | Zig:27   | Identified the amulet "Xaqib" {Drain Regen+ Str+2 Dex+4}
125566 | Zig:27   | Identified the +12 quarterstaff of Doom {vamp, Str+3}
125567 | Zig:27   | Identified the amulet "Jem Cufu" {Regen+ Dex+3 Slay+2}
125570 | Zig:27   | Identified the +8 plate armour "Ylaqehuf" {rF++ rC- Str+3}
126071 | D:7      | Fell from the grace of Vehumet
126072 | D:7      | Became a worshipper of Gozag Ym Sagoz the Greedy
126395 | Zig:1    | Entered Level 1 of a ziggurat
126421 | Zig:2    | Entered Level 2 of a ziggurat
126461 | Zig:3    | Entered Level 3 of a ziggurat
126508 | Zig:3    | Identified the +1 plate armour "Maskih" {Str+3}
126540 | Zig:4    | Entered Level 4 of a ziggurat
126622 | Zig:4    | Identified the +0 pair of boots "Vyner" {rF+ Dex+2 Slay+3}
126646 | Zig:5    | Entered Level 5 of a ziggurat
126688 | Zig:5    | Identified the +3 ring mail "Wucumma Saiq" {rElec Dex+8
                  | Stlth-}
126722 | Zig:6    | Entered Level 6 of a ziggurat
126724 | Zig:6    | Noticed a dread lich
126724 | Zig:6    | Noticed a dread lich
126724 | Zig:6    | Noticed an ancient lich
126724 | Zig:6    | Noticed a dread lich
126726 | Zig:6    | Noticed a dread lich
126727 | Zig:6    | Killed a dread lich
126727 | Zig:6    | Killed a dread lich
126727 | Zig:6    | Killed a dread lich
126727 | Zig:6    | Noticed a dread lich
126728 | Zig:6    | Killed an ancient lich
126728 | Zig:6    | Noticed a dread lich
126730 | Zig:6    | Killed a dread lich
126732 | Zig:6    | Killed a dread lich
126732 | Zig:6    | Killed a dread lich
126814 | Zig:6    | Identified the +7 morningstar of the Divine God {holy,
                  | Int+4}
126829 | Zig:7    | Entered Level 7 of a ziggurat
126834 | Zig:7    | Noticed a dread lich
126834 | Zig:7    | Noticed a dread lich
126835 | Zig:7    | Noticed an ancient lich
126837 | Zig:7    | Killed a dread lich
126837 | Zig:7    | Killed an ancient lich
126837 | Zig:7    | Killed a dread lich
126837 | Zig:7    | Noticed a dread lich
126837 | Zig:7    | Noticed a dread lich
126838 | Zig:7    | Noticed an ancient lich
126838 | Zig:7    | Noticed a dread lich
126840 | Zig:7    | Killed a dread lich
126840 | Zig:7    | Killed a dread lich
126840 | Zig:7    | Killed an ancient lich
126840 | Zig:7    | Killed a dread lich
126920 | Zig:7    | Acquired 403 gold pieces
126925 | Zig:8    | Entered Level 8 of a ziggurat
127041 | Zig:8    | Identified the +4 hand axe of Solemn Punishment {venom,
                  | rPois rF+ Dex-5}
127046 | Zig:8    | Identified the +1 swamp dragon scales of the Smoking Gods
                  | {rPois Str+7}
127047 | Zig:8    | Identified the +2 robe of Unambiguity {-Cast rN+ Regen+
                  | Str+2}
127055 | Zig:9    | Entered Level 9 of a ziggurat
127060 | Zig:9    | Noticed a royal mummy
127061 | Zig:9    | Killed a royal mummy
127062 | Zig:9    | Noticed a royal mummy
127065 | Zig:9    | Killed a royal mummy
127065 | Zig:9    | Noticed a royal mummy
127066 | Zig:9    | Noticed a royal mummy
127068 | Zig:9    | Killed a royal mummy
127074 | Zig:9    | Killed a royal mummy
127265 | Zig:10   | Entered Level 10 of a ziggurat
127274 | Zig:10   | Noticed a dread lich
127275 | Zig:10   | Killed a dread lich
127382 | Zig:10   | Identified the +10 whip of the Devouring Firefly {freeze,
                  | rC+ rCorr}
127389 | Zig:10   | Identified the +4 hand axe "Hamamm" {freeze, *Corrode rElec
                  | rC++ Stlth+}
127422 | Zig:11   | Entered Level 11 of a ziggurat
127502 | Zig:11   | Identified the +11 dagger "Zasamp" {venom, rPois rC++}
127507 | Zig:11   | Identified the ring "Arphedoy" {MP+9 Str+4}
127602 | Zig:12   | Entered Level 12 of a ziggurat
127751 | Zig:12   | Identified the +1 hand axe of Nice Courage {vorpal, rPois
                  | Int+4}
127755 | Zig:12   | Identified the +5 sling of True Grit {venom, rN+ Will+ MP+9
                  | Dex-5}
127805 | Zig:12   | Identified the ring "Fonlyomo" {Wiz Will++ Dex+4}
127842 | Zig:13   | Entered Level 13 of a ziggurat
127853 | Zig:13   | Noticed an ancient lich
127853 | Zig:13   | Found the +3 hat of Pondering {ponderous, Will+ MP+10
                  | Int+5}
127856 | Zig:13   | Killed an ancient lich
127902 | Zig:13   | Found the amulet of Elemental Vulnerability {rPois rF--
                  | rC-- AC+8}
127984 | Zig:13   | Identified the +7 scale mail "Soohet" {rN++ Dex-3}
128129 | Zig:13   | Identified the +11 executioner's axe "Wusaexu" {flame,
                  | rElec rCorr Str-3 Int+7}
128193 | Zig:14   | Entered Level 14 of a ziggurat
128205 | Zig:14   | Noticed Xegich the pandemonium lord
128205 | Zig:14   | Noticed Huceeson the pandemonium lord
128206 | Zig:14   | Noticed Zoruqof the pandemonium lord
128206 | Zig:14   | Noticed Dyitugrau the pandemonium lord
128207 | Zig:14   | Noticed Teyrunga the pandemonium lord
128207 | Zig:14   | Noticed Inedec the pandemonium lord
128208 | Zig:14   | Noticed Inyxtujo the pandemonium lord
128208 | Zig:14   | Noticed Liroacw the pandemonium lord
128209 | Zig:14   | Killed Inyxtujo the pandemonium lord
128209 | Zig:14   | Killed Teyrunga the pandemonium lord
128209 | Zig:14   | Noticed Byloat the pandemonium lord
128210 | Zig:14   | Killed Xegich the pandemonium lord
128210 | Zig:14   | Killed Zoruqof the pandemonium lord
128210 | Zig:14   | Killed Inedec the pandemonium lord
128210 | Zig:14   | Killed Huceeson the pandemonium lord
128210 | Zig:14   | Noticed Zuchy the pandemonium lord
128210 | Zig:14   | Noticed Diranucs the pandemonium lord
128211 | Zig:14   | Killed Dyitugrau the pandemonium lord
128211 | Zig:14   | Killed Liroacw the pandemonium lord
128211 | Zig:14   | Noticed Zamer the pandemonium lord
128212 | Zig:14   | Noticed Zios the pandemonium lord
128212 | Zig:14   | Killed Diranucs the pandemonium lord
128212 | Zig:14   | Noticed Xuiph the pandemonium lord
128213 | Zig:14   | Killed Zios the pandemonium lord
128213 | Zig:14   | Killed Zuchy the pandemonium lord
128213 | Zig:14   | Killed Byloat the pandemonium lord
128214 | Zig:14   | Noticed Hisefo Mirgho the pandemonium lord
128216 | Zig:14   | Noticed Rezuw the pandemonium lord
128216 | Zig:14   | Killed Zamer the pandemonium lord
128216 | Zig:14   | Killed Rezuw the pandemonium lord
128216 | Zig:14   | Killed Xuiph the pandemonium lord
128219 | Zig:14   | Noticed Miecw the pandemonium lord
128219 | Zig:14   | Found the +6 Majin-Bo {vamp, MP+6 Int+6}
128221 | Zig:14   | Found the +8 longbow "Zephyr" {speed, Dex+3 SInv}
128222 | Zig:14   | Killed Hisefo Mirgho the pandemonium lord
128222 | Zig:14   | Killed Miecw the pandemonium lord
128319 | Zig:14   | Identified the amulet of Jetoshi {Regen+ MP+9 Slay+3}
128328 | Zig:14   | Identified the +0 robe "Ciruitump" {*Slow Will+++ MP+9
                  | Int-5}
128448 | Zig:15   | Entered Level 15 of a ziggurat
128459 | Zig:15   | Noticed Ceschaont the pandemonium lord
128459 | Zig:15   | Noticed Vifim the pandemonium lord
128459 | Zig:15   | Noticed Qeupivik the pandemonium lord
128460 | Zig:15   | Noticed Zeineo the pandemonium lord
128460 | Zig:15   | Noticed Asyewny the pandemonium lord
128460 | Zig:15   | Noticed Voimal the pandemonium lord
128460 | Zig:15   | Noticed Foatz the pandemonium lord
128460 | Zig:15   | Noticed Dykan the pandemonium lord
128460 | Zig:15   | Noticed Ciabb the pandemonium lord
128461 | Zig:15   | Killed Zeineo the pandemonium lord
128462 | Zig:15   | Noticed Zuluhai the pandemonium lord
128462 | Zig:15   | Noticed Qaemuam the pandemonium lord
128463 | Zig:15   | Noticed Xiuklub the pandemonium lord
128464 | Zig:15   | Noticed Lyrumal the pandemonium lord
128465 | Zig:15   | Noticed Zennit the pandemonium lord
128465 | Zig:15   | Killed Ceschaont the pandemonium lord
128466 | Zig:15   | Killed Qaemuam the pandemonium lord
128466 | Zig:15   | Killed Qeupivik the pandemonium lord
128466 | Zig:15   | Noticed Xesaom the pandemonium lord
128466 | Zig:15   | Noticed Sut Jol the pandemonium lord
128467 | Zig:15   | Killed Vifim the pandemonium lord
128467 | Zig:15   | Killed Zuluhai the pandemonium lord
128467 | Zig:15   | Killed Xiuklub the pandemonium lord
128467 | Zig:15   | Noticed Xefiod the pandemonium lord
128468 | Zig:15   | Killed Voimal the pandemonium lord
128468 | Zig:15   | Killed Ciabb the pandemonium lord
128468 | Zig:15   | Killed Foatz the pandemonium lord
128468 | Zig:15   | Killed Zennit the pandemonium lord
128468 | Zig:15   | Killed Dykan the pandemonium lord
128469 | Zig:15   | Noticed Zafeitt the pandemonium lord
128469 | Zig:15   | Found the amulet of the Four Winds {rN+ Will+++ Clar}
128470 | Zig:15   | Found the macabre finger necklace {rN+}
128470 | Zig:15   | Killed Lyrumal the pandemonium lord
128472 | Zig:15   | Killed Xesaom the pandemonium lord
128473 | Zig:15   | Killed Xefiod the pandemonium lord
128474 | Zig:15   | Killed Zafeitt the pandemonium lord
128475 | Zig:15   | Killed Asyewny the pandemonium lord
128476 | Zig:15   | Killed Sut Jol the pandemonium lord
128546 | Zig:15   | Identified the +1 scale mail of Kikubaaqudgha's Envy {rPois
                  | Str+7 Dex-3}
128550 | Zig:15   | Identified the +1 leather armour "Xaopn" {Contam +Inv rElec
                  | rF++}
128551 | Zig:15   | Identified the +1 battleaxe of Conservatism {vorpal, Str+8
                  | Int+3}
128552 | Zig:15   | Identified the amulet "Pujiefy" {Reflect rElec SH+5}
128559 | Zig:15   | Identified the +2 leather armour of Arogryon {-Tele rF++}
128561 | Zig:15   | Identified the +3 chain mail of the Earth {Slay+3}
128689 | Zig:16   | Entered Level 16 of a ziggurat
128700 | Zig:16   | Paralysed by an air elemental for 1 turns
128709 | Zig:16   | Found the ring of the Mage {Wiz Archmagi}
128711 | Zig:16   | Found the +4 robe of Folly {Brilliance Will-∞ Int+8}
128873 | Zig:16   | Identified the +5 quarterstaff of Fatigue {flame, Fragile
                  | rC++ Will+++ Int+3}
128906 | Zig:16   | Identified the +3 war axe of Triumph {vorpal, +Blink rPois
                  | Int-2}
128924 | Zig:16   | Identified the ring "Moank" {rF+ Str+4}
128993 | Zig:17   | Entered Level 17 of a ziggurat
129006 | Zig:17   | Paralysed by accursed screaming for 2 turns
129007 | Zig:17   | Noticed a dread lich
129009 | Zig:17   | Killed a dread lich
129014 | Zig:17   | Noticed an ancient lich
129016 | Zig:17   | Killed an ancient lich
129018 | Zig:17   | Found the +7 Singing Sword {vorpal, sonic wave}
129112 | Zig:17   | Identified the amulet "Tiankun" {RegenMP rC+ Will+}
129340 | Zig:18   | Entered Level 18 of a ziggurat
129368 | Zig:18   | Found the ring of the Octopus King
129500 | Zig:18   | Identified the ring "Muffeg" {rPois rF- EV+4 Str+4 Dex+3}
129502 | Zig:18   | Identified the +1 ring mail "Mivvogod" {rC+ Will- Regen+
                  | Dex+7}
129603 | Zig:18   | Identified the +1 buckler "Wilourr" {Int+2}
129604 | Zig:18   | Identified the +8 fire dragon scales of Mouruu Guba {rF++
                  | rC- Int+7 Slay-4}
129615 | Zig:18   | Identified a ring of the Octopus King {Fly HP+2 AC+2 EV+2
                  | SH+2}
129621 | Zig:18   | Identified the +0 robe "Achut" {Str+5}
129661 | Zig:19   | Entered Level 19 of a ziggurat
129678 | Zig:19   | Reached skill level 27 in Air Magic
129679 | Zig:19   | Reached skill level 27 in Staves
129932 | Zig:19   | Identified the +6 rapier of Contradiction {antimagic, rF+
                  | Str+4 Dex+2 Stlth+}
129949 | Zig:19   | Identified the +9 hand axe of the Hills {vorpal, rF+ MP+9
                  | Str-3}
129950 | Zig:19   | Identified the +4 dagger of the Mosquito {spect, Int+4
                  | Dex+4}
129993 | Zig:20   | Entered Level 20 of a ziggurat
130011 | Zig:20   | Reached skill level 27 in Necromancy
130013 | Zig:20   | Reached skill level 27 in Axes
130104 | Zig:20   | Was forgiven by Vehumet
130239 | Zig:20   | Identified the +1 robe of Fanaticism {Int+4 SInv Stlth-}
130244 | Zig:20   | Identified the ring "Deuhue" {Ice rN+}
130257 | Zig:20   | Identified the +1 scale mail of Panentheism {rN+}
130265 | Zig:20   | Identified the +4 scimitar of Pauphac {elec, rPois MP+9
                  | Int-4}
130332 | Zig:21   | Entered Level 21 of a ziggurat
130361 | Zig:21   | Reached skill level 27 in Evocations
130364 | Zig:21   | Reached skill level 27 in Stealth
130456 | Zig:21   | Identified the +1 pair of gloves of Autotheism {Harm Regen+
                  | Stlth+}
130470 | Zig:21   | Identified the +1 rapier of Triumph {drain, Str+3}
130635 | Zig:21   | Acquired 541 gold pieces
130640 | Zig:22   | Entered Level 22 of a ziggurat
130653 | Zig:22   | Reached skill level 27 in Throwing
130666 | Zig:22   | Reached skill level 27 in Fire Magic
130666 | Zig:22   | Reached skill level 27 in Ice Magic
130667 | Zig:22   | Reached skill level 27 in Dodging
130667 | Zig:22   | Reached skill level 27 in Transmutations
130667 | Zig:22   | Reached skill level 27 in Earth Magic
130669 | Zig:22   | Reached skill level 5 in Maces & Flails
130669 | Zig:22   | Reached skill level 5 in Polearms
130670 | Zig:22   | Found the +4 skin of Zhor {*Englaciate rC+++ SInv}
130971 | Zig:22   | Identified the +4 pair of boots "Miunic" {Harm Str-2 Dex+3}
130999 | Zig:22   | Identified the ring of Freedom {+Blink Will+ EV+4}
131001 | Zig:22   | Identified the +2 shortbow of Growth {freeze, rF+ Str+4}
131024 | Zig:22   | Identified the +1 robe of Topistry {Str+3 Dex+2 Stlth-}
131026 | Zig:22   | Identified the +5 great sword of Vousif {freeze, rF+}
131118 | Zig:23   | Entered Level 23 of a ziggurat
131138 | Zig:23   | Reached skill level 10 in Maces & Flails
131138 | Zig:23   | Reached skill level 10 in Polearms
131151 | Zig:23   | Paralysed by an air elemental for 1 turns
131288 | Zig:23   | Identified the +8 quarterstaff of Cowardice {pain, Str-4
                  | Dex+4}
131299 | Zig:23   | Identified the +7 morningstar "Xausseir" {vamp, Str+2
                  | Stlth+}
131300 | Zig:23   | Identified the +10 rapier "Newt's Regret" {elec, Will-
                  | Str-5 Int+8 Dex+7}
131308 | Zig:23   | Identified the +0 ring mail "Naxtod" {Str+5}
131547 | Zig:24   | Entered Level 24 of a ziggurat
131562 | Zig:24   | Reached skill level 5 in Poison Magic
131568 | Zig:24   | Reached skill level 5 in Ranged Weapons
131568 | Zig:24   | Reached skill level 5 in Unarmed Combat
131568 | Zig:24   | Reached skill level 5 in Translocations
131575 | Zig:24   | Reached skill level 5 in Short Blades
131575 | Zig:24   | Reached skill level 5 in Long Blades
131583 | Zig:24   | Reached skill level 10 in Poison Magic
131906 | Zig:24   | Identified the +1 pair of boots "Vaqehy" {Will- Regen+
                  | rCorr}
131907 | Zig:24   | Identified the +3 buckler of the Swamp {rCorr Str-2 Dex+6
                  | Slay+6}
131908 | Zig:24   | Identified the +4 sling of Joyzev {vorpal, Drain +Blink
                  | rPois Stlth+}
131910 | Zig:24   | Identified the ring of Elitism {Ice Str+5}
131912 | Zig:24   | Identified the +9 falchion of the Crypt {antimagic, rF-
                  | Will++ Int+4}
131928 | Zig:24   | Identified the ring of Satyriasis {EV+4 Int+2}
132022 | Zig:25   | Entered Level 25 of a ziggurat
132036 | Zig:25   | Noticed an ancient lich
132040 | Zig:25   | Noticed an ancient lich
132040 | Zig:25   | Killed an ancient lich
132042 | Zig:25   | Reached skill level 10 in Ranged Weapons
132042 | Zig:25   | Reached skill level 10 in Unarmed Combat
132042 | Zig:25   | Reached skill level 10 in Translocations
132043 | Zig:25   | Killed an ancient lich
132045 | Zig:25   | Noticed an ancient lich
132045 | Zig:25   | Noticed an ancient lich
132047 | Zig:25   | Noticed an ancient lich
132050 | Zig:25   | Noticed an ancient lich
132050 | Zig:25   | Killed an ancient lich
132050 | Zig:25   | Killed an ancient lich
132051 | Zig:25   | Noticed an ancient lich
132051 | Zig:25   | Killed an ancient lich
132052 | Zig:25   | Killed an ancient lich
132057 | Zig:25   | Killed an ancient lich
132335 | Zig:25   | Identified the +8 bardiche "Ocheink" {vorpal, Str+2}
132339 | Zig:25   | Identified the ring of the Cricket {MP+9 Str+6 Dex+5}
132350 | Zig:25   | Identified the ring "Xotec" {rF+ Str+4}
132354 | Zig:25   | Identified the +1 scale mail of the Blind Marksman
                  | {Rampage}
132359 | Zig:25   | Identified the +6 morningstar "Tausmutock" {chaos, Str+5
                  | Int+4}
132362 | Zig:25   | Identified the +1 cloak of Qimel {rN+++ Str-2 Dex+4}
132402 | Zig:26   | Entered Level 26 of a ziggurat
132428 | Zig:26   | Reached skill level 10 in Short Blades
132428 | Zig:26   | Reached skill level 10 in Long Blades
132449 | Zig:26   | Noticed Tuibon the pandemonium lord
132454 | Zig:26   | Reached skill level 15 in Unarmed Combat
132454 | Zig:26   | Reached skill level 15 in Poison Magic
132454 | Zig:26   | Killed Tuibon the pandemonium lord
132884 | Zig:26   | Identified the +1 pair of gloves of Lugonu's Benevolence
                  | {Harm rN+ Will- Str+4}
132885 | Zig:26   | Identified the amulet "Ytyih" {Spirit Dex+5}
132991 | Zig:27   | Entered Level 27 of a ziggurat
133003 | Zig:27   | Paralysed by a floating eye for 4 turns
133031 | Zig:27   | Reached skill level 15 in Ranged Weapons
133046 | Zig:27   | Reached skill level 15 in Translocations
133049 | Zig:27   | Found the +5 sword of Power {vorpal}
133136 | Zig:27   | Identified the +3 falchion "Oduoppab" {holy, rPois rC-
                  | SInv}
133139 | Zig:27   | Identified the +4 quarterstaff of Prescription {drain,
                  | rElec}
133147 | Zig:27   | Identified the +6 falchion of Bedazzled Defence {spect,
                  | rPois}
133151 | Zig:27   | Identified the +8 whip "Uzylat" {chaos, rElec Str-2 Int-2
                  | SInv}
133157 | Zig:27   | Identified the +6 short sword "Ulamojifo" {flame, rF-
                  | Int+5}
133303 | Zig:27   | Identified the +3 arbalest of the Vulture {freeze, Fly
                  | Will- Int+6}
133622 | Dis:1    | Entered Level 1 of the Iron City of Dis
133824 | Dis:4    | Gained mutation: You are strong-willed. (Will+) [hidden
                  | potential]
133917 | Dis:6    | Noticed an ancient lich
133917 | Dis:6    | Noticed a dread lich
133919 | Dis:6    | Killed an ancient lich
133919 | Dis:6    | Killed a dread lich
133919 | Dis:6    | Noticed a dread lich
133919 | Dis:6    | Noticed an ancient lich
133920 | Dis:6    | Killed a dread lich
133921 | Dis:6    | Killed a dread lich
133921 | Dis:6    | Killed an ancient lich
134166 | Dis:7    | Entered Level 7 of the Iron City of Dis
134612 | Dis:7    | Noticed a dread lich
134616 | Dis:7    | Killed a dread lich
134680 | Dis:7    | Noticed a juggernaut
134685 | Dis:7    | Killed a juggernaut
135038 | Dis:7    | Noticed an ancient lich
135040 | Dis:7    | Killed an ancient lich
135062 | Dis:7    | Learned a level 8 spell: Lehudib's Crystal Spear
135216 | Dis:7    | Noticed a juggernaut
135223 | Dis:7    | Killed a juggernaut
135272 | Dis:7    | Found the +4 staff of Dispater
135272 | Dis:7    | Identified the ring "Peisto Awia" {rElec rPois rN+ rCorr
                  | Stlth+}
135272 | Dis:7    | Noticed Dispater
135280 | Dis:7    | Killed Dispater
135307 | Dis:7    | Identified the ring of Irchutifa {rF- rCorr Str-4 Int+8
                  | Slay+6}
135311 | Dis:7    | Identified the ring of the Sunfish {Wiz rCorr}
135314 | Dis:7    | Got an iron rune of Zot
135315 | Dis:7    | Identified the +5 dagger of Qazlal {vorpal, Str+4}
135318 | Dis:7    | Identified the +9 scimitar of Ceddylao {venom, rN++ rCorr
                  | Dex-5}
135528 | Pan      | Entered Pandemonium
135724 | Pan      | Learned a level 2 spell: Passwall
136008 | Pan      | Noticed Roosow the pandemonium lord
136009 | Pan      | Killed Roosow the pandemonium lord
136020 | Pan      | Entered the realm of Mnoleg.
136162 | Pan      | Noticed Mnoleg
136180 | Pan      | Killed Mnoleg
136204 | Pan      | Got a glowing rune of Zot
136486 | Pan      | Found Olunkies's Fine Accessories.
136488 | Pan      | Found an opulent altar of Gozag.
136492 | Pan      | Found Olunkies's Exquisite Manuscripts.
136495 | Pan      | Noticed Olunkies the pandemonium lord
136497 | Pan      | Found Olunkies's Demonic Rune Hole.
136499 | Pan      | Found an opulent altar of Gozag.
136500 | Pan      | Found an opulent altar of Gozag.
136502 | Pan      | Noticed a dread lich
136502 | Pan      | Found Olunkies's Superb Hardware.
136507 | Pan      | Killed a dread lich
136508 | Pan      | Killed Olunkies the pandemonium lord
136566 | Pan      | Bought 2 scrolls of magic mapping for 315 gold pieces
136566 | Pan      | Bought a scroll of magic mapping for 157 gold pieces
136620 | Pan      | Bought a wand of digging (7) for 646 gold pieces
136620 | Pan      | Bought a phantom mirror for 880 gold pieces
136630 | Pan      | Bought a demonic rune of Zot for 5188 gold pieces
136801 | Pan      | Found an exit through the horrors of the Abyss.
136874 | Pan      | Noticed Apneud the pandemonium lord
136877 | Pan      | Killed Apneud the pandemonium lord
136919 | Pan      | Entered the realm of Gloorx Vloq.
137101 | Pan      | Identified the +2 scale mail of Dim Light {SInv}
137392 | Pan      | Found an exit through the horrors of the Abyss.
137708 | Pan      | Reached skill level 15 in Long Blades
137727 | Pan      | Noticed Gloorx Vloq
137732 | Pan      | Killed Gloorx Vloq
137884 | Pan      | Got a dark rune of Zot
138397 | Pan      | Took an exit into the Abyss.
138397 | Abyss:1  | Escaped into the Abyss
138689 | Abyss:1  | Found a stormy altar of Qazlal.
138982 | Abyss:1  | Found a stormy altar of Qazlal.
139100 | Abyss:3  | Found a corrupted altar of Lugonu.
139116 | Abyss:3  | Found a corrupted altar of Lugonu.
139140 | Abyss:3  | Found a corrupted altar of Lugonu.
139192 | Abyss:3  | Found a broken altar of Ashenzari.
139325 | Abyss:3  | Found a corrupted altar of Lugonu.
139540 | Abyss:3  | Paralysed by accursed screaming for 1 turns
139921 | Abyss:4  | Killed an ancient lich
139927 | Abyss:4  | Got an abyssal rune of Zot
139960 | Depths:3 | Escaped the Abyss
139990 | Pan      | Entered Pandemonium
140090 | Pan      | Reached skill level 15 in Short Blades
140202 | Pan      | Noticed Zazi the pandemonium lord
140203 | Pan      | Killed Zazi the pandemonium lord
140984 | Pan      | Noticed a seraph
140988 | Pan      | Killed a seraph
140989 | Pan      | Identified the +9 glaive "Huzxoemp" {flame, rCorr Str+3
                  | Int+4}
141087 | Pan      | Identified the +2 buckler of Agoraphobia {rPois Regen+
                  | Dex+4 Stlth-}
141155 | Depths:3 | Escaped Pandemonium
141160 | Pan      | Entered Pandemonium
141254 | Pan      | Entered the realm of Lom Lobon.
142280 | Pan      | Noticed Lom Lobon
142290 | Pan      | Killed Lom Lobon
142387 | Pan      | Got a magical rune of Zot
142480 | Depths:3 | Escaped Pandemonium
142483 | Pan      | Entered the realm of Cerebov.
142483 | Pan      | Entered Pandemonium
142554 | Pan      | Found the +6 sword of Cerebov {flame}
142554 | Pan      | Noticed Cerebov
142562 | Pan      | Killed Cerebov
142671 | Pan      | Got a fiery rune of Zot
142680 | Pan      | Identified the +3 short sword of Satyriasis {speed, Drain
                  | rN+ Will+ MP+9}
142687 | Pan      | Identified the ring of Scepticism {*Corrode rPois rN+ Str+4
                  | Dex+2}
142721 | Pan      | Identified the +1 plate armour of Beauty {Harm Int+7 Dex-2}
142797 | Pan      | Identified the ring "Meviwafi" {rPois Int+6}
142956 | Pan      | Found an exit through the horrors of the Abyss.
143016 | Pan      | Took an exit into the Abyss.
143016 | Abyss:4  | Escaped into the Abyss
143027 | Depths:3 | Escaped the Abyss
143389 | Tomb:1   | Entered Level 1 of the Tomb of the Ancients
143436 | Tomb:1   | Noticed Khufu
143442 | Tomb:1   | Killed Khufu
143668 | Tomb:1   | Noticed a royal mummy
143668 | Tomb:1   | Noticed a royal mummy
143668 | Tomb:1   | Noticed a royal mummy
143669 | Tomb:1   | Noticed a royal mummy
143669 | Tomb:1   | Killed a royal mummy
143670 | Tomb:1   | Killed a royal mummy
143670 | Tomb:1   | Killed a royal mummy
143670 | Tomb:1   | Killed a royal mummy
143672 | Tomb:1   | Noticed a royal mummy
143673 | Tomb:1   | Noticed a royal mummy
143679 | Tomb:1   | Killed a royal mummy
143683 | Tomb:1   | Killed a royal mummy
143687 | Tomb:1   | Noticed a royal mummy
143690 | Tomb:1   | Noticed a royal mummy
143694 | Tomb:1   | Killed a royal mummy
143694 | Tomb:1   | Killed a royal mummy
143766 | Tomb:1   | Noticed a royal mummy
143766 | Tomb:1   | Noticed a royal mummy
143772 | Tomb:1   | Killed a royal mummy
143776 | Tomb:1   | Killed a royal mummy
143787 | Tomb:1   | Noticed a royal mummy
143794 | Tomb:1   | Killed a royal mummy
143844 | Tomb:1   | Noticed a royal mummy
143856 | Tomb:1   | Killed a royal mummy
143871 | Tomb:1   | Noticed a royal mummy
143878 | Tomb:1   | Killed a royal mummy
143892 | Tomb:1   | Noticed a royal mummy
143892 | Tomb:1   | Noticed a royal mummy
143892 | Tomb:1   | Noticed a royal mummy
143894 | Tomb:1   | Killed a royal mummy
143895 | Tomb:1   | Killed a royal mummy
143895 | Tomb:1   | Killed a royal mummy
143911 | Tomb:1   | Noticed a royal mummy
143916 | Tomb:1   | Noticed a royal mummy
143917 | Tomb:1   | Killed a royal mummy
143917 | Tomb:1   | Noticed a royal mummy
143919 | Tomb:1   | Killed a royal mummy
143921 | Tomb:1   | Killed a royal mummy
143930 | Tomb:1   | Noticed a royal mummy
143936 | Tomb:1   | Killed a royal mummy
144315 | Tomb:2   | Noticed a royal mummy
144315 | Tomb:2   | Noticed a royal mummy
144315 | Tomb:2   | Noticed a royal mummy
144321 | Tomb:2   | Noticed a royal mummy
144325 | Tomb:2   | Killed a royal mummy
144325 | Tomb:2   | Killed a royal mummy
144325 | Tomb:2   | Killed a royal mummy
144327 | Tomb:2   | Killed a royal mummy
144330 | Tomb:2   | Noticed Boris
144339 | Tomb:2   | Killed Boris
144895 | Tomb:3   | Entered Level 3 of the Tomb of the Ancients
144918 | Tomb:3   | Noticed a royal mummy
144920 | Tomb:3   | Killed a royal mummy
144921 | Tomb:3   | Noticed a royal mummy
144921 | Tomb:3   | Noticed a royal mummy
144921 | Tomb:3   | Noticed a royal mummy
144921 | Tomb:3   | Noticed a royal mummy
144922 | Tomb:3   | Noticed a royal mummy
144923 | Tomb:3   | Noticed a royal mummy
144923 | Tomb:3   | Noticed a royal mummy
144924 | Tomb:3   | Killed a royal mummy
144924 | Tomb:3   | Killed a royal mummy
144924 | Tomb:3   | Noticed a royal mummy
144925 | Tomb:3   | Killed a royal mummy
144925 | Tomb:3   | Killed a royal mummy
144925 | Tomb:3   | Killed a royal mummy
144925 | Tomb:3   | Killed a royal mummy
144925 | Tomb:3   | Killed a royal mummy
144928 | Tomb:3   | Killed a royal mummy
145143 | Tomb:3   | Found the +8 trishula "Condemnation" {holy, anguish, *Noise
                  | Fly rN+}
145144 | Tomb:3   | Found the +1 robe of Vines {NoPotionHeal Regen++++}
145168 | Tomb:3   | Identified the +5 spear of the Assorted Quests {drain, rN+
                  | rCorr Stlth+}
145171 | Tomb:3   | Identified the +7 dagger of Getoxt {distort, Dex+4}
145172 | Tomb:3   | Identified the +11 sling of Reason {venom, rC+}
145203 | Tomb:3   | Identified the +4 mace "Riguul" {freeze, rElec rN+ Str+3}
145212 | Tomb:3   | Identified the +11 trident "Okleg" {vorpal, rN+}
145213 | Tomb:3   | Identified the +9 war axe "Killer Klown's Regret" {venom,
                  | rN+ Int+2 Stlth+}
145369 | Tomb:3   | Identified the +0 plate armour of Past Mistakes {Will+
                  | SInv}
145403 | Tomb:3   | Identified the +11 quarterstaff of Fuod Moi {vorpal, rElec
                  | rCorr}
145474 | Tomb:3   | Got a golden rune of Zot
145696 | Crypt:3  | Killed Ycyi's ghost
145697 | Crypt:3  | Killed yalue's ghost
146133 | Depths:4 | Lost mutation: You have hidden genetic potential. [potion
                  | of mutation]
146133 | Depths:4 | Lost mutation: You are strong-willed. (Will+) [potion of
                  | mutation]
146133 | Depths:4 | Gained mutation: You passively map a small area around you.
                  | [potion of mutation]
146133 | Depths:4 | Gained mutation: You are strong-willed. (Will+) [potion of
                  | mutation]
146133 | Depths:4 | Gained mutation: You expend magic power (3 MP) to
                  | strengthen your wands. [potion of mutation]
146133 | Depths:4 | Gained mutation: You are covered in fur. (AC +1) [potion of
                  | mutation]
146134 | Depths:4 | Lost mutation: You are covered in fur. (AC +1) [potion of
                  | mutation]
146134 | Depths:4 | Lost mutation: You expend magic power (3 MP) to strengthen
                  | your wands. [potion of mutation]
146134 | Depths:4 | Gained mutation: Your muscles are strong. (Str +4, Int/Dex
                  | -1) [potion of mutation]
146135 | Depths:4 | Lost mutation: You passively map a small area around you.
                  | [potion of mutation]
146135 | Depths:4 | Lost mutation: Your muscles are strong. (Str +4, Int/Dex
                  | -1) [potion of mutation]
146135 | Depths:4 | Gained mutation: You expend magic power (3 MP) to
                  | strengthen your wands. [potion of mutation]
146135 | Depths:4 | Gained mutation: You possess an exceptional clarity of
                  | mind. [potion of mutation]
146136 | Depths:4 | Lost mutation: You expend magic power (3 MP) to strengthen
                  | your wands. [potion of mutation]
146136 | Depths:4 | Lost mutation: You are strong-willed. (Will+) [potion of
                  | mutation]
146136 | Depths:4 | Gained mutation: Your system is resistant to poisons.
                  | (rPois) [potion of mutation]
146136 | Depths:4 | Lost mutation: You possess an exceptional clarity of mind.
                  | [potion of mutation]
146137 | Depths:4 | Lost mutation: Your system is resistant to poisons. (rPois)
                  | [potion of mutation]
146137 | Depths:4 | Gained mutation: You do not regenerate when monsters are
                  | visible. [potion of mutation]
146137 | Depths:4 | Gained mutation: You possess an exceptional clarity of
                  | mind. [potion of mutation]
146138 | Depths:4 | Lost mutation: You possess an exceptional clarity of mind.
                  | [potion of mutation]
146138 | Depths:4 | Lost mutation: You do not regenerate when monsters are
                  | visible. [potion of mutation]
146138 | Depths:4 | Gained mutation: You have a pair of small antennae on your
                  | head. [potion of mutation]
146138 | Depths:4 | Lost mutation: You have a pair of small antennae on your
                  | head. [potion of mutation]
146138 | Depths:4 | Gained mutation: Your natural rate of healing is unusually
                  | fast. [potion of mutation]
146138 | Depths:4 | Gained mutation: Your mind is acute. (Int +4, Str/Dex -1)
                  | [potion of mutation]
146139 | Depths:4 | Lost mutation: Your natural rate of healing is unusually
                  | fast. [potion of mutation]
146139 | Depths:4 | Lost mutation: Your mind is acute. (Int +4, Str/Dex -1)
                  | [potion of mutation]
146139 | Depths:4 | Gained mutation: Your spells are a little easier to cast,
                  | but a little less powerful. [potion of mutation]
146139 | Depths:4 | Gained mutation: You expend magic power (3 MP) to
                  | strengthen your wands. [potion of mutation]
146140 | Depths:4 | Lost mutation: Your spells are a little easier to cast, but
                  | a little less powerful. [potion of mutation]
146140 | Depths:4 | Lost mutation: You expend magic power (3 MP) to strengthen
                  | your wands. [potion of mutation]
146140 | Depths:4 | Gained mutation: Your mind is acute. (Int +4, Str/Dex -1)
                  | [potion of mutation]
146140 | Depths:4 | Gained mutation: You occasionally lose the ability to read
                  | scrolls when taking damage. [potion of mutation]
146140 | Depths:4 | Gained mutation: Your flesh is cold resistant. (rC+)
                  | [potion of mutation]
146141 | Depths:4 | Lost mutation: Your mind is acute. (Int +4, Str/Dex -1)
                  | [potion of mutation]
146141 | Depths:4 | Lost mutation: Your flesh is cold resistant. (rC+) [potion
                  | of mutation]
146141 | Depths:4 | Gained mutation: You are agile. (Dex +4, Str/Int -1)
                  | [potion of mutation]
146141 | Depths:4 | Gained mutation: Your system is resistant to poisons.
                  | (rPois) [potion of mutation]
146142 | Depths:4 | Lost mutation: Your system is resistant to poisons. (rPois)
                  | [potion of mutation]
146142 | Depths:4 | Lost mutation: You are agile. (Dex +4, Str/Int -1) [potion
                  | of mutation]
146142 | Depths:4 | Gained mutation: You are covered in fur. (AC +1) [potion of
                  | mutation]
146142 | Depths:4 | Gained mutation: Your mind is acute. (Int +4, Str/Dex -1)
                  | [potion of mutation]
146143 | Depths:4 | Lost mutation: You are covered in fur. (AC +1) [potion of
                  | mutation]
146143 | Depths:4 | Lost mutation: You occasionally lose the ability to read
                  | scrolls when taking damage. [potion of mutation]
146143 | Depths:4 | Lost mutation: Your mind is acute. (Int +4, Str/Dex -1)
                  | [potion of mutation]
146143 | Depths:4 | Gained mutation: Your skin changes colour to match your
                  | surroundings (Stealth+). [potion of mutation]
146143 | Depths:4 | Gained mutation: Armour fits poorly on your strangely
                  | shaped body. [potion of mutation]
146143 | Depths:4 | Gained mutation: You possess an exceptional clarity of
                  | mind. [potion of mutation]
146143 | Depths:4 | Gained mutation: You are covered in fur. (AC +1) [potion of
                  | mutation]
146144 | Depths:4 | Lost mutation: Your skin changes colour to match your
                  | surroundings (Stealth+). [potion of mutation]
146144 | Depths:4 | Lost mutation: You are covered in fur. (AC +1) [potion of
                  | mutation]
146144 | Depths:4 | Lost mutation: Armour fits poorly on your strangely shaped
                  | body. [potion of mutation]
146144 | Depths:4 | Gained mutation: Your mind is acute. (Int +4, Str/Dex -1)
                  | [potion of mutation]
146144 | Depths:4 | Gained mutation: Your spells are a little harder to cast,
                  | but a little more powerful. [potion of mutation]
146145 | Depths:4 | Lost mutation: Your spells are a little harder to cast, but
                  | a little more powerful. [potion of mutation]
146145 | Depths:4 | Lost mutation: You possess an exceptional clarity of mind.
                  | [potion of mutation]
146145 | Depths:4 | Gained mutation: You occasionally lose the ability to read
                  | scrolls when taking damage. [potion of mutation]
146145 | Depths:4 | Lost mutation: Your mind is acute. (Int +4, Str/Dex -1)
                  | [potion of mutation]
146145 | Depths:4 | Gained mutation: Your muscles are strong. (Str +4, Int/Dex
                  | -1) [potion of mutation]
146146 | Depths:4 | Lost mutation: You occasionally lose the ability to read
                  | scrolls when taking damage. [potion of mutation]
146146 | Depths:4 | Lost mutation: Your muscles are strong. (Str +4, Int/Dex
                  | -1) [potion of mutation]
146146 | Depths:4 | Gained mutation: Armour fits poorly on your strangely
                  | shaped body. [potion of mutation]
146146 | Depths:4 | Gained mutation: Your body sometimes deteriorates upon
                  | taking damage. [potion of mutation]
146146 | Depths:4 | Gained mutation: You are agile. (Dex +4, Str/Int -1)
                  | [potion of mutation]
146147 | Depths:4 | Lost mutation: Your body sometimes deteriorates upon taking
                  | damage. [potion of mutation]
146147 | Depths:4 | Lost mutation: Armour fits poorly on your strangely shaped
                  | body. [potion of mutation]
146147 | Depths:4 | Gained mutation: You are strong-willed. (Will+) [potion of
                  | mutation]
146148 | Depths:4 | Lost mutation: You are agile. (Dex +4, Str/Int -1) [potion
                  | of mutation]
146148 | Depths:4 | Lost mutation: You are strong-willed. (Will+) [potion of
                  | mutation]
146148 | Depths:4 | Gained mutation: You have a pair of small antennae on your
                  | head. [potion of mutation]
146149 | Depths:4 | Lost mutation: You have a pair of small antennae on your
                  | head. [potion of mutation]
146149 | Depths:4 | Gained mutation: Your body sometimes deteriorates upon
                  | taking damage. [potion of mutation]
146149 | Depths:4 | Gained mutation: You have hidden genetic potential. [potion
                  | of mutation]
146150 | Depths:4 | Lost mutation: Your body sometimes deteriorates upon taking
                  | damage. [potion of mutation]
146150 | Depths:4 | Lost mutation: You have hidden genetic potential. [potion
                  | of mutation]
146150 | Depths:4 | Gained mutation: Your system is resistant to poisons.
                  | (rPois) [potion of mutation]
146150 | Depths:4 | Gained mutation: You have a pair of small antennae on your
                  | head. [potion of mutation]
146151 | Depths:4 | Lost mutation: You have a pair of small antennae on your
                  | head. [potion of mutation]
146151 | Depths:4 | Lost mutation: Your system is resistant to poisons. (rPois)
                  | [potion of mutation]
146151 | Depths:4 | Gained mutation: Your spells are a little harder to cast,
                  | but a little more powerful. [potion of mutation]
146151 | Depths:4 | Gained mutation: You passively map a small area around you.
                  | [potion of mutation]
146151 | Depths:4 | Lost mutation: Your spells are a little harder to cast, but
                  | a little more powerful. [potion of mutation]
146151 | Depths:4 | Gained mutation: You have a pair of small horns on your
                  | head. [potion of mutation]
146152 | Depths:4 | Lost mutation: You passively map a small area around you.
                  | [potion of mutation]
146152 | Depths:4 | Lost mutation: You have a pair of small horns on your head.
                  | [potion of mutation]
146152 | Depths:4 | Gained mutation: You passively dampen the noise of your
                  | surroundings. [potion of mutation]
146153 | Depths:4 | Lost mutation: You passively dampen the noise of your
                  | surroundings. [potion of mutation]
146153 | Depths:4 | Gained mutation: You have supernaturally acute eyesight.
                  | (SInv) [potion of mutation]
146153 | Depths:4 | Gained mutation: Your muscles are strong. (Str +4, Int/Dex
                  | -1) [potion of mutation]
146154 | Depths:4 | Lost mutation: Your muscles are strong. (Str +4, Int/Dex
                  | -1) [potion of mutation]
146154 | Depths:4 | Lost mutation: You have supernaturally acute eyesight.
                  | (SInv) [potion of mutation]
146154 | Depths:4 | Gained mutation: Your flesh is cold resistant. (rC+)
                  | [potion of mutation]
146154 | Depths:4 | Gained mutation: Your flesh is heat resistant. (rF+)
                  | [potion of mutation]
146154 | Depths:4 | Gained mutation: You are somewhat resistant to further
                  | mutation. [potion of mutation]
146155 | Depths:4 | Lost mutation: Your flesh is heat resistant. (rF+) [potion
                  | of mutation]
146155 | Depths:4 | Lost mutation: Your flesh is cold resistant. (rC+) [potion
                  | of mutation]
146155 | Depths:4 | Lost mutation: You are somewhat resistant to further
                  | mutation. [potion of mutation]
146155 | Depths:4 | Gained mutation: You have sharp fingernails. [potion of
                  | mutation]
146156 | Depths:4 | Lost mutation: You have sharp fingernails. [potion of
                  | mutation]
146156 | Depths:4 | Gained mutation: Armour fits poorly on your strangely
                  | shaped body. [potion of mutation]
146156 | Depths:4 | Gained mutation: Your flesh is cold resistant. (rC+)
                  | [potion of mutation]
146156 | Depths:4 | Gained mutation: You are agile. (Dex +4, Str/Int -1)
                  | [potion of mutation]
146157 | Depths:4 | Lost mutation: Armour fits poorly on your strangely shaped
                  | body. [potion of mutation]
146157 | Depths:4 | Lost mutation: Your flesh is cold resistant. (rC+) [potion
                  | of mutation]
146157 | Depths:4 | Gained mutation: You occasionally lose the ability to read
                  | scrolls when taking damage. [potion of mutation]
146157 | Depths:4 | Lost mutation: You occasionally lose the ability to read
                  | scrolls when taking damage. [potion of mutation]
146158 | Depths:4 | Lost mutation: You are agile. (Dex +4, Str/Int -1) [potion
                  | of mutation]
146158 | Depths:4 | Gained mutation: Your magical capacity is low. (-10% MP)
                  | [potion of mutation]
146159 | Depths:4 | Lost mutation: Your magical capacity is low. (-10% MP)
                  | [potion of mutation]
146159 | Depths:4 | Gained mutation: You expend magic power (3 MP) to
                  | strengthen your wands. [potion of mutation]
146159 | Depths:4 | Gained mutation: Your spells are a little harder to cast,
                  | but a little more powerful. [potion of mutation]
146160 | Depths:4 | Lost mutation: You expend magic power (3 MP) to strengthen
                  | your wands. [potion of mutation]
146160 | Depths:4 | Lost mutation: Your spells are a little harder to cast, but
                  | a little more powerful. [potion of mutation]
146160 | Depths:4 | Gained mutation: Armour fits poorly on your strangely
                  | shaped body. [potion of mutation]
146160 | Depths:4 | Gained mutation: You possess an exceptional clarity of
                  | mind. [potion of mutation]
146161 | Depths:4 | Lost mutation: Armour fits poorly on your strangely shaped
                  | body. [potion of mutation]
146161 | Depths:4 | Lost mutation: You possess an exceptional clarity of mind.
                  | [potion of mutation]
146161 | Depths:4 | Gained mutation: You are weak. (Str -2) [potion of
                  | mutation]
146162 | Depths:4 | Lost mutation: You are weak. (Str -2) [potion of mutation]
146162 | Depths:4 | Gained mutation: Your movements are slightly less
                  | encumbered by armour. (ER -2) [potion of mutation]
146162 | Depths:4 | Gained mutation: You have a pair of small horns on your
                  | head. [potion of mutation]
146163 | Depths:4 | Lost mutation: You have a pair of small horns on your head.
                  | [potion of mutation]
146163 | Depths:4 | Lost mutation: Your movements are slightly less encumbered
                  | by armour. (ER -2) [potion of mutation]
146163 | Depths:4 | Gained mutation: Your magical capacity is low. (-10% MP)
                  | [potion of mutation]
146164 | Depths:4 | Lost mutation: Your magical capacity is low. (-10% MP)
                  | [potion of mutation]
146164 | Depths:4 | Gained mutation: Armour fits poorly on your strangely
                  | shaped body. [potion of mutation]
146165 | Depths:4 | Lost mutation: Armour fits poorly on your strangely shaped
                  | body. [potion of mutation]
146165 | Depths:4 | Gained mutation: You are partially covered in large bone
                  | plates. (SH +4) [potion of mutation]
146165 | Depths:4 | Gained mutation: You passively map a small area around you.
                  | [potion of mutation]
146166 | Depths:4 | Lost mutation: You are partially covered in large bone
                  | plates. (SH +4) [potion of mutation]
146166 | Depths:4 | Lost mutation: You passively map a small area around you.
                  | [potion of mutation]
146166 | Depths:4 | Gained mutation: Your mind is acute. (Int +4, Str/Dex -1)
                  | [potion of mutation]
146166 | Depths:4 | Gained mutation: You are covered in fur. (AC +1) [potion of
                  | mutation]
146166 | Depths:4 | Gained mutation: You have a somewhat thin skeletal
                  | structure. (Dex +2, Stealth+) [potion of mutation]
146167 | Depths:4 | Lost mutation: You are covered in fur. (AC +1) [potion of
                  | mutation]
146167 | Depths:4 | Lost mutation: Your mind is acute. (Int +4, Str/Dex -1)
                  | [potion of mutation]
146167 | Depths:4 | Lost mutation: You have a somewhat thin skeletal structure.
                  | (Dex +2, Stealth+) [potion of mutation]
146167 | Depths:4 | Gained mutation: You are covered in fur. (AC +1) [potion of
                  | mutation]
146167 | Depths:4 | Gained mutation: Your spells are a little harder to cast,
                  | but a little more powerful. [potion of mutation]
146168 | Depths:4 | Lost mutation: Your spells are a little harder to cast, but
                  | a little more powerful. [potion of mutation]
146168 | Depths:4 | Lost mutation: You are covered in fur. (AC +1) [potion of
                  | mutation]
146168 | Depths:4 | Gained mutation: Your system is resistant to poisons.
                  | (rPois) [potion of mutation]
146168 | Depths:4 | Gained mutation: You sometimes lose your temper in combat.
                  | [potion of mutation]
146169 | Depths:4 | Lost mutation: You sometimes lose your temper in combat.
                  | [potion of mutation]
146169 | Depths:4 | Lost mutation: Your system is resistant to poisons. (rPois)
                  | [potion of mutation]
146169 | Depths:4 | Gained mutation: Your muscles are strong. (Str +4, Int/Dex
                  | -1) [potion of mutation]
146169 | Depths:4 | Gained mutation: You are strong-willed. (Will+) [potion of
                  | mutation]
146169 | Depths:4 | Gained mutation: You are highly strong-willed. (Will++)
                  | [potion of mutation]
146169 | Depths:4 | Gained mutation: You are extremely strong-willed. (Will+++)
                  | [potion of mutation]
146170 | Depths:4 | Lost mutation: Your muscles are strong. (Str +4, Int/Dex
                  | -1) [potion of mutation]
146170 | Depths:4 | Lost mutation: You are extremely strong-willed. (Will+++)
                  | [potion of mutation]
146170 | Depths:4 | Lost mutation: You are highly strong-willed. (Will++)
                  | [potion of mutation]
146170 | Depths:4 | Gained mutation: You expend magic power (3 MP) to
                  | strengthen your wands. [potion of mutation]
146170 | Depths:4 | Gained mutation: You are somewhat resistant to further
                  | mutation. [potion of mutation]
146171 | Depths:4 | Lost mutation: You are strong-willed. (Will+) [potion of
                  | mutation]
146171 | Depths:4 | Lost mutation: You are somewhat resistant to further
                  | mutation. [potion of mutation]
146171 | Depths:4 | Lost mutation: You expend magic power (3 MP) to strengthen
                  | your wands. [potion of mutation]
146171 | Depths:4 | Gained mutation: You have hidden genetic potential. [potion
                  | of mutation]
146172 | Depths:4 | Lost mutation: You have hidden genetic potential. [potion
                  | of mutation]
146172 | Depths:4 | Gained mutation: You passively map a small area around you.
                  | [potion of mutation]
146172 | Depths:4 | Gained mutation: Your mind is acute. (Int +4, Str/Dex -1)
                  | [potion of mutation]
146172 | Depths:4 | Gained mutation: A frigid envelope surrounds you and
                  | freezes all who hurt you. [potion of mutation]
146173 | Depths:4 | Lost mutation: A frigid envelope surrounds you and freezes
                  | all who hurt you. [potion of mutation]
146173 | Depths:4 | Lost mutation: Your mind is acute. (Int +4, Str/Dex -1)
                  | [potion of mutation]
146173 | Depths:4 | Gained mutation: You are somewhat resistant to further
                  | mutation. [potion of mutation]
146174 | Depths:4 | Lost mutation: You passively map a small area around you.
                  | [potion of mutation]
146174 | Depths:4 | Lost mutation: You are somewhat resistant to further
                  | mutation. [potion of mutation]
146174 | Depths:4 | Gained mutation: You are strong-willed. (Will+) [potion of
                  | mutation]
146174 | Depths:4 | Gained mutation: Your movements are slightly less
                  | encumbered by armour. (ER -2) [potion of mutation]
146175 | Depths:4 | Lost mutation: Your movements are slightly less encumbered
                  | by armour. (ER -2) [potion of mutation]
146175 | Depths:4 | Lost mutation: You are strong-willed. (Will+) [potion of
                  | mutation]
146175 | Depths:4 | Gained mutation: You are somewhat resistant to further
                  | mutation. [potion of mutation]
146175 | Depths:4 | Gained mutation: You are agile. (Dex +4, Str/Int -1)
                  | [potion of mutation]
146176 | Depths:4 | Lost mutation: You are somewhat resistant to further
                  | mutation. [potion of mutation]
146176 | Depths:4 | Lost mutation: You are agile. (Dex +4, Str/Int -1) [potion
                  | of mutation]
146176 | Depths:4 | Gained mutation: You are agile. (Dex +4, Str/Int -1)
                  | [potion of mutation]
146176 | Depths:4 | Gained mutation: You have hidden genetic potential. [potion
                  | of mutation]
146177 | Depths:4 | Lost mutation: You have hidden genetic potential. [potion
                  | of mutation]
146177 | Depths:4 | Lost mutation: You are agile. (Dex +4, Str/Int -1) [potion
                  | of mutation]
146177 | Depths:4 | Gained mutation: You are agile. (Dex +4, Str/Int -1)
                  | [potion of mutation]
146177 | Depths:4 | Gained mutation: You sometimes lose your temper in combat.
                  | [potion of mutation]
146177 | Depths:4 | Gained mutation: You are weak. (Str -2) [potion of
                  | mutation]
146177 | Depths:4 | Lost mutation: You sometimes lose your temper in combat.
                  | [potion of mutation]
146178 | Depths:4 | Lost mutation: You are agile. (Dex +4, Str/Int -1) [potion
                  | of mutation]
146178 | Depths:4 | Lost mutation: You are weak. (Str -2) [potion of mutation]
146178 | Depths:4 | Gained mutation: You are occasionally teleported next to
                  | monsters. [potion of mutation]
146178 | Depths:4 | Gained mutation: You are agile. (Dex +4, Str/Int -1)
                  | [potion of mutation]
146179 | Depths:4 | Lost mutation: You are occasionally teleported next to
                  | monsters. [potion of mutation]
146179 | Depths:4 | Lost mutation: You are agile. (Dex +4, Str/Int -1) [potion
                  | of mutation]
146179 | Depths:4 | Gained mutation: You have an increased reservoir of magic.
                  | (+10% MP) [potion of mutation]
146179 | Depths:4 | Gained mutation: You have a pair of small antennae on your
                  | head. [potion of mutation]
146180 | Depths:4 | Lost mutation: You have an increased reservoir of magic.
                  | (+10% MP) [potion of mutation]
146180 | Depths:4 | Lost mutation: You have a pair of small antennae on your
                  | head. [potion of mutation]
146180 | Depths:4 | Gained mutation: Your muscles are strong. (Str +4, Int/Dex
                  | -1) [potion of mutation]
146181 | Depths:4 | Lost mutation: Your muscles are strong. (Str +4, Int/Dex
                  | -1) [potion of mutation]
146181 | Depths:4 | Gained mutation: You are strong-willed. (Will+) [potion of
                  | mutation]
146181 | Depths:4 | Gained mutation: Your spells are a little harder to cast,
                  | but a little more powerful. [potion of mutation]
146182 | Depths:4 | Lost mutation: You are strong-willed. (Will+) [potion of
                  | mutation]
146182 | Depths:4 | Lost mutation: Your spells are a little harder to cast, but
                  | a little more powerful. [potion of mutation]
146182 | Depths:4 | Gained mutation: You expend magic power (3 MP) to
                  | strengthen your wands. [potion of mutation]
146182 | Depths:4 | Gained mutation: You sometimes lose your temper in combat.
                  | [potion of mutation]
146183 | Depths:4 | Lost mutation: You sometimes lose your temper in combat.
                  | [potion of mutation]
146183 | Depths:4 | Lost mutation: You expend magic power (3 MP) to strengthen
                  | your wands. [potion of mutation]
146183 | Depths:4 | Gained mutation: You are agile. (Dex +4, Str/Int -1)
                  | [potion of mutation]
146183 | Depths:4 | Gained mutation: Your mind is acute. (Int +4, Str/Dex -1)
                  | [potion of mutation]
146184 | Depths:4 | Lost mutation: You are agile. (Dex +4, Str/Int -1) [potion
                  | of mutation]
146184 | Depths:4 | Lost mutation: Your mind is acute. (Int +4, Str/Dex -1)
                  | [potion of mutation]
146184 | Depths:4 | Gained mutation: Your spells are a little harder to cast,
                  | but a little more powerful. [potion of mutation]
146184 | Depths:4 | Gained mutation: You have hidden genetic defects. [potion
                  | of mutation]
146185 | Depths:4 | Lost mutation: Your spells are a little harder to cast, but
                  | a little more powerful. [potion of mutation]
146185 | Depths:4 | Lost mutation: You have hidden genetic defects. [potion of
                  | mutation]
146185 | Depths:4 | Gained mutation: You are dopey. (Int -2) [potion of
                  | mutation]
146185 | Depths:4 | Gained mutation: You have a pair of small horns on your
                  | head. [potion of mutation]
146186 | Depths:4 | Lost mutation: You are dopey. (Int -2) [potion of mutation]
146186 | Depths:4 | Lost mutation: You have a pair of small horns on your head.
                  | [potion of mutation]
146186 | Depths:4 | Gained mutation: You have a pair of small horns on your
                  | head. [potion of mutation]
146186 | Depths:4 | Gained mutation: You have sharp fingernails. [potion of
                  | mutation]
146187 | Depths:4 | Lost mutation: You have sharp fingernails. [potion of
                  | mutation]
146187 | Depths:4 | Lost mutation: You have a pair of small horns on your head.
                  | [potion of mutation]
146187 | Depths:4 | Gained mutation: You have a pair of small horns on your
                  | head. [potion of mutation]
146187 | Depths:4 | Gained mutation: Your mind is acute. (Int +4, Str/Dex -1)
                  | [potion of mutation]
146188 | Depths:4 | Lost mutation: Your mind is acute. (Int +4, Str/Dex -1)
                  | [potion of mutation]
146188 | Depths:4 | Lost mutation: You have a pair of small horns on your head.
                  | [potion of mutation]
146188 | Depths:4 | Gained mutation: You have hidden genetic defects. [potion
                  | of mutation]
146188 | Depths:4 | Gained mutation: You occasionally lose the ability to read
                  | scrolls when taking damage. [potion of mutation]
146188 | Depths:4 | Gained mutation: You sometimes lose the ability to read
                  | scrolls when taking damage. [potion of mutation]
146188 | Depths:4 | Gained mutation: You passively map a small area around you.
                  | [potion of mutation]
146189 | Depths:4 | Lost mutation: You sometimes lose the ability to read
                  | scrolls when taking damage. [potion of mutation]
146189 | Depths:4 | Lost mutation: You passively map a small area around you.
                  | [potion of mutation]
146189 | Depths:4 | Lost mutation: You occasionally lose the ability to read
                  | scrolls when taking damage. [potion of mutation]
146189 | Depths:4 | Gained mutation: Armour fits poorly on your strangely
                  | shaped body. [potion of mutation]
146189 | Depths:4 | Lost mutation: Armour fits poorly on your strangely shaped
                  | body. [potion of mutation]
146190 | Depths:4 | Lost mutation: You have hidden genetic defects. [potion of
                  | mutation]
146190 | Depths:4 | Gained mutation: You passively map a small area around you.
                  | [potion of mutation]
146190 | Depths:4 | Gained mutation: Armour fits poorly on your strangely
                  | shaped body. [potion of mutation]
146190 | Depths:4 | Gained mutation: You do not regenerate when monsters are
                  | visible. [potion of mutation]
146190 | Depths:4 | Gained mutation: You have a somewhat thin skeletal
                  | structure. (Dex +2, Stealth+) [potion of mutation]
146191 | Depths:4 | Lost mutation: You have a somewhat thin skeletal structure.
                  | (Dex +2, Stealth+) [potion of mutation]
146191 | Depths:4 | Lost mutation: Armour fits poorly on your strangely shaped
                  | body. [potion of mutation]
146191 | Depths:4 | Gained mutation: You sometimes lose your temper in combat.
                  | [potion of mutation]
146191 | Depths:4 | Lost mutation: You do not regenerate when monsters are
                  | visible. [potion of mutation]
146191 | Depths:4 | Gained mutation: Armour fits poorly on your strangely
                  | shaped body. [potion of mutation]
146192 | Depths:4 | Lost mutation: Armour fits poorly on your strangely shaped
                  | body. [potion of mutation]
146192 | Depths:4 | Lost mutation: You sometimes lose your temper in combat.
                  | [potion of mutation]
146192 | Depths:4 | Gained mutation: Your mind is acute. (Int +4, Str/Dex -1)
                  | [potion of mutation]
146192 | Depths:4 | Gained mutation: You have hidden genetic potential. [potion
                  | of mutation]
146193 | Depths:4 | Lost mutation: You have hidden genetic potential. [potion
                  | of mutation]
146193 | Depths:4 | Lost mutation: You passively map a small area around you.
                  | [potion of mutation]
146193 | Depths:4 | Lost mutation: Your mind is acute. (Int +4, Str/Dex -1)
                  | [potion of mutation]
146194 | Depths:4 | Gained mutation: You expend magic power (3 MP) to
                  | strengthen your wands. [potion of mutation]
146194 | Depths:4 | Gained mutation: You are agile. (Dex +4, Str/Int -1)
                  | [potion of mutation]
146194 | Depths:4 | Gained mutation: You passively dampen the noise of your
                  | surroundings. [potion of mutation]
146195 | Depths:4 | Lost mutation: You expend magic power (3 MP) to strengthen
                  | your wands. [potion of mutation]
146195 | Depths:4 | Lost mutation: You passively dampen the noise of your
                  | surroundings. [potion of mutation]
146195 | Depths:4 | Gained mutation: You have a beak for a mouth. [potion of
                  | mutation]
146195 | Depths:4 | Gained mutation: You are covered in fur. (AC +1) [potion of
                  | mutation]
146195 | Depths:4 | Gained mutation: You passively dampen the noise of your
                  | surroundings. [potion of mutation]
146196 | Depths:4 | Lost mutation: You have a beak for a mouth. [potion of
                  | mutation]
146196 | Depths:4 | Lost mutation: You are agile. (Dex +4, Str/Int -1) [potion
                  | of mutation]
146196 | Depths:4 | Lost mutation: You passively dampen the noise of your
                  | surroundings. [potion of mutation]
146196 | Depths:4 | Gained mutation: You are strong-willed. (Will+) [potion of
                  | mutation]
146196 | Depths:4 | Gained mutation: You are weak. (Str -2) [potion of
                  | mutation]
146197 | Depths:4 | Lost mutation: You are weak. (Str -2) [potion of mutation]
146197 | Depths:4 | Lost mutation: You are covered in fur. (AC +1) [potion of
                  | mutation]
146197 | Depths:4 | Lost mutation: You are strong-willed. (Will+) [potion of
                  | mutation]
146197 | Depths:4 | Gained mutation: You have supernaturally acute eyesight.
                  | (SInv) [potion of mutation]
146198 | Depths:4 | Lost mutation: You have supernaturally acute eyesight.
                  | (SInv) [potion of mutation]
146198 | Depths:4 | Gained mutation: You have a somewhat thin skeletal
                  | structure. (Dex +2, Stealth+) [potion of mutation]
146198 | Depths:4 | Gained mutation: You possess an exceptional clarity of
                  | mind. [potion of mutation]
146198 | Depths:4 | Gained mutation: You passively dampen the noise of your
                  | surroundings. [potion of mutation]
146199 | Depths:4 | Lost mutation: You passively dampen the noise of your
                  | surroundings. [potion of mutation]
146199 | Depths:4 | Lost mutation: You have a somewhat thin skeletal structure.
                  | (Dex +2, Stealth+) [potion of mutation]
146199 | Depths:4 | Gained mutation: You have an increased reservoir of magic.
                  | (+10% MP) [potion of mutation]
146199 | Depths:4 | Gained mutation: Your muscles are strong. (Str +4, Int/Dex
                  | -1) [potion of mutation]
146199 | Depths:4 | Gained mutation: Your flesh is heat resistant. (rF+)
                  | [potion of mutation]
146200 | Depths:4 | Lost mutation: You possess an exceptional clarity of mind.
                  | [potion of mutation]
146200 | Depths:4 | Lost mutation: Your flesh is heat resistant. (rF+) [potion
                  | of mutation]
146200 | Depths:4 | Lost mutation: You have an increased reservoir of magic.
                  | (+10% MP) [potion of mutation]
146200 | Depths:4 | Gained mutation: Your muscles are very strong. (Str +8,
                  | Int/Dex -2) [potion of mutation]
146200 | Depths:4 | Gained mutation: Armour fits poorly on your strangely
                  | shaped body. [potion of mutation]
146201 | Depths:4 | Lost mutation: Your muscles are very strong. (Str +8,
                  | Int/Dex -2) [potion of mutation]
146201 | Depths:4 | Lost mutation: Armour fits poorly on your strangely shaped
                  | body. [potion of mutation]
146201 | Depths:4 | Gained mutation: You possess an exceptional clarity of
                  | mind. [potion of mutation]
146201 | Depths:4 | Gained mutation: You are strong-willed. (Will+) [potion of
                  | mutation]
146202 | Depths:4 | Lost mutation: You possess an exceptional clarity of mind.
                  | [potion of mutation]
146202 | Depths:4 | Lost mutation: Your muscles are strong. (Str +4, Int/Dex
                  | -1) [potion of mutation]
146202 | Depths:4 | Lost mutation: You are strong-willed. (Will+) [potion of
                  | mutation]
146202 | Depths:4 | Gained mutation: You have hidden genetic potential. [potion
                  | of mutation]
146202 | Depths:4 | Gained mutation: Your magical capacity is low. (-10% MP)
                  | [potion of mutation]
146203 | Depths:4 | Lost mutation: You have hidden genetic potential. [potion
                  | of mutation]
146203 | Depths:4 | Lost mutation: Your magical capacity is low. (-10% MP)
                  | [potion of mutation]
146203 | Depths:4 | Gained mutation: You expend magic power (3 MP) to
                  | strengthen your wands. [potion of mutation]
146203 | Depths:4 | Gained mutation: You are strong-willed. (Will+) [potion of
                  | mutation]
146204 | Depths:4 | Lost mutation: You expend magic power (3 MP) to strengthen
                  | your wands. [potion of mutation]
146204 | Depths:4 | Lost mutation: You are strong-willed. (Will+) [potion of
                  | mutation]
146204 | Depths:4 | Gained mutation: You have a pair of small antennae on your
                  | head. [potion of mutation]
146205 | Depths:4 | Lost mutation: You have a pair of small antennae on your
                  | head. [potion of mutation]
146205 | Depths:4 | Gained mutation: Your body sometimes deteriorates upon
                  | taking damage. [potion of mutation]
146205 | Depths:4 | Gained mutation: You are covered in fur. (AC +1) [potion of
                  | mutation]
146206 | Depths:4 | Lost mutation: Your body sometimes deteriorates upon taking
                  | damage. [potion of mutation]
146206 | Depths:4 | Lost mutation: You are covered in fur. (AC +1) [potion of
                  | mutation]
146206 | Depths:4 | Gained mutation: You do not regenerate when monsters are
                  | visible. [potion of mutation]
146207 | Depths:4 | Lost mutation: You do not regenerate when monsters are
                  | visible. [potion of mutation]
146207 | Depths:4 | Gained mutation: You have a pair of small horns on your
                  | head. [potion of mutation]
146208 | Depths:4 | Lost mutation: You have a pair of small horns on your head.
                  | [potion of mutation]
146208 | Depths:4 | Gained mutation: You occasionally lose the ability to drink
                  | potions when taking damage. [potion of mutation]
146208 | Depths:4 | Gained mutation: You have a pair of small horns on your
                  | head. [potion of mutation]
146208 | Depths:4 | Gained mutation: Your mind is acute. (Int +4, Str/Dex -1)
                  | [potion of mutation]
146209 | Depths:4 | Lost mutation: Your mind is acute. (Int +4, Str/Dex -1)
                  | [potion of mutation]
146209 | Depths:4 | Lost mutation: You have a pair of small horns on your head.
                  | [potion of mutation]
146209 | Depths:4 | Gained mutation: You have a pair of small antennae on your
                  | head. [potion of mutation]
146209 | Depths:4 | Gained mutation: You passively dampen the noise of your
                  | surroundings. [potion of mutation]
146210 | Depths:4 | Lost mutation: You occasionally lose the ability to drink
                  | potions when taking damage. [potion of mutation]
146210 | Depths:4 | Lost mutation: You passively dampen the noise of your
                  | surroundings. [potion of mutation]
146210 | Depths:4 | Gained mutation: You have supernaturally acute eyesight.
                  | (SInv) [potion of mutation]
146210 | Depths:4 | Gained mutation: You have sharp fingernails. [potion of
                  | mutation]
146211 | Depths:4 | Lost mutation: You have supernaturally acute eyesight.
                  | (SInv) [potion of mutation]
146211 | Depths:4 | Lost mutation: You have sharp fingernails. [potion of
                  | mutation]
146211 | Depths:4 | Gained mutation: You are somewhat resistant to further
                  | mutation. [potion of mutation]
146212 | Depths:4 | Lost mutation: You are somewhat resistant to further
                  | mutation. [potion of mutation]
146212 | Depths:4 | Lost mutation: You have a pair of small antennae on your
                  | head. [potion of mutation]
146212 | Depths:4 | Gained mutation: You occasionally lose the ability to drink
                  | potions when taking damage. [potion of mutation]
146213 | Depths:4 | Lost mutation: You occasionally lose the ability to drink
                  | potions when taking damage. [potion of mutation]
146213 | Depths:4 | Gained mutation: You expend magic power (3 MP) to
                  | strengthen your wands. [potion of mutation]
146214 | Depths:4 | Lost mutation: You expend magic power (3 MP) to strengthen
                  | your wands. [potion of mutation]
146214 | Depths:4 | Gained mutation: Your spells are a little easier to cast,
                  | but a little less powerful. [potion of mutation]
146215 | Depths:4 | Lost mutation: Your spells are a little easier to cast, but
                  | a little less powerful. [potion of mutation]
146215 | Depths:4 | Gained mutation: You have hidden genetic potential. [potion
                  | of mutation]
146215 | Depths:4 | Gained mutation: Your spells are a little harder to cast,
                  | but a little more powerful. [potion of mutation]
146215 | Depths:4 | Gained mutation: You are resistant to electric shocks.
                  | (rElec) [potion of mutation]
146215 | Depths:4 | Gained mutation: Your movements are slightly less
                  | encumbered by armour. (ER -2) [potion of mutation]
146216 | Depths:4 | Lost mutation: Your movements are slightly less encumbered
                  | by armour. (ER -2) [potion of mutation]
146216 | Depths:4 | Lost mutation: You have hidden genetic potential. [potion
                  | of mutation]
146216 | Depths:4 | Lost mutation: You are resistant to electric shocks.
                  | (rElec) [potion of mutation]
146216 | Depths:4 | Gained mutation: You occasionally shout uncontrollably at
                  | your foes. [potion of mutation]
146217 | Depths:4 | Lost mutation: You occasionally shout uncontrollably at
                  | your foes. [potion of mutation]
146217 | Depths:4 | Lost mutation: Your spells are a little harder to cast, but
                  | a little more powerful. [potion of mutation]
146217 | Depths:4 | Gained mutation: You have an increased reservoir of magic.
                  | (+10% MP) [potion of mutation]
146217 | Depths:4 | Gained mutation: You possess an exceptional clarity of
                  | mind. [potion of mutation]
146217 | Depths:4 | Lost mutation: You possess an exceptional clarity of mind.
                  | [potion of mutation]
146217 | Depths:4 | Gained mutation: Your mind is acute. (Int +4, Str/Dex -1)
                  | [potion of mutation]
146218 | Depths:4 | Lost mutation: You have an increased reservoir of magic.
                  | (+10% MP) [potion of mutation]
146218 | Depths:4 | Lost mutation: Your mind is acute. (Int +4, Str/Dex -1)
                  | [potion of mutation]
146218 | Depths:4 | Gained mutation: You sometimes lose your temper in combat.
                  | [potion of mutation]
146218 | Depths:4 | Gained mutation: Your flesh is heat resistant. (rF+)
                  | [potion of mutation]
146219 | Depths:4 | Lost mutation: You sometimes lose your temper in combat.
                  | [potion of mutation]
146219 | Depths:4 | Lost mutation: Your flesh is heat resistant. (rF+) [potion
                  | of mutation]
146219 | Depths:4 | Gained mutation: You occasionally lose the ability to drink
                  | potions when taking damage. [potion of mutation]
146219 | Depths:4 | Gained mutation: You sometimes lose your temper in combat.
                  | [potion of mutation]
146219 | Depths:4 | Gained mutation: You are strong-willed. (Will+) [potion of
                  | mutation]
146220 | Depths:4 | Lost mutation: You are strong-willed. (Will+) [potion of
                  | mutation]
146220 | Depths:4 | Lost mutation: You occasionally lose the ability to drink
                  | potions when taking damage. [potion of mutation]
146220 | Depths:4 | Gained mutation: You are clumsy. (Dex -2) [potion of
                  | mutation]
146220 | Depths:4 | Lost mutation: You are clumsy. (Dex -2) [potion of
                  | mutation]
146221 | Depths:4 | Lost mutation: You sometimes lose your temper in combat.
                  | [potion of mutation]
146221 | Depths:4 | Gained mutation: You occasionally lose the ability to read
                  | scrolls when taking damage. [potion of mutation]
146222 | Depths:4 | Lost mutation: You occasionally lose the ability to read
                  | scrolls when taking damage. [potion of mutation]
146222 | Depths:4 | Gained mutation: You are occasionally teleported next to
                  | monsters. [potion of mutation]
146222 | Depths:4 | Gained mutation: You sometimes lose your temper in combat.
                  | [potion of mutation]
146222 | Depths:4 | Gained mutation: You are weak. (Str -2) [potion of
                  | mutation]
146223 | Depths:4 | Lost mutation: You are weak. (Str -2) [potion of mutation]
146223 | Depths:4 | Lost mutation: You are occasionally teleported next to
                  | monsters. [potion of mutation]
146223 | Depths:4 | Gained mutation: Your magical capacity is low. (-10% MP)
                  | [potion of mutation]
146223 | Depths:4 | Gained mutation: Armour fits poorly on your strangely
                  | shaped body. [potion of mutation]
146223 | Depths:4 | Gained mutation: Your spells are a little harder to cast,
                  | but a little more powerful. [potion of mutation]
146224 | Depths:4 | Lost mutation: Your magical capacity is low. (-10% MP)
                  | [potion of mutation]
146224 | Depths:4 | Lost mutation: Armour fits poorly on your strangely shaped
                  | body. [potion of mutation]
146224 | Depths:4 | Gained mutation: You have supernaturally acute eyesight.
                  | (SInv) [potion of mutation]
146224 | Depths:4 | Lost mutation: Your spells are a little harder to cast, but
                  | a little more powerful. [potion of mutation]
146224 | Depths:4 | Gained mutation: You have a somewhat thin skeletal
                  | structure. (Dex +2, Stealth+) [potion of mutation]
146225 | Depths:4 | Lost mutation: You sometimes lose your temper in combat.
                  | [potion of mutation]
146225 | Depths:4 | Lost mutation: You have a somewhat thin skeletal structure.
                  | (Dex +2, Stealth+) [potion of mutation]
146225 | Depths:4 | Lost mutation: You have supernaturally acute eyesight.
                  | (SInv) [potion of mutation]
146225 | Depths:4 | Gained mutation: You occasionally shout uncontrollably at
                  | your foes. [potion of mutation]
146225 | Depths:4 | Gained mutation: You are strong-willed. (Will+) [potion of
                  | mutation]
146225 | Depths:4 | Gained mutation: You are agile. (Dex +4, Str/Int -1)
                  | [potion of mutation]
146226 | Depths:4 | Lost mutation: You are strong-willed. (Will+) [potion of
                  | mutation]
146226 | Depths:4 | Lost mutation: You occasionally shout uncontrollably at
                  | your foes. [potion of mutation]
146226 | Depths:4 | Lost mutation: You are agile. (Dex +4, Str/Int -1) [potion
                  | of mutation]
146226 | Depths:4 | Gained mutation: You possess an exceptional clarity of
                  | mind. [potion of mutation]
146227 | Depths:4 | Lost mutation: You possess an exceptional clarity of mind.
                  | [potion of mutation]
146227 | Depths:4 | Gained mutation: You are somewhat resistant to further
                  | mutation. [potion of mutation]
146228 | Depths:4 | Lost mutation: You are somewhat resistant to further
                  | mutation. [potion of mutation]
146228 | Depths:4 | Gained mutation: Your muscles are strong. (Str +4, Int/Dex
                  | -1) [potion of mutation]
146229 | Depths:4 | Lost mutation: Your muscles are strong. (Str +4, Int/Dex
                  | -1) [potion of mutation]
146229 | Depths:4 | Gained mutation: Your system is resistant to poisons.
                  | (rPois) [potion of mutation]
146229 | Depths:4 | Gained mutation: You are dopey. (Int -2) [potion of
                  | mutation]
146229 | Depths:4 | Gained mutation: Your flesh is heat resistant. (rF+)
                  | [potion of mutation]
146229 | Depths:4 | Lost mutation: You are dopey. (Int -2) [potion of mutation]
146230 | Depths:4 | Lost mutation: Your system is resistant to poisons. (rPois)
                  | [potion of mutation]
146230 | Depths:4 | Lost mutation: Your flesh is heat resistant. (rF+) [potion
                  | of mutation]
146230 | Depths:4 | Gained mutation: You expend magic power (3 MP) to
                  | strengthen your wands. [potion of mutation]
146230 | Depths:4 | Gained mutation: You are strong-willed. (Will+) [potion of
                  | mutation]
146230 | Depths:4 | Gained mutation: Your mind is acute. (Int +4, Str/Dex -1)
                  | [potion of mutation]
146230 | Depths:4 | Gained mutation: You have a pair of small horns on your
                  | head. [potion of mutation]
146231 | Depths:4 | Lost mutation: You have a pair of small horns on your head.
                  | [potion of mutation]
146231 | Depths:4 | Lost mutation: You expend magic power (3 MP) to strengthen
                  | your wands. [potion of mutation]
146231 | Depths:4 | Gained mutation: You have a pair of small horns on your
                  | head. [potion of mutation]
146232 | Depths:4 | Lost mutation: You have a pair of small horns on your head.
                  | [potion of mutation]
146232 | Depths:4 | Lost mutation: Your mind is acute. (Int +4, Str/Dex -1)
                  | [potion of mutation]
146232 | Depths:4 | Lost mutation: You are strong-willed. (Will+) [potion of
                  | mutation]
146232 | Depths:4 | Gained mutation: Your system is resistant to poisons.
                  | (rPois) [potion of mutation]
146232 | Depths:4 | Gained mutation: You expend magic power (3 MP) to
                  | strengthen your wands. [potion of mutation]
146233 | Depths:4 | Lost mutation: Your system is resistant to poisons. (rPois)
                  | [potion of mutation]
146233 | Depths:4 | Lost mutation: You expend magic power (3 MP) to strengthen
                  | your wands. [potion of mutation]
146233 | Depths:4 | Gained mutation: Your system is resistant to poisons.
                  | (rPois) [potion of mutation]
146233 | Depths:4 | Gained mutation: Your flesh is cold resistant. (rC+)
                  | [potion of mutation]
146234 | Depths:4 | Lost mutation: Your system is resistant to poisons. (rPois)
                  | [potion of mutation]
146234 | Depths:4 | Lost mutation: Your flesh is cold resistant. (rC+) [potion
                  | of mutation]
146234 | Depths:4 | Gained mutation: You are partially covered in large bone
                  | plates. (SH +4) [potion of mutation]
146234 | Depths:4 | Gained mutation: You are dopey. (Int -2) [potion of
                  | mutation]
146235 | Depths:4 | Lost mutation: You are dopey. (Int -2) [potion of mutation]
146235 | Depths:4 | Lost mutation: You are partially covered in large bone
                  | plates. (SH +4) [potion of mutation]
146235 | Depths:4 | Gained mutation: You passively dampen the noise of your
                  | surroundings. [potion of mutation]
146235 | Depths:4 | Gained mutation: Your muscles are strong. (Str +4, Int/Dex
                  | -1) [potion of mutation]
146236 | Depths:4 | Lost mutation: You passively dampen the noise of your
                  | surroundings. [potion of mutation]
146236 | Depths:4 | Lost mutation: Your muscles are strong. (Str +4, Int/Dex
                  | -1) [potion of mutation]
146236 | Depths:4 | Gained mutation: You are agile. (Dex +4, Str/Int -1)
                  | [potion of mutation]
146236 | Depths:4 | Gained mutation: You have a pair of small horns on your
                  | head. [potion of mutation]
146236 | Depths:4 | Lost mutation: You are agile. (Dex +4, Str/Int -1) [potion
                  | of mutation]
146236 | Depths:4 | Gained mutation: You are partially covered in large bone
                  | plates. (SH +4) [potion of mutation]
146237 | Depths:4 | Lost mutation: You are partially covered in large bone
                  | plates. (SH +4) [potion of mutation]
146237 | Depths:4 | Lost mutation: You have a pair of small horns on your head.
                  | [potion of mutation]
146237 | Depths:4 | Gained mutation: You are resistant to electric shocks.
                  | (rElec) [potion of mutation]
146237 | Depths:4 | Gained mutation: Your magical capacity is low. (-10% MP)
                  | [potion of mutation]
146237 | Depths:4 | Gained mutation: Your flesh is heat resistant. (rF+)
                  | [potion of mutation]
146238 | Depths:4 | Lost mutation: Your magical capacity is low. (-10% MP)
                  | [potion of mutation]
146238 | Depths:4 | Lost mutation: You are resistant to electric shocks.
                  | (rElec) [potion of mutation]
146238 | Depths:4 | Gained mutation: You have a pair of small horns on your
                  | head. [potion of mutation]
146239 | Depths:4 | Lost mutation: Your flesh is heat resistant. (rF+) [potion
                  | of mutation]
146239 | Depths:4 | Lost mutation: You have a pair of small horns on your head.
                  | [potion of mutation]
146239 | Depths:4 | Gained mutation: Your spells are a little harder to cast,
                  | but a little more powerful. [potion of mutation]
146240 | Depths:4 | Lost mutation: Your spells are a little harder to cast, but
                  | a little more powerful. [potion of mutation]
146240 | Depths:4 | Gained mutation: You have a somewhat thin skeletal
                  | structure. (Dex +2, Stealth+) [potion of mutation]
146240 | Depths:4 | Gained mutation: You have a pair of small horns on your
                  | head. [potion of mutation]
146241 | Depths:4 | Lost mutation: You have a pair of small horns on your head.
                  | [potion of mutation]
146241 | Depths:4 | Lost mutation: You have a somewhat thin skeletal structure.
                  | (Dex +2, Stealth+) [potion of mutation]
146241 | Depths:4 | Gained mutation: Your spells are a little easier to cast,
                  | but a little less powerful. [potion of mutation]
146241 | Depths:4 | Gained mutation: Your flesh is heat resistant. (rF+)
                  | [potion of mutation]
146241 | Depths:4 | Lost mutation: Your spells are a little easier to cast, but
                  | a little less powerful. [potion of mutation]
146242 | Depths:4 | Lost mutation: Your flesh is heat resistant. (rF+) [potion
                  | of mutation]
146242 | Depths:4 | Gained mutation: Your mind is acute. (Int +4, Str/Dex -1)
                  | [potion of mutation]
146243 | Depths:4 | Lost mutation: Your mind is acute. (Int +4, Str/Dex -1)
                  | [potion of mutation]
146243 | Depths:4 | Gained mutation: You occasionally lose the ability to read
                  | scrolls when taking damage. [potion of mutation]
146243 | Depths:4 | Gained mutation: You are somewhat resistant to further
                  | mutation. [potion of mutation]
146244 | Depths:4 | Lost mutation: You are somewhat resistant to further
                  | mutation. [potion of mutation]
146244 | Depths:4 | Lost mutation: You occasionally lose the ability to read
                  | scrolls when taking damage. [potion of mutation]
146244 | Depths:4 | Gained mutation: Your magical capacity is low. (-10% MP)
                  | [potion of mutation]
146244 | Depths:4 | Gained mutation: You have hidden genetic defects. [potion
                  | of mutation]
146245 | Depths:4 | Lost mutation: Your magical capacity is low. (-10% MP)
                  | [potion of mutation]
146245 | Depths:4 | Lost mutation: You have hidden genetic defects. [potion of
                  | mutation]
146245 | Depths:4 | Gained mutation: Your spells are a little easier to cast,
                  | but a little less powerful. [potion of mutation]
146245 | Depths:4 | Gained mutation: You expend magic power (3 MP) to
                  | strengthen your wands. [potion of mutation]
146245 | Depths:4 | Gained mutation: Your flesh is heat resistant. (rF+)
                  | [potion of mutation]
146245 | Depths:4 | Gained mutation: You are partially covered in large bone
                  | plates. (SH +4) [potion of mutation]
146246 | Depths:4 | Lost mutation: Your spells are a little easier to cast, but
                  | a little less powerful. [potion of mutation]
146246 | Depths:4 | Lost mutation: You expend magic power (3 MP) to strengthen
                  | your wands. [potion of mutation]
146246 | Depths:4 | Lost mutation: Your flesh is heat resistant. (rF+) [potion
                  | of mutation]
146246 | Depths:4 | Gained mutation: You are strong-willed. (Will+) [potion of
                  | mutation]
146246 | Depths:4 | Gained mutation: Your system is resistant to poisons.
                  | (rPois) [potion of mutation]
146246 | Depths:4 | Gained mutation: Your spells are a little harder to cast,
                  | but a little more powerful. [potion of mutation]
146247 | Depths:4 | Lost mutation: Your system is resistant to poisons. (rPois)
                  | [potion of mutation]
146247 | Depths:4 | Lost mutation: You are strong-willed. (Will+) [potion of
                  | mutation]
146247 | Depths:4 | Lost mutation: Your spells are a little harder to cast, but
                  | a little more powerful. [potion of mutation]
146247 | Depths:4 | Gained mutation: You are strong-willed. (Will+) [potion of
                  | mutation]
146248 | Depths:4 | Lost mutation: You are partially covered in large bone
                  | plates. (SH +4) [potion of mutation]
146248 | Depths:4 | Lost mutation: You are strong-willed. (Will+) [potion of
                  | mutation]
146248 | Depths:4 | Gained mutation: You are agile. (Dex +4, Str/Int -1)
                  | [potion of mutation]
146249 | Depths:4 | Lost mutation: You are agile. (Dex +4, Str/Int -1) [potion
                  | of mutation]
146249 | Depths:4 | Gained mutation: You have hidden genetic defects. [potion
                  | of mutation]
146249 | Depths:4 | Gained mutation: You sometimes lose your temper in combat.
                  | [potion of mutation]
146249 | Depths:4 | Gained mutation: You are agile. (Dex +4, Str/Int -1)
                  | [potion of mutation]
146250 | Depths:4 | Lost mutation: You sometimes lose your temper in combat.
                  | [potion of mutation]
146250 | Depths:4 | Lost mutation: You are agile. (Dex +4, Str/Int -1) [potion
                  | of mutation]
146250 | Depths:4 | Gained mutation: You have terrible hidden genetic defects.
                  | [potion of mutation]
146250 | Depths:4 | Gained mutation: Your flesh is heat resistant. (rF+)
                  | [potion of mutation]
146250 | Depths:4 | Gained mutation: You are strong-willed. (Will+) [potion of
                  | mutation]
146251 | Depths:4 | Lost mutation: You are strong-willed. (Will+) [potion of
                  | mutation]
146251 | Depths:4 | Lost mutation: Your flesh is heat resistant. (rF+) [potion
                  | of mutation]
146251 | Depths:4 | Lost mutation: You have terrible hidden genetic defects.
                  | [potion of mutation]
146251 | Depths:4 | Gained mutation: You occasionally lose the ability to read
                  | scrolls when taking damage. [potion of mutation]
146251 | Depths:4 | Gained mutation: Your spells are a little harder to cast,
                  | but a little more powerful. [potion of mutation]
146252 | Depths:4 | Lost mutation: You have hidden genetic defects. [potion of
                  | mutation]
146252 | Depths:4 | Lost mutation: You occasionally lose the ability to read
                  | scrolls when taking damage. [potion of mutation]
146252 | Depths:4 | Gained mutation: You are dopey. (Int -2) [potion of
                  | mutation]
146252 | Depths:4 | Gained mutation: You have a somewhat thin skeletal
                  | structure. (Dex +2, Stealth+) [potion of mutation]
146253 | Depths:4 | Lost mutation: You are dopey. (Int -2) [potion of mutation]
146253 | Depths:4 | Lost mutation: You have a somewhat thin skeletal structure.
                  | (Dex +2, Stealth+) [potion of mutation]
146253 | Depths:4 | Lost mutation: Your spells are a little harder to cast, but
                  | a little more powerful. [potion of mutation]
146253 | Depths:4 | Gained mutation: Your muscles are strong. (Str +4, Int/Dex
                  | -1) [potion of mutation]
146254 | Depths:4 | Lost mutation: Your muscles are strong. (Str +4, Int/Dex
                  | -1) [potion of mutation]
146254 | Depths:4 | Gained mutation: You have supernaturally acute eyesight.
                  | (SInv) [potion of mutation]
146254 | Depths:4 | Gained mutation: You are somewhat resistant to further
                  | mutation. [potion of mutation]
146255 | Depths:4 | Lost mutation: You have supernaturally acute eyesight.
                  | (SInv) [potion of mutation]
146255 | Depths:4 | Lost mutation: You are somewhat resistant to further
                  | mutation. [potion of mutation]
146255 | Depths:4 | Gained mutation: You are weak. (Str -2) [potion of
                  | mutation]
146255 | Depths:4 | Gained mutation: You occasionally lose the ability to read
                  | scrolls when taking damage. [potion of mutation]
146255 | Depths:4 | Gained mutation: Your system is resistant to poisons.
                  | (rPois) [potion of mutation]
146256 | Depths:4 | Lost mutation: You occasionally lose the ability to read
                  | scrolls when taking damage. [potion of mutation]
146256 | Depths:4 | Lost mutation: Your system is resistant to poisons. (rPois)
                  | [potion of mutation]
146256 | Depths:4 | Gained mutation: You are occasionally teleported next to
                  | monsters. [potion of mutation]
146256 | Depths:4 | Gained mutation: Armour fits poorly on your strangely
                  | shaped body. [potion of mutation]
146256 | Depths:4 | Gained mutation: You have an increased reservoir of magic.
                  | (+10% MP) [potion of mutation]
146257 | Depths:4 | Lost mutation: Armour fits poorly on your strangely shaped
                  | body. [potion of mutation]
146257 | Depths:4 | Lost mutation: You are occasionally teleported next to
                  | monsters. [potion of mutation]
146257 | Depths:4 | Lost mutation: You are weak. (Str -2) [potion of mutation]
146257 | Depths:4 | Gained mutation: You passively dampen the noise of your
                  | surroundings. [potion of mutation]
146257 | Depths:4 | Gained mutation: You are dopey. (Int -2) [potion of
                  | mutation]
146257 | Depths:4 | Gained mutation: You expend magic power (3 MP) to
                  | strengthen your wands. [potion of mutation]
146258 | Depths:4 | Lost mutation: You are dopey. (Int -2) [potion of mutation]
146258 | Depths:4 | Lost mutation: You have an increased reservoir of magic.
                  | (+10% MP) [potion of mutation]
146258 | Depths:4 | Lost mutation: You passively dampen the noise of your
                  | surroundings. [potion of mutation]
146258 | Depths:4 | Gained mutation: You are agile. (Dex +4, Str/Int -1)
                  | [potion of mutation]
146258 | Depths:4 | Gained mutation: You are strong-willed. (Will+) [potion of
                  | mutation]
146258 | Depths:4 | Gained mutation: You have very sharp teeth. [potion of
                  | mutation]
146259 | Depths:4 | Lost mutation: You have very sharp teeth. [potion of
                  | mutation]
146259 | Depths:4 | Lost mutation: You are strong-willed. (Will+) [potion of
                  | mutation]
146259 | Depths:4 | Lost mutation: You expend magic power (3 MP) to strengthen
                  | your wands. [potion of mutation]
146259 | Depths:4 | Gained mutation: You possess an exceptional clarity of
                  | mind. [potion of mutation]
146260 | Depths:4 | Lost mutation: You are agile. (Dex +4, Str/Int -1) [potion
                  | of mutation]
146260 | Depths:4 | Lost mutation: You possess an exceptional clarity of mind.
                  | [potion of mutation]
146260 | Depths:4 | Gained mutation: You are agile. (Dex +4, Str/Int -1)
                  | [potion of mutation]
146260 | Depths:4 | Gained mutation: You are dopey. (Int -2) [potion of
                  | mutation]
146261 | Depths:4 | Lost mutation: You are dopey. (Int -2) [potion of mutation]
146261 | Depths:4 | Lost mutation: You are agile. (Dex +4, Str/Int -1) [potion
                  | of mutation]
146261 | Depths:4 | Gained mutation: Armour fits poorly on your strangely
                  | shaped body. [potion of mutation]
146261 | Depths:4 | Gained mutation: Your mind is acute. (Int +4, Str/Dex -1)
                  | [potion of mutation]
146261 | Depths:4 | Gained mutation: Your mind is very acute. (Int +8, Str/Dex
                  | -2) [potion of mutation]
146262 | Depths:4 | Lost mutation: Your mind is very acute. (Int +8, Str/Dex
                  | -2) [potion of mutation]
146262 | Depths:4 | Lost mutation: Armour fits poorly on your strangely shaped
                  | body. [potion of mutation]
146262 | Depths:4 | Lost mutation: Your mind is acute. (Int +4, Str/Dex -1)
                  | [potion of mutation]
146262 | Depths:4 | Gained mutation: You expend magic power (3 MP) to
                  | strengthen your wands. [potion of mutation]
146262 | Depths:4 | Gained mutation: You are strong-willed. (Will+) [potion of
                  | mutation]
146262 | Depths:4 | Gained mutation: You are weak. (Str -2) [potion of
                  | mutation]
146262 | Depths:4 | Gained mutation: Your movements are slightly less
                  | encumbered by armour. (ER -2) [potion of mutation]
146263 | Depths:4 | Lost mutation: You expend magic power (3 MP) to strengthen
                  | your wands. [potion of mutation]
146263 | Depths:4 | Lost mutation: You are strong-willed. (Will+) [potion of
                  | mutation]
146263 | Depths:4 | Lost mutation: You are weak. (Str -2) [potion of mutation]
146263 | Depths:4 | Gained mutation: Your mind is acute. (Int +4, Str/Dex -1)
                  | [potion of mutation]
146263 | Depths:4 | Lost mutation: Your movements are slightly less encumbered
                  | by armour. (ER -2) [potion of mutation]
146263 | Depths:4 | Gained mutation: You expend magic power (3 MP) to
                  | strengthen your wands. [potion of mutation]
146282 | Zig:1    | Entered Level 1 of a ziggurat
146306 | Zig:2    | Entered Level 2 of a ziggurat
146342 | Zig:2    | Identified the +1 quarterstaff of Demonkind {flame, rF+
                  | Int+4}
146352 | Zig:3    | Entered Level 3 of a ziggurat
146427 | Zig:4    | Entered Level 4 of a ziggurat
146506 | Zig:5    | Entered Level 5 of a ziggurat
146550 | Zig:5    | Identified the +8 trident of the Everdark {drain, *Corrode
                  | rPois Int+4}
146633 | Zig:6    | Entered Level 6 of a ziggurat
146748 | Zig:6    | Identified the +7 morningstar of Parts Unknown {vamp, rN++}
146783 | Zig:7    | Entered Level 7 of a ziggurat
146789 | Zig:7    | Found the +12 glaive of Prune {vorpal}
146833 | Zig:7    | Identified the +1 spear of Guilt {drain, Str+2 Int+3}
146902 | Zig:8    | Entered Level 8 of a ziggurat
146913 | Zig:8    | Found the -2 hat of the Alchemist {rElec rPois rF+ rC+ rN+
                  | Will+ rMut rCorr}
147017 | Zig:8    | Identified the ring of the Good {Ice rPois Int+2 Stlth+}
147051 | Zig:9    | Entered Level 9 of a ziggurat
147057 | Zig:9    | Noticed an ancient lich
147057 | Zig:9    | Noticed an ancient lich
147057 | Zig:9    | Noticed a dread lich
147057 | Zig:9    | Noticed an ancient lich
147059 | Zig:9    | Noticed a dread lich
147059 | Zig:9    | Noticed a dread lich
147060 | Zig:9    | Noticed an ancient lich
147060 | Zig:9    | Noticed an ancient lich
147060 | Zig:9    | Noticed an ancient lich
147060 | Zig:9    | Noticed a dread lich
147061 | Zig:9    | Noticed an ancient lich
147062 | Zig:9    | Killed an ancient lich
147062 | Zig:9    | Killed an ancient lich
147062 | Zig:9    | Killed a dread lich
147062 | Zig:9    | Killed an ancient lich
147062 | Zig:9    | Killed a dread lich
147062 | Zig:9    | Killed an ancient lich
147062 | Zig:9    | Killed a dread lich
147063 | Zig:9    | Killed a dread lich
147063 | Zig:9    | Killed an ancient lich
147063 | Zig:9    | Killed an ancient lich
147064 | Zig:9    | Noticed an ancient lich
147065 | Zig:9    | Killed an ancient lich
147065 | Zig:9    | Killed an ancient lich
147125 | Zig:9    | Identified the +1 flail "Goseo" {pain, rF+}
147132 | Zig:9    | Identified the ring of Fujicutu {Ice Fly rCorr Str-3
                  | Stlth+}
147216 | Zig:9    | Acquired 592 gold pieces
147232 | Zig:10   | Entered Level 10 of a ziggurat
147280 | Zig:10   | Found the ring of the Octopus King
147366 | Zig:10   | Identified the +4 dagger "Qounisu" {flame, rC+ rN+ Will+
                  | Str-5}
147385 | Zig:10   | Identified the +6 long sword "Hedeopn" {venom, MP+9 Str+2}
147392 | Zig:10   | Identified a ring of the Octopus King {HP+2 AC+2 EV+2 SH+2
                  | SInv}
147418 | Zig:11   | Entered Level 11 of a ziggurat
147665 | Zig:12   | Entered Level 12 of a ziggurat
147672 | Zig:12   | Noticed Xysowneq the pandemonium lord
147672 | Zig:12   | Noticed Jatod the pandemonium lord
147672 | Zig:12   | Noticed Neggootsan the pandemonium lord
147672 | Zig:12   | Noticed Tovyg the pandemonium lord
147673 | Zig:12   | Noticed Mois the pandemonium lord
147674 | Zig:12   | Noticed Zeavitho the pandemonium lord
147675 | Zig:12   | Killed Xysowneq the pandemonium lord
147675 | Zig:12   | Noticed Leopp the pandemonium lord
147675 | Zig:12   | Noticed Ofaocoast the pandemonium lord
147675 | Zig:12   | Noticed Rubuz the pandemonium lord
147676 | Zig:12   | Killed Zeavitho the pandemonium lord
147676 | Zig:12   | Noticed Pyloodas the pandemonium lord
147677 | Zig:12   | Noticed Lafuorchoxt the pandemonium lord
147678 | Zig:12   | Killed Mois the pandemonium lord
147678 | Zig:12   | Killed Neggootsan the pandemonium lord
147678 | Zig:12   | Noticed Zyfeps the pandemonium lord
147679 | Zig:12   | Killed Rubuz the pandemonium lord
147679 | Zig:12   | Killed Lafuorchoxt the pandemonium lord
147679 | Zig:12   | Killed Ofaocoast the pandemonium lord
147679 | Zig:12   | Killed Leopp the pandemonium lord
147681 | Zig:12   | Killed Pyloodas the pandemonium lord
147681 | Zig:12   | Killed Tovyg the pandemonium lord
147688 | Zig:12   | Killed Jatod the pandemonium lord
147691 | Zig:12   | Killed Zyfeps the pandemonium lord
147843 | Zig:12   | Identified the +2 hat "Joim Gyu" {rElec Slay+2}
147845 | Zig:12   | Identified the +5 broad axe of Woe {venom, Will- Str+9
                  | Dex+5}
147874 | Zig:12   | Learned a level 9 spell: Death's Door
147878 | Zig:13   | Entered Level 13 of a ziggurat
147884 | Zig:13   | Noticed a royal mummy
147884 | Zig:13   | Noticed a royal mummy
147885 | Zig:13   | Noticed a royal mummy
147885 | Zig:13   | Noticed a royal mummy
147885 | Zig:13   | Noticed a royal mummy
147885 | Zig:13   | Noticed a royal mummy
147886 | Zig:13   | Killed a royal mummy
147886 | Zig:13   | Killed a royal mummy
147887 | Zig:13   | Noticed a royal mummy
147887 | Zig:13   | Noticed a royal mummy
147887 | Zig:13   | Noticed a royal mummy
147888 | Zig:13   | Killed a royal mummy
147888 | Zig:13   | Killed a royal mummy
147888 | Zig:13   | Killed a royal mummy
147888 | Zig:13   | Killed a royal mummy
147888 | Zig:13   | Noticed a royal mummy
147888 | Zig:13   | Noticed a royal mummy
147890 | Zig:13   | Killed a royal mummy
147890 | Zig:13   | Killed a royal mummy
147890 | Zig:13   | Killed a royal mummy
147891 | Zig:13   | Noticed a royal mummy
147891 | Zig:13   | Noticed a royal mummy
147893 | Zig:13   | Killed a royal mummy
147893 | Zig:13   | Killed a royal mummy
147893 | Zig:13   | Killed a royal mummy
147893 | Zig:13   | Killed a royal mummy
147893 | Zig:13   | Noticed a royal mummy
147894 | Zig:13   | Noticed a royal mummy
147894 | Zig:13   | Noticed a royal mummy
147895 | Zig:13   | Killed a royal mummy
147896 | Zig:13   | Killed a royal mummy
147896 | Zig:13   | Killed a royal mummy
147897 | Zig:13   | Noticed a royal mummy
147905 | Zig:13   | Killed a royal mummy
147945 | Zig:13   | Identified the +10 sling "Hell-Harrower" {vorpal, Will+}
147947 | Zig:13   | Identified the +6 hand crossbow of the Pill Bug {venom, rF+
                  | Will+ Str+3 Dex-3}
147948 | Zig:13   | Identified the +3 war axe of the Exceptional God {vorpal,
                  | Fly Str+4}
147959 | Zig:13   | Identified the ring "Veowam" {rF- rC+++ EV+4 Slay+5}
148192 | Zig:14   | Entered Level 14 of a ziggurat
148203 | Zig:14   | Noticed Qiavitha the pandemonium lord
148205 | Zig:14   | Killed Qiavitha the pandemonium lord
148360 | Zig:14   | Identified the +9 war axe of Napsual {drain, Contam rN+
                  | Str+4 SInv}
148388 | Zig:14   | Identified the +6 glaive of Uncertain Death {flame, MP-9
                  | Dex+7}
148413 | Zig:14   | Identified the +6 war axe of Marue {holy, rElec}
148419 | Zig:14   | Identified the +1 plate armour of Gehenna {rElec}
148427 | Zig:14   | Identified the +10 giant club "Hizay" {speed, *Corrode
                  | rElec rF+ rN++}
148480 | Zig:15   | Entered Level 15 of a ziggurat
148488 | Zig:15   | Noticed a royal mummy
148491 | Zig:15   | Killed a royal mummy
148493 | Zig:15   | Noticed a royal mummy
148494 | Zig:15   | Noticed a royal mummy
148494 | Zig:15   | Noticed a royal mummy
148496 | Zig:15   | Noticed a royal mummy
148496 | Zig:15   | Noticed a royal mummy
148496 | Zig:15   | Noticed a royal mummy
148497 | Zig:15   | Killed a royal mummy
148498 | Zig:15   | Killed a royal mummy
148498 | Zig:15   | Killed a royal mummy
148498 | Zig:15   | Killed a royal mummy
148499 | Zig:15   | Killed a royal mummy
148499 | Zig:15   | Killed a royal mummy
148502 | Zig:15   | Noticed a royal mummy
148504 | Zig:15   | Killed a royal mummy
148597 | Zig:15   | Identified the amulet "Gaotipeq" {Faith Harm Will+}
148599 | Zig:15   | Identified the ring "Kuejyer" {+Blink Fly rElec}
148605 | Zig:15   | Identified the +2 hand axe of Ru's Felicitations {elec,
                  | rPois Dex+3}
148830 | Zig:16   | Entered Level 16 of a ziggurat
148846 | Zig:16   | Noticed Gocono the pandemonium lord
148853 | Zig:16   | Killed Gocono the pandemonium lord
149061 | Zig:16   | Identified the +3 sling of Resonant Forgiveness {vorpal,
                  | *Corrode Will+ MP+9 SInv}
149065 | Zig:16   | Identified the +3 chain mail of the Circus Animal {Harm
                  | rElec Str+3 Slay-3}
149094 | Zig:16   | Identified the +7 rapier of Fuempi {antimagic, rN++ Int+2}
149155 | Zig:17   | Entered Level 17 of a ziggurat
149168 | Zig:17   | Noticed an ancient lich
149173 | Zig:17   | Noticed an ancient lich
149175 | Zig:17   | Killed an ancient lich
149175 | Zig:17   | Killed an ancient lich
149180 | Zig:17   | Paralysed by a wendigo for 1 turns
149260 | Zig:17   | Identified the +7 scimitar of Fazyrph {vamp, rElec}
149274 | Zig:17   | Identified the +2 robe of Free Will {Str+3 Int+3 SInv
                  | Stlth-}
149281 | Zig:17   | Identified the +10 war axe of Paikh {elec, rElec}
149283 | Zig:17   | Identified the +5 whip of Watchfulness {venom, rPois rN+
                  | Dex+3 Stlth-}
149304 | Zig:17   | Identified the +4 rapier of Calculation {drain, rF+ rN+
                  | Stlth+}
149308 | Zig:17   | Identified the +7 dagger of Inni {holy, rElec rPois rN+
                  | Dex-4}
149351 | Zig:17   | Identified the +4 long sword of the Mordant God {protect,
                  | rF++ Will-}
149422 | Zig:17   | Identified the +7 flail of Devotion {protect, rCorr}
149470 | Zig:18   | Entered Level 18 of a ziggurat
149492 | Zig:18   | Reached skill level 27 in Poison Magic
149503 | Zig:18   | Found the +8 Wrath of Trog {antimagic, *Rage Rampage}
149513 | Zig:18   | Found the +7 Spriggan's Knife {stab, EV+4 Stlth+}
149766 | Zig:18   | Identified the ring of Wore Fan {+Blink rPois rF- Dex+6}
149783 | Zig:18   | Identified the +4 leather armour "Gimupsyfe" {SInv}
149791 | Zig:18   | Identified the +9 quarterstaff of Zin, Destroying {spect,
                  | rF+ Int+2}
149811 | Zig:19   | Entered Level 19 of a ziggurat
149838 | Zig:19   | Found the ring of the Octopus King
150075 | Zig:19   | Identified a ring of the Octopus King {HP+2 MP+9 AC+2 EV+2
                  | SH+2}
150085 | Zig:19   | Identified the +5 quarterstaff of the Eleven Coins {holy,
                  | rF+}
150086 | Zig:19   | Identified the +1 dire flail "Ruynydd" {flame, rC+ rN++
                  | rCorr Dex-2}
150099 | Zig:19   | Identified the amulet "Kuips" {Reflect Str-4 Int+4 SH+5}
150107 | Zig:19   | Identified the +5 arbalest of the Unspeakable One {vorpal,
                  | rElec rF+ rC+}
150116 | Zig:19   | Identified the +4 ring mail "Vomnoum" {Str+3}
150136 | Zig:19   | Identified the +5 war axe of the Pill Bug {protect, *Rage
                  | Int+3}
150219 | Zig:20   | Entered Level 20 of a ziggurat
150237 | Zig:20   | Reached skill level 27 in Unarmed Combat
150245 | Zig:20   | Reached skill level 27 in Translocations
150392 | Zig:20   | Found the +3 giant club "Skullcrusher" {speed, Str+7}
150546 | Zig:20   | Identified the +8 scimitar "Voipnom" {freeze, rN+ Int+4
                  | Stlth+}
150570 | Zig:20   | Identified the +1 ring mail of Vonyohij {rF+}
150645 | Zig:21   | Entered Level 21 of a ziggurat
150656 | Zig:21   | Noticed a juggernaut
150656 | Zig:21   | Noticed a juggernaut
150656 | Zig:21   | Noticed a juggernaut
150657 | Zig:21   | Noticed a juggernaut
150657 | Zig:21   | Noticed a juggernaut
150661 | Zig:21   | Noticed a juggernaut
150661 | Zig:21   | Noticed a juggernaut
150661 | Zig:21   | Noticed a juggernaut
150662 | Zig:21   | Noticed a juggernaut
150662 | Zig:21   | Noticed a juggernaut
150663 | Zig:21   | Killed a juggernaut
150663 | Zig:21   | Killed a juggernaut
150663 | Zig:21   | Killed a juggernaut
150663 | Zig:21   | Killed a juggernaut
150663 | Zig:21   | Killed a juggernaut
150663 | Zig:21   | Killed a juggernaut
150663 | Zig:21   | Killed a juggernaut
150664 | Zig:21   | Reached skill level 27 in Ranged Weapons
150664 | Zig:21   | Killed a juggernaut
150664 | Zig:21   | Killed a juggernaut
150664 | Zig:21   | Killed a juggernaut
150666 | Zig:21   | Noticed a juggernaut
150667 | Zig:21   | Noticed a juggernaut
150670 | Zig:21   | Killed a juggernaut
150672 | Zig:21   | Killed a juggernaut
150713 | Zig:21   | Identified the +1 war axe of Kudub {vorpal, rF+}
150725 | Zig:21   | Identified the +12 hand axe of Death's Door {vorpal, rCorr
                  | Str+4 Dex-2}
150747 | Zig:21   | Identified the ring "Lotawaiz" {rPois EV+4 Str+2}
151068 | Zig:22   | Entered Level 22 of a ziggurat
151078 | Zig:22   | Noticed a juggernaut
151081 | Zig:22   | Noticed a juggernaut
151083 | Zig:22   | Noticed a juggernaut
151083 | Zig:22   | Noticed a juggernaut
151083 | Zig:22   | Noticed a juggernaut
151087 | Zig:22   | Killed a juggernaut
151088 | Zig:22   | Noticed a juggernaut
151088 | Zig:22   | Killed a juggernaut
151089 | Zig:22   | Killed a juggernaut
151089 | Zig:22   | Killed a juggernaut
151089 | Zig:22   | Noticed a juggernaut
151090 | Zig:22   | Killed a juggernaut
151090 | Zig:22   | Killed a juggernaut
151090 | Zig:22   | Noticed a juggernaut
151092 | Zig:22   | Killed a juggernaut
151095 | Zig:22   | Reached skill level 27 in Short Blades
151096 | Zig:22   | Killed a juggernaut
151146 | Zig:22   | Identified the ring of Ceos {rElec rF+ rN+ Int+6}
151442 | Zig:22   | Identified the +6 rapier of the Dwarven Hall {freeze, rElec
                  | Will+ Dex+4}
151460 | Zig:22   | Identified the +5 morningstar of Wewaqiup {vorpal, *Slow
                  | rF+ rCorr Stlth+}
151461 | Zig:22   | Identified the +3 cloak of Sif Muna's Esteem {rC+ Int+2}
151526 | Zig:22   | Reached skill level 27 in Long Blades
151536 | Zig:23   | Entered Level 23 of a ziggurat
151562 | Zig:23   | Found the +4 dagger "Morg" {pain, Will+ Int+5}
151869 | Zig:23   | Identified the +2 mace of the Grave {vorpal, Will+}
151871 | Zig:23   | Identified the +10 morningstar "Dips" {vorpal, Dex+3}
151873 | Zig:23   | Identified the amulet of Omamun {rElec Regen+}
151877 | Zig:23   | Identified the +9 dire flail of the Baking Gods {venom, rF-
                  | rC+++ Int-3}
151897 | Zig:23   | Identified the +2 ring mail of Henotheism {Int+5}
151904 | Zig:23   | Identified the +1 ring mail of the Eight Boll Weevils
                  | {Rampage Regen+ rCorr Dex-3}
151928 | Zig:23   | Identified the ring of Moodiness {rPois Will+ Str+4 Dex-3}
151989 | Zig:24   | Entered Level 24 of a ziggurat
152005 | Zig:24   | Paralysed by an air elemental for 1 turns
152016 | Zig:24   | Paralysed by an air elemental for 1 turns
152343 | Zig:24   | Identified the +8 hand axe "Ilior" {vorpal, rC+}
152477 | Zig:25   | Entered Level 25 of a ziggurat
152490 | Zig:25   | Noticed Jodaemiw the pandemonium lord
152491 | Zig:25   | Noticed Wiag the pandemonium lord
152491 | Zig:25   | Noticed Gehof the pandemonium lord
152491 | Zig:25   | Noticed Fesamac the pandemonium lord
152492 | Zig:25   | Noticed Benysh the pandemonium lord
152493 | Zig:25   | Killed Fesamac the pandemonium lord
152494 | Zig:25   | Killed Wiag the pandemonium lord
152494 | Zig:25   | Killed Jodaemiw the pandemonium lord
152494 | Zig:25   | Noticed Tykhlecu the pandemonium lord
152495 | Zig:25   | Killed Benysh the pandemonium lord
152496 | Zig:25   | Noticed Vaoco the pandemonium lord
152496 | Zig:25   | Noticed Veicabis the pandemonium lord
152497 | Zig:25   | Killed Gehof the pandemonium lord
152497 | Zig:25   | Noticed Qeoroir the pandemonium lord
152497 | Zig:25   | Noticed Cibeah the pandemonium lord
152498 | Zig:25   | Noticed Kysof the pandemonium lord
152506 | Zig:25   | Killed Qeoroir the pandemonium lord
152506 | Zig:25   | Killed Cibeah the pandemonium lord
152507 | Zig:25   | Killed Tykhlecu the pandemonium lord
152507 | Zig:25   | Noticed Hysot the pandemonium lord
152507 | Zig:25   | Noticed Coonait the pandemonium lord
152508 | Zig:25   | Noticed Toiju the pandemonium lord
152508 | Zig:25   | Killed Kysof the pandemonium lord
152509 | Zig:25   | Noticed Wenwaczy the pandemonium lord
152509 | Zig:25   | Noticed Ocur the pandemonium lord
152510 | Zig:25   | Killed Coonait the pandemonium lord
152510 | Zig:25   | Killed Vaoco the pandemonium lord
152511 | Zig:25   | Killed Veicabis the pandemonium lord
152511 | Zig:25   | Killed Wenwaczy the pandemonium lord
152511 | Zig:25   | Noticed Dan Hacais the pandemonium lord
152512 | Zig:25   | Noticed Una Ockif the pandemonium lord
152512 | Zig:25   | Noticed Riwabbar the pandemonium lord
152514 | Zig:25   | Noticed Jufuk the pandemonium lord
152514 | Zig:25   | Killed Toiju the pandemonium lord
152515 | Zig:25   | Noticed Donneosho the pandemonium lord
152515 | Zig:25   | Noticed Buxohuat the pandemonium lord
152515 | Zig:25   | Killed Dan Hacais the pandemonium lord
152515 | Zig:25   | Killed Ocur the pandemonium lord
152515 | Zig:25   | Killed Jufuk the pandemonium lord
152515 | Zig:25   | Noticed Zodicrydu the pandemonium lord
152516 | Zig:25   | Killed Donneosho the pandemonium lord
152516 | Zig:25   | Killed Hysot the pandemonium lord
152516 | Zig:25   | Killed Buxohuat the pandemonium lord
152518 | Zig:25   | Killed Una Ockif the pandemonium lord
152518 | Zig:25   | Noticed Hiolel the pandemonium lord
152518 | Zig:25   | Killed Riwabbar the pandemonium lord
152519 | Zig:25   | Noticed Votash the pandemonium lord
152519 | Zig:25   | Noticed Jaismim the pandemonium lord
152521 | Zig:25   | Noticed Sankuasi the pandemonium lord
152522 | Zig:25   | Killed Zodicrydu the pandemonium lord
152522 | Zig:25   | Killed Jaismim the pandemonium lord
152522 | Zig:25   | Killed Hiolel the pandemonium lord
152522 | Zig:25   | Noticed Weock the pandemonium lord
152522 | Zig:25   | Noticed Zutwy the pandemonium lord
152523 | Zig:25   | Noticed Uqelaude the pandemonium lord
152524 | Zig:25   | Noticed Ohighes the pandemonium lord
152524 | Zig:25   | Noticed Caniacra the pandemonium lord
152524 | Zig:25   | Noticed Kucon the pandemonium lord
152527 | Zig:25   | Killed Votash the pandemonium lord
152527 | Zig:25   | Killed Weock the pandemonium lord
152527 | Zig:25   | Noticed Goonagro the pandemonium lord
152527 | Zig:25   | Noticed Safeen the pandemonium lord
152527 | Zig:25   | Noticed Take the pandemonium lord
152528 | Zig:25   | Killed Sankuasi the pandemonium lord
152528 | Zig:25   | Killed Uqelaude the pandemonium lord
152528 | Zig:25   | Killed Zutwy the pandemonium lord
152529 | Zig:25   | Killed Ohighes the pandemonium lord
152529 | Zig:25   | Killed Goonagro the pandemonium lord
152530 | Zig:25   | Killed Kucon the pandemonium lord
152530 | Zig:25   | Killed Caniacra the pandemonium lord
152530 | Zig:25   | Noticed Onirott the pandemonium lord
152531 | Zig:25   | Noticed Xiwkoo the pandemonium lord
152531 | Zig:25   | Noticed Omateker the pandemonium lord
152531 | Zig:25   | Noticed Evuan the pandemonium lord
152532 | Zig:25   | Noticed Otrowni the pandemonium lord
152534 | Zig:25   | Killed Evuan the pandemonium lord
152535 | Zig:25   | Noticed Xomiaqoc the pandemonium lord
152535 | Zig:25   | Killed Safeen the pandemonium lord
152535 | Zig:25   | Killed Otrowni the pandemonium lord
152535 | Zig:25   | Killed Daongah the pandemonium lord
152535 | Zig:25   | Killed Take the pandemonium lord
152536 | Zig:25   | Killed Onirott the pandemonium lord
152536 | Zig:25   | Killed Omateker the pandemonium lord
152536 | Zig:25   | Noticed Nekuo the pandemonium lord
152537 | Zig:25   | Killed Xiwkoo the pandemonium lord
152537 | Zig:25   | Killed Xomiaqoc the pandemonium lord
152537 | Zig:25   | Noticed Arghut the pandemonium lord
152538 | Zig:25   | Killed Nekuo the pandemonium lord
152538 | Zig:25   | Noticed Afuic the pandemonium lord
152539 | Zig:25   | Noticed Tutur the pandemonium lord
152539 | Zig:25   | Noticed Ciexe the pandemonium lord
152539 | Zig:25   | Noticed Zeegav the pandemonium lord
152540 | Zig:25   | Noticed Hyar Myrecky the pandemonium lord
152540 | Zig:25   | Noticed Fakhesiu the pandemonium lord
152540 | Zig:25   | Killed Zeegav the pandemonium lord
152541 | Zig:25   | Killed Hyar Myrecky the pandemonium lord
152541 | Zig:25   | Killed Arghut the pandemonium lord
152541 | Zig:25   | Killed Fakhesiu the pandemonium lord
152541 | Zig:25   | Killed Tutur the pandemonium lord
152542 | Zig:25   | Noticed Ufraec the pandemonium lord
152543 | Zig:25   | Killed Afuic the pandemonium lord
152543 | Zig:25   | Noticed Xoskosh the pandemonium lord
152545 | Zig:25   | Noticed Wint the pandemonium lord
152545 | Zig:25   | Killed Ufraec the pandemonium lord
152546 | Zig:25   | Killed Xoskosh the pandemonium lord
152546 | Zig:25   | Noticed Mazu the pandemonium lord
152547 | Zig:25   | Noticed Neixee Puir the pandemonium lord
152547 | Zig:25   | Noticed Vonahepn the pandemonium lord
152547 | Zig:25   | Noticed Asuzar the pandemonium lord
152547 | Zig:25   | Noticed Veel the pandemonium lord
152548 | Zig:25   | Killed Ciexe the pandemonium lord
152549 | Zig:25   | Noticed Xuffeu Ogoarch the pandemonium lord
152549 | Zig:25   | Noticed Feses the pandemonium lord
152551 | Zig:25   | Noticed Uschiam the pandemonium lord
152553 | Zig:25   | Noticed Ylayjas the pandemonium lord
152553 | Zig:25   | Killed Feses the pandemonium lord
152553 | Zig:25   | Killed Neixee Puir the pandemonium lord
152553 | Zig:25   | Killed Uschiam the pandemonium lord
152553 | Zig:25   | Killed Xuffeu Ogoarch the pandemonium lord
152553 | Zig:25   | Killed Ylayjas the pandemonium lord
152553 | Zig:25   | Noticed Rubois the pandemonium lord
152554 | Zig:25   | Killed Veel the pandemonium lord
152554 | Zig:25   | Killed Wint the pandemonium lord
152555 | Zig:25   | Killed Mazu the pandemonium lord
152555 | Zig:25   | Killed Asuzar the pandemonium lord
152555 | Zig:25   | Killed Vonahepn the pandemonium lord
152562 | Zig:25   | Killed Rubois the pandemonium lord
152828 | Zig:25   | Found the ring of the Octopus King
152835 | Zig:25   | Identified a ring of the Octopus King {rN+ HP+2 AC+2 EV+2
                  | SH+2}
152842 | Zig:25   | Identified the +3 dagger "Hydra's Funeral" {freeze, Dex+4}
152848 | Zig:25   | Identified the +9 hand axe of Hard Scrabble {freeze, rC+
                  | Will++}
152849 | Zig:25   | Identified the +7 quarterstaff "Iqoczoe" {speed, rN+ Will+
                  | Dex+3 Stlth+}
152852 | Zig:25   | Identified the +5 great mace "Balal" {flame, Int+4}
152859 | Zig:25   | Identified the +6 mace of the Big Fish {speed, rF+ rC+
                  | Int-4}
152874 | Zig:25   | Identified the ring of Nociss {rElec Int+3 Dex+6 SInv
                  | Stlth+}
152881 | Zig:25   | Identified the +4 plate armour of the Gardener {Int+4}
152887 | Zig:25   | Identified the +0 swamp dragon scales of Arcadian
                  | Satisfaction {rPois Will+}
152950 | Zig:25   | Acquired the ring of Leopra {rElec Will+ rCorr Str-3
                  | Int+10}
152957 | Zig:26   | Entered Level 26 of a ziggurat
152997 | Zig:26   | Reached skill level 27 in Maces & Flails
153252 | Zig:26   | Identified the +6 demon whip "Odevifiga" {venom, Dex+4}
153259 | Zig:26   | Identified the +1 kite shield of Deeply Unsettling Fun
                  | {Rampage *Slow rF+ rC+}
153285 | Zig:26   | Identified the +6 battleaxe "Mueps" {venom, rF+ rN+ Str+4
                  | Int+4}
153293 | Zig:26   | Identified the +9 trident of Qemu {spect, +Blink rPois MP-9
                  | Dex+5}
153303 | Zig:26   | Identified the +0 scale mail "Cirinkokor" {rC+++ rN+++ MP-9
                  | Dex+2}
153473 | Zig:27   | Entered Level 27 of a ziggurat
153496 | Zig:27   | Noticed an ancient lich
153499 | Zig:27   | Reached skill level 27 in Polearms
153499 | Zig:27   | Killed an ancient lich
153500 | Zig:27   | Reached skill level 1 in Hexes
153500 | Zig:27   | Reached skill level 1 in Summonings
153500 | Zig:27   | Reached skill level 1 in Invocations
153507 | Zig:27   | Reached skill level 5 in Invocations
153509 | Zig:27   | Reached skill level 5 in Hexes
153509 | Zig:27   | Reached skill level 5 in Summonings
153514 | Zig:27   | Reached skill level 10 in Invocations
153649 | Zig:27   | Found the +3 salamander hide armour {Flames rF++ rC--}
153661 | Zig:27   | Identified the +2 robe of the Shining Light {rC+ Int+5}
153664 | Zig:27   | Identified the amulet of Beagioc {Regen+ Str+5 Int+4}
153677 | Zig:27   | Identified the +2 ring mail of Bat Hunk {Slay+4}
153679 | Zig:27   | Identified the +3 rapier "Trog's Hatred" {spect, rElec rC-
                  | rN+++ Stlth+}
153694 | Zig:27   | Identified the ring "Yfarhik" {*Corrode rPois Str+6 Int+2
                  | SInv}
153700 | Zig:27   | Identified the amulet of Zad Urgh {Spirit rElec rCorr Dex-2
                  | SInv}
154027 | Depths:4 | Reached skill level 10 in Hexes
154027 | Depths:4 | Reached skill level 10 in Summonings
154061 | Zig:1    | Entered Level 1 of a ziggurat
154098 | Zig:2    | Entered Level 2 of a ziggurat
154142 | Zig:2    | Identified the +3 hand axe of Impatience {speed, rCorr
                  | Str+6 Int-3 Stlth-}
154154 | Zig:3    | Entered Level 3 of a ziggurat
154269 | Zig:4    | Entered Level 4 of a ziggurat
154270 | Zig:4    | Found the ring of the Octopus King
154272 | Zig:4    | Reached skill level 15 in Invocations
154273 | Zig:4    | Noticed Xixargh the pandemonium lord
154282 | Zig:4    | Killed Xixargh the pandemonium lord
154322 | Zig:4    | Identified the ring of Quecrun {rN+ Will- Int+2 Dex+6}
154335 | Zig:4    | Identified a ring of the Octopus King {Wiz HP+2 AC+2 EV+2
                  | SH+2}
154365 | Zig:5    | Entered Level 5 of a ziggurat
154411 | Zig:5    | Identified the ring of Cumeimp {Fly rElec rF+ Str+2 Stlth+}
154420 | Zig:5    | Identified the +5 trident of the Saviour {flame, Will+
                  | Int+4 Stlth+}
154503 | Zig:6    | Entered Level 6 of a ziggurat
154505 | Zig:6    | Paralysed by an air elemental for 1 turns
154644 | Zig:7    | Entered Level 7 of a ziggurat
154646 | Zig:7    | Noticed Cytuz the pandemonium lord
154646 | Zig:7    | Noticed Fealues the pandemonium lord
154648 | Zig:7    | Killed Cytuz the pandemonium lord
154649 | Zig:7    | Killed Fealues the pandemonium lord
154650 | Zig:7    | Noticed Loced the pandemonium lord
154653 | Zig:7    | Noticed Tikhomm the pandemonium lord
154655 | Zig:7    | Noticed Syhuw the pandemonium lord
154658 | Zig:7    | Killed Loced the pandemonium lord
154661 | Zig:7    | Killed Tikhomm the pandemonium lord
154662 | Zig:7    | Killed Syhuw the pandemonium lord
154791 | Zig:7    | Identified the +8 whip of Tatodgh {antimagic, rPois rC-
                  | Will+}
154803 | Zig:8    | Entered Level 8 of a ziggurat
154808 | Zig:8    | Noticed a royal mummy
154808 | Zig:8    | Noticed a royal mummy
154809 | Zig:8    | Killed a royal mummy
154810 | Zig:8    | Noticed a royal mummy
154813 | Zig:8    | Killed a royal mummy
154815 | Zig:8    | Killed a royal mummy
154816 | Zig:8    | Reached skill level 15 in Summonings
155050 | Zig:9    | Entered Level 9 of a ziggurat
155057 | Zig:9    | Reached skill level 15 in Hexes
155161 | Zig:9    | Identified the +6 falchion "Doke" {drain, *Slow SInv
                  | Stlth+}
155163 | Zig:9    | Identified the ring of Xom's Full Attention {rCorr Str+3
                  | Dex+4 SInv}
155167 | Zig:9    | Identified the +3 troll leather armour of the Trees {rF+
                  | rN+ Regen+}
155209 | Zig:10   | Entered Level 10 of a ziggurat
155464 | Zig:11   | Entered Level 11 of a ziggurat
155466 | Zig:11   | Noticed a juggernaut
155470 | Zig:11   | Noticed a juggernaut
155470 | Zig:11   | Noticed a juggernaut
155475 | Zig:11   | Killed a juggernaut
155476 | Zig:11   | Killed a juggernaut
155478 | Zig:11   | Killed a juggernaut
155652 | Zig:11   | Identified the +5 ring mail of Linagul {rCorr Int+3 Slay+3}
155690 | Zig:11   | Identified the ring of Vanity {Wiz Str+3}
155764 | Zig:12   | Entered Level 12 of a ziggurat
155843 | Zig:12   | Identified the +4 long sword "Jesicve" {speed, *Slow rElec
                  | rPois rF++}
155869 | Zig:12   | Identified the +3 war axe of Mayhem {speed, rN+ Int+3}
155872 | Zig:12   | Identified the +5 battleaxe of the Seven Tables {vorpal,
                  | rPois MP+9 Str+3}
155877 | Zig:12   | Identified the +2 scale mail "Myume" {Rampage rPois rF-
                  | Str+3}
155880 | Zig:12   | Identified the +7 war axe of Yesterday {vorpal, Contam Fly
                  | Str-3 Dex+7}
155957 | Zig:13   | Entered Level 13 of a ziggurat
155962 | Zig:13   | Paralysed by an air elemental for 1 turns
155972 | Zig:13   | Found the +7 captain's cutlass {speed, disarm}
156280 | Zig:13   | Acquired 826 gold pieces
156286 | Zig:14   | Entered Level 14 of a ziggurat
156295 | Zig:14   | Noticed an ancient lich
156295 | Zig:14   | Noticed a dread lich
156295 | Zig:14   | Noticed a dread lich
156295 | Zig:14   | Noticed a dread lich
156296 | Zig:14   | Noticed a dread lich
156296 | Zig:14   | Noticed a dread lich
156296 | Zig:14   | Noticed an ancient lich
156297 | Zig:14   | Noticed an ancient lich
156297 | Zig:14   | Noticed a dread lich
156298 | Zig:14   | Noticed an ancient lich
156299 | Zig:14   | Noticed a dread lich
156300 | Zig:14   | Noticed an ancient lich
156300 | Zig:14   | Noticed an ancient lich
156301 | Zig:14   | Killed an ancient lich
156301 | Zig:14   | Killed a dread lich
156301 | Zig:14   | Killed a dread lich
156301 | Zig:14   | Killed a dread lich
156301 | Zig:14   | Killed a dread lich
156301 | Zig:14   | Killed a dread lich
156301 | Zig:14   | Killed an ancient lich
156301 | Zig:14   | Killed an ancient lich
156302 | Zig:14   | Noticed a dread lich
156302 | Zig:14   | Noticed an ancient lich
156302 | Zig:14   | Killed a dread lich
156302 | Zig:14   | Killed an ancient lich
156303 | Zig:14   | Noticed a dread lich
156303 | Zig:14   | Killed an ancient lich
156304 | Zig:14   | Killed a dread lich
156305 | Zig:14   | Found the +18 shield of the Gong {rElec rN+ Will+ EV-5}
156305 | Zig:14   | Killed an ancient lich
156306 | Zig:14   | Killed an ancient lich
156307 | Zig:14   | Killed a dread lich
156308 | Zig:14   | Killed a dread lich
156370 | Zig:14   | Identified the +6 chain mail of Tartarus {rN+}
156489 | Zig:14   | Identified the +6 morningstar "Asoef" {freeze, *Rage rN+
                  | Stlth+}
156493 | Zig:14   | Identified the +10 rapier of the Big Fish {speed, rElec}
156507 | Zig:14   | Identified the +1 plate armour of Yruing {rN+ Int+6}
156599 | Zig:15   | Entered Level 15 of a ziggurat
156610 | Zig:15   | Reached skill level 27 in Invocations
156732 | Zig:15   | Identified the +0 plate armour of Jiossaem {rElec Dex+4}
156951 | Zig:16   | Entered Level 16 of a ziggurat
156961 | Zig:16   | Noticed an ancient lich
156961 | Zig:16   | Noticed an ancient lich
156962 | Zig:16   | Noticed a dread lich
156963 | Zig:16   | Noticed a dread lich
156963 | Zig:16   | Noticed a dread lich
156965 | Zig:16   | Noticed a dread lich
156965 | Zig:16   | Noticed a dread lich
156966 | Zig:16   | Noticed a dread lich
156966 | Zig:16   | Noticed an ancient lich
156966 | Zig:16   | Noticed a dread lich
156966 | Zig:16   | Noticed an ancient lich
156967 | Zig:16   | Noticed an ancient lich
156967 | Zig:16   | Noticed an ancient lich
156967 | Zig:16   | Noticed an ancient lich
156967 | Zig:16   | Noticed an ancient lich
156967 | Zig:16   | Noticed a dread lich
156967 | Zig:16   | Noticed a dread lich
156968 | Zig:16   | Noticed a dread lich
156968 | Zig:16   | Noticed a dread lich
156969 | Zig:16   | Noticed an ancient lich
156969 | Zig:16   | Noticed a dread lich
156969 | Zig:16   | Noticed an ancient lich
156969 | Zig:16   | Noticed a dread lich
156969 | Zig:16   | Noticed an ancient lich
156969 | Zig:16   | Killed a dread lich
156969 | Zig:16   | Killed an ancient lich
156970 | Zig:16   | Killed an ancient lich
156971 | Zig:16   | Killed a dread lich
156971 | Zig:16   | Killed a dread lich
156971 | Zig:16   | Killed a dread lich
156971 | Zig:16   | Killed a dread lich
156971 | Zig:16   | Killed a dread lich
156972 | Zig:16   | Killed an ancient lich
156972 | Zig:16   | Killed an ancient lich
156973 | Zig:16   | Killed a dread lich
156973 | Zig:16   | Killed an ancient lich
156973 | Zig:16   | Killed a dread lich
156973 | Zig:16   | Killed a dread lich
156973 | Zig:16   | Killed a dread lich
156973 | Zig:16   | Killed an ancient lich
156973 | Zig:16   | Killed an ancient lich
156973 | Zig:16   | Killed an ancient lich
156973 | Zig:16   | Killed a dread lich
156973 | Zig:16   | Killed an ancient lich
156973 | Zig:16   | Killed a dread lich
156973 | Zig:16   | Killed a dread lich
156975 | Zig:16   | Killed an ancient lich
156976 | Zig:16   | Killed an ancient lich
157091 | Zig:16   | Identified the amulet "Ijealy" {Faith rCorr Stlth+}
157095 | Zig:16   | Identified the +7 flail of True Grit {flame, rN+ Will+}
157148 | Zig:16   | Identified the amulet of the Manifold Deaths {RegenMP rPois
                  | Will- Dex+3 SInv}
157222 | Zig:17   | Entered Level 17 of a ziggurat
157232 | Zig:17   | Noticed Haesyusoav the pandemonium lord
157232 | Zig:17   | Noticed Vithrakhi the pandemonium lord
157235 | Zig:17   | Noticed Uthrakeu the pandemonium lord
157236 | Zig:17   | Noticed Anagemao the pandemonium lord
157236 | Zig:17   | Noticed Vutaakh the pandemonium lord
157236 | Zig:17   | Noticed Joczuggo the pandemonium lord
157236 | Zig:17   | Noticed Keduam the pandemonium lord
157237 | Zig:17   | Noticed Goanaoz the pandemonium lord
157237 | Zig:17   | Noticed Nerch the pandemonium lord
157237 | Zig:17   | Noticed Myobusunn the pandemonium lord
157237 | Zig:17   | Noticed Nuygoip the pandemonium lord
157238 | Zig:17   | Noticed Bophucw the pandemonium lord
157238 | Zig:17   | Killed Joczuggo the pandemonium lord
157238 | Zig:17   | Noticed Boul the pandemonium lord
157239 | Zig:17   | Noticed Ekkiuthedo the pandemonium lord
157239 | Zig:17   | Noticed Jaets the pandemonium lord
157239 | Zig:17   | Noticed Qucos the pandemonium lord
157240 | Zig:17   | Killed Goanaoz the pandemonium lord
157240 | Zig:17   | Killed Keduam the pandemonium lord
157240 | Zig:17   | Killed Anagemao the pandemonium lord
157240 | Zig:17   | Killed Uthrakeu the pandemonium lord
157240 | Zig:17   | Killed Boul the pandemonium lord
157240 | Zig:17   | Killed Nerch the pandemonium lord
157240 | Zig:17   | Killed Ekkiuthedo the pandemonium lord
157240 | Zig:17   | Killed Nuygoip the pandemonium lord
157240 | Zig:17   | Noticed Nolej the pandemonium lord
157241 | Zig:17   | Noticed Bafete Pagh the pandemonium lord
157241 | Zig:17   | Noticed Jeca the pandemonium lord
157242 | Zig:17   | Noticed Hawk the pandemonium lord
157244 | Zig:17   | Killed Haesyusoav the pandemonium lord
157244 | Zig:17   | Killed Vutaakh the pandemonium lord
157244 | Zig:17   | Noticed Iwurphikh the pandemonium lord
157245 | Zig:17   | Noticed Kabuzugufu the pandemonium lord
157246 | Zig:17   | Killed Vithrakhi the pandemonium lord
157247 | Zig:17   | Noticed Bykkairy the pandemonium lord
157247 | Zig:17   | Noticed Fedeim the pandemonium lord
157247 | Zig:17   | Noticed Yweiwuza the pandemonium lord
157247 | Zig:17   | Noticed Jenukaw the pandemonium lord
157247 | Zig:17   | Noticed Dehen the pandemonium lord
157247 | Zig:17   | Killed Bafete Pagh the pandemonium lord
157248 | Zig:17   | Killed Iwurphikh the pandemonium lord
157248 | Zig:17   | Killed Dehen the pandemonium lord
157248 | Zig:17   | Killed Bophucw the pandemonium lord
157248 | Zig:17   | Noticed Ecraxzoripa the pandemonium lord
157249 | Zig:17   | Noticed Geicov the pandemonium lord
157249 | Zig:17   | Noticed Vioshuts the pandemonium lord
157249 | Zig:17   | Noticed Raweaz the pandemonium lord
157249 | Zig:17   | Noticed Denur the pandemonium lord
157249 | Zig:17   | Noticed Pugrisur the pandemonium lord
157251 | Zig:17   | Killed Nolej the pandemonium lord
157251 | Zig:17   | Killed Qucos the pandemonium lord
157251 | Zig:17   | Killed Jenukaw the pandemonium lord
157252 | Zig:17   | Killed Myobusunn the pandemonium lord
157252 | Zig:17   | Killed Bykkairy the pandemonium lord
157252 | Zig:17   | Killed Geicov the pandemonium lord
157252 | Zig:17   | Killed Ecraxzoripa the pandemonium lord
157252 | Zig:17   | Killed Hawk the pandemonium lord
157253 | Zig:17   | Noticed Vagidink the pandemonium lord
157253 | Zig:17   | Noticed Dumiliuc the pandemonium lord
157254 | Zig:17   | Noticed Vuadwuse the pandemonium lord
157254 | Zig:17   | Noticed Anoshrioti the pandemonium lord
157254 | Zig:17   | Killed Yweiwuza the pandemonium lord
157254 | Zig:17   | Noticed Nemmusa the pandemonium lord
157255 | Zig:17   | Noticed Vanesuod the pandemonium lord
157256 | Zig:17   | Killed Fedeim the pandemonium lord
157256 | Zig:17   | Found the +3 crown of Dyrovepreva {rElec Int+2 SInv}
157257 | Zig:17   | Killed Pugrisur the pandemonium lord
157257 | Zig:17   | Killed Jeca the pandemonium lord
157257 | Zig:17   | Killed Nemmusa the pandemonium lord
157257 | Zig:17   | Killed Vanesuod the pandemonium lord
157259 | Zig:17   | Noticed Xibuv the pandemonium lord
157264 | Zig:17   | Killed Vioshuts the pandemonium lord
157264 | Zig:17   | Killed Kabuzugufu the pandemonium lord
157264 | Zig:17   | Killed Raweaz the pandemonium lord
157264 | Zig:17   | Killed Vuadwuse the pandemonium lord
157264 | Zig:17   | Killed Denur the pandemonium lord
157265 | Zig:17   | Reached skill level 27 in Hexes
157265 | Zig:17   | Reached skill level 27 in Summonings
157265 | Zig:17   | Killed Vagidink the pandemonium lord
157279 | Zig:17   | Killed Jaets the pandemonium lord
157280 | Zig:17   | Killed Xibuv the pandemonium lord
157280 | Zig:17   | Killed Dumiliuc the pandemonium lord
157281 | Zig:17   | Killed Anoshrioti the pandemonium lord
157392 | Zig:17   | Identified the +6 whip "Demonbane" {drain, rPois Dex+3}
157428 | Zig:17   | Identified the amulet "Lueseah" {Regen+ rCorr Str+5 Int-2}
157438 | Zig:17   | Identified the +7 hand axe of Vaxaf {speed, Str+3 Stlth+}
157606 | Zig:18   | Entered Level 18 of a ziggurat
157612 | Zig:18   | Noticed Gyxt the pandemonium lord
157614 | Zig:18   | Noticed Evuir the pandemonium lord
157615 | Zig:18   | Noticed Nuimeo the pandemonium lord
157615 | Zig:18   | Noticed Ohyfru the pandemonium lord
157616 | Zig:18   | Noticed Juf Susa the pandemonium lord
157617 | Zig:18   | Noticed Quahaloa the pandemonium lord
157618 | Zig:18   | Noticed Isutaz the pandemonium lord
157619 | Zig:18   | Noticed Bubri the pandemonium lord
157619 | Zig:18   | Killed Quahaloa the pandemonium lord
157619 | Zig:18   | Noticed Vittob the pandemonium lord
157620 | Zig:18   | Killed Nuimeo the pandemonium lord
157620 | Zig:18   | Killed Evuir the pandemonium lord
157620 | Zig:18   | Killed Juf Susa the pandemonium lord
157620 | Zig:18   | Noticed Maodagukhy the pandemonium lord
157621 | Zig:18   | Killed Isutaz the pandemonium lord
157622 | Zig:18   | Noticed Ihycrae the pandemonium lord
157622 | Zig:18   | Killed Ohyfru the pandemonium lord
157624 | Zig:18   | Killed Vittob the pandemonium lord
157624 | Zig:18   | Noticed Ynytog the pandemonium lord
157624 | Zig:18   | Noticed Usitaoga the pandemonium lord
157624 | Zig:18   | Noticed Amatid the pandemonium lord
157625 | Zig:18   | Noticed Neof the pandemonium lord
157625 | Zig:18   | Noticed Biatroum the pandemonium lord
157625 | Zig:18   | Noticed Dohorph the pandemonium lord
157626 | Zig:18   | Noticed Xynuhuoq the pandemonium lord
157626 | Zig:18   | Noticed Nesick the pandemonium lord
157626 | Zig:18   | Noticed Qyazil the pandemonium lord
157626 | Zig:18   | Noticed Voryunk the pandemonium lord
157626 | Zig:18   | Noticed Qywioc the pandemonium lord
157626 | Zig:18   | Noticed Zeofib the pandemonium lord
157626 | Zig:18   | Noticed Noeniun the pandemonium lord
157628 | Zig:18   | Killed Maodagukhy the pandemonium lord
157629 | Zig:18   | Noticed Loeff the pandemonium lord
157630 | Zig:18   | Noticed Cukutesm the pandemonium lord
157630 | Zig:18   | Noticed Ennahaus the pandemonium lord
157631 | Zig:18   | Noticed Irunapt the pandemonium lord
157638 | Zig:18   | Killed Ynytog the pandemonium lord
157639 | Zig:18   | Killed Xynuhuoq the pandemonium lord
157639 | Zig:18   | Killed Noeniun the pandemonium lord
157639 | Zig:18   | Noticed Xorat Ule the pandemonium lord
157640 | Zig:18   | Killed Amatid the pandemonium lord
157640 | Zig:18   | Killed Gyxt the pandemonium lord
157640 | Zig:18   | Killed Qywioc the pandemonium lord
157640 | Zig:18   | Killed Ihycrae the pandemonium lord
157640 | Zig:18   | Killed Bubri the pandemonium lord
157646 | Zig:18   | Killed Nesick the pandemonium lord
157646 | Zig:18   | Killed Neof the pandemonium lord
157648 | Zig:18   | Killed Biatroum the pandemonium lord
157652 | Zig:18   | Killed Usitaoga the pandemonium lord
157652 | Zig:18   | Killed Zeofib the pandemonium lord
157652 | Zig:18   | Killed Ennahaus the pandemonium lord
157653 | Zig:18   | Killed Voryunk the pandemonium lord
157653 | Zig:18   | Killed Irunapt the pandemonium lord
157653 | Zig:18   | Killed Qyazil the pandemonium lord
157657 | Zig:18   | Killed Xorat Ule the pandemonium lord
157659 | Zig:18   | Killed Dohorph the pandemonium lord
157659 | Zig:18   | Killed Loeff the pandemonium lord
157659 | Zig:18   | Noticed Efoxt the pandemonium lord
157661 | Zig:18   | Noticed Qokhloy the pandemonium lord
157662 | Zig:18   | Noticed Ituuwnere the pandemonium lord
157666 | Zig:18   | Killed Efoxt the pandemonium lord
157667 | Zig:18   | Killed Cukutesm the pandemonium lord
157668 | Zig:18   | Noticed Fitaurir the pandemonium lord
157669 | Zig:18   | Noticed Isidghud the pandemonium lord
157670 | Zig:18   | Noticed Darepoen the pandemonium lord
157673 | Zig:18   | Killed Ituuwnere the pandemonium lord
157674 | Zig:18   | Killed Darepoen the pandemonium lord
157675 | Zig:18   | Killed Fitaurir the pandemonium lord
157680 | Zig:18   | Killed Qokhloy the pandemonium lord
157686 | Zig:18   | Killed Isidghud the pandemonium lord
157878 | Zig:18   | Identified the +9 hand axe of the Sun {freeze, *Rage rC+
                  | Str+4 Stlth+}
157880 | Zig:18   | Identified the +1 scale mail "Xonosmauc" {Fly Will- rCorr
                  | MP+9}
157882 | Zig:18   | Identified the ring "Mibbyugh" {Ice rPois Int+3 Dex+3
                  | Stlth-}
157884 | Zig:18   | Identified the ring "Ziuc" {Str+4 Dex+6}
157893 | Zig:18   | Identified the +2 pair of boots of Zevy {rC++}
157989 | Zig:19   | Entered Level 19 of a ziggurat
157998 | Zig:19   | Noticed a dread lich
157998 | Zig:19   | Noticed an ancient lich
158000 | Zig:19   | Noticed a dread lich
158002 | Zig:19   | Noticed a dread lich
158003 | Zig:19   | Killed a dread lich
158003 | Zig:19   | Killed a dread lich
158004 | Zig:19   | Killed an ancient lich
158004 | Zig:19   | Killed a dread lich
158005 | Zig:19   | Noticed an ancient lich
158005 | Zig:19   | Noticed an ancient lich
158006 | Zig:19   | Noticed an ancient lich
158007 | Zig:19   | Noticed an ancient lich
158007 | Zig:19   | Noticed an ancient lich
158007 | Zig:19   | Noticed an ancient lich
158007 | Zig:19   | Noticed a dread lich
158008 | Zig:19   | Noticed an ancient lich
158008 | Zig:19   | Noticed a dread lich
158010 | Zig:19   | Killed an ancient lich
158010 | Zig:19   | Killed a dread lich
158010 | Zig:19   | Killed an ancient lich
158010 | Zig:19   | Killed an ancient lich
158011 | Zig:19   | Killed an ancient lich
158011 | Zig:19   | Killed a dread lich
158011 | Zig:19   | Killed an ancient lich
158011 | Zig:19   | Killed an ancient lich
158011 | Zig:19   | Killed an ancient lich
158012 | Zig:19   | Noticed an ancient lich
158016 | Zig:19   | Killed an ancient lich
158084 | Zig:19   | Found the +8 lance "Wyrmbane" {slay drac, rPois rF+ rC+
                  | AC+3}
158112 | Zig:19   | Identified the +1 rapier of Ragnarok {pain, rC+ Will+ rCorr
                  | SInv}
158119 | Zig:19   | Identified the +1 ring mail "Suer" {Stlth+}
158334 | Zig:19   | Identified the +6 halberd "Siycaku" {venom, rF+ Str+4 Int+2
                  | Stlth-}
158344 | Zig:19   | Identified the ring "Cighut" {*Corrode Str+3 Int+2 Dex+6}
158375 | Zig:20   | Entered Level 20 of a ziggurat
158405 | Zig:20   | Found the +8 arc blade {discharge, rElec}
158728 | Zig:20   | Identified the +7 flail "Horol" {vorpal, rC+}
158736 | Zig:20   | Identified the +4 battleaxe "Gusocuti" {protect, rF+ Str+5}
158767 | Zig:20   | Identified the +0 robe of Fedhas, Fortifying {+Inv rC+}
158832 | Zig:20   | Acquired 1058 gold pieces
158834 | Zig:20   | Acquired the +7 Throatcutter {drain, coup de grace}
158834 | Zig:20   | Found the +7 Throatcutter {drain, coup de grace}
158836 | Zig:20   | Acquired 886 gold pieces
158845 | Zig:21   | Entered Level 21 of a ziggurat
158861 | Zig:21   | Noticed an ancient lich
158865 | Zig:21   | Killed an ancient lich
158867 | Zig:21   | Found the +10 morningstar "Eos" {elec, Halo rElec}
158957 | Zig:21   | Identified the +9 shortbow of Conflict {venom, rF+ rC++
                  | rCorr Stlth-}
158968 | Zig:21   | Identified the ring "Ileox" {*Corrode Int+6 Dex+7}
159225 | Zig:22   | Entered Level 22 of a ziggurat
159258 | Zig:22   | Found the +0 pair of fencer's gloves {Riposte Dex+3}
159316 | Zig:22   | Identified the ring "Huij" {rPois rC++ rN+ SInv Stlth+}
159318 | Zig:22   | Identified the +4 ring mail of Oggefeel {Dex+2}
159560 | Zig:22   | Identified the +7 shortbow of the Imperium {vorpal, rN+
                  | Will++ rCorr Str-5}
159577 | Zig:22   | Identified the ring of the Sun {EV+4 Dex+3}
159582 | Zig:22   | Identified the ring of Mockunuo {Fire *Corrode Fly Str-3
                  | Dex+4}
159590 | Zig:22   | Identified the +1 trident "Lifebane" {antimagic, Str+4
                  | Int-4 Stlth-}
159618 | Zig:22   | Identified the +4 short sword "Ogreslayer" {drain, rElec
                  | rN+++ Will- Int-5}
159621 | Zig:22   | Identified the +7 quarterstaff of Gonuifet {flame, Int+7
                  | Dex-5}
159624 | Zig:22   | Identified the ring "Nunog" {rPois rF+ EV+4 Dex+2}
159628 | Zig:22   | Identified the +6 dire flail of the Tired Mouths {drain,
                  | Int+4 SInv}
159629 | Zig:22   | Identified the +3 long sword "Worm" {venom, rCorr}
159638 | Zig:22   | Identified the ring "Dixar" {rPois rC+ Str+2}
159734 | Zig:23   | Entered Level 23 of a ziggurat
159777 | Zig:23   | Found the ring of the Hare {EV+8}
159863 | Zig:23   | Identified the ring of Sudehas {Fly rN++ Str+6}
159877 | Zig:23   | Identified the +8 long sword of Ru's Displeasure {speed,
                  | rPois Stlth+}
159881 | Zig:23   | Identified the +3 ring mail of Nobeus {Rampage rF+}
159882 | Zig:23   | Identified the +8 arbalest of Dissent {flame, *Slow rF++
                  | MP+9 Int+2}
160204 | Zig:24   | Entered Level 24 of a ziggurat
160246 | Zig:24   | Found the +10 tower shield of Ignorance {rN+ Int-4}
160467 | Zig:24   | Identified the ring of Generosity {Ice rElec}
160469 | Zig:24   | Identified the ring "Eboox" {Wiz rElec rC- Str+4 Int+3}
160668 | Zig:24   | Identified the +2 arbalest of a ziggurat {venom, rC+ Will+}
160733 | Zig:24   | Acquired 562 gold pieces
160734 | Zig:24   | Acquired 742 gold pieces
160747 | Zig:25   | Entered Level 25 of a ziggurat
160817 | Zig:25   | Identified the ring "Tiganar" {Will+ Str+3 Int+6}
160826 | Zig:25   | Identified the ring "Bemoikhlap" {rPois EV+4 Int+2 SInv}
160837 | Zig:25   | Identified the +7 great mace "Hicap" {flame, *Noise Will+
                  | Int+5}
160839 | Zig:25   | Identified the +9 morningstar "Killer Bee's Peril" {drain,
                  | Will- Str+5}
160866 | Zig:25   | Identified the +7 demon trident of Qazlal's Delight
                  | {vorpal, *Rage rElec Str+5 Stlth+}
161245 | Zig:26   | Entered Level 26 of a ziggurat
161261 | Zig:26   | Noticed a dread lich
161264 | Zig:26   | Noticed an ancient lich
161264 | Zig:26   | Noticed a dread lich
161265 | Zig:26   | Paralysed by a floating eye for 3 turns
161265 | Zig:26   | Noticed a dread lich
161266 | Zig:26   | Noticed a dread lich
161267 | Zig:26   | Noticed a dread lich
161268 | Zig:26   | Noticed an ancient lich
161269 | Zig:26   | Noticed an ancient lich
161270 | Zig:26   | Killed a dread lich
161271 | Zig:26   | Noticed an ancient lich
161272 | Zig:26   | Noticed an ancient lich
161272 | Zig:26   | Killed a dread lich
161272 | Zig:26   | Killed an ancient lich
161273 | Zig:26   | Noticed an ancient lich
161273 | Zig:26   | Noticed a dread lich
161274 | Zig:26   | Noticed a dread lich
161274 | Zig:26   | Noticed a dread lich
161274 | Zig:26   | Noticed a dread lich
161274 | Zig:26   | Killed a dread lich
161275 | Zig:26   | Noticed an ancient lich
161275 | Zig:26   | Noticed a dread lich
161275 | Zig:26   | Killed an ancient lich
161275 | Zig:26   | Killed a dread lich
161275 | Zig:26   | Killed a dread lich
161276 | Zig:26   | Killed an ancient lich
161276 | Zig:26   | Killed an ancient lich
161276 | Zig:26   | Killed a dread lich
161276 | Zig:26   | Killed an ancient lich
161277 | Zig:26   | Killed a dread lich
161277 | Zig:26   | Killed an ancient lich
161277 | Zig:26   | Killed a dread lich
161277 | Zig:26   | Killed a dread lich
161277 | Zig:26   | Killed a dread lich
161278 | Zig:26   | Killed an ancient lich
161278 | Zig:26   | Noticed an ancient lich
161279 | Zig:26   | Noticed a dread lich
161279 | Zig:26   | Noticed an ancient lich
161279 | Zig:26   | Noticed a dread lich
161280 | Zig:26   | Noticed an ancient lich
161280 | Zig:26   | Noticed a dread lich
161281 | Zig:26   | Noticed an ancient lich
161281 | Zig:26   | Noticed a dread lich
161281 | Zig:26   | Noticed an ancient lich
161282 | Zig:26   | Killed an ancient lich
161282 | Zig:26   | Killed a dread lich
161282 | Zig:26   | Killed a dread lich
161283 | Zig:26   | Killed an ancient lich
161283 | Zig:26   | Killed an ancient lich
161283 | Zig:26   | Killed a dread lich
161283 | Zig:26   | Killed a dread lich
161283 | Zig:26   | Killed an ancient lich
161283 | Zig:26   | Killed an ancient lich
161285 | Zig:26   | Noticed an ancient lich
161289 | Zig:26   | Found the ring of the Octopus King
161292 | Zig:26   | Killed an ancient lich
161396 | Zig:26   | Identified the +6 battleaxe "Osiuheo" {vorpal, rElec Int+2}
161627 | Zig:26   | Identified the +7 shortbow of Pudomao {venom, Str+6 Dex+2}
161628 | Zig:26   | Identified a ring of the Octopus King {rF+ HP+2 AC+2 EV+2
                  | SH+2}
161767 | Zig:27   | Entered Level 27 of a ziggurat
161958 | Zig:27   | Identified the +6 dire flail of Qirphifu {vamp, Contam
                  | Str+2 Dex+4}
161959 | Zig:27   | Identified the +7 scimitar of Kindness {antimagic, rC-
                  | Int+2 Dex+2}
161960 | Zig:27   | Identified the +5 shortbow of Uruseu {venom, rF+ MP+9
                  | Stlth+}
161961 | Zig:27   | Identified the +0 cloak "Olimoukk" {rC+ rN+ Regen+}
161962 | Zig:27   | Identified the +2 whip of Utaez {vorpal, rElec rF- Str+2
                  | Dex+4}
162432 | Zig:1    | Entered Level 1 of a ziggurat
162432 | Zig:1    | Noticed Irafiyss the pandemonium lord
162435 | Zig:1    | Killed Irafiyss the pandemonium lord
162496 | Zig:2    | Entered Level 2 of a ziggurat
162554 | Zig:3    | Entered Level 3 of a ziggurat
162645 | Zig:4    | Entered Level 4 of a ziggurat
162652 | Zig:4    | Paralysed by accursed screaming for 1 turns
162748 | Zig:4    | Identified the +7 rapier of the King {flame, Dex+6}
162795 | Zig:5    | Entered Level 5 of a ziggurat
162854 | Zig:5    | Identified the +7 quarterstaff "Killer Bee's Foe" {freeze,
                  | Int+5 Stlth-}
162889 | Zig:6    | Entered Level 6 of a ziggurat
162892 | Zig:6    | Found the +7 lajatang of Order {silver, rMut}
163017 | Zig:7    | Entered Level 7 of a ziggurat
163072 | Zig:7    | Identified the +1 plate armour of Classification {rF+
                  | Str+4}
163073 | Zig:7    | Identified the amulet "Abobau Hugo" {rElec rPois Regen+
                  | SInv}
163194 | Zig:8    | Entered Level 8 of a ziggurat
163198 | Zig:8    | Noticed a juggernaut
163198 | Zig:8    | Noticed a juggernaut
163198 | Zig:8    | Noticed a juggernaut
163199 | Zig:8    | Noticed a juggernaut
163200 | Zig:8    | Noticed a juggernaut
163201 | Zig:8    | Noticed a juggernaut
163201 | Zig:8    | Noticed a juggernaut
163202 | Zig:8    | Noticed a juggernaut
163203 | Zig:8    | Killed a juggernaut
163203 | Zig:8    | Killed a juggernaut
163203 | Zig:8    | Killed a juggernaut
163203 | Zig:8    | Killed a juggernaut
163203 | Zig:8    | Killed a juggernaut
163203 | Zig:8    | Killed a juggernaut
163203 | Zig:8    | Killed a juggernaut
163204 | Zig:8    | Killed a juggernaut
163298 | Zig:8    | Identified the +8 rapier of the Arena {spect, Str+7}
163321 | Zig:8    | Identified the +2 glaive of Jost {antimagic, *Corrode rElec
                  | rC+++ Int+4}
163385 | Zig:9    | Entered Level 9 of a ziggurat
163388 | Zig:9    | Noticed corvin's ghost (legendary OgWn)
163388 | Zig:9    | Noticed Xaowkis's ghost (legendary GnWr)
163388 | Zig:9    | Noticed Fouwomub's ghost (legendary FoEE)
163388 | Zig:9    | Noticed Rocah's ghost (veteran GrFi)
163388 | Zig:9    | Noticed Veodywke's ghost (legendary MiBe)
163390 | Zig:9    | Killed corvin's ghost
163391 | Zig:9    | Noticed Viocziel's ghost (adept TrMo)
163391 | Zig:9    | Noticed Pikuto's ghost (adept MiBe)
163392 | Zig:9    | Killed Rocah's ghost
163392 | Zig:9    | Killed Xaowkis's ghost
163394 | Zig:9    | Noticed Xorhowon's ghost (legendary MiBe)
163394 | Zig:9    | Killed Fouwomub's ghost
163394 | Zig:9    | Noticed Haitsiopt's ghost (legendary DsGl)
163395 | Zig:9    | Noticed Fueng's ghost (legendary HOFi)
163395 | Zig:9    | Noticed Becvyf's ghost (legendary GnFi)
163395 | Zig:9    | Noticed Jeklifit's ghost (legendary FoFi)
163397 | Zig:9    | Noticed Zoplarin's ghost (legendary BaSk)
163397 | Zig:9    | Noticed Qupubruts's ghost (master HOFi)
163398 | Zig:9    | Noticed Kalug's ghost (legendary DrFi)
163398 | Zig:9    | Noticed p0werm0de's ghost (adept PaCK)
163398 | Zig:9    | Noticed Zoplarin's ghost (legendary BaSk)
163398 | Zig:9    | Killed Viocziel's ghost
163399 | Zig:9    | Noticed Himmaryad's ghost (adept TrMo)
163400 | Zig:9    | Killed Pikuto's ghost
163402 | Zig:9    | Killed Veodywke's ghost
163402 | Zig:9    | Killed Xorhowon's ghost
163417 | Zig:9    | Killed Himmaryad's ghost
163417 | Zig:9    | Killed Haitsiopt's ghost
163417 | Zig:9    | Killed p0werm0de's ghost
163417 | Zig:9    | Killed Jeklifit's ghost
163417 | Zig:9    | Killed Zoplarin's ghost
163417 | Zig:9    | Killed Kalug's ghost
163417 | Zig:9    | Killed Fueng's ghost
163442 | Zig:9    | Killed Qupubruts's ghost
163450 | Zig:9    | Killed Becvyf's ghost
163454 | Zig:9    | Killed Zoplarin's ghost
163544 | Zig:9    | Identified the ring of Yvuf Voe {rPois MP-9 Str+8 Dex-4
                  | SInv}
163618 | Zig:9    | Identified the +1 scale mail of the Disbelieving Gods {+Inv
                  | rPois Dex-3 SInv}
163627 | Zig:10   | Entered Level 10 of a ziggurat
163641 | Zig:10   | Noticed a dread lich
163642 | Zig:10   | Killed a dread lich
163786 | Zig:10   | Identified the +8 hand axe of Measoc {vamp, Int+2 Stlth+}
163837 | Zig:10   | Acquired 527 gold pieces
163843 | Zig:11   | Entered Level 11 of a ziggurat
163844 | Zig:11   | Noticed a royal mummy
163844 | Zig:11   | Noticed a royal mummy
163845 | Zig:11   | Noticed an ancient lich
163845 | Zig:11   | Noticed a royal mummy
163846 | Zig:11   | Noticed a royal mummy
163847 | Zig:11   | Noticed a royal mummy
163847 | Zig:11   | Noticed a royal mummy
163848 | Zig:11   | Killed a royal mummy
163848 | Zig:11   | Killed a royal mummy
163848 | Zig:11   | Killed a royal mummy
163848 | Zig:11   | Killed a royal mummy
163848 | Zig:11   | Noticed a royal mummy
163848 | Zig:11   | Noticed a royal mummy
163848 | Zig:11   | Noticed a royal mummy
163849 | Zig:11   | Killed a royal mummy
163849 | Zig:11   | Killed an ancient lich
163849 | Zig:11   | Killed a royal mummy
163850 | Zig:11   | Noticed a royal mummy
163851 | Zig:11   | Noticed a royal mummy
163852 | Zig:11   | Noticed a royal mummy
163852 | Zig:11   | Killed a royal mummy
163852 | Zig:11   | Noticed a royal mummy
163853 | Zig:11   | Noticed a royal mummy
163854 | Zig:11   | Killed a royal mummy
163854 | Zig:11   | Killed a royal mummy
163854 | Zig:11   | Killed a royal mummy
163854 | Zig:11   | Killed a royal mummy
163854 | Zig:11   | Killed a royal mummy
163855 | Zig:11   | Killed a royal mummy
163855 | Zig:11   | Noticed a royal mummy
163856 | Zig:11   | Noticed a royal mummy
163856 | Zig:11   | Noticed a royal mummy
163857 | Zig:11   | Killed a royal mummy
163857 | Zig:11   | Noticed a royal mummy
163860 | Zig:11   | Killed a royal mummy
163860 | Zig:11   | Killed a royal mummy
163860 | Zig:11   | Killed a royal mummy
163860 | Zig:11   | Noticed a royal mummy
163862 | Zig:11   | Killed a royal mummy
163865 | Zig:11   | Killed a royal mummy
163911 | Zig:11   | Identified the ring of the Fortune-Teller {rElec rPois rF-
                  | Str+6 Stlth+}
163913 | Zig:11   | Identified the amulet "Udofim" {Spirit Dex+2}
163916 | Zig:11   | Identified the +1 chain mail "Ohuaz" {-Cast Harm +Inv SInv}
164182 | Zig:12   | Entered Level 12 of a ziggurat
164182 | Zig:12   | Noticed a royal mummy
164182 | Zig:12   | Noticed a royal mummy
164182 | Zig:12   | Noticed a royal mummy
164182 | Zig:12   | Noticed a royal mummy
164182 | Zig:12   | Noticed a royal mummy
164184 | Zig:12   | Noticed a royal mummy
164185 | Zig:12   | Killed a royal mummy
164185 | Zig:12   | Killed a royal mummy
164185 | Zig:12   | Killed a royal mummy
164185 | Zig:12   | Killed a royal mummy
164185 | Zig:12   | Killed a royal mummy
164187 | Zig:12   | Killed a royal mummy
164188 | Zig:12   | Noticed a royal mummy
164188 | Zig:12   | Noticed a royal mummy
164188 | Zig:12   | Noticed a royal mummy
164190 | Zig:12   | Noticed a royal mummy
164190 | Zig:12   | Noticed a royal mummy
164191 | Zig:12   | Noticed a royal mummy
164192 | Zig:12   | Killed a royal mummy
164192 | Zig:12   | Killed a royal mummy
164192 | Zig:12   | Killed a royal mummy
164192 | Zig:12   | Killed a royal mummy
164192 | Zig:12   | Killed a royal mummy
164193 | Zig:12   | Killed a royal mummy
164193 | Zig:12   | Noticed a royal mummy
164194 | Zig:12   | Noticed a royal mummy
164194 | Zig:12   | Noticed a royal mummy
164195 | Zig:12   | Noticed a royal mummy
164195 | Zig:12   | Noticed a royal mummy
164195 | Zig:12   | Noticed a royal mummy
164196 | Zig:12   | Noticed a royal mummy
164197 | Zig:12   | Noticed a royal mummy
164198 | Zig:12   | Killed a royal mummy
164199 | Zig:12   | Killed a royal mummy
164199 | Zig:12   | Killed a royal mummy
164199 | Zig:12   | Killed a royal mummy
164199 | Zig:12   | Killed a royal mummy
164199 | Zig:12   | Killed a royal mummy
164199 | Zig:12   | Killed a royal mummy
164200 | Zig:12   | Killed a royal mummy
164201 | Zig:12   | Noticed a royal mummy
164201 | Zig:12   | Found the +7 great mace "Undeadhunter" {disrupt, rN+}
164203 | Zig:12   | Found the +9 staff of Wucad Mu {*channel}
164205 | Zig:12   | Killed a royal mummy
164501 | Zig:12   | Identified the +10 dagger "Amaux" {spect, Str+2}
164589 | Zig:13   | Entered Level 13 of a ziggurat
164645 | Zig:13   | Identified the +1 robe "Baenej" {-Tele Regen+ Str+2
                  | Archmagi}
164879 | Zig:14   | Entered Level 14 of a ziggurat
164899 | Zig:14   | Found the +5 robe of Night {Dark Will+ SInv}
165006 | Zig:14   | Identified the ring "Besurim" {rN+ MP+9 Int+6 Stlth+}
165097 | Zig:14   | Identified the +5 mace of Puckish Cruel Justice {spect,
                  | rPois rN+ Will-}
165106 | Zig:14   | Identified the +6 sling "Tyisoz" {speed, Stlth+}
165143 | Zig:15   | Entered Level 15 of a ziggurat
165164 | Zig:15   | Found the +1 cloak of Starlight {*Dazzle EV+4 Stlth--}
165174 | Zig:15   | Found the ring of the Octopus King
165264 | Zig:15   | Identified the +8 long sword of Debt {drain, *Noise Will+
                  | rCorr}
165292 | Zig:15   | Identified the ring "Xiwkael" {rN+ Str+6}
165299 | Zig:15   | Identified a ring of the Octopus King {rCorr HP+2 AC+2 EV+2
                  | SH+2}
165518 | Zig:15   | Identified the +10 arbalest of Juwnipno {vorpal, Str+8}
165547 | Zig:16   | Entered Level 16 of a ziggurat
165551 | Zig:16   | Noticed a royal mummy
165551 | Zig:16   | Noticed a royal mummy
165552 | Zig:16   | Noticed a royal mummy
165552 | Zig:16   | Noticed a royal mummy
165553 | Zig:16   | Noticed a royal mummy
165553 | Zig:16   | Noticed a royal mummy
165554 | Zig:16   | Noticed a royal mummy
165554 | Zig:16   | Noticed a royal mummy
165555 | Zig:16   | Killed a royal mummy
165555 | Zig:16   | Killed a royal mummy
165555 | Zig:16   | Killed a royal mummy
165555 | Zig:16   | Killed a royal mummy
165555 | Zig:16   | Killed a royal mummy
165555 | Zig:16   | Killed a royal mummy
165555 | Zig:16   | Killed a royal mummy
165556 | Zig:16   | Noticed a royal mummy
165557 | Zig:16   | Noticed a royal mummy
165557 | Zig:16   | Noticed a royal mummy
165557 | Zig:16   | Noticed a royal mummy
165557 | Zig:16   | Noticed a royal mummy
165557 | Zig:16   | Noticed a royal mummy
165558 | Zig:16   | Noticed a royal mummy
165558 | Zig:16   | Killed a royal mummy
165559 | Zig:16   | Noticed a royal mummy
165559 | Zig:16   | Noticed a royal mummy
165559 | Zig:16   | Killed a royal mummy
165559 | Zig:16   | Noticed a royal mummy
165560 | Zig:16   | Noticed a royal mummy
165560 | Zig:16   | Noticed a royal mummy
165560 | Zig:16   | Killed a royal mummy
165561 | Zig:16   | Killed a royal mummy
165561 | Zig:16   | Killed a royal mummy
165561 | Zig:16   | Killed a royal mummy
165561 | Zig:16   | Killed a royal mummy
165561 | Zig:16   | Killed a royal mummy
165561 | Zig:16   | Noticed a royal mummy
165561 | Zig:16   | Noticed a royal mummy
165562 | Zig:16   | Killed a royal mummy
165562 | Zig:16   | Killed a royal mummy
165562 | Zig:16   | Killed a royal mummy
165562 | Zig:16   | Killed a royal mummy
165564 | Zig:16   | Killed a royal mummy
165564 | Zig:16   | Killed a royal mummy
165564 | Zig:16   | Killed a royal mummy
165565 | Zig:16   | Noticed a royal mummy
165565 | Zig:16   | Noticed a royal mummy
165569 | Zig:16   | Noticed a royal mummy
165570 | Zig:16   | Killed a royal mummy
165570 | Zig:16   | Killed a royal mummy
165571 | Zig:16   | Found the +8 trident of the Octopus King {venom, rElec
                  | rPois}
165573 | Zig:16   | Found the +6 lightning scales {swift, rElec}
165574 | Zig:16   | Killed a royal mummy
165911 | Zig:16   | Identified the +4 great mace of Qin Sebb {freeze, Str-5
                  | Int+5}
165924 | Zig:16   | Identified the +0 leather armour of Hedging {-Tele Harm rC-
                  | rN+++}
165925 | Zig:16   | Identified the +0 robe "Gotz" {rPois SInv}
165932 | Zig:16   | Identified the ring "Mur Tunu" {Str+6 Int+6}
165941 | Zig:16   | Identified the +5 halberd "Kistritei" {flame, rElec Str-5
                  | Int+5}
166021 | Zig:17   | Entered Level 17 of a ziggurat
166029 | Zig:17   | Noticed a dread lich
166031 | Zig:17   | Noticed a dread lich
166031 | Zig:17   | Noticed a dread lich
166031 | Zig:17   | Noticed an ancient lich
166033 | Zig:17   | Noticed a dread lich
166033 | Zig:17   | Killed a dread lich
166033 | Zig:17   | Killed a dread lich
166033 | Zig:17   | Killed an ancient lich
166034 | Zig:17   | Killed a dread lich
166034 | Zig:17   | Killed a dread lich
166035 | Zig:17   | Noticed a dread lich
166037 | Zig:17   | Noticed an ancient lich
166038 | Zig:17   | Noticed a dread lich
166039 | Zig:17   | Noticed an ancient lich
166041 | Zig:17   | Killed a dread lich
166041 | Zig:17   | Killed an ancient lich
166041 | Zig:17   | Killed an ancient lich
166041 | Zig:17   | Killed a dread lich
166220 | Zig:17   | Identified the +7 arbalest "Eriepoy" {venom, Drain rPois
                  | Dex+4}
166267 | Zig:17   | Identified the amulet of the Baleful Fig {RegenMP Will+}
166366 | Zig:18   | Entered Level 18 of a ziggurat
166394 | Zig:18   | Found the +4 Cigotuvi's embrace {rMiasma Drain rN+}
166633 | Zig:18   | Identified the +1 chain mail of the Cobbler {rCorr}
166665 | Zig:18   | Identified the +3 spear of Malaise {freeze, Str+3}
166708 | Zig:19   | Entered Level 19 of a ziggurat
166782 | Zig:19   | Identified the +3 rapier "Miaf" {venom, rN+ MP+9 Str+2}
166784 | Zig:19   | Identified the +4 dagger "Juben" {freeze, rF++ rCorr Int-5
                  | Stlth+}
166787 | Zig:19   | Identified the +8 spear "Wiforgh" {freeze, rN+++ rCorr
                  | Dex-3 Stlth-}
167073 | Zig:19   | Identified the +9 scale mail of Spite {Int+4}
167082 | Zig:20   | Entered Level 20 of a ziggurat
167088 | Zig:20   | Noticed a juggernaut
167089 | Zig:20   | Noticed a juggernaut
167090 | Zig:20   | Noticed a juggernaut
167091 | Zig:20   | Noticed a juggernaut
167092 | Zig:20   | Noticed a juggernaut
167092 | Zig:20   | Noticed a juggernaut
167092 | Zig:20   | Noticed a juggernaut
167093 | Zig:20   | Noticed a juggernaut
167094 | Zig:20   | Noticed a juggernaut
167095 | Zig:20   | Noticed a juggernaut
167095 | Zig:20   | Killed a juggernaut
167095 | Zig:20   | Killed a juggernaut
167095 | Zig:20   | Killed a juggernaut
167095 | Zig:20   | Killed a juggernaut
167096 | Zig:20   | Killed a juggernaut
167096 | Zig:20   | Killed a juggernaut
167098 | Zig:20   | Noticed a juggernaut
167098 | Zig:20   | Killed a juggernaut
167098 | Zig:20   | Killed a juggernaut
167098 | Zig:20   | Killed a juggernaut
167098 | Zig:20   | Killed a juggernaut
167098 | Zig:20   | Killed a juggernaut
167103 | Zig:20   | Noticed a juggernaut
167104 | Zig:20   | Noticed a juggernaut
167109 | Zig:20   | Killed a juggernaut
167110 | Zig:20   | Killed a juggernaut
167471 | Zig:20   | Identified the ring of Lies {rPois rN+ Will+ Str-4 Dex+6}
167473 | Zig:20   | Identified the +1 dagger "Kiekag" {antimagic, Will+}
167483 | Zig:20   | Identified the +12 dagger of Nihempext {flame, rF- Dex+7
                  | SInv}
167604 | Zig:21   | Entered Level 21 of a ziggurat
167608 | Zig:21   | Noticed a juggernaut
167609 | Zig:21   | Noticed a juggernaut
167611 | Zig:21   | Noticed a juggernaut
167613 | Zig:21   | Noticed a juggernaut
167614 | Zig:21   | Noticed a juggernaut
167615 | Zig:21   | Noticed a juggernaut
167615 | Zig:21   | Killed a juggernaut
167615 | Zig:21   | Killed a juggernaut
167616 | Zig:21   | Noticed a juggernaut
167616 | Zig:21   | Killed a juggernaut
167617 | Zig:21   | Noticed a juggernaut
167618 | Zig:21   | Killed a juggernaut
167618 | Zig:21   | Killed a juggernaut
167619 | Zig:21   | Killed a juggernaut
167619 | Zig:21   | Killed a juggernaut
167619 | Zig:21   | Killed a juggernaut
167623 | Zig:21   | Noticed a juggernaut
167624 | Zig:21   | Noticed a juggernaut
167624 | Zig:21   | Noticed a juggernaut
167625 | Zig:21   | Noticed a juggernaut
167626 | Zig:21   | Noticed a juggernaut
167627 | Zig:21   | Killed a juggernaut
167627 | Zig:21   | Killed a juggernaut
167627 | Zig:21   | Killed a juggernaut
167627 | Zig:21   | Noticed a juggernaut
167628 | Zig:21   | Killed a juggernaut
167628 | Zig:21   | Killed a juggernaut
167628 | Zig:21   | Killed a juggernaut
167671 | Zig:21   | Identified the ring of Pragmatism {rPois rF+ Int+4 Slay+3}
167673 | Zig:21   | Identified the +5 battleaxe "Xuocoh" {venom, Contam Int+7}
167679 | Zig:21   | Identified the +4 scimitar "Omun" {flame, *Noise Str+4
                  | Dex+7}
167682 | Zig:21   | Identified the +5 demon trident "Wopacs" {pain, Dex+4}
167686 | Zig:21   | Identified the ring of the Sky {rC+ rN+}
168060 | Zig:21   | Identified the +8 plate armour "Bata Jas" {Will+ rCorr
                  | Str+6 Slay-3}
168073 | Zig:22   | Entered Level 22 of a ziggurat
168092 | Zig:22   | Paralysed by an air elemental for 1 turns
168483 | Zig:22   | Identified the ring "Gexkieso" {rPois Will++ Str+2 Int-2
                  | SInv}
168486 | Zig:22   | Identified the amulet "Giotib" {Spirit Will+ Stlth+}
168497 | Zig:22   | Identified the +0 spear "Kuesoth" {freeze, *Noise rPois
                  | Will++ Str+4}
168508 | Zig:22   | Identified the +2 sling of Cocytus {speed, rN+ Int+4}
168510 | Zig:22   | Identified the +7 war axe "Ameic" {vorpal, *Noise rElec
                  | SInv}
168511 | Zig:22   | Identified the +8 dagger of Judgement {flame, Dex+4}
168528 | Zig:22   | Identified the +4 rapier "Sykh" {drain, +Blink rCorr Str-5
                  | Int+7}
168595 | Zig:23   | Entered Level 23 of a ziggurat
168605 | Zig:23   | Noticed a dread lich
168606 | Zig:23   | Noticed an ancient lich
168607 | Zig:23   | Noticed a dread lich
168607 | Zig:23   | Noticed a dread lich
168608 | Zig:23   | Noticed a dread lich
168609 | Zig:23   | Noticed a dread lich
168610 | Zig:23   | Killed a dread lich
168611 | Zig:23   | Killed a dread lich
168611 | Zig:23   | Killed a dread lich
168611 | Zig:23   | Killed an ancient lich
168611 | Zig:23   | Killed a dread lich
168614 | Zig:23   | Noticed a dread lich
168614 | Zig:23   | Noticed a dread lich
168616 | Zig:23   | Noticed an ancient lich
168616 | Zig:23   | Noticed an ancient lich
168616 | Zig:23   | Noticed an ancient lich
168617 | Zig:23   | Killed a dread lich
168617 | Zig:23   | Noticed a dread lich
168618 | Zig:23   | Killed a dread lich
168618 | Zig:23   | Killed an ancient lich
168618 | Zig:23   | Killed an ancient lich
168618 | Zig:23   | Killed an ancient lich
168618 | Zig:23   | Killed a dread lich
168619 | Zig:23   | Noticed an ancient lich
168619 | Zig:23   | Noticed an ancient lich
168620 | Zig:23   | Killed a dread lich
168620 | Zig:23   | Killed an ancient lich
168620 | Zig:23   | Killed an ancient lich
168621 | Zig:23   | Noticed a dread lich
168621 | Zig:23   | Noticed an ancient lich
168622 | Zig:23   | Killed a dread lich
168623 | Zig:23   | Killed an ancient lich
168627 | Zig:23   | Noticed an ancient lich
168629 | Zig:23   | Killed an ancient lich
169036 | Zig:24   | Entered Level 24 of a ziggurat
169089 | Zig:24   | Noticed a dread lich
169092 | Zig:24   | Killed a dread lich
169443 | Zig:24   | Identified the +11 glaive of Warumir {vorpal, *Corrode
                  | +Blink rF+ Dex+4}
169460 | Zig:24   | Identified the ring of Sauw {rElec SInv Stlth+}
169464 | Zig:24   | Identified the +3 hand axe "Wofec" {protect, rC+ Str-3
                  | Dex+5}
169471 | Zig:24   | Identified the +5 mace of Lust {freeze, Will+}
169489 | Zig:24   | Identified the quicksilver dragon scales of the Gate {Fly
                  | Will+ Regen+}
169522 | Zig:25   | Entered Level 25 of a ziggurat
169531 | Zig:25   | Noticed Qutucoc the pandemonium lord
169532 | Zig:25   | Noticed Fyle Oxo the pandemonium lord
169533 | Zig:25   | Noticed Anoyxtem the pandemonium lord
169534 | Zig:25   | Killed Fyle Oxo the pandemonium lord
169535 | Zig:25   | Noticed Zuv Sapt the pandemonium lord
169536 | Zig:25   | Noticed Ysojohuu the pandemonium lord
169538 | Zig:25   | Killed Anoyxtem the pandemonium lord
169538 | Zig:25   | Noticed Ubon the pandemonium lord
169539 | Zig:25   | Killed Qutucoc the pandemonium lord
169539 | Zig:25   | Noticed Toxt the pandemonium lord
169539 | Zig:25   | Noticed Had Waom the pandemonium lord
169540 | Zig:25   | Noticed Esif the pandemonium lord
169540 | Zig:25   | Noticed Hoadwiq the pandemonium lord
169541 | Zig:25   | Noticed Wuypeq the pandemonium lord
169541 | Zig:25   | Noticed Urariq the pandemonium lord
169541 | Zig:25   | Noticed Nemim the pandemonium lord
169542 | Zig:25   | Killed Ysojohuu the pandemonium lord
169543 | Zig:25   | Killed Ubon the pandemonium lord
169543 | Zig:25   | Killed Zuv Sapt the pandemonium lord
169543 | Zig:25   | Noticed Iluilla the pandemonium lord
169543 | Zig:25   | Noticed Ilestoups the pandemonium lord
169544 | Zig:25   | Noticed Wolirei the pandemonium lord
169544 | Zig:25   | Killed Hoadwiq the pandemonium lord
169544 | Zig:25   | Noticed Kubbaihaa the pandemonium lord
169545 | Zig:25   | Killed Esif the pandemonium lord
169545 | Zig:25   | Killed Toxt the pandemonium lord
169545 | Zig:25   | Killed Had Waom the pandemonium lord
169545 | Zig:25   | Killed Wuypeq the pandemonium lord
169545 | Zig:25   | Noticed Qenema the pandemonium lord
169545 | Zig:25   | Noticed Tiotisk the pandemonium lord
169546 | Zig:25   | Noticed Zoqokh the pandemonium lord
169546 | Zig:25   | Noticed Ustruff the pandemonium lord
169546 | Zig:25   | Noticed Roops the pandemonium lord
169547 | Zig:25   | Noticed Feim Goe the pandemonium lord
169547 | Zig:25   | Killed Qenema the pandemonium lord
169548 | Zig:25   | Killed Urariq the pandemonium lord
169549 | Zig:25   | Killed Ilestoups the pandemonium lord
169549 | Zig:25   | Noticed Tualod the pandemonium lord
169549 | Zig:25   | Noticed Vozolust the pandemonium lord
169550 | Zig:25   | Noticed Xussoq the pandemonium lord
169550 | Zig:25   | Noticed Iphaoran the pandemonium lord
169550 | Zig:25   | Noticed Lesaivas the pandemonium lord
169551 | Zig:25   | Noticed Coukoit the pandemonium lord
169551 | Zig:25   | Noticed Xeimuen the pandemonium lord
169551 | Zig:25   | Noticed Maic the pandemonium lord
169551 | Zig:25   | Noticed Notani the pandemonium lord
169552 | Zig:25   | Killed Roops the pandemonium lord
169552 | Zig:25   | Killed Feim Goe the pandemonium lord
169553 | Zig:25   | Noticed Naohu the pandemonium lord
169554 | Zig:25   | Noticed Raluoduja the pandemonium lord
169555 | Zig:25   | Killed Tiotisk the pandemonium lord
169556 | Zig:25   | Killed Xussoq the pandemonium lord
169556 | Zig:25   | Killed Wolirei the pandemonium lord
169556 | Zig:25   | Noticed Ihag the pandemonium lord
169557 | Zig:25   | Killed Notani the pandemonium lord
169557 | Zig:25   | Killed Naohu the pandemonium lord
169557 | Zig:25   | Killed Xeimuen the pandemonium lord
169557 | Zig:25   | Killed Raluoduja the pandemonium lord
169557 | Zig:25   | Killed Iphaoran the pandemonium lord
169557 | Zig:25   | Noticed Xigutof the pandemonium lord
169557 | Zig:25   | Noticed Utsaunn the pandemonium lord
169558 | Zig:25   | Killed Zoqokh the pandemonium lord
169558 | Zig:25   | Killed Kubbaihaa the pandemonium lord
169558 | Zig:25   | Killed Maic the pandemonium lord
169558 | Zig:25   | Killed Coukoit the pandemonium lord
169558 | Zig:25   | Killed Nemim the pandemonium lord
169558 | Zig:25   | Killed Vozolust the pandemonium lord
169558 | Zig:25   | Killed Ihag the pandemonium lord
169558 | Zig:25   | Noticed Lusacez the pandemonium lord
169559 | Zig:25   | Killed Iluilla the pandemonium lord
169559 | Zig:25   | Killed Tualod the pandemonium lord
169559 | Zig:25   | Noticed Gibaesea the pandemonium lord
169559 | Zig:25   | Noticed Imovav the pandemonium lord
169559 | Zig:25   | Noticed Pyicrut the pandemonium lord
169559 | Zig:25   | Killed Ustruff the pandemonium lord
169560 | Zig:25   | Noticed Xonkig the pandemonium lord
169560 | Zig:25   | Killed Lesaivas the pandemonium lord
169560 | Zig:25   | Noticed Poimarur the pandemonium lord
169561 | Zig:25   | Noticed Vasadgh the pandemonium lord
169561 | Zig:25   | Noticed Xeiwichac the pandemonium lord
169562 | Zig:25   | Killed Imovav the pandemonium lord
169562 | Zig:25   | Killed Gibaesea the pandemonium lord
169562 | Zig:25   | Killed Pyicrut the pandemonium lord
169562 | Zig:25   | Killed Poimarur the pandemonium lord
169563 | Zig:25   | Killed Lusacez the pandemonium lord
169563 | Zig:25   | Killed Vasadgh the pandemonium lord
169563 | Zig:25   | Killed Xonkig the pandemonium lord
169563 | Zig:25   | Noticed Pocsiump the pandemonium lord
169563 | Zig:25   | Noticed Coehuburui the pandemonium lord
169564 | Zig:25   | Killed Utsaunn the pandemonium lord
169565 | Zig:25   | Killed Xeiwichac the pandemonium lord
169565 | Zig:25   | Noticed Kojiunli the pandemonium lord
169566 | Zig:25   | Killed Pocsiump the pandemonium lord
169566 | Zig:25   | Noticed Weilaf the pandemonium lord
169566 | Zig:25   | Noticed Onakhlupt the pandemonium lord
169566 | Zig:25   | Noticed Meegaf the pandemonium lord
169566 | Zig:25   | Noticed Cixtuen the pandemonium lord
169567 | Zig:25   | Noticed Kikuoroj the pandemonium lord
169568 | Zig:25   | Killed Coehuburui the pandemonium lord
169568 | Zig:25   | Killed Weilaf the pandemonium lord
169568 | Zig:25   | Noticed Tiotsucw the pandemonium lord
169568 | Zig:25   | Noticed Cufi the pandemonium lord
169568 | Zig:25   | Noticed Qaes the pandemonium lord
169569 | Zig:25   | Killed Cixtuen the pandemonium lord
169569 | Zig:25   | Killed Meegaf the pandemonium lord
169569 | Zig:25   | Killed Onakhlupt the pandemonium lord
169569 | Zig:25   | Noticed Fouczakh the pandemonium lord
169570 | Zig:25   | Killed Tiotsucw the pandemonium lord
169570 | Zig:25   | Killed Qaes the pandemonium lord
169571 | Zig:25   | Killed Kikuoroj the pandemonium lord
169571 | Zig:25   | Noticed Olasuopt the pandemonium lord
169572 | Zig:25   | Noticed Lunkyxko the pandemonium lord
169572 | Zig:25   | Noticed Jympe Cem the pandemonium lord
169573 | Zig:25   | Noticed Wulenwun the pandemonium lord
169574 | Zig:25   | Noticed Ofoclar the pandemonium lord
169575 | Zig:25   | Noticed Quasoebb the pandemonium lord
169576 | Zig:25   | Killed Ofoclar the pandemonium lord
169576 | Zig:25   | Killed Jympe Cem the pandemonium lord
169577 | Zig:25   | Noticed Gofiul the pandemonium lord
169578 | Zig:25   | Killed Cufi the pandemonium lord
169578 | Zig:25   | Killed Olasuopt the pandemonium lord
169578 | Zig:25   | Noticed Ibiduyt the pandemonium lord
169579 | Zig:25   | Killed Wulenwun the pandemonium lord
169580 | Zig:25   | Killed Lunkyxko the pandemonium lord
169580 | Zig:25   | Killed Quasoebb the pandemonium lord
169581 | Zig:25   | Killed Xigutof the pandemonium lord
169582 | Zig:25   | Killed Kojiunli the pandemonium lord
169582 | Zig:25   | Killed Fouczakh the pandemonium lord
169582 | Zig:25   | Noticed Mesycol the pandemonium lord
169582 | Zig:25   | Noticed Aseiha the pandemonium lord
169583 | Zig:25   | Killed Gofiul the pandemonium lord
169583 | Zig:25   | Noticed Zouplook the pandemonium lord
169584 | Zig:25   | Killed Ibiduyt the pandemonium lord
169584 | Zig:25   | Killed Mesycol the pandemonium lord
169584 | Zig:25   | Killed Aseiha the pandemonium lord
169584 | Zig:25   | Noticed Sim Huez the pandemonium lord
169584 | Zig:25   | Noticed Meonot the pandemonium lord
169585 | Zig:25   | Killed Zouplook the pandemonium lord
169585 | Zig:25   | Noticed Quosmap the pandemonium lord
169585 | Zig:25   | Noticed Fyfu the pandemonium lord
169586 | Zig:25   | Killed Sim Huez the pandemonium lord
169586 | Zig:25   | Noticed Siculaz the pandemonium lord
169587 | Zig:25   | Noticed Appowutt the pandemonium lord
169587 | Zig:25   | Noticed Akunuz the pandemonium lord
169588 | Zig:25   | Killed Meonot the pandemonium lord
169588 | Zig:25   | Killed Fyfu the pandemonium lord
169588 | Zig:25   | Killed Quosmap the pandemonium lord
169588 | Zig:25   | Killed Siculaz the pandemonium lord
169588 | Zig:25   | Noticed Kioskaf the pandemonium lord
169589 | Zig:25   | Killed Appowutt the pandemonium lord
169589 | Zig:25   | Noticed Meydup the pandemonium lord
169590 | Zig:25   | Killed Akunuz the pandemonium lord
169590 | Zig:25   | Noticed Yfowiug the pandemonium lord
169591 | Zig:25   | Killed Kioskaf the pandemonium lord
169591 | Zig:25   | Killed Meydup the pandemonium lord
169592 | Zig:25   | Killed Yfowiug the pandemonium lord
169592 | Zig:25   | Noticed Yschaycku the pandemonium lord
169593 | Zig:25   | Killed Yschaycku the pandemonium lord
169594 | Zig:25   | Noticed Peodoing the pandemonium lord
169596 | Zig:25   | Noticed Tirirut the pandemonium lord
169596 | Zig:25   | Noticed Ojyl the pandemonium lord
169597 | Zig:25   | Killed Peodoing the pandemonium lord
169598 | Zig:25   | Noticed Xazach the pandemonium lord
169599 | Zig:25   | Killed Tirirut the pandemonium lord
169600 | Zig:25   | Killed Ojyl the pandemonium lord
169603 | Zig:25   | Killed Xazach the pandemonium lord
169905 | Zig:25   | Identified the +1 robe of the Cuttlefish {Dex+3}
169917 | Zig:25   | Identified the +3 ring mail of Precision Catastrophes
                  | {Int+3}
169930 | Zig:25   | Identified the ring of Natod {Ice rPois Str+6 Int+3}
170018 | Zig:26   | Entered Level 26 of a ziggurat
170049 | Zig:26   | Paralysed by a floating eye for 2 turns
170064 | Zig:26   | Found the +7 sceptre of Torment {pain, torment}
170082 | Zig:26   | Identified the ring "Sushren" {rF+ Dex+2}
170366 | Zig:26   | Identified the ring "Heirghel" {rPois Will+ MP+9 Int-5
                  | Dex+5}
170378 | Zig:26   | Identified the ring "Ecoasics" {rPois rF+ rN+ Str-5 Int+4}
170396 | Zig:26   | Identified the ring of Ruynab {rF+ Slay+4}
170420 | Zig:26   | Identified the +9 short sword "Omomuduto" {flame, Contam
                  | Int+3}
170421 | Zig:26   | Identified the ring "Wusuy" {rF++ rN+ Str+5 Int+6 Slay-4}
170430 | Zig:26   | Identified the ring of Caamur {Str+3 Int+6}
170577 | Zig:27   | Entered Level 27 of a ziggurat
170617 | Zig:27   | Found the +3 woodcutter's axe {vorpal}
170618 | Zig:27   | Found the +7 staff of the Meek {protect, meekguard}
170641 | Zig:27   | Identified the +9 mace "Joesa" {vorpal, rN+}
170653 | Zig:27   | Identified the ring of Unepsal {rElec rCorr Dex+6}
170663 | Zig:27   | Identified the +8 trident of the Pariah {freeze, rF++}
170667 | Zig:27   | Identified the +11 whip of Qargh {flame, *Noise Str+7}
170675 | Zig:27   | Identified the +2 robe of Grace {rF+}
170692 | Zig:27   | Identified the +7 dagger of Entrepreneurial Spirit {elec,
                  | rElec Int-5 Dex+6}
170693 | Zig:27   | Identified the +10 scimitar "Ummucic" {vorpal, Fly MP+9
                  | SInv}
170695 | Zig:27   | Identified the ring "Syom" {Fire Will+ Str+5 Int+2 Dex+4}
171125 | Zig:1    | Entered Level 1 of a ziggurat
171150 | Zig:1    | Identified the +1 leather armour of the Thinker {rC++
                  | Will+}
171156 | Zig:1    | Identified the amulet of Ifofeqewk {Spirit Stlth+}
171162 | Zig:2    | Entered Level 2 of a ziggurat
171162 | Zig:2    | Noticed a royal mummy
171162 | Zig:2    | Noticed a royal mummy
171163 | Zig:2    | Noticed a royal mummy
171164 | Zig:2    | Killed a royal mummy
171165 | Zig:2    | Killed a royal mummy
171165 | Zig:2    | Killed a royal mummy
171251 | Zig:3    | Entered Level 3 of a ziggurat
171287 | Zig:3    | Identified the ring "Emoejoga" {rElec rPois rF+ rN+ Will+
                  | Dex-4}
171294 | Zig:3    | Identified the ring of Kacwa {rPois rC+ MP+9}
171336 | Zig:4    | Entered Level 4 of a ziggurat
171389 | Zig:4    | Identified the +6 scale mail "Podghat" {Contam rC+ Str+7}
171455 | Zig:5    | Entered Level 5 of a ziggurat
171555 | Zig:6    | Entered Level 6 of a ziggurat
171555 | Zig:6    | Noticed a dread lich
171555 | Zig:6    | Noticed an ancient lich
171556 | Zig:6    | Noticed a dread lich
171556 | Zig:6    | Noticed a dread lich
171557 | Zig:6    | Noticed an ancient lich
171557 | Zig:6    | Noticed a dread lich
171559 | Zig:6    | Noticed a dread lich
171559 | Zig:6    | Noticed an ancient lich
171560 | Zig:6    | Killed an ancient lich
171561 | Zig:6    | Killed a dread lich
171561 | Zig:6    | Killed an ancient lich
171561 | Zig:6    | Killed a dread lich
171561 | Zig:6    | Killed a dread lich
171561 | Zig:6    | Killed a dread lich
171561 | Zig:6    | Killed an ancient lich
171561 | Zig:6    | Killed a dread lich
171562 | Zig:6    | Noticed a dread lich
171563 | Zig:6    | Killed a dread lich
171648 | Zig:6    | Identified the +2 ring mail of Forking Paths {rC+}
171692 | Zig:7    | Entered Level 7 of a ziggurat
171748 | Zig:7    | Identified the +8 flail "Ruhorghi" {flame, Will++ Int+4
                  | Stlth-}
171902 | Zig:8    | Entered Level 8 of a ziggurat
171956 | Zig:8    | Identified the +3 broad axe of the Lettuce {protect, rN+}
171980 | Zig:8    | Identified the +9 war axe "Bearebe" {venom, rElec rF-
                  | Int+4}
172052 | Zig:9    | Entered Level 9 of a ziggurat
172053 | Zig:9    | Noticed a royal mummy
172053 | Zig:9    | Noticed a royal mummy
172054 | Zig:9    | Noticed a royal mummy
172055 | Zig:9    | Noticed a royal mummy
172056 | Zig:9    | Noticed a royal mummy
172057 | Zig:9    | Noticed a royal mummy
172058 | Zig:9    | Noticed an ancient lich
172058 | Zig:9    | Killed a royal mummy
172058 | Zig:9    | Killed a royal mummy
172058 | Zig:9    | Noticed a royal mummy
172059 | Zig:9    | Killed a royal mummy
172059 | Zig:9    | Killed a royal mummy
172059 | Zig:9    | Killed a royal mummy
172059 | Zig:9    | Killed a royal mummy
172059 | Zig:9    | Killed an ancient lich
172059 | Zig:9    | Killed a royal mummy
172060 | Zig:9    | Noticed a royal mummy
172061 | Zig:9    | Noticed a royal mummy
172063 | Zig:9    | Noticed a royal mummy
172063 | Zig:9    | Noticed a royal mummy
172064 | Zig:9    | Killed a royal mummy
172064 | Zig:9    | Killed a royal mummy
172065 | Zig:9    | Killed a royal mummy
172065 | Zig:9    | Killed a royal mummy
172362 | Zig:10   | Entered Level 10 of a ziggurat
172365 | Zig:10   | Noticed an ancient lich
172368 | Zig:10   | Paralysed by accursed screaming for 2 turns
172375 | Zig:10   | Killed an ancient lich
172605 | Zig:10   | Identified the amulet "Meacophy" {RegenMP +Blink Will+
                  | Slay+2}
172626 | Zig:10   | Identified the ring of Liarisugoa {rF+++ rN+ Will+ rCorr}
172699 | Zig:11   | Entered Level 11 of a ziggurat
172728 | Zig:11   | Found the +6 shillelagh "Devastator" {shatter}
172806 | Zig:11   | Identified the +3 scimitar of the Sharp God {vorpal, *Noise
                  | Str-5 Dex+8 SInv}
172807 | Zig:11   | Identified the +5 flail of Taxation {flame, rC+ Int+2}
172811 | Zig:11   | Identified the +3 ring mail of Dogmatism {Str+4 Int+4}
172958 | Zig:12   | Entered Level 12 of a ziggurat
173172 | Zig:12   | Identified the +0 ring mail "Rutitsor" {rPois Int+2}
173173 | Zig:12   | Identified the +8 scimitar "Xyoput" {drain, rF+ Str+2 Dex-4
                  | SInv}
173246 | Zig:13   | Entered Level 13 of a ziggurat
173394 | Zig:13   | Identified the +3 halberd "Labum" {vorpal, rN+ Will+ Int+2}
173402 | Zig:13   | Identified the ring of Obuogo {rPois rN+++ Dex+3 Stlth-}
173408 | Zig:13   | Identified the +1 ring mail of Valour {Harm rPois rCorr
                  | Int-4}
173467 | Zig:14   | Entered Level 14 of a ziggurat
173472 | Zig:14   | Noticed a juggernaut
173472 | Zig:14   | Noticed a juggernaut
173472 | Zig:14   | Noticed a juggernaut
173473 | Zig:14   | Noticed a juggernaut
173475 | Zig:14   | Noticed a juggernaut
173476 | Zig:14   | Noticed a juggernaut
173477 | Zig:14   | Noticed a juggernaut
173477 | Zig:14   | Noticed a juggernaut
173477 | Zig:14   | Noticed a juggernaut
173478 | Zig:14   | Noticed a juggernaut
173479 | Zig:14   | Killed a juggernaut
173480 | Zig:14   | Noticed a juggernaut
173480 | Zig:14   | Killed a juggernaut
173480 | Zig:14   | Killed a juggernaut
173480 | Zig:14   | Killed a juggernaut
173481 | Zig:14   | Killed a juggernaut
173481 | Zig:14   | Killed a juggernaut
173481 | Zig:14   | Killed a juggernaut
173481 | Zig:14   | Killed a juggernaut
173481 | Zig:14   | Noticed a juggernaut
173482 | Zig:14   | Killed a juggernaut
173482 | Zig:14   | Killed a juggernaut
173486 | Zig:14   | Killed a juggernaut
173487 | Zig:14   | Killed a juggernaut
173834 | Zig:14   | Identified the +1 scale mail of Tuwnin {-Cast Harm Rampage
                  | rC+++}
173849 | Zig:14   | Identified the +2 helmet of the Will of the Gods {Regen+}
173878 | Zig:15   | Entered Level 15 of a ziggurat
173884 | Zig:15   | Noticed a dread lich
173886 | Zig:15   | Noticed an ancient lich
173887 | Zig:15   | Noticed an ancient lich
173887 | Zig:15   | Noticed a dread lich
173890 | Zig:15   | Noticed an ancient lich
173890 | Zig:15   | Noticed a dread lich
173890 | Zig:15   | Noticed an ancient lich
173890 | Zig:15   | Noticed an ancient lich
173892 | Zig:15   | Noticed a dread lich
173892 | Zig:15   | Noticed a dread lich
173892 | Zig:15   | Noticed an ancient lich
173893 | Zig:15   | Noticed a dread lich
173893 | Zig:15   | Noticed a dread lich
173893 | Zig:15   | Killed a dread lich
173894 | Zig:15   | Noticed an ancient lich
173894 | Zig:15   | Noticed a dread lich
173894 | Zig:15   | Killed an ancient lich
173894 | Zig:15   | Killed a dread lich
173895 | Zig:15   | Killed an ancient lich
173895 | Zig:15   | Killed a dread lich
173895 | Zig:15   | Killed a dread lich
173895 | Zig:15   | Killed a dread lich
173895 | Zig:15   | Killed an ancient lich
173895 | Zig:15   | Killed an ancient lich
173895 | Zig:15   | Killed an ancient lich
173896 | Zig:15   | Killed a dread lich
173896 | Zig:15   | Killed a dread lich
173896 | Zig:15   | Killed a dread lich
173896 | Zig:15   | Killed an ancient lich
173898 | Zig:15   | Noticed an ancient lich
173899 | Zig:15   | Noticed a dread lich
173899 | Zig:15   | Killed an ancient lich
173901 | Zig:15   | Killed an ancient lich
173901 | Zig:15   | Killed a dread lich
173987 | Zig:15   | Identified the +9 chain mail of Vehumet's Approval {rPois
                  | rC- Str+4 Int+2}
174019 | Zig:15   | Identified the +10 sling "Nues" {freeze, rCorr}
174047 | Zig:15   | Identified the ring of Day {Contam rPois rC+++ Str-4 Dex+3}
174051 | Zig:15   | Identified the +3 leather armour "Qedeokk" {Str+4}
174205 | Zig:16   | Entered Level 16 of a ziggurat
174477 | Zig:16   | Identified the +8 spear of Ashenzari, Stopping {venom,
                  | Fragile Will+++ rCorr}
174480 | Zig:16   | Identified the ring "Tidulyti" {Wiz rC+}
174498 | Zig:16   | Identified the ring "Eczom" {rPois rC+ rN+ Int+4}
174561 | Zig:16   | Identified the +1 plate armour of the Teacher {Str+2}
174562 | Zig:16   | Identified the +9 halberd of Biavyron {flame, rC+}
174610 | Zig:17   | Entered Level 17 of a ziggurat
174620 | Zig:17   | Paralysed by a floating eye for 4 turns
174644 | Zig:17   | Found the +3 pair of mountain boots {steadfast, rC+}
174657 | Zig:17   | Identified the ring of Ephemeral Luck {rCorr Str+4 Dex+2}
174659 | Zig:17   | Identified the +9 scimitar of Doom {freeze, rCorr MP+9}
174669 | Zig:17   | Identified the ring of Pumpad {rElec Str+2 Dex+6}
174673 | Zig:17   | Identified the +9 plate armour of Midwinter {rN+ rCorr
                  | Stlth-}
174682 | Zig:17   | Identified the +0 ring mail "Toenon" {rC+ Stlth+}
174683 | Zig:17   | Identified the ring of Qozxumy {Wiz Int+6 Dex-3}
174888 | Zig:18   | Entered Level 18 of a ziggurat
174911 | Zig:18   | Noticed Dudd the pandemonium lord
174915 | Zig:18   | Killed Dudd the pandemonium lord
175299 | Zig:18   | Identified the ring "Ityapel" {rPois rF+ rN+ Str+5}
175309 | Zig:18   | Identified the +0 robe "Locwes" {Regen+ Str+4 Stlth+}
175310 | Zig:18   | Identified the +11 scimitar of Prudence {freeze, rF+ Str+4}
175319 | Zig:18   | Identified the +7 war axe of Zaapusch {vorpal, rElec rN++
                  | MP+9 Str-2}
175323 | Zig:18   | Identified the ring "Wiezarphaifi" {Will+ rCorr Str+3
                  | Stlth+}
175341 | Zig:18   | Identified the +4 spear "Gimo Wau" {vorpal, rF+}
175398 | Zig:18   | Acquired 457 gold pieces
175405 | Zig:19   | Entered Level 19 of a ziggurat
175413 | Zig:19   | Noticed an ancient lich
175417 | Zig:19   | Killed an ancient lich
175583 | Zig:19   | Identified the +11 glaive of Insomnia {flame, *Rage rPois
                  | rF++}
175856 | Zig:19   | Identified the ring "Weeminuhad" {EV+4 Dex+4}
175859 | Zig:19   | Identified the +7 scimitar of the Genius {holy, rC+}
175875 | Zig:20   | Entered Level 20 of a ziggurat
175888 | Zig:20   | Noticed a dread lich
175888 | Zig:20   | Noticed a dread lich
175890 | Zig:20   | Noticed an ancient lich
175890 | Zig:20   | Noticed a dread lich
175890 | Zig:20   | Noticed an ancient lich
175891 | Zig:20   | Noticed an ancient lich
175892 | Zig:20   | Noticed a dread lich
175892 | Zig:20   | Noticed a dread lich
175893 | Zig:20   | Killed a dread lich
175893 | Zig:20   | Killed an ancient lich
175893 | Zig:20   | Killed a dread lich
175893 | Zig:20   | Killed a dread lich
175894 | Zig:20   | Killed a dread lich
175894 | Zig:20   | Killed an ancient lich
175894 | Zig:20   | Killed an ancient lich
175895 | Zig:20   | Noticed an ancient lich
175895 | Zig:20   | Killed a dread lich
175896 | Zig:20   | Noticed an ancient lich
175897 | Zig:20   | Noticed a dread lich
175897 | Zig:20   | Killed an ancient lich
175898 | Zig:20   | Killed a dread lich
175898 | Zig:20   | Killed an ancient lich
175899 | Zig:20   | Noticed an ancient lich
175899 | Zig:20   | Noticed a dread lich
175899 | Zig:20   | Noticed an ancient lich
175900 | Zig:20   | Noticed a dread lich
175900 | Zig:20   | Noticed a dread lich
175900 | Zig:20   | Noticed an ancient lich
175901 | Zig:20   | Killed an ancient lich
175902 | Zig:20   | Killed an ancient lich
175902 | Zig:20   | Killed a dread lich
175902 | Zig:20   | Killed a dread lich
175902 | Zig:20   | Killed an ancient lich
175902 | Zig:20   | Killed a dread lich
176222 | Zig:20   | Identified the +10 longbow of Tyog {flame, rN+}
176224 | Zig:20   | Identified the +11 scimitar "Hydra's Funeral" {flame, rPois
                  | Int+4}
176237 | Zig:20   | Identified the +7 scimitar of Corruption {vorpal, rElec
                  | rCorr Str+4 Dex-4}
176239 | Zig:20   | Identified the amulet of Accord {Acrobat rN+ Str-2 Int+4}
176245 | Zig:20   | Identified the +1 sling of Fresh Trial by Ordeal {vorpal,
                  | MP+9 Stlth+}
176251 | Zig:20   | Identified the amulet of Ruskal {RegenMP Rampage}
176322 | Zig:21   | Entered Level 21 of a ziggurat
176328 | Zig:21   | Noticed an orb of fire
176328 | Zig:21   | Noticed an orb of fire
176328 | Zig:21   | Noticed an orb of fire
176330 | Zig:21   | Noticed an orb of fire
176331 | Zig:21   | Noticed an orb of fire
176332 | Zig:21   | Killed an orb of fire
176332 | Zig:21   | Killed an orb of fire
176332 | Zig:21   | Noticed an orb of fire
176334 | Zig:21   | Noticed an orb of fire
176334 | Zig:21   | Killed an orb of fire
176334 | Zig:21   | Noticed an orb of fire
176335 | Zig:21   | Noticed an orb of fire
176335 | Zig:21   | Killed an orb of fire
176339 | Zig:21   | Killed an orb of fire
176339 | Zig:21   | Killed an orb of fire
176339 | Zig:21   | Noticed an orb of fire
176339 | Zig:21   | Noticed an orb of fire
176340 | Zig:21   | Killed an orb of fire
176340 | Zig:21   | Noticed an orb of fire
176341 | Zig:21   | Killed an orb of fire
176341 | Zig:21   | Noticed an orb of fire
176341 | Zig:21   | Noticed an orb of fire
176344 | Zig:21   | Killed an orb of fire
176344 | Zig:21   | Killed an orb of fire
176344 | Zig:21   | Killed an orb of fire
176344 | Zig:21   | Noticed an orb of fire
176345 | Zig:21   | Noticed an orb of fire
176345 | Zig:21   | Noticed an orb of fire
176345 | Zig:21   | Noticed an orb of fire
176348 | Zig:21   | Killed an orb of fire
176348 | Zig:21   | Killed an orb of fire
176349 | Zig:21   | Killed an orb of fire
176349 | Zig:21   | Killed an orb of fire
176349 | Zig:21   | Killed an orb of fire
176350 | Zig:21   | Noticed an orb of fire
176350 | Zig:21   | Killed an orb of fire
176350 | Zig:21   | Noticed an orb of fire
176351 | Zig:21   | Noticed an orb of fire
176351 | Zig:21   | Noticed an orb of fire
176352 | Zig:21   | Killed an orb of fire
176353 | Zig:21   | Noticed an orb of fire
176353 | Zig:21   | Killed an orb of fire
176354 | Zig:21   | Killed an orb of fire
176354 | Zig:21   | Killed an orb of fire
176354 | Zig:21   | Noticed an orb of fire
176354 | Zig:21   | Noticed an orb of fire
176355 | Zig:21   | Killed an orb of fire
176355 | Zig:21   | Noticed an orb of fire
176356 | Zig:21   | Killed an orb of fire
176356 | Zig:21   | Noticed an orb of fire
176356 | Zig:21   | Noticed an orb of fire
176357 | Zig:21   | Killed an orb of fire
176357 | Zig:21   | Noticed an orb of fire
176358 | Zig:21   | Killed an orb of fire
176358 | Zig:21   | Killed an orb of fire
176358 | Zig:21   | Noticed an orb of fire
176359 | Zig:21   | Noticed an orb of fire
176359 | Zig:21   | Noticed an orb of fire
176360 | Zig:21   | Killed an orb of fire
176361 | Zig:21   | Killed an orb of fire
176361 | Zig:21   | Killed an orb of fire
176361 | Zig:21   | Noticed an orb of fire
176361 | Zig:21   | Noticed an orb of fire
176362 | Zig:21   | Noticed an orb of fire
176362 | Zig:21   | Noticed an orb of fire
176363 | Zig:21   | Killed an orb of fire
176363 | Zig:21   | Killed an orb of fire
176363 | Zig:21   | Noticed an orb of fire
176364 | Zig:21   | Killed an orb of fire
176364 | Zig:21   | Killed an orb of fire
176364 | Zig:21   | Noticed an orb of fire
176365 | Zig:21   | Killed an orb of fire
176365 | Zig:21   | Noticed an orb of fire
176366 | Zig:21   | Killed an orb of fire
176366 | Zig:21   | Killed an orb of fire
176366 | Zig:21   | Killed an orb of fire
176368 | Zig:21   | Killed an orb of fire
176369 | Zig:21   | Noticed an orb of fire
176370 | Zig:21   | Noticed an orb of fire
176370 | Zig:21   | Noticed an orb of fire
176371 | Zig:21   | Noticed an orb of fire
176371 | Zig:21   | Noticed an orb of fire
176371 | Zig:21   | Noticed an orb of fire
176376 | Zig:21   | Killed an orb of fire
176378 | Zig:21   | Killed an orb of fire
176378 | Zig:21   | Killed an orb of fire
176379 | Zig:21   | Killed an orb of fire
176387 | Zig:21   | Killed an orb of fire
176394 | Zig:21   | Killed an orb of fire
176394 | Zig:21   | Killed an orb of fire
176414 | Zig:21   | Noticed an orb of fire
176419 | Zig:21   | Killed an orb of fire
176507 | Zig:21   | Identified the amulet "Laosudop" {RegenMP Fly Regen+ Str-5}
176513 | Zig:21   | Identified the +0 sling "Bietuv" {vorpal, +Blink rC+ SInv}
176519 | Zig:21   | Identified the ring of Oquh {rF+ rN+ Str+5 Int+3}
176523 | Zig:21   | Identified the ring "Gudu" {Wiz Contam rC+ Dex+3}
176546 | Zig:21   | Identified the +11 dagger "Toulod" {venom, Str+3 Dex+4}
176754 | Zig:22   | Entered Level 22 of a ziggurat
176767 | Zig:22   | Noticed a dread lich
176768 | Zig:22   | Noticed an ancient lich
176768 | Zig:22   | Noticed a dread lich
176769 | Zig:22   | Noticed an ancient lich
176769 | Zig:22   | Noticed a dread lich
176769 | Zig:22   | Noticed a dread lich
176769 | Zig:22   | Noticed an ancient lich
176769 | Zig:22   | Noticed an ancient lich
176773 | Zig:22   | Killed a dread lich
176773 | Zig:22   | Killed an ancient lich
176773 | Zig:22   | Killed an ancient lich
176774 | Zig:22   | Killed a dread lich
176774 | Zig:22   | Killed an ancient lich
176774 | Zig:22   | Killed a dread lich
176774 | Zig:22   | Killed an ancient lich
176775 | Zig:22   | Noticed a dread lich
176776 | Zig:22   | Noticed a dread lich
176777 | Zig:22   | Noticed an ancient lich
176778 | Zig:22   | Noticed an ancient lich
176778 | Zig:22   | Noticed a dread lich
176779 | Zig:22   | Killed an ancient lich
176779 | Zig:22   | Killed an ancient lich
176779 | Zig:22   | Killed a dread lich
176780 | Zig:22   | Killed a dread lich
176780 | Zig:22   | Killed a dread lich
176780 | Zig:22   | Killed a dread lich
176781 | Zig:22   | Noticed a dread lich
176782 | Zig:22   | Noticed an ancient lich
176785 | Zig:22   | Killed a dread lich
176785 | Zig:22   | Killed an ancient lich
177130 | Zig:22   | Identified the +7 lajatang of Extermination {holy, Int+3
                  | Dex+3}
177137 | Zig:22   | Identified the ring of Hishu {rC+ Str+9 Dex+4 Slay+4
                  | Stlth-}
177140 | Zig:22   | Identified the +1 chain mail "Liesk" {Str+3}
177259 | Zig:23   | Entered Level 23 of a ziggurat
177349 | Zig:23   | Identified the +4 rapier of Prudence {drain, *Noise rN+
                  | Int+4}
177360 | Zig:23   | Identified the +11 mace "Veodiy" {protect, Will+}
177365 | Zig:23   | Identified the +3 tower shield "Waro Gun" {Str+3}
177368 | Zig:23   | Identified the +4 broad axe "Badox" {protect, *Noise rCorr
                  | Dex+6}
177372 | Zig:23   | Identified the +7 leather armour of Free Will {Dex+4}
177380 | Zig:23   | Identified the +1 leather armour of the Lost Path {Rampage
                  | Fly Dex+3}
177401 | Zig:23   | Identified the +3 short sword of the Scroll {vorpal, rF+
                  | Int-5 Dex+2 Stlth+}
177805 | Zig:24   | Entered Level 24 of a ziggurat
177850 | Zig:24   | Found the +3 pair of seven-league boots {Rampage+∞}
178314 | Zig:24   | Identified the +11 lajatang "Epoahuiv" {antimagic, rCorr
                  | Int+2 Dex-2}
178322 | Zig:24   | Identified the +5 sling of Contradiction {freeze, rPois
                  | Int+4}
178323 | Zig:24   | Identified the +4 glaive of Exquisite Torment {vorpal,
                  | Str+3 Stlth+}
178329 | Zig:24   | Identified the +6 scimitar "Rudeicah" {pain, *Rage rPois
                  | Int+9}
178333 | Zig:24   | Identified the +3 triple crossbow of Voank {penet, *Slow
                  | rN++ Stlth+}
178335 | Zig:24   | Identified the +1 leather armour of Siesaac {Str+5}
178402 | Zig:25   | Entered Level 25 of a ziggurat
178421 | Zig:25   | Noticed an ancient lich
178424 | Zig:25   | Noticed a dread lich
178426 | Zig:25   | Killed an ancient lich
178426 | Zig:25   | Killed a dread lich
178427 | Zig:25   | Noticed a dread lich
178431 | Zig:25   | Killed a dread lich
178435 | Zig:25   | Noticed an ancient lich
178437 | Zig:25   | Paralysed by a wendigo for 1 turns
178438 | Zig:25   | Killed an ancient lich
178526 | Zig:25   | Identified the +10 scimitar "Qoofer" {drain, rCorr Int+3}
178534 | Zig:25   | Identified the +0 chain mail "Jonyskyr" {rElec Regen+
                  | Slay+2}
178536 | Zig:25   | Identified the +4 long sword of Prudence {drain, rPois
                  | Str+4 Int-4 Dex+6}
178537 | Zig:25   | Identified the +3 spear "Yheselan" {vorpal, Fragile rC++
                  | rCorr Stlth+}
178549 | Zig:25   | Identified the +6 scale mail "Sipnazon" {+Inv rC- Str+8
                  | Int+4}
178550 | Zig:25   | Identified the +1 rapier "Tovuteca" {flame, +Blink Dex+3}
178965 | Zig:26   | Entered Level 26 of a ziggurat
178972 | Zig:26   | Noticed a royal mummy
178972 | Zig:26   | Noticed a royal mummy
178972 | Zig:26   | Noticed a royal mummy
178973 | Zig:26   | Noticed a royal mummy
178974 | Zig:26   | Noticed a royal mummy
178975 | Zig:26   | Noticed a royal mummy
178976 | Zig:26   | Noticed a royal mummy
178976 | Zig:26   | Noticed a royal mummy
178977 | Zig:26   | Noticed a royal mummy
178978 | Zig:26   | Noticed a royal mummy
178978 | Zig:26   | Noticed a royal mummy
178979 | Zig:26   | Noticed a royal mummy
178979 | Zig:26   | Noticed a royal mummy
178979 | Zig:26   | Noticed a royal mummy
178979 | Zig:26   | Noticed a dread lich
178980 | Zig:26   | Killed a royal mummy
178980 | Zig:26   | Killed a royal mummy
178980 | Zig:26   | Killed a royal mummy
178980 | Zig:26   | Killed a royal mummy
178980 | Zig:26   | Killed a royal mummy
178980 | Zig:26   | Killed a royal mummy
178980 | Zig:26   | Noticed a royal mummy
178980 | Zig:26   | Noticed a royal mummy
178980 | Zig:26   | Noticed a royal mummy
178981 | Zig:26   | Killed a royal mummy
178981 | Zig:26   | Killed a royal mummy
178981 | Zig:26   | Killed a royal mummy
178981 | Zig:26   | Killed a royal mummy
178981 | Zig:26   | Killed a royal mummy
178981 | Zig:26   | Killed a dread lich
178981 | Zig:26   | Killed a royal mummy
178981 | Zig:26   | Noticed a royal mummy
178982 | Zig:26   | Noticed a royal mummy
178982 | Zig:26   | Noticed a royal mummy
178982 | Zig:26   | Noticed a royal mummy
178982 | Zig:26   | Noticed a royal mummy
178982 | Zig:26   | Noticed a royal mummy
178982 | Zig:26   | Noticed a royal mummy
178983 | Zig:26   | Noticed a royal mummy
178983 | Zig:26   | Noticed a royal mummy
178983 | Zig:26   | Noticed a royal mummy
178984 | Zig:26   | Killed a royal mummy
178984 | Zig:26   | Killed a royal mummy
178984 | Zig:26   | Killed a royal mummy
178984 | Zig:26   | Killed a royal mummy
178984 | Zig:26   | Killed a royal mummy
178985 | Zig:26   | Killed a royal mummy
178985 | Zig:26   | Killed a royal mummy
178985 | Zig:26   | Killed a royal mummy
178985 | Zig:26   | Killed a royal mummy
178985 | Zig:26   | Killed a royal mummy
178985 | Zig:26   | Killed a royal mummy
178985 | Zig:26   | Killed a royal mummy
178985 | Zig:26   | Killed a royal mummy
178985 | Zig:26   | Killed a royal mummy
178985 | Zig:26   | Noticed a royal mummy
178985 | Zig:26   | Noticed a royal mummy
178985 | Zig:26   | Noticed a royal mummy
178985 | Zig:26   | Noticed a royal mummy
178986 | Zig:26   | Noticed a royal mummy
178986 | Zig:26   | Noticed a royal mummy
178986 | Zig:26   | Noticed a royal mummy
178987 | Zig:26   | Noticed a royal mummy
178987 | Zig:26   | Noticed a royal mummy
178988 | Zig:26   | Noticed a royal mummy
178988 | Zig:26   | Noticed a royal mummy
178988 | Zig:26   | Noticed a royal mummy
178989 | Zig:26   | Killed a royal mummy
178989 | Zig:26   | Killed a royal mummy
178989 | Zig:26   | Killed a royal mummy
178989 | Zig:26   | Noticed a royal mummy
178989 | Zig:26   | Noticed a royal mummy
178989 | Zig:26   | Noticed a royal mummy
178989 | Zig:26   | Noticed a royal mummy
178990 | Zig:26   | Killed a royal mummy
178990 | Zig:26   | Killed a royal mummy
178990 | Zig:26   | Killed a royal mummy
178990 | Zig:26   | Killed a royal mummy
178990 | Zig:26   | Killed a royal mummy
178990 | Zig:26   | Killed a royal mummy
178990 | Zig:26   | Killed a royal mummy
178990 | Zig:26   | Killed a royal mummy
178990 | Zig:26   | Killed a royal mummy
178990 | Zig:26   | Killed a royal mummy
178990 | Zig:26   | Noticed a royal mummy
178991 | Zig:26   | Noticed a royal mummy
178992 | Zig:26   | Killed a royal mummy
178992 | Zig:26   | Killed a royal mummy
178992 | Zig:26   | Killed a royal mummy
178992 | Zig:26   | Killed a royal mummy
178992 | Zig:26   | Noticed a royal mummy
178992 | Zig:26   | Noticed a royal mummy
178993 | Zig:26   | Killed a royal mummy
178993 | Zig:26   | Killed a royal mummy
178993 | Zig:26   | Noticed a royal mummy
178993 | Zig:26   | Noticed a royal mummy
178993 | Zig:26   | Noticed a royal mummy
178993 | Zig:26   | Noticed a royal mummy
178994 | Zig:26   | Killed a royal mummy
178994 | Zig:26   | Noticed a royal mummy
178994 | Zig:26   | Noticed a royal mummy
178994 | Zig:26   | Noticed a royal mummy
178994 | Zig:26   | Noticed a royal mummy
178995 | Zig:26   | Noticed a royal mummy
178995 | Zig:26   | Noticed a royal mummy
178995 | Zig:26   | Noticed a royal mummy
178995 | Zig:26   | Noticed a royal mummy
178996 | Zig:26   | Killed a royal mummy
178996 | Zig:26   | Killed a royal mummy
178996 | Zig:26   | Killed a royal mummy
178996 | Zig:26   | Killed a royal mummy
178996 | Zig:26   | Killed a royal mummy
178996 | Zig:26   | Noticed a royal mummy
178996 | Zig:26   | Noticed a royal mummy
178996 | Zig:26   | Noticed a royal mummy
178997 | Zig:26   | Killed a royal mummy
178997 | Zig:26   | Killed a royal mummy
178997 | Zig:26   | Killed a royal mummy
178997 | Zig:26   | Killed a royal mummy
178997 | Zig:26   | Killed a royal mummy
178997 | Zig:26   | Killed a royal mummy
178997 | Zig:26   | Noticed a royal mummy
178997 | Zig:26   | Noticed a royal mummy
178998 | Zig:26   | Killed a royal mummy
178998 | Zig:26   | Noticed a royal mummy
178998 | Zig:26   | Noticed a royal mummy
178999 | Zig:26   | Killed a royal mummy
178999 | Zig:26   | Noticed a royal mummy
179000 | Zig:26   | Killed a royal mummy
179000 | Zig:26   | Killed a royal mummy
179000 | Zig:26   | Killed a royal mummy
179000 | Zig:26   | Killed a royal mummy
179000 | Zig:26   | Noticed a royal mummy
179001 | Zig:26   | Killed a royal mummy
179001 | Zig:26   | Killed a royal mummy
179001 | Zig:26   | Noticed a royal mummy
179002 | Zig:26   | Killed a royal mummy
179002 | Zig:26   | Noticed a royal mummy
179002 | Zig:26   | Noticed a royal mummy
179002 | Zig:26   | Noticed a royal mummy
179004 | Zig:26   | Noticed a royal mummy
179004 | Zig:26   | Noticed a royal mummy
179004 | Zig:26   | Noticed a royal mummy
179004 | Zig:26   | Noticed a royal mummy
179005 | Zig:26   | Noticed a royal mummy
179005 | Zig:26   | Killed a royal mummy
179006 | Zig:26   | Noticed a royal mummy
179006 | Zig:26   | Noticed a royal mummy
179007 | Zig:26   | Killed a royal mummy
179007 | Zig:26   | Killed a royal mummy
179007 | Zig:26   | Killed a royal mummy
179007 | Zig:26   | Killed a royal mummy
179007 | Zig:26   | Killed a royal mummy
179007 | Zig:26   | Killed a royal mummy
179008 | Zig:26   | Killed a royal mummy
179008 | Zig:26   | Killed a royal mummy
179008 | Zig:26   | Killed a royal mummy
179008 | Zig:26   | Killed a royal mummy
179008 | Zig:26   | Noticed a royal mummy
179010 | Zig:26   | Killed a royal mummy
179010 | Zig:26   | Killed a royal mummy
179010 | Zig:26   | Killed a royal mummy
179447 | Zig:26   | Identified the +0 robe of Impressiveness {rF+ SInv}
179461 | Zig:26   | Identified the ring of the Zebra {Will+ MP+9 Int+6 SInv}
179467 | Zig:26   | Identified the +1 cloak of the Heavens {rN+ rCorr}
179482 | Zig:26   | Identified the amulet "Zeadud" {Acrobat rN+}
179496 | Zig:26   | Identified the +7 trident of the Middle {spect, rN+}
179499 | Zig:26   | Identified the +10 shortbow of Precise Incision {speed,
                  | rPois rCorr Int-3}
179503 | Zig:26   | Identified the +0 arbalest of Mayhem {elec, rPois rCorr}
179652 | Zig:26   | Acquired 379 gold pieces
179661 | Zig:27   | Entered Level 27 of a ziggurat
179715 | Zig:27   | Identified the +6 battleaxe "Unkiebul" {vorpal, rN+ rCorr
                  | Int+4}
179720 | Zig:27   | Identified the ring of Wishful Thinking {Wiz rF++ rC-}
179724 | Zig:27   | Identified the +6 scimitar of Gozag's Pride {chaos, rN+
                  | Str+2 Dex-3}
179729 | Zig:27   | Identified the +1 buckler of the Ditch-Digger {rPois Dex+4
                  | SInv}
179731 | Zig:27   | Identified the ring of Laluampa {Will+ Int+6}
179735 | Zig:27   | Identified the +2 cloak of Wisdom {Int+2}
179745 | Zig:27   | Identified the +6 chain mail "Teari" {+Blink rN+ Str-5
                  | Dex+6}
179751 | Zig:27   | Identified the +3 ring mail of Imaphyx {rElec Regen+ Int-5
                  | Stlth+}
179761 | Zig:27   | Identified the +10 scimitar "Loteosywk" {venom, rN+ Int+3}
179765 | Zig:27   | Identified the ring of Jaeplefu {rPois Dex+6 SInv}
179769 | Zig:27   | Identified the +9 short sword of Lupupt {vorpal, Drain rC+
                  | Dex+2}
179773 | Zig:27   | Identified the amulet "Feac" {Acrobat rF+}
179775 | Zig:27   | Identified the +4 whip "Qiemetef" {vamp, rPois rC+ Dex+2}
179780 | Zig:27   | Identified the +4 falchion "Fyxaom" {vorpal, rN+ Int+4
                  | Stlth+}
180189 | Zig:1    | Entered Level 1 of a ziggurat
180224 | Zig:2    | Entered Level 2 of a ziggurat
180249 | Zig:3    | Entered Level 3 of a ziggurat
180296 | Zig:3    | Identified the +0 chain mail of Somewhere Else {+Blink
                  | Will+ Str+4 Stlth-}
180356 | Zig:4    | Entered Level 4 of a ziggurat
180393 | Zig:4    | Identified the amulet "Hyogarch" {Spirit Rampage rPois rF-
                  | MP-9}
180424 | Zig:5    | Entered Level 5 of a ziggurat
180495 | Zig:5    | Identified the +5 war axe of the Witching Augurer {holy,
                  | rCorr}
180498 | Zig:5    | Identified the +5 scimitar of Woiryir {flame, rC+}
180557 | Zig:6    | Entered Level 6 of a ziggurat
180643 | Zig:6    | Identified the ring of Lucidity {rC+ MP+9 Stlth+}
180724 | Zig:7    | Entered Level 7 of a ziggurat
180726 | Zig:7    | Noticed a dread lich
180726 | Zig:7    | Noticed an ancient lich
180726 | Zig:7    | Noticed a dread lich
180726 | Zig:7    | Noticed a dread lich
180727 | Zig:7    | Noticed an ancient lich
180727 | Zig:7    | Noticed an ancient lich
180727 | Zig:7    | Noticed an ancient lich
180728 | Zig:7    | Noticed an ancient lich
180728 | Zig:7    | Noticed a dread lich
180729 | Zig:7    | Noticed a dread lich
180729 | Zig:7    | Noticed a dread lich
180729 | Zig:7    | Noticed an ancient lich
180729 | Zig:7    | Noticed a dread lich
180729 | Zig:7    | Noticed a dread lich
180730 | Zig:7    | Noticed a dread lich
180730 | Zig:7    | Noticed an ancient lich
180731 | Zig:7    | Killed a dread lich
180731 | Zig:7    | Killed an ancient lich
180731 | Zig:7    | Killed an ancient lich
180731 | Zig:7    | Killed a dread lich
180731 | Zig:7    | Killed an ancient lich
180731 | Zig:7    | Killed a dread lich
180731 | Zig:7    | Noticed an ancient lich
180732 | Zig:7    | Killed a dread lich
180732 | Zig:7    | Killed a dread lich
180732 | Zig:7    | Killed an ancient lich
180732 | Zig:7    | Killed a dread lich
180732 | Zig:7    | Killed an ancient lich
180732 | Zig:7    | Killed a dread lich
180732 | Zig:7    | Killed a dread lich
180732 | Zig:7    | Killed a dread lich
180732 | Zig:7    | Killed an ancient lich
180732 | Zig:7    | Killed an ancient lich
180732 | Zig:7    | Killed an ancient lich
180733 | Zig:7    | Noticed an ancient lich
180738 | Zig:7    | Identified the +3 scimitar of Pidam {speed, *Slow rN+ Will+
                  | Str+7}
180741 | Zig:7    | Killed an ancient lich
180760 | Zig:7    | Identified the +0 leather armour of the Slimy God {rN+}
180768 | Zig:7    | Identified the +10 arbalest of Oenomania {penet, rC+ rN+
                  | Str+2}
180771 | Zig:7    | Identified the +8 war axe of the Imbibing Gods {freeze,
                  | rN++ Dex-2}
180777 | Zig:7    | Identified the +1 plate armour of the Blue Moon {Will+
                  | Str+4}
180879 | Zig:8    | Entered Level 8 of a ziggurat
181014 | Zig:8    | Identified the +12 short sword of Tenacity {spect, *Noise
                  | rElec rF+++ Dex+3}
181016 | Zig:8    | Identified the +8 quarterstaff "Riergheo" {freeze, rC+
                  | rCorr Dex+4}
181025 | Zig:8    | Identified the +5 war axe "Lurphan" {holy, rC+}
181042 | Zig:8    | Identified the amulet of Law {Reflect rN+ SH+5}
181046 | Zig:8    | Identified the +6 demon trident of Causality {flame, +Blink
                  | Fly rElec Str-3}
181094 | Zig:9    | Entered Level 9 of a ziggurat
181148 | Zig:9    | Identified the +5 glaive of Dim Light {elec, Will- Int+7
                  | SInv}
181183 | Zig:9    | Identified the +10 shortbow of Upiafailo {speed, rF+ Str+3}
181195 | Zig:9    | Identified the +10 rapier "Iretissa" {drain, rPois Int+4
                  | Dex+4}
181308 | Zig:10   | Entered Level 10 of a ziggurat
181489 | Zig:10   | Identified the +7 short sword of the Hand {venom, rF+ rN+
                  | Str+6}
181522 | Zig:10   | Identified the ring "Soskun" {rC+ rCorr Dex+3 SInv}
181574 | Zig:11   | Entered Level 11 of a ziggurat
181576 | Zig:11   | Noticed Niutoi Tona the pandemonium lord
181577 | Zig:11   | Noticed Jiceaz the pandemonium lord
181577 | Zig:11   | Noticed Nutiadubaw the pandemonium lord
181577 | Zig:11   | Noticed Yjimae the pandemonium lord
181577 | Zig:11   | Noticed Fuptuk the pandemonium lord
181577 | Zig:11   | Noticed Qaynetar the pandemonium lord
181578 | Zig:11   | Noticed Gisecoqo the pandemonium lord
181578 | Zig:11   | Noticed Oqijaf the pandemonium lord
181578 | Zig:11   | Noticed Laxu the pandemonium lord
181579 | Zig:11   | Noticed Gezauc the pandemonium lord
181579 | Zig:11   | Noticed Gofodd the pandemonium lord
181580 | Zig:11   | Killed Niutoi Tona the pandemonium lord
181580 | Zig:11   | Killed Nutiadubaw the pandemonium lord
181580 | Zig:11   | Noticed Nameraxo the pandemonium lord
181581 | Zig:11   | Killed Qaynetar the pandemonium lord
181581 | Zig:11   | Noticed Bejaaqi the pandemonium lord
181582 | Zig:11   | Noticed Qolerisafi the pandemonium lord
181582 | Zig:11   | Noticed Imeun the pandemonium lord
181582 | Zig:11   | Killed Gisecoqo the pandemonium lord
181582 | Zig:11   | Noticed Qablewn the pandemonium lord
181583 | Zig:11   | Noticed Picaoh the pandemonium lord
181583 | Zig:11   | Noticed Caen the pandemonium lord
181584 | Zig:11   | Noticed Sezeral the pandemonium lord
181584 | Zig:11   | Noticed Noydett the pandemonium lord
181584 | Zig:11   | Noticed Louwul the pandemonium lord
181584 | Zig:11   | Noticed Koig the pandemonium lord
181585 | Zig:11   | Killed Gofodd the pandemonium lord
181586 | Zig:11   | Killed Yjimae the pandemonium lord
181587 | Zig:11   | Noticed Pueg the pandemonium lord
181587 | Zig:11   | Killed Louwul the pandemonium lord
181587 | Zig:11   | Killed Jiceaz the pandemonium lord
181587 | Zig:11   | Killed Gezauc the pandemonium lord
181587 | Zig:11   | Killed Laxu the pandemonium lord
181587 | Zig:11   | Killed Qablewn the pandemonium lord
181587 | Zig:11   | Killed Caen the pandemonium lord
181587 | Zig:11   | Killed Nameraxo the pandemonium lord
181588 | Zig:11   | Killed Pueg the pandemonium lord
181588 | Zig:11   | Killed Bejaaqi the pandemonium lord
181589 | Zig:11   | Killed Imeun the pandemonium lord
181589 | Zig:11   | Killed Oqijaf the pandemonium lord
181589 | Zig:11   | Killed Fuptuk the pandemonium lord
181589 | Zig:11   | Killed Picaoh the pandemonium lord
181590 | Zig:11   | Noticed Ohoroq the pandemonium lord
181590 | Zig:11   | Killed Koig the pandemonium lord
181590 | Zig:11   | Noticed Loyf the pandemonium lord
181592 | Zig:11   | Killed Noydett the pandemonium lord
181592 | Zig:11   | Killed Sezeral the pandemonium lord
181592 | Zig:11   | Killed Qolerisafi the pandemonium lord
181593 | Zig:11   | Noticed Huxkae Pueq the pandemonium lord
181593 | Zig:11   | Noticed Loblepih the pandemonium lord
181593 | Zig:11   | Noticed Oceymuza the pandemonium lord
181593 | Zig:11   | Noticed Jeemofoe the pandemonium lord
181593 | Zig:11   | Noticed Vol Ofywk the pandemonium lord
181593 | Zig:11   | Noticed Buaral the pandemonium lord
181594 | Zig:11   | Killed Ohoroq the pandemonium lord
181594 | Zig:11   | Killed Loyf the pandemonium lord
181594 | Zig:11   | Killed Buaral the pandemonium lord
181595 | Zig:11   | Killed Oceymuza the pandemonium lord
181595 | Zig:11   | Killed Vol Ofywk the pandemonium lord
181595 | Zig:11   | Killed Huxkae Pueq the pandemonium lord
181596 | Zig:11   | Killed Loblepih the pandemonium lord
181598 | Zig:11   | Killed Jeemofoe the pandemonium lord
181647 | Zig:11   | Identified the +5 ring mail "Qiyreg" {rPois}
181650 | Zig:11   | Identified the +0 scale mail of Net Ygg {+Blink Will- Str+4
                  | Dex+4}
181837 | Zig:12   | Entered Level 12 of a ziggurat
181840 | Zig:12   | Noticed a juggernaut
181840 | Zig:12   | Noticed a juggernaut
181841 | Zig:12   | Noticed a juggernaut
181841 | Zig:12   | Noticed a juggernaut
181841 | Zig:12   | Noticed a juggernaut
181842 | Zig:12   | Noticed a juggernaut
181844 | Zig:12   | Noticed a juggernaut
181845 | Zig:12   | Noticed a juggernaut
181845 | Zig:12   | Noticed a juggernaut
181846 | Zig:12   | Killed a juggernaut
181846 | Zig:12   | Killed a juggernaut
181846 | Zig:12   | Killed a juggernaut
181846 | Zig:12   | Killed a juggernaut
181846 | Zig:12   | Killed a juggernaut
181846 | Zig:12   | Killed a juggernaut
181846 | Zig:12   | Killed a juggernaut
181846 | Zig:12   | Noticed a juggernaut
181847 | Zig:12   | Noticed a juggernaut
181847 | Zig:12   | Killed a juggernaut
181847 | Zig:12   | Killed a juggernaut
181847 | Zig:12   | Noticed a juggernaut
181847 | Zig:12   | Noticed a juggernaut
181849 | Zig:12   | Found the +15 Maxwell's patent armour {-Cast -Tele rElec
                  | Will+ rCorr}
181849 | Zig:12   | Killed a juggernaut
181850 | Zig:12   | Killed a juggernaut
181850 | Zig:12   | Killed a juggernaut
181850 | Zig:12   | Killed a juggernaut
181940 | Zig:12   | Identified the ring "Yrail" {Wiz rN+ Will+ Str-3 Int+2}
181945 | Zig:12   | Identified the +0 scale mail "Myh Ges" {rPois Regen+ SInv}
182134 | Zig:12   | Identified the +0 helmet of Inference {Harm rPois rN+++}
182137 | Zig:12   | Identified the ring of the Frog {Wiz Dex+7 Stlth+}
182155 | Zig:12   | Acquired 1112 gold pieces
182165 | Zig:13   | Entered Level 13 of a ziggurat
182466 | Zig:13   | Identified the +5 plate armour "Qoxus" {rN++ Will-}
182470 | Zig:13   | Identified the +8 spear "Goblinslayer" {flame, rElec rPois
                  | Str-4 Int+2}
182476 | Zig:13   | Identified the +7 great mace of Ascent {holy, Int+5}
182480 | Zig:13   | Identified the +9 war axe of Kyushia Guax {spect, rElec}
182491 | Zig:14   | Entered Level 14 of a ziggurat
182712 | Zig:14   | Identified the +5 shortbow of Accord {speed, Int+6 Stlth+}
182714 | Zig:14   | Identified the ring of the Cricket {rElec rN+ Int+3}
182774 | Zig:14   | Identified the +5 quarterstaff of Extinguishment {drain,
                  | rPois Will- rCorr Dex+7}
182782 | Zig:14   | Identified the +5 hand axe "Killer Klown's Death" {spect,
                  | Str+4 Int-5 Dex+3 SInv}
182793 | Zig:14   | Identified the +5 scimitar "Otyf" {vorpal, rC+ MP+9 Str+3
                  | Int+3}
182800 | Zig:14   | Identified the +4 short sword "Ricaveowe" {speed, rC++
                  | Str+6 Stlth-}
182809 | Zig:14   | Identified the ring "Rerin" {Fly rElec Int+2 Stlth+}
182849 | Zig:14   | Acquired 409 gold pieces
182860 | Zig:15   | Entered Level 15 of a ziggurat
182869 | Zig:15   | Paralysed by an air elemental for 1 turns
183016 | Zig:15   | Identified the +4 hand axe of Ekiysodo {vorpal, Dex+2}
183018 | Zig:15   | Identified the +1 ring mail of Activism {MP-9 Dex+5 Slay+2}
183027 | Zig:15   | Identified the ring "Eracenge" {Wiz rElec}
183029 | Zig:15   | Identified the ring of Yrrud {Will+ Dex+3 Slay-2}
183310 | Zig:16   | Entered Level 16 of a ziggurat
183325 | Zig:16   | Noticed Lusobrio the pandemonium lord
183329 | Zig:16   | Killed Lusobrio the pandemonium lord
183689 | Zig:16   | Identified the +2 flail of an ice cave {vorpal, *Slow rN+
                  | Str+3}
183694 | Zig:16   | Identified the ring of Nypnec {rF+ Slay+3 SInv}
183698 | Zig:16   | Identified the +2 robe of the Slightly Bent {*Corrode rF+
                  | Will+++ Dex+3}
183729 | Zig:16   | Identified the +10 dagger of the Pill Bug {flame, *Noise
                  | rElec Str+6}
183778 | Zig:17   | Entered Level 17 of a ziggurat
183800 | Zig:17   | Paralysed by an air elemental for 1 turns
183810 | Zig:17   | Found the +10 Black Knight's barding {ponderous, rPois rN+}
183829 | Zig:17   | Identified the +3 leather armour of Gozag's Righteous Fury
                  | {rC+ Str-3 Dex+2}
183830 | Zig:17   | Identified the +0 leather armour "Tiexa" {rPois Dex+3}
183833 | Zig:17   | Identified the +6 shortbow of Pobegum {speed, rF+ Str-5
                  | Int+8 Dex+2}
183837 | Zig:17   | Identified the +11 mace of Contradiction {holy, *Slow rN+
                  | SInv Stlth+}
183839 | Zig:17   | Identified the +4 scimitar of Dismemberment {antimagic, rF+
                  | Dex+4 SInv}
183842 | Zig:17   | Identified the +4 falchion of the Sea {vorpal, Int+6 Dex+3}
183856 | Zig:17   | Identified the +7 war axe "Gelegub" {venom, Contam rC+
                  | Str+7}
183858 | Zig:17   | Identified the ring "Fumyun" {rC+ AC+4 Dex+4}
183860 | Zig:17   | Identified the +0 ring mail of the Wilderness {Dex+5
                  | Stlth+}
183862 | Zig:17   | Identified the +0 scimitar "Yfyok" {antimagic, rPois rF-
                  | rC+ Int+6}
183868 | Zig:17   | Identified the +2 hand axe "Nischaodo" {freeze, rPois rC+
                  | rN++ Str-2}
183873 | Zig:17   | Identified the +0 chain mail of Zelofag {rElec}
183879 | Zig:17   | Identified the +10 plate armour of the Guild-Master
                  | {Rampage rCorr}
183885 | Zig:17   | Identified the +4 dagger "Fojet" {vorpal, rC- rCorr Dex+3}
184265 | Zig:17   | Acquired 789 gold pieces
184281 | Zig:18   | Entered Level 18 of a ziggurat
184573 | Zig:18   | Identified the +1 scimitar "Quplua" {flame, +Blink rC+ rN+
                  | SInv}
184577 | Zig:18   | Identified the +7 short sword "Rudwurgh" {elec, Str+3}
184598 | Zig:18   | Identified the +0 chain mail of Eklec {Stlth+}
184599 | Zig:18   | Identified the +3 mace of Bodily Humours {vorpal, rElec
                  | rN+++ rCorr Int-3}
184612 | Zig:18   | Identified the +2 falchion "Jusiowy" {drain, Fragile Int+3
                  | SInv}
184619 | Zig:18   | Identified the +3 scimitar of Drought {spect, Will+ MP+9}
184667 | Zig:18   | Acquired the ring of the Howling Coward {rF+ Will+ Int+6
                  | Slay+2 Stlth+}
184689 | Zig:19   | Entered Level 19 of a ziggurat
184887 | Zig:19   | Identified the ring "Lile" {rPois rF- rC+ Str+6}
184893 | Zig:19   | Identified the +12 sling of Chance {flame, Fragile rN+
                  | Dex+2}
185120 | Zig:20   | Entered Level 20 of a ziggurat
185130 | Zig:20   | Paralysed by a wendigo for 1 turns
185134 | Zig:20   | Noticed a dread lich
185141 | Zig:20   | Killed a dread lich
185158 | Zig:20   | Identified the +7 short sword of the Ghostly God {speed,
                  | rF+ rC+ Str+5}
185171 | Zig:20   | Identified the +7 falchion of the Original Sin {vorpal,
                  | rElec SInv}
185476 | Zig:20   | Identified the +3 chain mail "Siaschoc" {Str+2}
185505 | Zig:20   | Identified the +11 scimitar "Nidem" {elec, Dex+2}
185554 | Zig:20   | Identified the +10 sling "Ihim Kim" {freeze, +Blink Will+
                  | Int+4}
185574 | Zig:21   | Entered Level 21 of a ziggurat
185588 | Zig:21   | Noticed a dread lich
185595 | Zig:21   | Killed a dread lich
185709 | Zig:21   | Identified the +5 morningstar of the Disturbing Orbs {elec,
                  | +Blink rCorr Int+3}
185710 | Zig:21   | Identified the +6 long sword of the Curious Loafs {freeze,
                  | rElec rPois Dex+3 SInv}
185739 | Zig:21   | Identified the +12 chain mail of the Cobbler {rCorr}
186034 | Zig:22   | Entered Level 22 of a ziggurat
186043 | Zig:22   | Noticed Tisyag the pandemonium lord
186044 | Zig:22   | Noticed Kyiteq the pandemonium lord
186044 | Zig:22   | Noticed Xacox the pandemonium lord
186045 | Zig:22   | Noticed Kapehaifae the pandemonium lord
186045 | Zig:22   | Noticed Vebeudgho the pandemonium lord
186045 | Zig:22   | Noticed Remil the pandemonium lord
186046 | Zig:22   | Killed Tisyag the pandemonium lord
186046 | Zig:22   | Killed Kyiteq the pandemonium lord
186046 | Zig:22   | Noticed Titheqot the pandemonium lord
186047 | Zig:22   | Noticed Soro the pandemonium lord
186048 | Zig:22   | Killed Remil the pandemonium lord
186048 | Zig:22   | Noticed Nere the pandemonium lord
186048 | Zig:22   | Noticed Nalo the pandemonium lord
186050 | Zig:22   | Killed Xacox the pandemonium lord
186051 | Zig:22   | Killed Kapehaifae the pandemonium lord
186051 | Zig:22   | Noticed Wonuiv the pandemonium lord
186052 | Zig:22   | Killed Vebeudgho the pandemonium lord
186052 | Zig:22   | Noticed Noitot the pandemonium lord
186053 | Zig:22   | Noticed Sylisakh the pandemonium lord
186054 | Zig:22   | Noticed Kyucazuull the pandemonium lord
186054 | Zig:22   | Noticed Hinud the pandemonium lord
186055 | Zig:22   | Killed Titheqot the pandemonium lord
186055 | Zig:22   | Killed Sylisakh the pandemonium lord
186056 | Zig:22   | Killed Wonuiv the pandemonium lord
186056 | Zig:22   | Noticed Leiry the pandemonium lord
186057 | Zig:22   | Noticed Bicw the pandemonium lord
186058 | Zig:22   | Killed Nalo the pandemonium lord
186058 | Zig:22   | Killed Soro the pandemonium lord
186058 | Zig:22   | Killed Nere the pandemonium lord
186058 | Zig:22   | Killed Kyucazuull the pandemonium lord
186058 | Zig:22   | Noticed Ovotobus the pandemonium lord
186059 | Zig:22   | Noticed Voosopnu the pandemonium lord
186059 | Zig:22   | Noticed Guegriss the pandemonium lord
186059 | Zig:22   | Noticed Jacrep the pandemonium lord
186059 | Zig:22   | Noticed Zalaj the pandemonium lord
186060 | Zig:22   | Killed Hinud the pandemonium lord
186060 | Zig:22   | Paralysed by you for 5 turns
186060 | Zig:22   | Noticed Orockipn the pandemonium lord
186061 | Zig:22   | Noticed Gammy the pandemonium lord
186062 | Zig:22   | Noticed Illanal the pandemonium lord
186062 | Zig:22   | Noticed Pueble the pandemonium lord
186062 | Zig:22   | Noticed Asmass the pandemonium lord
186063 | Zig:22   | Noticed Lihy the pandemonium lord
186063 | Zig:22   | Noticed Lafuw the pandemonium lord
186064 | Zig:22   | Noticed Ukhuf the pandemonium lord
186065 | Zig:22   | Noticed Otaiq the pandemonium lord
186066 | Zig:22   | Noticed Ciogazyi the pandemonium lord
186067 | Zig:22   | Killed Zalaj the pandemonium lord
186067 | Zig:22   | Killed Noitot the pandemonium lord
186067 | Zig:22   | Killed Ukhuf the pandemonium lord
186068 | Zig:22   | Noticed Woytin the pandemonium lord
186068 | Zig:22   | Noticed Hadaw the pandemonium lord
186069 | Zig:22   | Killed Bicw the pandemonium lord
186069 | Zig:22   | Killed Gammy the pandemonium lord
186069 | Zig:22   | Paralysed by you for 3 turns
186069 | Zig:22   | Noticed Ekkipsor the pandemonium lord
186071 | Zig:22   | Noticed Jaaguf the pandemonium lord
186071 | Zig:22   | Noticed Joykesig the pandemonium lord
186072 | Zig:22   | Noticed Peekk the pandemonium lord
186073 | Zig:22   | Noticed Widosi the pandemonium lord
186074 | Zig:22   | Noticed Orel the pandemonium lord
186075 | Zig:22   | Killed Pueble the pandemonium lord
186075 | Zig:22   | Killed Asmass the pandemonium lord
186075 | Zig:22   | Killed Joykesig the pandemonium lord
186075 | Zig:22   | Killed Guegriss the pandemonium lord
186075 | Zig:22   | Killed Lihy the pandemonium lord
186075 | Zig:22   | Killed Illanal the pandemonium lord
186076 | Zig:22   | Killed Ovotobus the pandemonium lord
186076 | Zig:22   | Killed Lafuw the pandemonium lord
186076 | Zig:22   | Killed Voosopnu the pandemonium lord
186076 | Zig:22   | Killed Peekk the pandemonium lord
186076 | Zig:22   | Killed Widosi the pandemonium lord
186076 | Zig:22   | Noticed Fejamp Myku the pandemonium lord
186077 | Zig:22   | Killed Orockipn the pandemonium lord
186077 | Zig:22   | Killed Woytin the pandemonium lord
186077 | Zig:22   | Killed Ciogazyi the pandemonium lord
186077 | Zig:22   | Killed Leiry the pandemonium lord
186077 | Zig:22   | Noticed Gecreom the pandemonium lord
186077 | Zig:22   | Noticed Tuuckeos the pandemonium lord
186078 | Zig:22   | Killed Hadaw the pandemonium lord
186078 | Zig:22   | Noticed Bumi the pandemonium lord
186079 | Zig:22   | Noticed Lextaygh the pandemonium lord
186079 | Zig:22   | Killed Otaiq the pandemonium lord
186079 | Zig:22   | Noticed Codghelank the pandemonium lord
186080 | Zig:22   | Killed Jaaguf the pandemonium lord
186080 | Zig:22   | Killed Fejamp Myku the pandemonium lord
186081 | Zig:22   | Killed Orel the pandemonium lord
186081 | Zig:22   | Killed Jacrep the pandemonium lord
186081 | Zig:22   | Noticed Quddod the pandemonium lord
186082 | Zig:22   | Killed Ekkipsor the pandemonium lord
186082 | Zig:22   | Killed Lextaygh the pandemonium lord
186082 | Zig:22   | Killed Gecreom the pandemonium lord
186082 | Zig:22   | Killed Tuuckeos the pandemonium lord
186082 | Zig:22   | Noticed Tadu Zaesusm the pandemonium lord
186083 | Zig:22   | Killed Codghelank the pandemonium lord
186083 | Zig:22   | Noticed Waet Zaa the pandemonium lord
186083 | Zig:22   | Noticed Alaungiz the pandemonium lord
186084 | Zig:22   | Noticed Ykheawny the pandemonium lord
186084 | Zig:22   | Noticed Athineadgh the pandemonium lord
186085 | Zig:22   | Killed Waet Zaa the pandemonium lord
186086 | Zig:22   | Killed Quddod the pandemonium lord
186086 | Zig:22   | Noticed Wainy the pandemonium lord
186087 | Zig:22   | Killed Bumi the pandemonium lord
186087 | Zig:22   | Killed Athineadgh the pandemonium lord
186087 | Zig:22   | Noticed Tebbusom the pandemonium lord
186088 | Zig:22   | Killed Ykheawny the pandemonium lord
186088 | Zig:22   | Killed Alaungiz the pandemonium lord
186089 | Zig:22   | Noticed Vagis the pandemonium lord
186090 | Zig:22   | Killed Tadu Zaesusm the pandemonium lord
186090 | Zig:22   | Killed Wainy the pandemonium lord
186091 | Zig:22   | Noticed Asahir the pandemonium lord
186091 | Zig:22   | Noticed Deasuel the pandemonium lord
186092 | Zig:22   | Noticed Peothrod the pandemonium lord
186092 | Zig:22   | Killed Tebbusom the pandemonium lord
186093 | Zig:22   | Killed Deasuel the pandemonium lord
186093 | Zig:22   | Killed Vagis the pandemonium lord
186093 | Zig:22   | Noticed Qukiahal the pandemonium lord
186093 | Zig:22   | Noticed Eschet the pandemonium lord
186093 | Zig:22   | Noticed Kuabyfow the pandemonium lord
186093 | Zig:22   | Noticed Jiammeha the pandemonium lord
186094 | Zig:22   | Noticed Cock the pandemonium lord
186095 | Zig:22   | Killed Peothrod the pandemonium lord
186095 | Zig:22   | Killed Asahir the pandemonium lord
186095 | Zig:22   | Killed Kuabyfow the pandemonium lord
186096 | Zig:22   | Noticed Yfubeoff the pandemonium lord
186096 | Zig:22   | Noticed Esot the pandemonium lord
186097 | Zig:22   | Killed Yfubeoff the pandemonium lord
186097 | Zig:22   | Noticed Oshoujuwo the pandemonium lord
186097 | Zig:22   | Noticed Ziess the pandemonium lord
186098 | Zig:22   | Killed Esot the pandemonium lord
186098 | Zig:22   | Noticed Suodokit the pandemonium lord
186098 | Zig:22   | Noticed Zuemier the pandemonium lord
186099 | Zig:22   | Killed Qukiahal the pandemonium lord
186099 | Zig:22   | Killed Jiammeha the pandemonium lord
186100 | Zig:22   | Noticed Utaud the pandemonium lord
186101 | Zig:22   | Noticed Jyl Juc the pandemonium lord
186101 | Zig:22   | Killed Zuemier the pandemonium lord
186101 | Zig:22   | Killed Cock the pandemonium lord
186102 | Zig:22   | Killed Eschet the pandemonium lord
186103 | Zig:22   | Killed Ziess the pandemonium lord
186103 | Zig:22   | Killed Utaud the pandemonium lord
186104 | Zig:22   | Killed Jyl Juc the pandemonium lord
186104 | Zig:22   | Killed Suodokit the pandemonium lord
186104 | Zig:22   | Killed Oshoujuwo the pandemonium lord
186105 | Zig:22   | Noticed Ivialout the pandemonium lord
186105 | Zig:22   | Noticed Xiwkuf the pandemonium lord
186108 | Zig:22   | Noticed Peawn the pandemonium lord
186109 | Zig:22   | Killed Ivialout the pandemonium lord
186109 | Zig:22   | Killed Peawn the pandemonium lord
186110 | Zig:22   | Killed Xiwkuf the pandemonium lord
186110 | Zig:22   | Noticed Cuv Xit the pandemonium lord
186111 | Zig:22   | Noticed Soerunus the pandemonium lord
186112 | Zig:22   | Noticed Quetopt the pandemonium lord
186114 | Zig:22   | Killed Cuv Xit the pandemonium lord
186114 | Zig:22   | Killed Quetopt the pandemonium lord
186115 | Zig:22   | Killed Soerunus the pandemonium lord
186116 | Zig:22   | Noticed Voekk the pandemonium lord
186118 | Zig:22   | Noticed Raoch the pandemonium lord
186119 | Zig:22   | Killed Voekk the pandemonium lord
186119 | Zig:22   | Noticed Kaxigac the pandemonium lord
186120 | Zig:22   | Noticed Usyarrul the pandemonium lord
186120 | Zig:22   | Noticed Esiokhae the pandemonium lord
186121 | Zig:22   | Killed Raoch the pandemonium lord
186123 | Zig:22   | Noticed Ychin the pandemonium lord
186123 | Zig:22   | Noticed Jucuegg the pandemonium lord
186123 | Zig:22   | Noticed Guso the pandemonium lord
186123 | Zig:22   | Noticed Atteav the pandemonium lord
186125 | Zig:22   | Killed Kaxigac the pandemonium lord
186125 | Zig:22   | Killed Esiokhae the pandemonium lord
186125 | Zig:22   | Killed Jucuegg the pandemonium lord
186125 | Zig:22   | Killed Usyarrul the pandemonium lord
186127 | Zig:22   | Killed Atteav the pandemonium lord
186128 | Zig:22   | Killed Guso the pandemonium lord
186129 | Zig:22   | Killed Ychin the pandemonium lord
186459 | Zig:22   | Identified the +1 scimitar of the Wheel {vorpal, Str+2}
186480 | Zig:22   | Identified the +5 long sword of the Magi {vorpal, Str+3}
186489 | Zig:22   | Identified the +9 arbalest of Ekhlemita {flame, rElec}
186495 | Zig:22   | Identified the +1 robe of the Saviour {rN+ Stlth+}
186498 | Zig:22   | Identified the +3 battleaxe "Ogrebane" {drain, rC+}
186545 | Zig:22   | Acquired 773 gold pieces
186552 | Zig:23   | Entered Level 23 of a ziggurat
186559 | Zig:23   | Noticed a dread lich
186566 | Zig:23   | Killed a dread lich
186584 | Zig:23   | Noticed an ancient lich
186588 | Zig:23   | Killed an ancient lich
186620 | Zig:23   | Identified the +8 rapier of the Tundras {flame, *Slow rElec
                  | rN+ SInv}
186626 | Zig:23   | Identified the +4 morningstar "Naiticw" {vamp, rPois}
186636 | Zig:23   | Identified the +9 spear of Guital {flame, rPois rF- Str+6
                  | SInv}
186637 | Zig:23   | Identified the +6 glaive of Waveegut {chaos, Int+7}
186642 | Zig:23   | Identified the +9 short sword of the Ass {vorpal, rC+}
186756 | Zig:23   | Identified the +6 scimitar of Annihilation {freeze, rF-
                  | rC+++ rN++ Will- SInv}
186757 | Zig:23   | Identified the ring of Rarawn {rF+ rC+ Int+6}
186759 | Zig:23   | Identified the amulet of Ystokh {Acrobat Harm rF++ rC+
                  | Int+2}
186768 | Zig:23   | Identified the +1 leather armour "Qiupitsat" {Harm rF+
                  | Slay-4}
186769 | Zig:23   | Identified the +4 shortbow of the Inviting Gods {speed,
                  | rPois rC+++ Dex-3 SInv}
186772 | Zig:23   | Identified the ring "Aroomij" {rF+ rN+ Slay+3}
187168 | Zig:23   | Acquired 653 gold pieces
187177 | Zig:24   | Entered Level 24 of a ziggurat
187710 | Zig:24   | Identified the ring "Duj Alyrch" {rF+ rC+ MP+9 Dex+3}
187728 | Zig:24   | Identified the +8 long sword of Qierol {freeze, +Blink
                  | rElec rF- Int+4}
187733 | Zig:24   | Identified the +4 scimitar of Arrival {drain, Dex+4}
187740 | Zig:24   | Identified the +5 long sword of Ixagg {holy, Dex+4 SInv
                  | Stlth+}
187742 | Zig:24   | Identified the +5 dagger of Wu Jian's Regard {freeze, rF+
                  | Will+ SInv}
187804 | Zig:25   | Entered Level 25 of a ziggurat
187882 | Zig:25   | Identified the +9 quarterstaff of the Spectre {protect,
                  | rC+}
187885 | Zig:25   | Identified the ring of Impatience {rPois Int+3 SInv}
187903 | Zig:25   | Identified the +2 battleaxe of Peril {flame, rC+ Will+
                  | Str+3}
187958 | Zig:25   | Identified the +1 robe of the Shining Light {+Inv rC+
                  | Str+4}
187968 | Zig:25   | Identified the ring "Mutseqor" {rPois rC+}
187989 | Zig:25   | Identified the +4 ring mail of the Pit {rC+ Str+5}
188484 | Zig:26   | Entered Level 26 of a ziggurat
188997 | Zig:26   | Identified the ring of Eniugop {Wiz rPois Dex+6}
189007 | Zig:26   | Identified the +2 falchion of Satyriasis {venom, rPois rN++
                  | Str+2 Dex-3}
189017 | Zig:26   | Identified the +5 scimitar "Kesunuc" {freeze, rPois Will+
                  | Str-2}
189021 | Zig:26   | Identified the amulet "Nuxaopumaq" {Spirit Will- Regen+
                  | Dex+4}
189027 | Zig:26   | Identified the +11 dire flail "Toigh" {elec, Will+ Int+6}
189031 | Zig:26   | Identified the amulet of Law {Faith rC+ Will+}
189043 | Zig:26   | Identified the +7 glaive of Mandamus {flame, rElec rF+ rN+
                  | Int+4}
189045 | Zig:26   | Identified the ring "Debidupp" {rCorr MP-9 Int+6 Dex+4}
189091 | Zig:26   | Identified the ring "Ysis" {rElec rPois rF- rCorr}
189103 | Zig:26   | Identified the +8 hand axe "Meso" {flame, Int+3}
189120 | Zig:26   | Identified the +1 steam dragon scales of Vanity {Rampage
                  | Regen+ Int-5 Slay+2}
189243 | Zig:27   | Entered Level 27 of a ziggurat
189258 | Zig:27   | Paralysed by a wendigo for 1 turns
189273 | Zig:27   | Noticed a dread lich
189277 | Zig:27   | Killed a dread lich
189342 | Zig:27   | Identified the ring of Miofoth {*Corrode rElec rPois Will++
                  | Slay+2}
189344 | Zig:27   | Identified the ring of Tempters {rPois rN+ Will+ rCorr}
189352 | Zig:27   | Identified the amulet "Akhoiting" {RegenMP Regen+}
189379 | Zig:27   | Identified the +11 dagger "Vudienlucw" {protect, rPois rF+
                  | MP+9 Str-5}
189992 | Depths:4 | Lost mutation: You expend magic power (3 MP) to strengthen
                  | your wands. [potion of mutation]
189992 | Depths:4 | Lost mutation: Your mind is acute. (Int +4, Str/Dex -1)
                  | [potion of mutation]
189992 | Depths:4 | Gained mutation: Your spells are a little easier to cast,
                  | but a little less powerful. [potion of mutation]
189992 | Depths:4 | Gained mutation: You are somewhat resistant to further
                  | mutation. [potion of mutation]
189993 | Depths:4 | Lost mutation: You are somewhat resistant to further
                  | mutation. [potion of mutation]
189993 | Depths:4 | Lost mutation: Your spells are a little easier to cast, but
                  | a little less powerful. [potion of mutation]
189993 | Depths:4 | Gained mutation: You sometimes lose your temper in combat.
                  | [potion of mutation]
189993 | Depths:4 | Gained mutation: You are partially covered in large bone
                  | plates. (SH +4) [potion of mutation]
189993 | Depths:4 | Gained mutation: Your flesh is heat resistant. (rF+)
                  | [potion of mutation]
189993 | Depths:4 | Gained mutation: Your system is resistant to poisons.
                  | (rPois) [potion of mutation]
189994 | Depths:4 | Lost mutation: Your flesh is heat resistant. (rF+) [potion
                  | of mutation]
189994 | Depths:4 | Lost mutation: You are partially covered in large bone
                  | plates. (SH +4) [potion of mutation]
189994 | Depths:4 | Gained mutation: You are dopey. (Int -2) [potion of
                  | mutation]
189994 | Depths:4 | Gained mutation: You have an uncontrollable temper. [potion
                  | of mutation]
189994 | Depths:4 | Gained mutation: Your spells are a little easier to cast,
                  | but a little less powerful. [potion of mutation]
189995 | Depths:4 | Lost mutation: Your spells are a little easier to cast, but
                  | a little less powerful. [potion of mutation]
189995 | Depths:4 | Lost mutation: Your system is resistant to poisons. (rPois)
                  | [potion of mutation]
189995 | Depths:4 | Gained mutation: Your body sometimes deteriorates upon
                  | taking damage. [potion of mutation]
189995 | Depths:4 | Lost mutation: You have an uncontrollable temper. [potion
                  | of mutation]
189995 | Depths:4 | Gained mutation: You are weak. (Str -2) [potion of
                  | mutation]
189996 | Depths:4 | Lost mutation: You sometimes lose your temper in combat.
                  | [potion of mutation]
189996 | Depths:4 | Lost mutation: Your body sometimes deteriorates upon taking
                  | damage. [potion of mutation]
189996 | Depths:4 | Gained mutation: You have hidden genetic defects. [potion
                  | of mutation]
189997 | Depths:4 | Lost mutation: You have hidden genetic defects. [potion of
                  | mutation]
189997 | Depths:4 | Lost mutation: You are weak. (Str -2) [potion of mutation]
189997 | Depths:4 | Lost mutation: You are dopey. (Int -2) [potion of mutation]
189997 | Depths:4 | Gained mutation: You have a pair of small horns on your
                  | head. [potion of mutation]
189997 | Depths:4 | Gained mutation: Your body sometimes deteriorates upon
                  | taking damage. [potion of mutation]
189998 | Depths:4 | Lost mutation: Your body sometimes deteriorates upon taking
                  | damage. [potion of mutation]
189998 | Depths:4 | Lost mutation: You have a pair of small horns on your head.
                  | [potion of mutation]
189998 | Depths:4 | Gained mutation: Your spells are a little harder to cast,
                  | but a little more powerful. [potion of mutation]
189998 | Depths:4 | Gained mutation: You are resistant to electric shocks.
                  | (rElec) [potion of mutation]
189998 | Depths:4 | Gained mutation: Your flesh is cold resistant. (rC+)
                  | [potion of mutation]
189999 | Depths:4 | Lost mutation: You are resistant to electric shocks.
                  | (rElec) [potion of mutation]
189999 | Depths:4 | Lost mutation: Your spells are a little harder to cast, but
                  | a little more powerful. [potion of mutation]
189999 | Depths:4 | Gained mutation: You occasionally lose the ability to read
                  | scrolls when taking damage. [potion of mutation]
189999 | Depths:4 | Gained mutation: Your mind is acute. (Int +4, Str/Dex -1)
                  | [potion of mutation]
189999 | Depths:4 | Gained mutation: Your mind is very acute. (Int +8, Str/Dex
                  | -2) [potion of mutation]
190000 | Depths:4 | Lost mutation: You occasionally lose the ability to read
                  | scrolls when taking damage. [potion of mutation]
190000 | Depths:4 | Lost mutation: Your mind is very acute. (Int +8, Str/Dex
                  | -2) [potion of mutation]
190000 | Depths:4 | Gained mutation: Your natural rate of healing is unusually
                  | fast. [potion of mutation]
190000 | Depths:4 | Gained mutation: Your body sometimes deteriorates upon
                  | taking damage. [potion of mutation]
190000 | Depths:4 | Gained mutation: Your system is resistant to poisons.
                  | (rPois) [potion of mutation]
190001 | Depths:4 | Lost mutation: Your body sometimes deteriorates upon taking
                  | damage. [potion of mutation]
190001 | Depths:4 | Lost mutation: Your system is resistant to poisons. (rPois)
                  | [potion of mutation]
190001 | Depths:4 | Gained mutation: You have very sharp teeth. [potion of
                  | mutation]
190001 | Depths:4 | Gained mutation: Your flesh is heat resistant. (rF+)
                  | [potion of mutation]
190009 | Zig:1    | Entered Level 1 of a ziggurat
190054 | Zig:2    | Entered Level 2 of a ziggurat
190054 | Zig:2    | Noticed a royal mummy
190054 | Zig:2    | Noticed a royal mummy
190054 | Zig:2    | Noticed a royal mummy
190054 | Zig:2    | Noticed a royal mummy
190055 | Zig:2    | Killed a royal mummy
190055 | Zig:2    | Killed a royal mummy
190055 | Zig:2    | Killed a royal mummy
190056 | Zig:2    | Killed a royal mummy
190181 | Zig:3    | Entered Level 3 of a ziggurat
190181 | Zig:3    | Noticed a dread lich
190181 | Zig:3    | Noticed a dread lich
190181 | Zig:3    | Noticed a dread lich
190182 | Zig:3    | Noticed an ancient lich
190183 | Zig:3    | Killed a dread lich
190185 | Zig:3    | Killed a dread lich
190185 | Zig:3    | Killed a dread lich
190185 | Zig:3    | Killed an ancient lich
190215 | Zig:3    | Identified the ring "Cuneaf" {rPois rN+ rCorr Dex-3}
190264 | Zig:4    | Entered Level 4 of a ziggurat
190367 | Zig:4    | Identified the +2 scimitar of Iconoclasm {vorpal, Will+
                  | Str+4 Stlth+}
190370 | Zig:4    | Identified the +7 chain mail of the Little Devil {*Corrode
                  | +Blink Will+ Slay+2}
190405 | Zig:5    | Entered Level 5 of a ziggurat
190447 | Zig:5    | Identified the +5 mace "Buiq" {holy, Int+2 SInv}
190450 | Zig:5    | Identified the amulet "Japp" {Spirit rPois rC+ rCorr SInv}
190454 | Zig:5    | Identified the +5 scimitar of the Firefly {vamp, rElec rF+
                  | SInv}
190478 | Zig:5    | Identified the +8 war axe of Lapri {venom, *Slow rPois rC+}
190488 | Zig:5    | Identified the ring "Ojaimum" {Ice *Slow rN+ Int+4 Dex+4}
190606 | Zig:6    | Entered Level 6 of a ziggurat
190606 | Zig:6    | Noticed an ancient lich
190607 | Zig:6    | Noticed a dread lich
190607 | Zig:6    | Noticed an ancient lich
190608 | Zig:6    | Noticed an ancient lich
190608 | Zig:6    | Noticed an ancient lich
190608 | Zig:6    | Noticed an ancient lich
190609 | Zig:6    | Noticed a dread lich
190609 | Zig:6    | Killed a dread lich
190609 | Zig:6    | Killed an ancient lich
190610 | Zig:6    | Killed an ancient lich
190610 | Zig:6    | Killed an ancient lich
190610 | Zig:6    | Killed an ancient lich
190610 | Zig:6    | Killed a dread lich
190610 | Zig:6    | Killed an ancient lich
190611 | Zig:6    | Noticed a dread lich
190611 | Zig:6    | Noticed a dread lich
190611 | Zig:6    | Noticed a dread lich
190611 | Zig:6    | Noticed an ancient lich
190611 | Zig:6    | Noticed an ancient lich
190611 | Zig:6    | Noticed a dread lich
190612 | Zig:6    | Noticed a dread lich
190613 | Zig:6    | Noticed a dread lich
190614 | Zig:6    | Noticed a dread lich
190616 | Zig:6    | Killed a dread lich
190616 | Zig:6    | Killed an ancient lich
190616 | Zig:6    | Killed a dread lich
190616 | Zig:6    | Killed a dread lich
190616 | Zig:6    | Killed a dread lich
190617 | Zig:6    | Killed a dread lich
190617 | Zig:6    | Killed a dread lich
190617 | Zig:6    | Killed a dread lich
190617 | Zig:6    | Killed an ancient lich
190735 | Zig:6    | Identified the ring of Moral Flaws {rPois rF+}
190762 | Zig:7    | Entered Level 7 of a ziggurat
190823 | Zig:7    | Identified the amulet of the Well-Known Spirits {RegenMP
                  | Rampage rCorr}
190827 | Zig:7    | Identified the +5 halberd of Suimynta {venom, Str+2}
190842 | Zig:7    | Identified the ring of Astrull {rElec rPois rC+}
190853 | Zig:7    | Identified the +2 broad axe of the Baleful God {holy, rN+
                  | Str-3 Dex+2 Stlth+}
191039 | Zig:8    | Entered Level 8 of a ziggurat
191160 | Zig:9    | Entered Level 9 of a ziggurat
191170 | Zig:9    | Paralysed by accursed screaming for 2 turns
191275 | Zig:9    | Identified the +5 mace "Ecugg" {vorpal, Fly rF+ Dex+3}
191280 | Zig:9    | Identified the +6 sling of the Land of Plenty {vorpal,
                  | Will+}
191448 | Zig:10   | Entered Level 10 of a ziggurat
191448 | Zig:10   | Noticed a royal mummy
191448 | Zig:10   | Noticed a royal mummy
191448 | Zig:10   | Noticed a royal mummy
191450 | Zig:10   | Killed a royal mummy
191450 | Zig:10   | Killed a royal mummy
191450 | Zig:10   | Noticed a royal mummy
191452 | Zig:10   | Noticed a royal mummy
191453 | Zig:10   | Noticed a royal mummy
191453 | Zig:10   | Noticed a royal mummy
191453 | Zig:10   | Killed a royal mummy
191454 | Zig:10   | Noticed a royal mummy
191455 | Zig:10   | Noticed a royal mummy
191455 | Zig:10   | Noticed a royal mummy
191455 | Zig:10   | Noticed a royal mummy
191456 | Zig:10   | Noticed a royal mummy
191456 | Zig:10   | Killed a royal mummy
191457 | Zig:10   | Killed a royal mummy
191457 | Zig:10   | Noticed a royal mummy
191458 | Zig:10   | Killed a royal mummy
191458 | Zig:10   | Killed a royal mummy
191458 | Zig:10   | Killed a royal mummy
191458 | Zig:10   | Killed a royal mummy
191458 | Zig:10   | Killed a royal mummy
191459 | Zig:10   | Killed a royal mummy
191459 | Zig:10   | Killed a royal mummy
191459 | Zig:10   | Killed a royal mummy
191461 | Zig:10   | Noticed a royal mummy
191464 | Zig:10   | Noticed a royal mummy
191465 | Zig:10   | Killed a royal mummy
191466 | Zig:10   | Noticed a royal mummy
191467 | Zig:10   | Killed a royal mummy
191468 | Zig:10   | Killed a royal mummy
191511 | Zig:10   | Identified the +10 long sword "Jelly's Regret" {protect,
                  | Will+}
191523 | Zig:10   | Identified the +6 morningstar "Lyucwust" {holy, rElec rPois
                  | rCorr Str-5}
191765 | Zig:11   | Entered Level 11 of a ziggurat
191770 | Zig:11   | Noticed an ancient lich
191770 | Zig:11   | Noticed an ancient lich
191773 | Zig:11   | Noticed an ancient lich
191777 | Zig:11   | Noticed an ancient lich
191777 | Zig:11   | Killed an ancient lich
191779 | Zig:11   | Killed an ancient lich
191783 | Zig:11   | Killed an ancient lich
191783 | Zig:11   | Killed an ancient lich
191895 | Zig:11   | Identified the +11 great sword of Plunder {vorpal, Str+4}
191898 | Zig:11   | Identified the +6 quarterstaff "Qidwaloh" {freeze, rPois
                  | rF+ SInv}
191926 | Zig:11   | Identified the +10 short sword "Vocziega" {spect, Str+8
                  | Dex-4}
192063 | Zig:12   | Entered Level 12 of a ziggurat
192065 | Zig:12   | Noticed Rimox the pandemonium lord
192066 | Zig:12   | Noticed Cimirog the pandemonium lord
192066 | Zig:12   | Noticed Hoanyad the pandemonium lord
192066 | Zig:12   | Noticed Locaomm the pandemonium lord
192066 | Zig:12   | Noticed Ymaadeom the pandemonium lord
192066 | Zig:12   | Noticed Yxkud the pandemonium lord
192066 | Zig:12   | Noticed Rifeefy the pandemonium lord
192066 | Zig:12   | Noticed Dophah the pandemonium lord
192067 | Zig:12   | Noticed Miut the pandemonium lord
192067 | Zig:12   | Noticed Baeleh the pandemonium lord
192068 | Zig:12   | Noticed Evad Leu the pandemonium lord
192068 | Zig:12   | Noticed Rabbewynn the pandemonium lord
192068 | Zig:12   | Noticed Zofantim the pandemonium lord
192068 | Zig:12   | Noticed Sohuil the pandemonium lord
192069 | Zig:12   | Noticed Poaros the pandemonium lord
192069 | Zig:12   | Noticed Tunyl the pandemonium lord
192069 | Zig:12   | Killed Evad Leu the pandemonium lord
192069 | Zig:12   | Killed Ymaadeom the pandemonium lord
192069 | Zig:12   | Killed Baeleh the pandemonium lord
192069 | Zig:12   | Killed Hoanyad the pandemonium lord
192069 | Zig:12   | Noticed Eruekh the pandemonium lord
192069 | Zig:12   | Noticed Meaph the pandemonium lord
192069 | Zig:12   | Noticed Vemugh Ceyd the pandemonium lord
192070 | Zig:12   | Noticed Gienatot the pandemonium lord
192071 | Zig:12   | Killed Cimirog the pandemonium lord
192071 | Zig:12   | Killed Rimox the pandemonium lord
192071 | Zig:12   | Killed Dophah the pandemonium lord
192072 | Zig:12   | Noticed Koudduqa the pandemonium lord
192072 | Zig:12   | Killed Poaros the pandemonium lord
192072 | Zig:12   | Killed Miut the pandemonium lord
192072 | Zig:12   | Killed Koudduqa the pandemonium lord
192072 | Zig:12   | Killed Meaph the pandemonium lord
192072 | Zig:12   | Killed Tunyl the pandemonium lord
192072 | Zig:12   | Noticed Xonnom the pandemonium lord
192072 | Zig:12   | Noticed Xeatih the pandemonium lord
192073 | Zig:12   | Killed Gienatot the pandemonium lord
192073 | Zig:12   | Noticed Xeakhlou the pandemonium lord
192073 | Zig:12   | Noticed Fuoseo the pandemonium lord
192074 | Zig:12   | Killed Fuoseo the pandemonium lord
192074 | Zig:12   | Killed Rifeefy the pandemonium lord
192074 | Zig:12   | Killed Locaomm the pandemonium lord
192075 | Zig:12   | Killed Rabbewynn the pandemonium lord
192075 | Zig:12   | Noticed Xurugop the pandemonium lord
192076 | Zig:12   | Killed Vemugh Ceyd the pandemonium lord
192076 | Zig:12   | Killed Eruekh the pandemonium lord
192076 | Zig:12   | Killed Sohuil the pandemonium lord
192076 | Zig:12   | Noticed Buodun the pandemonium lord
192077 | Zig:12   | Noticed Vekum the pandemonium lord
192077 | Zig:12   | Killed Xonnom the pandemonium lord
192077 | Zig:12   | Killed Xurugop the pandemonium lord
192077 | Zig:12   | Killed Xeakhlou the pandemonium lord
192077 | Zig:12   | Killed Xeatih the pandemonium lord
192077 | Zig:12   | Noticed Gekhighe the pandemonium lord
192078 | Zig:12   | Killed Vekum the pandemonium lord
192078 | Zig:12   | Killed Zofantim the pandemonium lord
192080 | Zig:12   | Killed Buodun the pandemonium lord
192081 | Zig:12   | Noticed Ritecvig the pandemonium lord
192083 | Zig:12   | Noticed Raif the pandemonium lord
192084 | Zig:12   | Killed Gekhighe the pandemonium lord
192084 | Zig:12   | Noticed Qousuomi the pandemonium lord
192085 | Zig:12   | Killed Ritecvig the pandemonium lord
192085 | Zig:12   | Noticed Name the pandemonium lord
192086 | Zig:12   | Killed Qousuomi the pandemonium lord
192088 | Zig:12   | Noticed Metiu the pandemonium lord
192088 | Zig:12   | Killed Yxkud the pandemonium lord
192088 | Zig:12   | Killed Raif the pandemonium lord
192088 | Zig:12   | Killed Name the pandemonium lord
192088 | Zig:12   | Noticed Luelup the pandemonium lord
192090 | Zig:12   | Killed Metiu the pandemonium lord
192090 | Zig:12   | Killed Luelup the pandemonium lord
192091 | Zig:12   | Noticed Rulian the pandemonium lord
192094 | Zig:12   | Noticed Oriur the pandemonium lord
192094 | Zig:12   | Noticed Fajubih the pandemonium lord
192095 | Zig:12   | Killed Rulian the pandemonium lord
192095 | Zig:12   | Killed Oriur the pandemonium lord
192096 | Zig:12   | Killed Fajubih the pandemonium lord
192285 | Zig:12   | Identified the +1 cloak of Hadjma {rPois rC+ Int+4}
192358 | Zig:13   | Entered Level 13 of a ziggurat
192406 | Zig:13   | Identified the ring of Springtime {rC+ rN+ Str+4 Dex+6}
192412 | Zig:13   | Identified the +7 glaive of Perfectionism {vorpal, +Blink
                  | rN+ Int-2 Dex+8}
192434 | Zig:13   | Identified the ring of Ferahecs {rElec rF+ MP+9 Dex-4
                  | Slay+5}
192440 | Zig:13   | Identified the ring "Iqeyboimm" {rC+ Str+3 Stlth+}
192444 | Zig:13   | Identified the +6 war axe of Cheibriados's Regard {holy,
                  | rPois}
192472 | Zig:13   | Identified the +5 rapier of Zuow {vorpal, Int+2}
192474 | Zig:13   | Identified the ring of Cocwoin {Fly rElec rF+ MP-9}
192477 | Zig:13   | Identified the +5 scale mail of Quantum Leap {Harm +Blink
                  | rF-}
192758 | Zig:13   | Acquired 1055 gold pieces
192759 | Zig:13   | Acquired 1031 gold pieces
192772 | Zig:14   | Entered Level 14 of a ziggurat
193068 | Zig:14   | Identified the ring "Ecethrady" {Drain rN+ Str+6}
193072 | Zig:14   | Identified the +7 scale mail of the Thinker {-Cast rElec
                  | rPois}
193105 | Zig:14   | Identified the +3 leather armour of Hexuawa {Fly Int+5}
193118 | Zig:14   | Identified the ring "Engosok" {rC+ MP+9 Dex+4 SInv}
193169 | Zig:15   | Entered Level 15 of a ziggurat
193217 | Zig:15   | Identified the +5 demon whip of the Blind Eye {vamp, *Slow
                  | rC+ rCorr Str+2}
193242 | Zig:15   | Identified the +7 great sword of Tension {vorpal, Fragile
                  | rPois Str+7 Dex+2}
193253 | Zig:15   | Identified the ring "Zaulump" {Fire Dex+3}
193260 | Zig:15   | Identified the +1 robe of Ybri Ism {Drain rC+ rCorr Stlth+}
193285 | Zig:15   | Identified the +6 halberd of Zeppyro {vorpal, Fly MP+9}
193287 | Zig:15   | Identified the +1 scale mail of the Trees {rF+ rCorr Str-4}
193606 | Zig:16   | Entered Level 16 of a ziggurat
193612 | Zig:16   | Noticed an ancient lich
193612 | Zig:16   | Noticed an ancient lich
193614 | Zig:16   | Noticed an ancient lich
193615 | Zig:16   | Noticed an ancient lich
193615 | Zig:16   | Noticed an ancient lich
193615 | Zig:16   | Noticed an ancient lich
193615 | Zig:16   | Noticed an ancient lich
193616 | Zig:16   | Noticed an ancient lich
193617 | Zig:16   | Noticed an ancient lich
193617 | Zig:16   | Noticed an ancient lich
193618 | Zig:16   | Noticed an ancient lich
193618 | Zig:16   | Killed an ancient lich
193619 | Zig:16   | Killed an ancient lich
193619 | Zig:16   | Killed an ancient lich
193620 | Zig:16   | Killed an ancient lich
193620 | Zig:16   | Killed an ancient lich
193621 | Zig:16   | Killed an ancient lich
193621 | Zig:16   | Killed an ancient lich
193622 | Zig:16   | Killed an ancient lich
193622 | Zig:16   | Killed an ancient lich
193622 | Zig:16   | Killed an ancient lich
193623 | Zig:16   | Noticed an ancient lich
193624 | Zig:16   | Killed an ancient lich
193624 | Zig:16   | Killed an ancient lich
193960 | Zig:16   | Identified the +2 battleaxe of the Dwarven Hall {drain,
                  | Dex+5}
194015 | Zig:17   | Entered Level 17 of a ziggurat
194015 | Zig:17   | Noticed a juggernaut
194015 | Zig:17   | Noticed a juggernaut
194017 | Zig:17   | Noticed a juggernaut
194017 | Zig:17   | Noticed a juggernaut
194018 | Zig:17   | Noticed a juggernaut
194021 | Zig:17   | Killed a juggernaut
194021 | Zig:17   | Killed a juggernaut
194021 | Zig:17   | Killed a juggernaut
194021 | Zig:17   | Killed a juggernaut
194021 | Zig:17   | Noticed a juggernaut
194021 | Zig:17   | Noticed a juggernaut
194021 | Zig:17   | Noticed a juggernaut
194021 | Zig:17   | Noticed a juggernaut
194022 | Zig:17   | Noticed a juggernaut
194022 | Zig:17   | Noticed a juggernaut
194023 | Zig:17   | Killed a juggernaut
194025 | Zig:17   | Noticed a juggernaut
194025 | Zig:17   | Killed a juggernaut
194025 | Zig:17   | Killed a juggernaut
194025 | Zig:17   | Killed a juggernaut
194026 | Zig:17   | Noticed a juggernaut
194026 | Zig:17   | Killed a juggernaut
194027 | Zig:17   | Killed a juggernaut
194028 | Zig:17   | Noticed a juggernaut
194029 | Zig:17   | Noticed a juggernaut
194030 | Zig:17   | Noticed a juggernaut
194031 | Zig:17   | Killed a juggernaut
194031 | Zig:17   | Killed a juggernaut
194031 | Zig:17   | Killed a juggernaut
194032 | Zig:17   | Killed a juggernaut
194032 | Zig:17   | Killed a juggernaut
194032 | Zig:17   | Noticed a juggernaut
194032 | Zig:17   | Noticed a juggernaut
194032 | Zig:17   | Noticed a juggernaut
194035 | Zig:17   | Noticed a juggernaut
194035 | Zig:17   | Noticed a juggernaut
194036 | Zig:17   | Noticed a juggernaut
194036 | Zig:17   | Noticed a juggernaut
194036 | Zig:17   | Killed a juggernaut
194037 | Zig:17   | Noticed a juggernaut
194037 | Zig:17   | Noticed a juggernaut
194037 | Zig:17   | Noticed a juggernaut
194037 | Zig:17   | Noticed a juggernaut
194037 | Zig:17   | Killed a juggernaut
194037 | Zig:17   | Killed a juggernaut
194038 | Zig:17   | Killed a juggernaut
194039 | Zig:17   | Found the +3 Mad Mage's Maulers {Infuse+∞ RegenMP Int-3}
194040 | Zig:17   | Killed a juggernaut
194043 | Zig:17   | Killed a juggernaut
194043 | Zig:17   | Killed a juggernaut
194043 | Zig:17   | Killed a juggernaut
194043 | Zig:17   | Killed a juggernaut
194044 | Zig:17   | Killed a juggernaut
194044 | Zig:17   | Killed a juggernaut
194045 | Zig:17   | Killed a juggernaut
194080 | Zig:17   | Identified the +4 tower shield "Asucy" {Harm rC- Will+}
194083 | Zig:17   | Identified the +8 scimitar of the Orb {freeze, rPois Int+4}
194096 | Zig:17   | Identified the ring "Ucirel" {Fly Str+7}
194098 | Zig:17   | Identified the +6 halberd "Anuthy" {flame, *Noise +Blink
                  | rF++ rCorr}
194115 | Zig:17   | Identified the ring of Forytix {rPois rF+ Str-4 Int+6
                  | Slay+3}
194123 | Zig:17   | Identified the ring "Hamaprih" {rCorr MP+9}
194648 | Zig:18   | Entered Level 18 of a ziggurat
194653 | Zig:18   | Noticed Zileh the pandemonium lord
194653 | Zig:18   | Noticed Bemew the pandemonium lord
194653 | Zig:18   | Noticed Ixifar the pandemonium lord
194654 | Zig:18   | Noticed Lohin the pandemonium lord
194654 | Zig:18   | Noticed Giockuot the pandemonium lord
194654 | Zig:18   | Noticed Ymoit the pandemonium lord
194654 | Zig:18   | Noticed Omooxkoll the pandemonium lord
194654 | Zig:18   | Noticed Huzih the pandemonium lord
194655 | Zig:18   | Noticed Coew Yto the pandemonium lord
194655 | Zig:18   | Noticed Bifauf the pandemonium lord
194655 | Zig:18   | Noticed Atotowil the pandemonium lord
194657 | Zig:18   | Noticed Ugeuheh the pandemonium lord
194658 | Zig:18   | Killed Zileh the pandemonium lord
194658 | Zig:18   | Killed Ymoit the pandemonium lord
194658 | Zig:18   | Killed Giockuot the pandemonium lord
194658 | Zig:18   | Killed Bifauf the pandemonium lord
194658 | Zig:18   | Killed Lohin the pandemonium lord
194658 | Zig:18   | Noticed Zemn the pandemonium lord
194658 | Zig:18   | Noticed Wotukli the pandemonium lord
194659 | Zig:18   | Killed Ixifar the pandemonium lord
194659 | Zig:18   | Killed Atotowil the pandemonium lord
194659 | Zig:18   | Noticed Arusung Beef the pandemonium lord
194659 | Zig:18   | Noticed Cine the pandemonium lord
194659 | Zig:18   | Noticed Nenapnatt the pandemonium lord
194660 | Zig:18   | Noticed Veboifaxt the pandemonium lord
194660 | Zig:18   | Noticed Nijazuz the pandemonium lord
194660 | Zig:18   | Killed Omooxkoll the pandemonium lord
194661 | Zig:18   | Killed Nenapnatt the pandemonium lord
194661 | Zig:18   | Killed Arusung Beef the pandemonium lord
194662 | Zig:18   | Killed Coew Yto the pandemonium lord
194662 | Zig:18   | Killed Ugeuheh the pandemonium lord
194662 | Zig:18   | Noticed Galo the pandemonium lord
194662 | Zig:18   | Noticed Arioss the pandemonium lord
194662 | Zig:18   | Noticed Xozeprad the pandemonium lord
194664 | Zig:18   | Noticed Okeixt the pandemonium lord
194665 | Zig:18   | Killed Zemn the pandemonium lord
194665 | Zig:18   | Killed Huzih the pandemonium lord
194665 | Zig:18   | Noticed Ugongu the pandemonium lord
194666 | Zig:18   | Noticed Meutt the pandemonium lord
194666 | Zig:18   | Noticed Kidypn the pandemonium lord
194666 | Zig:18   | Killed Cine the pandemonium lord
194666 | Zig:18   | Killed Wotukli the pandemonium lord
194666 | Zig:18   | Killed Bemew the pandemonium lord
194666 | Zig:18   | Noticed Kuoggucy the pandemonium lord
194666 | Zig:18   | Noticed Qil Xess the pandemonium lord
194666 | Zig:18   | Noticed Selatas the pandemonium lord
194667 | Zig:18   | Noticed Rughuqu the pandemonium lord
194667 | Zig:18   | Noticed Iliotaig the pandemonium lord
194667 | Zig:18   | Noticed Bitrubateck the pandemonium lord
194667 | Zig:18   | Noticed Imanwil the pandemonium lord
194668 | Zig:18   | Noticed Vuiphux the pandemonium lord
194668 | Zig:18   | Killed Galo the pandemonium lord
194668 | Zig:18   | Killed Xozeprad the pandemonium lord
194668 | Zig:18   | Killed Veboifaxt the pandemonium lord
194668 | Zig:18   | Killed Arioss the pandemonium lord
194668 | Zig:18   | Noticed Gatiwam the pandemonium lord
194668 | Zig:18   | Noticed Etir the pandemonium lord
194669 | Zig:18   | Noticed Riasaef the pandemonium lord
194669 | Zig:18   | Killed Selatas the pandemonium lord
194669 | Zig:18   | Killed Kidypn the pandemonium lord
194669 | Zig:18   | Killed Ugongu the pandemonium lord
194669 | Zig:18   | Noticed Tuzyhet the pandemonium lord
194669 | Zig:18   | Noticed Awneh the pandemonium lord
194669 | Zig:18   | Noticed Leurph the pandemonium lord
194670 | Zig:18   | Killed Vuiphux the pandemonium lord
194670 | Zig:18   | Killed Rughuqu the pandemonium lord
194670 | Zig:18   | Killed Qil Xess the pandemonium lord
194670 | Zig:18   | Noticed Noiseb the pandemonium lord
194670 | Zig:18   | Noticed Quow the pandemonium lord
194671 | Zig:18   | Noticed Ysaycw the pandemonium lord
194672 | Zig:18   | Noticed Tiymul the pandemonium lord
194672 | Zig:18   | Noticed Cohaatah the pandemonium lord
194672 | Zig:18   | Noticed Xatrasac the pandemonium lord
194673 | Zig:18   | Killed Leurph the pandemonium lord
194673 | Zig:18   | Killed Kuoggucy the pandemonium lord
194673 | Zig:18   | Killed Riasaef the pandemonium lord
194673 | Zig:18   | Killed Ysaycw the pandemonium lord
194673 | Zig:18   | Noticed Betheita the pandemonium lord
194673 | Zig:18   | Noticed Giuxzody the pandemonium lord
194673 | Zig:18   | Noticed Aneorode the pandemonium lord
194673 | Zig:18   | Noticed Castauhe the pandemonium lord
194675 | Zig:18   | Noticed Dearo the pandemonium lord
194676 | Zig:18   | Killed Etir the pandemonium lord
194676 | Zig:18   | Killed Meutt the pandemonium lord
194676 | Zig:18   | Killed Noiseb the pandemonium lord
194676 | Zig:18   | Killed Tuzyhet the pandemonium lord
194676 | Zig:18   | Noticed Papenum the pandemonium lord
194677 | Zig:18   | Noticed Daxzy the pandemonium lord
194677 | Zig:18   | Noticed Derig Kosiu the pandemonium lord
194678 | Zig:18   | Killed Bitrubateck the pandemonium lord
194678 | Zig:18   | Killed Aneorode the pandemonium lord
194678 | Zig:18   | Killed Betheita the pandemonium lord
194678 | Zig:18   | Killed Xatrasac the pandemonium lord
194679 | Zig:18   | Killed Awneh the pandemonium lord
194679 | Zig:18   | Killed Gatiwam the pandemonium lord
194679 | Zig:18   | Killed Quow the pandemonium lord
194679 | Zig:18   | Killed Castauhe the pandemonium lord
194680 | Zig:18   | Killed Iliotaig the pandemonium lord
194680 | Zig:18   | Killed Cohaatah the pandemonium lord
194680 | Zig:18   | Killed Giuxzody the pandemonium lord
194680 | Zig:18   | Killed Dearo the pandemonium lord
194681 | Zig:18   | Killed Derig Kosiu the pandemonium lord
194681 | Zig:18   | Killed Tiymul the pandemonium lord
194681 | Zig:18   | Noticed Fyomug the pandemonium lord
194682 | Zig:18   | Noticed Sootuj Jeots the pandemonium lord
194683 | Zig:18   | Killed Daxzy the pandemonium lord
194683 | Zig:18   | Killed Okeixt the pandemonium lord
194683 | Zig:18   | Noticed Qoduid the pandemonium lord
194684 | Zig:18   | Killed Papenum the pandemonium lord
194684 | Zig:18   | Killed Fyomug the pandemonium lord
194684 | Zig:18   | Noticed Ecawnanu the pandemonium lord
194685 | Zig:18   | Killed Qoduid the pandemonium lord
194685 | Zig:18   | Killed Sootuj Jeots the pandemonium lord
194685 | Zig:18   | Noticed Ogoodepn the pandemonium lord
194685 | Zig:18   | Noticed Igoz Sya the pandemonium lord
194686 | Zig:18   | Killed Nijazuz the pandemonium lord
194686 | Zig:18   | Noticed Yme Xefoo the pandemonium lord
194686 | Zig:18   | Noticed Fuighuv the pandemonium lord
194686 | Zig:18   | Noticed Qagrunk the pandemonium lord
194686 | Zig:18   | Noticed Wojuanig the pandemonium lord
194687 | Zig:18   | Killed Yme Xefoo the pandemonium lord
194687 | Zig:18   | Noticed Ebuonol the pandemonium lord
194688 | Zig:18   | Killed Ogoodepn the pandemonium lord
194688 | Zig:18   | Killed Qagrunk the pandemonium lord
194688 | Zig:18   | Noticed Natisopru the pandemonium lord
194689 | Zig:18   | Killed Ecawnanu the pandemonium lord
194689 | Zig:18   | Killed Fuighuv the pandemonium lord
194689 | Zig:18   | Noticed Refem the pandemonium lord
194689 | Zig:18   | Noticed Raykaoh the pandemonium lord
194690 | Zig:18   | Killed Ebuonol the pandemonium lord
194690 | Zig:18   | Killed Natisopru the pandemonium lord
194691 | Zig:18   | Killed Wojuanig the pandemonium lord
194692 | Zig:18   | Killed Igoz Sya the pandemonium lord
194692 | Zig:18   | Killed Refem the pandemonium lord
194692 | Zig:18   | Noticed Opalujar the pandemonium lord
194693 | Zig:18   | Noticed Gexuun the pandemonium lord
194693 | Zig:18   | Killed Imanwil the pandemonium lord
194693 | Zig:18   | Noticed Eschoycu the pandemonium lord
194693 | Zig:18   | Noticed Ginkask the pandemonium lord
194694 | Zig:18   | Killed Opalujar the pandemonium lord
194694 | Zig:18   | Killed Raykaoh the pandemonium lord
194694 | Zig:18   | Noticed Goguom the pandemonium lord
194695 | Zig:18   | Killed Gexuun the pandemonium lord
194695 | Zig:18   | Noticed Xiravy Roqo the pandemonium lord
194695 | Zig:18   | Noticed Noti Vau the pandemonium lord
194695 | Zig:18   | Noticed Tuanob the pandemonium lord
194695 | Zig:18   | Noticed Vawe the pandemonium lord
194696 | Zig:18   | Killed Ginkask the pandemonium lord
194696 | Zig:18   | Killed Eschoycu the pandemonium lord
194696 | Zig:18   | Killed Noti Vau the pandemonium lord
194696 | Zig:18   | Noticed Nerraeq the pandemonium lord
194697 | Zig:18   | Killed Goguom the pandemonium lord
194697 | Zig:18   | Killed Vawe the pandemonium lord
194697 | Zig:18   | Killed Tuanob the pandemonium lord
194698 | Zig:18   | Killed Xiravy Roqo the pandemonium lord
194698 | Zig:18   | Killed Nerraeq the pandemonium lord
194698 | Zig:18   | Noticed Maihy the pandemonium lord
194699 | Zig:18   | Noticed Plog the pandemonium lord
194701 | Zig:18   | Killed Plog the pandemonium lord
194701 | Zig:18   | Noticed Xob Tot the pandemonium lord
194702 | Zig:18   | Killed Maihy the pandemonium lord
194703 | Zig:18   | Noticed Guukh the pandemonium lord
194703 | Zig:18   | Noticed Kivudued the pandemonium lord
194705 | Zig:18   | Noticed Gulintom the pandemonium lord
194706 | Zig:18   | Killed Guukh the pandemonium lord
194706 | Zig:18   | Killed Xob Tot the pandemonium lord
194707 | Zig:18   | Killed Kivudued the pandemonium lord
194707 | Zig:18   | Killed Gulintom the pandemonium lord
194711 | Zig:18   | Noticed Cuadephi the pandemonium lord
194711 | Zig:18   | Noticed Fipnol the pandemonium lord
194714 | Zig:18   | Killed Fipnol the pandemonium lord
194715 | Zig:18   | Killed Cuadephi the pandemonium lord
194715 | Zig:18   | Noticed Fipek the pandemonium lord
194722 | Zig:18   | Killed Fipek the pandemonium lord
194939 | Zig:18   | Identified the +4 halberd of Autumn {vorpal, rElec Will+
                  | MP+9}
194948 | Zig:18   | Identified the +5 dagger "Busihao" {drain, *Slow Dex+2
                  | SInv}
194963 | Zig:18   | Identified the +3 buckler of Lugonu's Envy {rC- Regen+
                  | Str+3}
194964 | Zig:18   | Identified the +7 scimitar "Backscratcher" {protect,
                  | Will++}
195011 | Zig:19   | Entered Level 19 of a ziggurat
195041 | Zig:19   | Found the +4 robe of Augmentation {Str+4 Int+4 Dex+4}
195083 | Zig:19   | Identified the +8 war axe of Floods {pain, Str+2}
195094 | Zig:19   | Identified the +1 robe of Mezcal {Int+3}
195106 | Zig:19   | Identified the amulet "Ymutoelu" {Faith rCorr}
195115 | Zig:19   | Identified the +0 spear of Kianeocwe {flame, rElec Will+
                  | Dex+3}
195509 | Zig:20   | Entered Level 20 of a ziggurat
195525 | Zig:20   | Noticed an ancient lich
195530 | Zig:20   | Killed an ancient lich
195530 | Zig:20   | Noticed an ancient lich
195531 | Zig:20   | Killed an ancient lich
195537 | Zig:20   | Paralysed by a wendigo for 1 turns
195869 | Zig:20   | Identified the +6 dagger of Breach {freeze, rElec rF- Will-
                  | rCorr}
195873 | Zig:20   | Identified the +3 ring mail of an ice cave {Drain rElec
                  | Slay+5 SInv}
195880 | Zig:20   | Identified the +1 robe of Mezcal {Str+4}
195913 | Zig:20   | Identified the ring "Kebugaybua" {*Slow rElec rPois Int+6
                  | Dex+7}
195915 | Zig:20   | Identified the ring "Witiwkua" {rElec Str+6}
195923 | Zig:20   | Identified the +4 scimitar "Fiofry" {drain, rElec rPois}
195926 | Zig:20   | Identified the +10 falchion "Pagu" {freeze, rElec rF+ rC+}
195981 | Zig:21   | Entered Level 21 of a ziggurat
196053 | Zig:21   | Identified the +8 chain mail of the Sun {rN+ rCorr Int+3}
196055 | Zig:21   | Identified the +6 scimitar of the Baleful God {vamp, rElec
                  | rC+ Dex+3}
196056 | Zig:21   | Identified the ring "Tufex" {Wiz rPois rF- rCorr Str-5}
196065 | Zig:21   | Identified the amulet of Finality {Faith Rampage}
196067 | Zig:21   | Identified the +6 glaive "Idatob" {elec, Str+4}
196080 | Zig:21   | Identified the ring "Quman" {rN+ Dex+3}
196084 | Zig:21   | Identified the +8 halberd of Diet Blood {flame, rElec rC+++
                  | rN+ Dex-4}
196086 | Zig:21   | Identified the +7 whip of Ointment {vorpal, Will+ Str+4}
196118 | Zig:21   | Identified the +10 great mace of Asusugotz {venom, *Noise
                  | rPois rF+ SInv}
196564 | Zig:21   | Acquired 519 gold pieces
196570 | Zig:22   | Entered Level 22 of a ziggurat
197141 | Zig:22   | Identified the +10 glaive "Vaaf" {speed, *Noise Dex+3
                  | Stlth+}
197152 | Zig:22   | Identified the amulet "Yluq" {Spirit +Blink rElec rF-}
197173 | Zig:22   | Identified the +10 morningstar of the Damp God {vorpal,
                  | rCorr Str+4 Dex+3}
197225 | Zig:23   | Entered Level 23 of a ziggurat
197230 | Zig:23   | Noticed a dread lich
197235 | Zig:23   | Noticed an ancient lich
197238 | Zig:23   | Killed a dread lich
197239 | Zig:23   | Killed an ancient lich
197241 | Zig:23   | Noticed a dread lich
197247 | Zig:23   | Killed a dread lich
197304 | Zig:23   | Identified the +4 dagger of Flawed Execution {protect,
                  | rCorr}
197317 | Zig:23   | Identified the +2 chain mail of Conscience {Str+3 Slay+2}
197319 | Zig:23   | Identified the +12 scimitar of Greatest Utility {venom,
                  | Contam Drain Will+++ rCorr}
197334 | Zig:23   | Identified the +8 scimitar of Prudence {vorpal, rN+ Int+5}
197336 | Zig:23   | Identified the +3 chain mail of Yxzomuv {Fly Slay+5}
197340 | Zig:23   | Identified the +4 rapier of the Extremes {vorpal, Fragile
                  | rF+ Will+++}
197388 | Zig:23   | Identified the ring "Itoamacu" {rN+ Int+4}
197979 | Zig:24   | Entered Level 24 of a ziggurat
197979 | Zig:24   | Noticed a royal mummy
197979 | Zig:24   | Noticed a royal mummy
197979 | Zig:24   | Noticed a royal mummy
197979 | Zig:24   | Noticed a royal mummy
197979 | Zig:24   | Noticed a royal mummy
197979 | Zig:24   | Noticed a royal mummy
197979 | Zig:24   | Noticed a royal mummy
197979 | Zig:24   | Noticed a royal mummy
197979 | Zig:24   | Noticed a royal mummy
197979 | Zig:24   | Noticed a royal mummy
197981 | Zig:24   | Noticed a royal mummy
197981 | Zig:24   | Noticed a royal mummy
197981 | Zig:24   | Noticed a royal mummy
197982 | Zig:24   | Noticed a royal mummy
197982 | Zig:24   | Noticed a royal mummy
197982 | Zig:24   | Noticed a royal mummy
197982 | Zig:24   | Noticed a royal mummy
197983 | Zig:24   | Killed a royal mummy
197983 | Zig:24   | Killed a royal mummy
197983 | Zig:24   | Killed a royal mummy
197983 | Zig:24   | Killed a royal mummy
197983 | Zig:24   | Killed a royal mummy
197983 | Zig:24   | Killed a royal mummy
197983 | Zig:24   | Killed a royal mummy
197983 | Zig:24   | Killed a royal mummy
197983 | Zig:24   | Killed a royal mummy
197983 | Zig:24   | Killed a royal mummy
197983 | Zig:24   | Killed a royal mummy
197983 | Zig:24   | Killed a royal mummy
197984 | Zig:24   | Noticed a royal mummy
197985 | Zig:24   | Noticed a royal mummy
197985 | Zig:24   | Noticed a royal mummy
197985 | Zig:24   | Noticed a royal mummy
197985 | Zig:24   | Killed a royal mummy
197985 | Zig:24   | Noticed a royal mummy
197986 | Zig:24   | Noticed a royal mummy
197986 | Zig:24   | Noticed a royal mummy
197986 | Zig:24   | Noticed a royal mummy
197986 | Zig:24   | Killed a royal mummy
197986 | Zig:24   | Killed a royal mummy
197987 | Zig:24   | Noticed a royal mummy
197987 | Zig:24   | Noticed a royal mummy
197987 | Zig:24   | Noticed a royal mummy
197987 | Zig:24   | Noticed a royal mummy
197988 | Zig:24   | Killed a royal mummy
197988 | Zig:24   | Killed a royal mummy
197988 | Zig:24   | Killed a royal mummy
197988 | Zig:24   | Killed a royal mummy
197988 | Zig:24   | Killed a royal mummy
197988 | Zig:24   | Killed a royal mummy
197988 | Zig:24   | Killed a royal mummy
197988 | Zig:24   | Killed a royal mummy
197988 | Zig:24   | Killed a royal mummy
197988 | Zig:24   | Noticed a royal mummy
197988 | Zig:24   | Noticed a royal mummy
197989 | Zig:24   | Killed a royal mummy
197989 | Zig:24   | Killed a royal mummy
197989 | Zig:24   | Killed a royal mummy
197989 | Zig:24   | Killed a royal mummy
197989 | Zig:24   | Killed a royal mummy
197989 | Zig:24   | Killed a royal mummy
197989 | Zig:24   | Noticed a royal mummy
197989 | Zig:24   | Noticed a royal mummy
197990 | Zig:24   | Noticed a royal mummy
197990 | Zig:24   | Noticed a royal mummy
197990 | Zig:24   | Noticed a royal mummy
197990 | Zig:24   | Noticed a royal mummy
197990 | Zig:24   | Noticed a royal mummy
197991 | Zig:24   | Killed a royal mummy
197991 | Zig:24   | Killed a royal mummy
197991 | Zig:24   | Killed a royal mummy
197991 | Zig:24   | Killed a royal mummy
197991 | Zig:24   | Killed a royal mummy
197991 | Zig:24   | Killed a royal mummy
197992 | Zig:24   | Killed a royal mummy
197992 | Zig:24   | Noticed a royal mummy
197994 | Zig:24   | Killed a royal mummy
197994 | Zig:24   | Noticed a royal mummy
197994 | Zig:24   | Noticed a royal mummy
197995 | Zig:24   | Killed a royal mummy
197995 | Zig:24   | Killed a royal mummy
197995 | Zig:24   | Noticed a royal mummy
197996 | Zig:24   | Noticed a royal mummy
197996 | Zig:24   | Noticed a royal mummy
197996 | Zig:24   | Noticed a royal mummy
197996 | Zig:24   | Noticed a royal mummy
197996 | Zig:24   | Noticed a royal mummy
197996 | Zig:24   | Noticed a royal mummy
197998 | Zig:24   | Noticed a royal mummy
197999 | Zig:24   | Noticed a royal mummy
197999 | Zig:24   | Noticed a royal mummy
197999 | Zig:24   | Noticed a royal mummy
197999 | Zig:24   | Noticed a royal mummy
197999 | Zig:24   | Noticed a royal mummy
198001 | Zig:24   | Noticed a royal mummy
198002 | Zig:24   | Noticed a royal mummy
198002 | Zig:24   | Killed a royal mummy
198002 | Zig:24   | Killed a royal mummy
198002 | Zig:24   | Killed a royal mummy
198002 | Zig:24   | Noticed a royal mummy
198003 | Zig:24   | Killed a royal mummy
198003 | Zig:24   | Killed a royal mummy
198003 | Zig:24   | Killed a royal mummy
198003 | Zig:24   | Killed a royal mummy
198003 | Zig:24   | Killed a royal mummy
198003 | Zig:24   | Killed a royal mummy
198003 | Zig:24   | Killed a royal mummy
198003 | Zig:24   | Killed a royal mummy
198003 | Zig:24   | Noticed a royal mummy
198004 | Zig:24   | Killed a royal mummy
198004 | Zig:24   | Killed a royal mummy
198004 | Zig:24   | Killed a royal mummy
198004 | Zig:24   | Killed a royal mummy
198004 | Zig:24   | Killed a royal mummy
198004 | Zig:24   | Killed a royal mummy
198004 | Zig:24   | Killed a royal mummy
198005 | Zig:24   | Noticed a royal mummy
198006 | Zig:24   | Noticed a royal mummy
198006 | Zig:24   | Noticed a royal mummy
198006 | Zig:24   | Noticed a royal mummy
198006 | Zig:24   | Noticed a royal mummy
198007 | Zig:24   | Noticed a royal mummy
198008 | Zig:24   | Noticed a royal mummy
198009 | Zig:24   | Noticed a royal mummy
198009 | Zig:24   | Noticed a royal mummy
198009 | Zig:24   | Noticed a royal mummy
198009 | Zig:24   | Noticed a royal mummy
198009 | Zig:24   | Noticed a royal mummy
198010 | Zig:24   | Noticed a royal mummy
198011 | Zig:24   | Noticed a royal mummy
198012 | Zig:24   | Noticed a royal mummy
198012 | Zig:24   | Noticed a royal mummy
198012 | Zig:24   | Noticed a royal mummy
198012 | Zig:24   | Noticed a royal mummy
198012 | Zig:24   | Killed a royal mummy
198013 | Zig:24   | Killed a royal mummy
198013 | Zig:24   | Killed a royal mummy
198013 | Zig:24   | Killed a royal mummy
198013 | Zig:24   | Killed a royal mummy
198013 | Zig:24   | Killed a royal mummy
198013 | Zig:24   | Killed a royal mummy
198013 | Zig:24   | Killed a royal mummy
198013 | Zig:24   | Killed a royal mummy
198013 | Zig:24   | Killed a royal mummy
198013 | Zig:24   | Killed a royal mummy
198013 | Zig:24   | Killed a royal mummy
198013 | Zig:24   | Killed a royal mummy
198013 | Zig:24   | Killed a royal mummy
198013 | Zig:24   | Noticed a royal mummy
198014 | Zig:24   | Killed a royal mummy
198014 | Zig:24   | Killed a royal mummy
198014 | Zig:24   | Killed a royal mummy
198014 | Zig:24   | Killed a royal mummy
198014 | Zig:24   | Noticed a royal mummy
198014 | Zig:24   | Noticed a royal mummy
198015 | Zig:24   | Killed a royal mummy
198015 | Zig:24   | Noticed a royal mummy
198016 | Zig:24   | Killed a royal mummy
198016 | Zig:24   | Noticed a royal mummy
198016 | Zig:24   | Noticed a royal mummy
198018 | Zig:24   | Killed a royal mummy
198019 | Zig:24   | Noticed a royal mummy
198019 | Zig:24   | Killed a royal mummy
198019 | Zig:24   | Killed a royal mummy
198019 | Zig:24   | Noticed a royal mummy
198019 | Zig:24   | Noticed a royal mummy
198020 | Zig:24   | Killed a royal mummy
198020 | Zig:24   | Noticed a royal mummy
198021 | Zig:24   | Killed a royal mummy
198021 | Zig:24   | Killed a royal mummy
198022 | Zig:24   | Killed a royal mummy
198022 | Zig:24   | Noticed a royal mummy
198022 | Zig:24   | Noticed a royal mummy
198024 | Zig:24   | Killed a royal mummy
198024 | Zig:24   | Killed a royal mummy
198027 | Zig:24   | Killed a royal mummy
198030 | Zig:24   | Noticed a royal mummy
198032 | Zig:24   | Noticed a royal mummy
198036 | Zig:24   | Killed a royal mummy
198039 | Zig:24   | Killed a royal mummy
198548 | Zig:24   | Found the +18 Lear's hauberk
198601 | Zig:24   | Identified the +10 rapier "Killer Klown's Regret" {venom,
                  | *Slow rElec Dex+6}
198608 | Zig:24   | Identified the +3 great mace "Kiulatisuu" {venom, rC- rN++}
198692 | Zig:24   | Acquired 1135 gold pieces
198699 | Zig:25   | Entered Level 25 of a ziggurat
198699 | Zig:25   | Noticed a royal mummy
198699 | Zig:25   | Noticed a royal mummy
198699 | Zig:25   | Noticed a royal mummy
198699 | Zig:25   | Noticed a royal mummy
198699 | Zig:25   | Noticed a royal mummy
198699 | Zig:25   | Noticed a royal mummy
198699 | Zig:25   | Noticed a royal mummy
198699 | Zig:25   | Noticed a royal mummy
198699 | Zig:25   | Noticed a royal mummy
198699 | Zig:25   | Noticed a royal mummy
198699 | Zig:25   | Noticed a royal mummy
198699 | Zig:25   | Noticed a royal mummy
198699 | Zig:25   | Noticed a royal mummy
198699 | Zig:25   | Noticed a royal mummy
198699 | Zig:25   | Noticed a royal mummy
198700 | Zig:25   | Killed a royal mummy
198700 | Zig:25   | Killed a royal mummy
198700 | Zig:25   | Killed a royal mummy
198700 | Zig:25   | Killed a royal mummy
198700 | Zig:25   | Killed a royal mummy
198700 | Zig:25   | Killed a royal mummy
198700 | Zig:25   | Killed a royal mummy
198700 | Zig:25   | Killed a royal mummy
198700 | Zig:25   | Killed a royal mummy
198700 | Zig:25   | Killed a royal mummy
198700 | Zig:25   | Killed a royal mummy
198700 | Zig:25   | Killed a royal mummy
198700 | Zig:25   | Killed a royal mummy
198701 | Zig:25   | Noticed a royal mummy
198701 | Zig:25   | Noticed a royal mummy
198702 | Zig:25   | Noticed a royal mummy
198702 | Zig:25   | Noticed a royal mummy
198702 | Zig:25   | Noticed a royal mummy
198703 | Zig:25   | Noticed a royal mummy
198703 | Zig:25   | Noticed an ancient lich
198703 | Zig:25   | Noticed a royal mummy
198703 | Zig:25   | Noticed a royal mummy
198704 | Zig:25   | Noticed a royal mummy
198704 | Zig:25   | Noticed a royal mummy
198705 | Zig:25   | Noticed a royal mummy
198705 | Zig:25   | Noticed a royal mummy
198705 | Zig:25   | Noticed a royal mummy
198706 | Zig:25   | Killed a royal mummy
198706 | Zig:25   | Killed a royal mummy
198706 | Zig:25   | Killed a royal mummy
198706 | Zig:25   | Killed a royal mummy
198706 | Zig:25   | Killed a royal mummy
198706 | Zig:25   | Killed a royal mummy
198706 | Zig:25   | Killed a royal mummy
198706 | Zig:25   | Killed a royal mummy
198706 | Zig:25   | Killed a royal mummy
198706 | Zig:25   | Killed a royal mummy
198706 | Zig:25   | Killed a royal mummy
198706 | Zig:25   | Killed a royal mummy
198706 | Zig:25   | Killed a royal mummy
198707 | Zig:25   | Killed an ancient lich
198707 | Zig:25   | Killed a royal mummy
198707 | Zig:25   | Noticed a royal mummy
198707 | Zig:25   | Noticed a royal mummy
198708 | Zig:25   | Killed a royal mummy
198708 | Zig:25   | Noticed a royal mummy
198708 | Zig:25   | Noticed a royal mummy
198709 | Zig:25   | Noticed a royal mummy
198709 | Zig:25   | Noticed a royal mummy
198709 | Zig:25   | Noticed a royal mummy
198709 | Zig:25   | Noticed a royal mummy
198709 | Zig:25   | Noticed a royal mummy
198710 | Zig:25   | Noticed a royal mummy
198710 | Zig:25   | Noticed a royal mummy
198711 | Zig:25   | Noticed an ancient lich
198711 | Zig:25   | Killed a royal mummy
198712 | Zig:25   | Noticed a royal mummy
198712 | Zig:25   | Noticed a royal mummy
198713 | Zig:25   | Noticed a royal mummy
198713 | Zig:25   | Killed a royal mummy
198713 | Zig:25   | Killed a royal mummy
198714 | Zig:25   | Noticed an ancient lich
198714 | Zig:25   | Killed a royal mummy
198714 | Zig:25   | Killed a royal mummy
198714 | Zig:25   | Killed a royal mummy
198714 | Zig:25   | Killed a royal mummy
198714 | Zig:25   | Killed a royal mummy
198714 | Zig:25   | Killed a royal mummy
198714 | Zig:25   | Noticed a royal mummy
198715 | Zig:25   | Killed a royal mummy
198715 | Zig:25   | Killed a royal mummy
198715 | Zig:25   | Killed a royal mummy
198715 | Zig:25   | Killed an ancient lich
198715 | Zig:25   | Killed an ancient lich
198715 | Zig:25   | Noticed a royal mummy
198716 | Zig:25   | Killed a royal mummy
198716 | Zig:25   | Killed a royal mummy
198716 | Zig:25   | Killed a royal mummy
198716 | Zig:25   | Noticed a royal mummy
198716 | Zig:25   | Noticed a royal mummy
198717 | Zig:25   | Noticed a royal mummy
198717 | Zig:25   | Noticed a royal mummy
198718 | Zig:25   | Noticed a royal mummy
198718 | Zig:25   | Noticed a royal mummy
198719 | Zig:25   | Noticed a royal mummy
198719 | Zig:25   | Noticed a royal mummy
198719 | Zig:25   | Noticed a royal mummy
198720 | Zig:25   | Noticed a royal mummy
198720 | Zig:25   | Noticed a royal mummy
198721 | Zig:25   | Killed a royal mummy
198721 | Zig:25   | Killed a royal mummy
198721 | Zig:25   | Killed a royal mummy
198721 | Zig:25   | Killed a royal mummy
198721 | Zig:25   | Noticed a royal mummy
198722 | Zig:25   | Killed a royal mummy
198722 | Zig:25   | Killed a royal mummy
198722 | Zig:25   | Killed a royal mummy
198722 | Zig:25   | Killed a royal mummy
198722 | Zig:25   | Killed a royal mummy
198722 | Zig:25   | Killed a royal mummy
198723 | Zig:25   | Noticed a royal mummy
198723 | Zig:25   | Noticed a royal mummy
198723 | Zig:25   | Noticed a royal mummy
198723 | Zig:25   | Noticed a royal mummy
198723 | Zig:25   | Noticed a royal mummy
198724 | Zig:25   | Noticed a royal mummy
198724 | Zig:25   | Noticed a royal mummy
198724 | Zig:25   | Noticed a royal mummy
198724 | Zig:25   | Noticed a royal mummy
198725 | Zig:25   | Killed a royal mummy
198725 | Zig:25   | Killed a royal mummy
198725 | Zig:25   | Noticed a royal mummy
198725 | Zig:25   | Noticed a royal mummy
198727 | Zig:25   | Noticed a royal mummy
198727 | Zig:25   | Noticed a royal mummy
198728 | Zig:25   | Killed a royal mummy
198728 | Zig:25   | Killed a royal mummy
198729 | Zig:25   | Killed a royal mummy
198729 | Zig:25   | Killed a royal mummy
198729 | Zig:25   | Killed a royal mummy
198729 | Zig:25   | Killed a royal mummy
198729 | Zig:25   | Noticed a royal mummy
198729 | Zig:25   | Noticed a royal mummy
198730 | Zig:25   | Killed a royal mummy
198730 | Zig:25   | Killed a royal mummy
198730 | Zig:25   | Killed a royal mummy
198730 | Zig:25   | Killed a royal mummy
198731 | Zig:25   | Killed a royal mummy
198731 | Zig:25   | Killed a royal mummy
198731 | Zig:25   | Killed a royal mummy
198731 | Zig:25   | Killed a royal mummy
198731 | Zig:25   | Killed a royal mummy
198731 | Zig:25   | Noticed a royal mummy
198731 | Zig:25   | Noticed a royal mummy
198731 | Zig:25   | Noticed a royal mummy
198732 | Zig:25   | Noticed a royal mummy
198732 | Zig:25   | Noticed a royal mummy
198733 | Zig:25   | Noticed a royal mummy
198733 | Zig:25   | Noticed a royal mummy
198735 | Zig:25   | Killed a royal mummy
198735 | Zig:25   | Killed a royal mummy
198735 | Zig:25   | Killed a royal mummy
198736 | Zig:25   | Noticed a royal mummy
198736 | Zig:25   | Killed a royal mummy
198736 | Zig:25   | Killed a royal mummy
198736 | Zig:25   | Killed a royal mummy
198736 | Zig:25   | Killed a royal mummy
198736 | Zig:25   | Killed a royal mummy
198736 | Zig:25   | Noticed a royal mummy
198737 | Zig:25   | Noticed a royal mummy
198737 | Zig:25   | Noticed a royal mummy
198737 | Zig:25   | Noticed a royal mummy
198737 | Zig:25   | Noticed a royal mummy
198738 | Zig:25   | Noticed a royal mummy
198738 | Zig:25   | Noticed a royal mummy
198739 | Zig:25   | Killed a royal mummy
198739 | Zig:25   | Killed a royal mummy
198739 | Zig:25   | Killed a royal mummy
198739 | Zig:25   | Killed a royal mummy
198739 | Zig:25   | Killed a royal mummy
198739 | Zig:25   | Noticed a royal mummy
198739 | Zig:25   | Noticed a royal mummy
198739 | Zig:25   | Noticed a royal mummy
198740 | Zig:25   | Killed a royal mummy
198740 | Zig:25   | Killed a royal mummy
198740 | Zig:25   | Noticed a royal mummy
198741 | Zig:25   | Noticed a royal mummy
198741 | Zig:25   | Killed a royal mummy
198741 | Zig:25   | Killed a royal mummy
198741 | Zig:25   | Killed a royal mummy
198741 | Zig:25   | Killed a royal mummy
198741 | Zig:25   | Noticed a royal mummy
198741 | Zig:25   | Noticed a royal mummy
198741 | Zig:25   | Noticed a royal mummy
198743 | Zig:25   | Killed a royal mummy
198743 | Zig:25   | Killed a royal mummy
198743 | Zig:25   | Noticed a royal mummy
198744 | Zig:25   | Killed a royal mummy
198744 | Zig:25   | Killed a royal mummy
198744 | Zig:25   | Noticed a royal mummy
198745 | Zig:25   | Killed a royal mummy
198745 | Zig:25   | Noticed a royal mummy
198746 | Zig:25   | Killed a royal mummy
198748 | Zig:25   | Killed a royal mummy
198748 | Zig:25   | Killed a royal mummy
198748 | Zig:25   | Noticed a royal mummy
198748 | Zig:25   | Noticed a royal mummy
198752 | Zig:25   | Noticed a royal mummy
198753 | Zig:25   | Killed a royal mummy
198754 | Zig:25   | Killed a royal mummy
198760 | Zig:25   | Killed a royal mummy
198789 | Zig:25   | Found the +2 ratskin cloak {*Rats rPois rN+ Str-1 Int-1
                  | Dex+1}
198791 | Zig:25   | Identified the +4 scimitar "Ymohiton" {holy, rF+ Int+4
                  | Dex+4}
198792 | Zig:25   | Identified the +4 great mace "Lemufeuni" {freeze, rPois
                  | Str+4 Dex-3}
198810 | Zig:25   | Identified the +9 executioner's axe of Farhoipn {speed,
                  | rElec Int+2 Dex+4}
198823 | Zig:25   | Identified the ring of Tymyrchegg {rElec rC+ Str+3}
199516 | Zig:25   | Identified the +7 rapier of No Interval {speed, Dex+4}
199517 | Zig:25   | Identified the ring "Ymogahusi" {Fire rElec rN+ Str-5
                  | Dex+3}
199546 | Zig:26   | Entered Level 26 of a ziggurat
200013 | Zig:26   | Identified the ring "Gatidwuety" {Fly Int+2}
200026 | Zig:26   | Identified the +3 long sword of Cily {vamp, +Blink Int+4}
200036 | Zig:26   | Identified the +10 flail "Tiptuen" {vamp, rN+ Will+}
200079 | Zig:26   | Identified the +8 quarterstaff "Otel" {freeze, Int+4 Dex-4}
200084 | Zig:26   | Identified the +1 leather armour of Filth {rCorr Str+4}
200095 | Zig:26   | Identified the +4 robe of the Sacrificial Victim {Harm
                  | rPois Stlth+}
200231 | Zig:27   | Entered Level 27 of a ziggurat
200238 | Zig:27   | Noticed a juggernaut
200240 | Zig:27   | Noticed a juggernaut
200241 | Zig:27   | Noticed a juggernaut
200243 | Zig:27   | Noticed a juggernaut
200244 | Zig:27   | Noticed a juggernaut
200244 | Zig:27   | Noticed a juggernaut
200244 | Zig:27   | Noticed a juggernaut
200244 | Zig:27   | Noticed a juggernaut
200244 | Zig:27   | Noticed a juggernaut
200245 | Zig:27   | Noticed a juggernaut
200246 | Zig:27   | Noticed a juggernaut
200246 | Zig:27   | Noticed a juggernaut
200246 | Zig:27   | Noticed a juggernaut
200247 | Zig:27   | Noticed a juggernaut
200248 | Zig:27   | Noticed a juggernaut
200249 | Zig:27   | Noticed a juggernaut
200249 | Zig:27   | Noticed a juggernaut
200249 | Zig:27   | Noticed a juggernaut
200249 | Zig:27   | Noticed a juggernaut
200249 | Zig:27   | Noticed a juggernaut
200249 | Zig:27   | Noticed a juggernaut
200250 | Zig:27   | Noticed a juggernaut
200253 | Zig:27   | Noticed a juggernaut
200253 | Zig:27   | Killed a juggernaut
200254 | Zig:27   | Killed a juggernaut
200254 | Zig:27   | Killed a juggernaut
200254 | Zig:27   | Killed a juggernaut
200255 | Zig:27   | Killed a juggernaut
200255 | Zig:27   | Killed a juggernaut
200255 | Zig:27   | Killed a juggernaut
200255 | Zig:27   | Killed a juggernaut
200256 | Zig:27   | Killed a juggernaut
200256 | Zig:27   | Killed a juggernaut
200256 | Zig:27   | Killed a juggernaut
200256 | Zig:27   | Killed a juggernaut
200256 | Zig:27   | Noticed a juggernaut
200257 | Zig:27   | Killed a juggernaut
200257 | Zig:27   | Killed a juggernaut
200257 | Zig:27   | Killed a juggernaut
200257 | Zig:27   | Killed a juggernaut
200258 | Zig:27   | Killed a juggernaut
200258 | Zig:27   | Killed a juggernaut
200258 | Zig:27   | Killed a juggernaut
200258 | Zig:27   | Killed a juggernaut
200258 | Zig:27   | Killed a juggernaut
200259 | Zig:27   | Killed a juggernaut
200259 | Zig:27   | Killed a juggernaut
200260 | Zig:27   | Noticed a juggernaut
200261 | Zig:27   | Noticed a juggernaut
200261 | Zig:27   | Noticed a juggernaut
200262 | Zig:27   | Noticed a juggernaut
200262 | Zig:27   | Noticed a juggernaut
200263 | Zig:27   | Noticed a juggernaut
200264 | Zig:27   | Noticed a juggernaut
200266 | Zig:27   | Noticed a juggernaut
200266 | Zig:27   | Noticed a juggernaut
200267 | Zig:27   | Noticed a juggernaut
200267 | Zig:27   | Noticed a juggernaut
200267 | Zig:27   | Killed a juggernaut
200268 | Zig:27   | Killed a juggernaut
200268 | Zig:27   | Killed a juggernaut
200268 | Zig:27   | Noticed a juggernaut
200269 | Zig:27   | Killed a juggernaut
200269 | Zig:27   | Killed a juggernaut
200270 | Zig:27   | Noticed a juggernaut
200270 | Zig:27   | Killed a juggernaut
200271 | Zig:27   | Killed a juggernaut
200272 | Zig:27   | Noticed a juggernaut
200273 | Zig:27   | Killed a juggernaut
200273 | Zig:27   | Killed a juggernaut
200273 | Zig:27   | Killed a juggernaut
200273 | Zig:27   | Noticed a juggernaut
200274 | Zig:27   | Killed a juggernaut
200274 | Zig:27   | Killed a juggernaut
200275 | Zig:27   | Killed a juggernaut
200275 | Zig:27   | Killed a juggernaut
200275 | Zig:27   | Killed a juggernaut
200275 | Zig:27   | Noticed a juggernaut
200276 | Zig:27   | Noticed a juggernaut
200279 | Zig:27   | Noticed a juggernaut
200279 | Zig:27   | Noticed a juggernaut
200279 | Zig:27   | Noticed a juggernaut
200281 | Zig:27   | Noticed a juggernaut
200281 | Zig:27   | Killed a juggernaut
200281 | Zig:27   | Killed a juggernaut
200282 | Zig:27   | Noticed a juggernaut
200283 | Zig:27   | Killed a juggernaut
200284 | Zig:27   | Killed a juggernaut
200284 | Zig:27   | Killed a juggernaut
200284 | Zig:27   | Killed a juggernaut
200287 | Zig:27   | Killed a juggernaut
200288 | Zig:27   | Killed a juggernaut
200328 | Zig:27   | Identified the +0 scimitar of Gufal {drain, rC+}
200337 | Zig:27   | Identified the amulet "Nobbeg" {RegenMP rElec rPois rCorr
                  | Int-4}
200340 | Zig:27   | Identified the ring of Oceowk {Str+2 SInv}
200342 | Zig:27   | Identified the ring of Hucio {rPois Str+2 SInv}
200350 | Zig:27   | Identified the ring "Xaxaos" {Drain rF++ rC+ rN+ Int+4}
200355 | Zig:27   | Identified the +0 ring mail of Dishonour {rPois rC+}
200362 | Zig:27   | Identified the +3 leather armour of Circular Logic {rPois
                  | Int+6}
200366 | Zig:27   | Identified the +7 trident "Death Rattle" {flame, +Blink rF+
                  | Will+ Int+3}
200391 | Zig:27   | Identified the +11 mace "Unourupei" {flame, rElec Str+3
                  | Int+3}
200443 | Zig:27   | Identified the amulet of the Lobster {rElec Regen+ Int+2
                  | Dex-4 SInv}
200931 | Zig:27   | Identified the +7 halberd "Oteptuwu" {freeze, rF+ rN+ Int+4
                  | SInv}
200933 | Zig:27   | Identified the +6 scimitar of Jovist {vorpal, Str+5}
200934 | Zig:27   | Identified the +10 mace "Worm's Wrath" {flame, rPois}
200939 | Zig:27   | Identified the amulet "Wyizizos" {Spirit rPois rF+ Int+2}
201088 | Zig:1    | Entered Level 1 of a ziggurat
201170 | Zig:2    | Entered Level 2 of a ziggurat
201267 | Zig:3    | Entered Level 3 of a ziggurat
201311 | Zig:3    | Identified the ring "Inwaolub" {rPois rC+ Dex+4}
201395 | Zig:4    | Entered Level 4 of a ziggurat
201395 | Zig:4    | Noticed an ancient lich
201396 | Zig:4    | Noticed an ancient lich
201398 | Zig:4    | Killed an ancient lich
201398 | Zig:4    | Killed an ancient lich
201472 | Zig:4    | Identified the +0 scale mail "Daizutyd" {Harm rPois Int-3
                  | SInv}
201500 | Zig:4    | Identified the +7 shortbow of Toplamib {speed, rElec
                  | Stlth+}
201513 | Zig:5    | Entered Level 5 of a ziggurat
201549 | Zig:5    | Identified the amulet of Curiosity {Reflect Fragile Str+4
                  | Int+2 Dex+3 SH+5}
201642 | Zig:6    | Entered Level 6 of a ziggurat
201642 | Zig:6    | Noticed a dread lich
201642 | Zig:6    | Noticed a dread lich
201643 | Zig:6    | Noticed a dread lich
201647 | Zig:6    | Killed a dread lich
201647 | Zig:6    | Killed a dread lich
201647 | Zig:6    | Killed a dread lich
201648 | Zig:6    | Noticed an ancient lich
201651 | Zig:6    | Killed an ancient lich
201685 | Zig:6    | Identified the +6 great sword "Demon's Nightmare" {holy,
                  | rPois}
201779 | Zig:6    | Identified the +4 long sword "Muxiaj" {drain, Fragile rF+
                  | rCorr Str+4}
201783 | Zig:6    | Identified the +2 swamp dragon scales of Ossuu {+Inv rPois
                  | rC+}
201825 | Zig:7    | Entered Level 7 of a ziggurat
201834 | Zig:7    | Noticed Tarass the pandemonium lord
201839 | Zig:7    | Killed Tarass the pandemonium lord
202049 | Zig:8    | Entered Level 8 of a ziggurat
202059 | Zig:8    | Noticed Joenevvo the pandemonium lord
202065 | Zig:8    | Killed Joenevvo the pandemonium lord
202257 | Zig:8    | Identified the amulet "Olex" {Spirit Will- Int+9 Dex+4}
202280 | Zig:9    | Entered Level 9 of a ziggurat
202280 | Zig:9    | Noticed a juggernaut
202280 | Zig:9    | Noticed a juggernaut
202282 | Zig:9    | Killed a juggernaut
202282 | Zig:9    | Killed a juggernaut
202284 | Zig:9    | Noticed a juggernaut
202285 | Zig:9    | Noticed a juggernaut
202288 | Zig:9    | Noticed a juggernaut
202288 | Zig:9    | Noticed a juggernaut
202289 | Zig:9    | Noticed a juggernaut
202290 | Zig:9    | Noticed a juggernaut
202292 | Zig:9    | Killed a juggernaut
202292 | Zig:9    | Killed a juggernaut
202292 | Zig:9    | Killed a juggernaut
202293 | Zig:9    | Killed a juggernaut
202293 | Zig:9    | Killed a juggernaut
202295 | Zig:9    | Killed a juggernaut
202328 | Zig:9    | Identified the amulet of Kikubaaqudgha's Anger {Acrobat
                  | +Inv rElec rF+ Str+2}
202346 | Zig:9    | Identified the +1 leather armour of the Trees {Fly rN+
                  | Int-5}
202581 | Zig:10   | Entered Level 10 of a ziggurat
202581 | Zig:10   | Noticed a dread lich
202581 | Zig:10   | Noticed an ancient lich
202583 | Zig:10   | Noticed an ancient lich
202583 | Zig:10   | Noticed an ancient lich
202584 | Zig:10   | Noticed an ancient lich
202584 | Zig:10   | Noticed an ancient lich
202584 | Zig:10   | Noticed an ancient lich
202584 | Zig:10   | Noticed an ancient lich
202585 | Zig:10   | Noticed a dread lich
202585 | Zig:10   | Noticed a dread lich
202586 | Zig:10   | Noticed a dread lich
202589 | Zig:10   | Noticed an ancient lich
202589 | Zig:10   | Noticed an ancient lich
202589 | Zig:10   | Killed an ancient lich
202590 | Zig:10   | Noticed an ancient lich
202590 | Zig:10   | Noticed a dread lich
202592 | Zig:10   | Killed an ancient lich
202592 | Zig:10   | Killed an ancient lich
202592 | Zig:10   | Killed a dread lich
202592 | Zig:10   | Killed an ancient lich
202592 | Zig:10   | Killed a dread lich
202592 | Zig:10   | Killed a dread lich
202592 | Zig:10   | Killed an ancient lich
202592 | Zig:10   | Killed a dread lich
202592 | Zig:10   | Killed an ancient lich
202592 | Zig:10   | Killed an ancient lich
202592 | Zig:10   | Killed a dread lich
202593 | Zig:10   | Killed an ancient lich
202593 | Zig:10   | Killed an ancient lich
202593 | Zig:10   | Killed an ancient lich
202740 | Zig:10   | Identified the +0 ring mail "Tetote" {+Inv rC- Dex+5 SInv
                  | Stlth-}
202822 | Zig:11   | Entered Level 11 of a ziggurat
202880 | Zig:11   | Identified the +0 helmet of the Wumpus {Harm}
203069 | Zig:12   | Entered Level 12 of a ziggurat
203071 | Zig:12   | Identified the +3 tower shield "Pumaat" {+Blink rF++ Int-3
                  | Dex-5}
203311 | Zig:12   | Identified the +3 plate armour of Polish {Regen+ MP+9
                  | Slay+2}
203326 | Zig:12   | Identified the +6 morningstar "Koxzuwem" {drain, *Noise
                  | rCorr Int+2}
203330 | Zig:12   | Identified the +7 hand axe of Lonyq {flame, rPois rC- MP+9
                  | Stlth+}
203377 | Zig:13   | Entered Level 13 of a ziggurat
203498 | Zig:13   | Identified the +3 pair of boots of the Good {+Inv rC-
                  | Stlth+}
203500 | Zig:13   | Identified the +6 lajatang of the Middle {vorpal, rElec rF+
                  | rN++ Int-2}
203504 | Zig:13   | Identified the +7 falchion of Qofuh {drain, Fly rF- rN+
                  | SInv}
203505 | Zig:13   | Identified the +0 pair of boots of the Heron {Str+4 Dex+5}
203507 | Zig:13   | Identified the +7 longbow "Widowmaker" {freeze, Fragile
                  | rN++ Str+4 Int+8}
203513 | Zig:13   | Identified the ring of the Turtledove {rN+ AC+4}
203528 | Zig:13   | Identified the ring "Ururr" {rCorr Str+3}
203538 | Zig:13   | Identified the +1 leather armour "Qunneos" {Contam Rampage
                  | Fly Dex+5}
203548 | Zig:13   | Identified the ring "Mionienn" {Fly rElec Int+2}
203696 | Zig:14   | Entered Level 14 of a ziggurat
203696 | Zig:14   | Noticed an ancient lich
203696 | Zig:14   | Noticed a dread lich
203698 | Zig:14   | Noticed a dread lich
203698 | Zig:14   | Noticed a dread lich
203699 | Zig:14   | Noticed a dread lich
203700 | Zig:14   | Killed a dread lich
203700 | Zig:14   | Killed a dread lich
203700 | Zig:14   | Killed a dread lich
203700 | Zig:14   | Killed a dread lich
203700 | Zig:14   | Killed an ancient lich
203701 | Zig:14   | Noticed an ancient lich
203701 | Zig:14   | Noticed an ancient lich
203701 | Zig:14   | Noticed a dread lich
203701 | Zig:14   | Noticed an ancient lich
203701 | Zig:14   | Noticed an ancient lich
203702 | Zig:14   | Noticed an ancient lich
203703 | Zig:14   | Noticed an ancient lich
203704 | Zig:14   | Killed an ancient lich
203704 | Zig:14   | Killed an ancient lich
203705 | Zig:14   | Noticed a dread lich
203705 | Zig:14   | Noticed an ancient lich
203705 | Zig:14   | Noticed an ancient lich
203705 | Zig:14   | Killed a dread lich
203706 | Zig:14   | Noticed an ancient lich
203706 | Zig:14   | Killed a dread lich
203706 | Zig:14   | Killed an ancient lich
203706 | Zig:14   | Killed an ancient lich
203707 | Zig:14   | Killed an ancient lich
203707 | Zig:14   | Killed an ancient lich
203707 | Zig:14   | Killed an ancient lich
203707 | Zig:14   | Killed an ancient lich
203707 | Zig:14   | Killed an ancient lich
203708 | Zig:14   | Noticed a dread lich
203709 | Zig:14   | Noticed an ancient lich
203716 | Zig:14   | Killed an ancient lich
203716 | Zig:14   | Killed a dread lich
203962 | Zig:14   | Identified the +6 long sword of Quuhelo {spect, Fly Dex+3}
203990 | Zig:14   | Identified the amulet "Soafaoc" {Faith Rampage Str+2}
203993 | Zig:14   | Identified the +10 spear of Eternal War {drain, rF- Will+
                  | Dex+5}
204038 | Zig:15   | Entered Level 15 of a ziggurat
204069 | Zig:15   | Identified the +1 plate armour of the Unseen Realm {Harm
                  | Rampage}
204118 | Zig:15   | Identified the amulet of Pragmatism {Acrobat Fragile rF++
                  | Slay+5 Stlth-}
204216 | Zig:15   | Identified the +0 robe of the Tuna {rC+ Int+3}
204282 | Zig:16   | Entered Level 16 of a ziggurat
204282 | Zig:16   | Noticed an ancient lich
204282 | Zig:16   | Noticed an ancient lich
204282 | Zig:16   | Noticed a dread lich
204282 | Zig:16   | Noticed an ancient lich
204282 | Zig:16   | Noticed a dread lich
204282 | Zig:16   | Noticed a dread lich
204282 | Zig:16   | Noticed a dread lich
204282 | Zig:16   | Noticed an ancient lich
204282 | Zig:16   | Noticed an ancient lich
204282 | Zig:16   | Noticed an ancient lich
204284 | Zig:16   | Killed a dread lich
204284 | Zig:16   | Killed a dread lich
204284 | Zig:16   | Killed an ancient lich
204284 | Zig:16   | Killed a dread lich
204284 | Zig:16   | Killed an ancient lich
204284 | Zig:16   | Killed an ancient lich
204284 | Zig:16   | Killed an ancient lich
204287 | Zig:16   | Noticed an ancient lich
204287 | Zig:16   | Noticed an ancient lich
204288 | Zig:16   | Noticed an ancient lich
204288 | Zig:16   | Killed an ancient lich
204288 | Zig:16   | Killed an ancient lich
204289 | Zig:16   | Noticed a dread lich
204290 | Zig:16   | Noticed an ancient lich
204290 | Zig:16   | Killed an ancient lich
204291 | Zig:16   | Killed a dread lich
204291 | Zig:16   | Killed an ancient lich
204291 | Zig:16   | Killed a dread lich
204291 | Zig:16   | Killed an ancient lich
204292 | Zig:16   | Killed an ancient lich
204293 | Zig:16   | Noticed an ancient lich
204294 | Zig:16   | Noticed a dread lich
204297 | Zig:16   | Noticed an ancient lich
204300 | Zig:16   | Killed an ancient lich
204300 | Zig:16   | Killed a dread lich
204304 | Zig:16   | Killed an ancient lich
204571 | Zig:16   | Identified the +3 robe of Ehamaf {rElec Will+ Slay+6}
204579 | Zig:16   | Identified the +4 scimitar "Soafuy" {flame, rF+ Int+5}
204596 | Zig:16   | Identified the ring of Luly {Wiz Drain Fly rPois Int+6}
204635 | Zig:16   | Identified the +1 ring mail of the Shrike {Contam rF++
                  | rCorr Stlth-}
204690 | Zig:17   | Entered Level 17 of a ziggurat
204690 | Zig:17   | Noticed a dread lich
204690 | Zig:17   | Noticed a dread lich
204690 | Zig:17   | Noticed an ancient lich
204690 | Zig:17   | Noticed a dread lich
204690 | Zig:17   | Noticed an ancient lich
204690 | Zig:17   | Noticed an ancient lich
204690 | Zig:17   | Noticed an ancient lich
204690 | Zig:17   | Noticed an ancient lich
204692 | Zig:17   | Killed a dread lich
204692 | Zig:17   | Killed an ancient lich
204692 | Zig:17   | Killed an ancient lich
204692 | Zig:17   | Killed a dread lich
204692 | Zig:17   | Killed an ancient lich
204692 | Zig:17   | Killed an ancient lich
204692 | Zig:17   | Noticed a dread lich
204693 | Zig:17   | Killed an ancient lich
204694 | Zig:17   | Noticed a dread lich
204694 | Zig:17   | Noticed a dread lich
204694 | Zig:17   | Noticed a dread lich
204694 | Zig:17   | Killed a dread lich
204696 | Zig:17   | Noticed an ancient lich
204697 | Zig:17   | Noticed an ancient lich
204697 | Zig:17   | Killed a dread lich
204698 | Zig:17   | Noticed an ancient lich
204698 | Zig:17   | Noticed a dread lich
204698 | Zig:17   | Noticed an ancient lich
204699 | Zig:17   | Killed a dread lich
204699 | Zig:17   | Killed a dread lich
204699 | Zig:17   | Killed an ancient lich
204700 | Zig:17   | Killed a dread lich
204700 | Zig:17   | Killed an ancient lich
204700 | Zig:17   | Killed an ancient lich
204700 | Zig:17   | Killed an ancient lich
204701 | Zig:17   | Killed a dread lich
204702 | Zig:17   | Noticed a dread lich
204704 | Zig:17   | Killed a dread lich
204706 | Zig:17   | Noticed a dread lich
204706 | Zig:17   | Killed a dread lich
204740 | Zig:17   | Identified the +0 chain mail of Nikhac {rF+ Int+3}
204744 | Zig:17   | Identified the +10 sling of Omuillam {flame, Int+3}
204748 | Zig:17   | Identified the ring of Symmetry {rC+ rN+}
204751 | Zig:17   | Identified the amulet of Ovepis {Reflect SH+5 Stlth+}
204763 | Zig:17   | Identified the +8 dagger of the Eternal Warrior {drain,
                  | +Blink rCorr Str-5 Stlth+}
204768 | Zig:17   | Identified the ring of Suspicion {rN+ SInv}
205114 | Zig:18   | Entered Level 18 of a ziggurat
205114 | Zig:18   | Noticed an ancient lich
205114 | Zig:18   | Noticed an ancient lich
205114 | Zig:18   | Noticed a dread lich
205114 | Zig:18   | Noticed an ancient lich
205114 | Zig:18   | Noticed an ancient lich
205114 | Zig:18   | Noticed an ancient lich
205114 | Zig:18   | Noticed an ancient lich
205114 | Zig:18   | Noticed an ancient lich
205114 | Zig:18   | Noticed an ancient lich
205114 | Zig:18   | Noticed an ancient lich
205116 | Zig:18   | Noticed a dread lich
205116 | Zig:18   | Noticed an ancient lich
205116 | Zig:18   | Noticed an ancient lich
205116 | Zig:18   | Noticed an ancient lich
205117 | Zig:18   | Noticed a dread lich
205117 | Zig:18   | Noticed an ancient lich
205117 | Zig:18   | Noticed a dread lich
205118 | Zig:18   | Killed an ancient lich
205118 | Zig:18   | Killed an ancient lich
205118 | Zig:18   | Killed an ancient lich
205118 | Zig:18   | Killed an ancient lich
205118 | Zig:18   | Killed an ancient lich
205118 | Zig:18   | Killed an ancient lich
205119 | Zig:18   | Noticed an ancient lich
205119 | Zig:18   | Noticed a dread lich
205119 | Zig:18   | Killed an ancient lich
205119 | Zig:18   | Killed an ancient lich
205119 | Zig:18   | Killed a dread lich
205119 | Zig:18   | Killed an ancient lich
205119 | Zig:18   | Noticed a dread lich
205120 | Zig:18   | Noticed a dread lich
205120 | Zig:18   | Killed an ancient lich
205120 | Zig:18   | Killed a dread lich
205121 | Zig:18   | Noticed a dread lich
205121 | Zig:18   | Noticed a dread lich
205121 | Zig:18   | Noticed an ancient lich
205122 | Zig:18   | Noticed an ancient lich
205122 | Zig:18   | Noticed an ancient lich
205122 | Zig:18   | Killed an ancient lich
205122 | Zig:18   | Killed an ancient lich
205123 | Zig:18   | Noticed an ancient lich
205123 | Zig:18   | Noticed a dread lich
205125 | Zig:18   | Killed a dread lich
205125 | Zig:18   | Killed an ancient lich
205126 | Zig:18   | Killed a dread lich
205126 | Zig:18   | Killed a dread lich
205126 | Zig:18   | Killed an ancient lich
205126 | Zig:18   | Killed a dread lich
205126 | Zig:18   | Killed an ancient lich
205126 | Zig:18   | Killed a dread lich
205126 | Zig:18   | Killed a dread lich
205126 | Zig:18   | Killed an ancient lich
205126 | Zig:18   | Killed a dread lich
205126 | Zig:18   | Noticed a dread lich
205126 | Zig:18   | Noticed a dread lich
205127 | Zig:18   | Noticed an ancient lich
205127 | Zig:18   | Killed a dread lich
205127 | Zig:18   | Killed an ancient lich
205127 | Zig:18   | Noticed an ancient lich
205129 | Zig:18   | Killed a dread lich
205129 | Zig:18   | Killed an ancient lich
205129 | Zig:18   | Killed an ancient lich
205129 | Zig:18   | Killed an ancient lich
205129 | Zig:18   | Killed a dread lich
205130 | Zig:18   | Noticed an ancient lich
205130 | Zig:18   | Noticed a dread lich
205130 | Zig:18   | Noticed a dread lich
205130 | Zig:18   | Noticed a dread lich
205131 | Zig:18   | Noticed an ancient lich
205132 | Zig:18   | Noticed an ancient lich
205132 | Zig:18   | Noticed a dread lich
205133 | Zig:18   | Noticed a dread lich
205134 | Zig:18   | Noticed an ancient lich
205134 | Zig:18   | Noticed an ancient lich
205135 | Zig:18   | Killed a dread lich
205137 | Zig:18   | Killed an ancient lich
205137 | Zig:18   | Killed an ancient lich
205137 | Zig:18   | Killed a dread lich
205137 | Zig:18   | Killed an ancient lich
205137 | Zig:18   | Killed a dread lich
205137 | Zig:18   | Killed an ancient lich
205137 | Zig:18   | Killed an ancient lich
205137 | Zig:18   | Killed a dread lich
205138 | Zig:18   | Killed a dread lich
205453 | Zig:18   | Identified the +2 robe of Intuition {rElec}
205455 | Zig:18   | Identified the +1 chain mail "Usiu" {rN+ Str+3 Int+3}
205523 | Zig:18   | Identified the amulet of Biclecki {RegenMP rF+}
205527 | Zig:18   | Identified the +4 scimitar of Insomnia {drain, Dex+2}
205541 | Zig:18   | Identified the +3 scimitar of the Gloaming {venom, rN+
                  | Will+ Int-3 Dex+7}
205559 | Zig:18   | Identified the +6 war axe of Qatuf {venom, rElec Int+5
                  | Dex-3}
205587 | Zig:19   | Entered Level 19 of a ziggurat
205587 | Zig:19   | Noticed a royal mummy
205587 | Zig:19   | Noticed a royal mummy
205587 | Zig:19   | Noticed a royal mummy
205587 | Zig:19   | Noticed a royal mummy
205587 | Zig:19   | Noticed a royal mummy
205587 | Zig:19   | Noticed a royal mummy
205587 | Zig:19   | Noticed a royal mummy
205589 | Zig:19   | Killed a royal mummy
205589 | Zig:19   | Killed a royal mummy
205589 | Zig:19   | Killed a royal mummy
205589 | Zig:19   | Killed a royal mummy
205589 | Zig:19   | Killed a royal mummy
205589 | Zig:19   | Killed a royal mummy
205589 | Zig:19   | Noticed a royal mummy
205590 | Zig:19   | Noticed a royal mummy
205590 | Zig:19   | Noticed a royal mummy
205590 | Zig:19   | Noticed a royal mummy
205591 | Zig:19   | Noticed a royal mummy
205591 | Zig:19   | Killed a royal mummy
205591 | Zig:19   | Noticed a royal mummy
205591 | Zig:19   | Noticed a royal mummy
205591 | Zig:19   | Noticed a royal mummy
205592 | Zig:19   | Noticed a royal mummy
205592 | Zig:19   | Noticed a royal mummy
205592 | Zig:19   | Noticed a royal mummy
205592 | Zig:19   | Noticed a royal mummy
205593 | Zig:19   | Noticed a royal mummy
205593 | Zig:19   | Noticed a royal mummy
205594 | Zig:19   | Noticed a dread lich
205594 | Zig:19   | Noticed a royal mummy
205594 | Zig:19   | Noticed a royal mummy
205595 | Zig:19   | Killed a royal mummy
205595 | Zig:19   | Killed a royal mummy
205595 | Zig:19   | Killed a royal mummy
205595 | Zig:19   | Killed a royal mummy
205595 | Zig:19   | Killed a royal mummy
205595 | Zig:19   | Killed a royal mummy
205595 | Zig:19   | Killed a royal mummy
205595 | Zig:19   | Killed a royal mummy
205595 | Zig:19   | Killed a royal mummy
205595 | Zig:19   | Killed a royal mummy
205595 | Zig:19   | Killed a royal mummy
205595 | Zig:19   | Killed a royal mummy
205596 | Zig:19   | Killed a royal mummy
205596 | Zig:19   | Killed a royal mummy
205596 | Zig:19   | Killed a dread lich
205596 | Zig:19   | Killed a royal mummy
205596 | Zig:19   | Killed a royal mummy
205596 | Zig:19   | Noticed a royal mummy
205598 | Zig:19   | Noticed a royal mummy
205599 | Zig:19   | Noticed a royal mummy
205599 | Zig:19   | Noticed a royal mummy
205600 | Zig:19   | Noticed a royal mummy
205601 | Zig:19   | Killed a royal mummy
205601 | Zig:19   | Killed a royal mummy
205601 | Zig:19   | Killed a royal mummy
205601 | Zig:19   | Noticed a royal mummy
205602 | Zig:19   | Noticed a royal mummy
205602 | Zig:19   | Killed a royal mummy
205603 | Zig:19   | Noticed a royal mummy
205603 | Zig:19   | Killed a royal mummy
205604 | Zig:19   | Killed a royal mummy
205610 | Zig:19   | Killed a royal mummy
205610 | Zig:19   | Killed a royal mummy
205672 | Zig:19   | Identified the +1 ring mail of Minor Irritation {rElec
                  | rPois rC-}
205679 | Zig:19   | Identified the +8 quarterstaff of Dissolution {vorpal,
                  | rElec rPois rN+ rCorr Int-4}
205685 | Zig:19   | Identified the +5 scimitar of Irritation {vorpal, Fly
                  | Str+4}
205687 | Zig:19   | Identified the +2 robe of the Eleven People {rC+}
205699 | Zig:19   | Identified the ring of Niysa {rPois rC+ rN+ rCorr Int+4}
205701 | Zig:19   | Identified the +6 executioner's axe of Success {flame, rC+
                  | Int+3}
205708 | Zig:19   | Identified the amulet "Qegoeng" {Faith rN+ Int+4}
205714 | Zig:19   | Identified the ring of Peace {Wiz rElec rN+ Int+2 Stlth-}
206046 | Zig:20   | Entered Level 20 of a ziggurat
206456 | Zig:20   | Identified the ring "Laun" {Fire Str-3 Int+4 Dex+5 Stlth+}
206472 | Zig:20   | Identified the ring "Omnozah" {*Corrode Int+8 Dex+6 Slay+3}
206474 | Zig:20   | Identified the +5 chain mail "Zoecw" {-Cast rN+ Will+}
206508 | Zig:20   | Identified the +10 rapier of the Rat {vorpal, Drain rF+
                  | rC+}
206527 | Zig:20   | Identified the +8 long sword "Ocomy" {drain, rN+}
206528 | Zig:20   | Identified the ring "Mufanedd" {*Corrode Int+4 Dex+6
                  | Stlth+}
206533 | Zig:20   | Identified the amulet "Gicaefad" {Faith rF+ Str+4}
206553 | Zig:20   | Identified the +10 halberd of the Orcish Mines {vorpal,
                  | Will+ Str-4 Dex+4}
206604 | Zig:21   | Entered Level 21 of a ziggurat
206604 | Zig:21   | Noticed an orb of fire
206604 | Zig:21   | Noticed an orb of fire
206604 | Zig:21   | Noticed an orb of fire
206604 | Zig:21   | Noticed an orb of fire
206604 | Zig:21   | Noticed an orb of fire
206604 | Zig:21   | Noticed an orb of fire
206604 | Zig:21   | Noticed an orb of fire
206604 | Zig:21   | Noticed an orb of fire
206604 | Zig:21   | Noticed an orb of fire
206604 | Zig:21   | Noticed an orb of fire
206604 | Zig:21   | Noticed an orb of fire
206604 | Zig:21   | Noticed an orb of fire
206604 | Zig:21   | Noticed an orb of fire
206604 | Zig:21   | Noticed an orb of fire
206606 | Zig:21   | Noticed an orb of fire
206607 | Zig:21   | Noticed an orb of fire
206607 | Zig:21   | Noticed an orb of fire
206607 | Zig:21   | Noticed an orb of fire
206607 | Zig:21   | Noticed an orb of fire
206608 | Zig:21   | Noticed an orb of fire
206608 | Zig:21   | Killed an orb of fire
206608 | Zig:21   | Noticed an orb of fire
206608 | Zig:21   | Noticed an orb of fire
206608 | Zig:21   | Noticed an orb of fire
206609 | Zig:21   | Noticed an orb of fire
206609 | Zig:21   | Killed an orb of fire
206610 | Zig:21   | Killed an orb of fire
206611 | Zig:21   | Killed an orb of fire
206611 | Zig:21   | Noticed an orb of fire
206612 | Zig:21   | Killed an orb of fire
206612 | Zig:21   | Killed an orb of fire
206612 | Zig:21   | Killed an orb of fire
206612 | Zig:21   | Killed an orb of fire
206612 | Zig:21   | Killed an orb of fire
206612 | Zig:21   | Killed an orb of fire
206612 | Zig:21   | Noticed an orb of fire
206613 | Zig:21   | Killed an orb of fire
206613 | Zig:21   | Killed an orb of fire
206613 | Zig:21   | Killed an orb of fire
206613 | Zig:21   | Killed an orb of fire
206613 | Zig:21   | Killed an orb of fire
206613 | Zig:21   | Killed an orb of fire
206613 | Zig:21   | Killed an orb of fire
206613 | Zig:21   | Killed an orb of fire
206613 | Zig:21   | Noticed an orb of fire
206613 | Zig:21   | Noticed an orb of fire
206614 | Zig:21   | Killed an orb of fire
206615 | Zig:21   | Killed an orb of fire
206615 | Zig:21   | Killed an orb of fire
206616 | Zig:21   | Killed an orb of fire
206617 | Zig:21   | Killed an orb of fire
206617 | Zig:21   | Noticed an orb of fire
206618 | Zig:21   | Killed an orb of fire
206618 | Zig:21   | Noticed an orb of fire
206619 | Zig:21   | Killed an orb of fire
206619 | Zig:21   | Noticed an orb of fire
206620 | Zig:21   | Killed an orb of fire
206620 | Zig:21   | Killed an orb of fire
206621 | Zig:21   | Killed an orb of fire
206621 | Zig:21   | Noticed an orb of fire
206621 | Zig:21   | Noticed an orb of fire
206621 | Zig:21   | Noticed an orb of fire
206621 | Zig:21   | Noticed an orb of fire
206622 | Zig:21   | Killed an orb of fire
206623 | Zig:21   | Killed an orb of fire
206623 | Zig:21   | Noticed an orb of fire
206623 | Zig:21   | Noticed an orb of fire
206624 | Zig:21   | Killed an orb of fire
206625 | Zig:21   | Killed an orb of fire
206625 | Zig:21   | Killed an orb of fire
206625 | Zig:21   | Noticed an orb of fire
206626 | Zig:21   | Killed an orb of fire
206626 | Zig:21   | Killed an orb of fire
206626 | Zig:21   | Noticed an orb of fire
206626 | Zig:21   | Noticed an orb of fire
206627 | Zig:21   | Killed an orb of fire
206627 | Zig:21   | Noticed an orb of fire
206627 | Zig:21   | Noticed an orb of fire
206627 | Zig:21   | Noticed an orb of fire
206628 | Zig:21   | Noticed an orb of fire
206628 | Zig:21   | Noticed an orb of fire
206629 | Zig:21   | Killed an orb of fire
206629 | Zig:21   | Noticed an orb of fire
206629 | Zig:21   | Noticed an orb of fire
206630 | Zig:21   | Noticed an orb of fire
206631 | Zig:21   | Killed an orb of fire
206631 | Zig:21   | Killed an orb of fire
206631 | Zig:21   | Killed an orb of fire
206631 | Zig:21   | Noticed an orb of fire
206632 | Zig:21   | Noticed an orb of fire
206633 | Zig:21   | Killed an orb of fire
206633 | Zig:21   | Killed an orb of fire
206633 | Zig:21   | Killed an orb of fire
206633 | Zig:21   | Killed an orb of fire
206633 | Zig:21   | Noticed an orb of fire
206634 | Zig:21   | Killed an orb of fire
206634 | Zig:21   | Killed an orb of fire
206635 | Zig:21   | Killed an orb of fire
206635 | Zig:21   | Killed an orb of fire
206635 | Zig:21   | Killed an orb of fire
206635 | Zig:21   | Killed an orb of fire
206635 | Zig:21   | Noticed an orb of fire
206636 | Zig:21   | Noticed an orb of fire
206638 | Zig:21   | Noticed an orb of fire
206638 | Zig:21   | Noticed an orb of fire
206638 | Zig:21   | Noticed an orb of fire
206638 | Zig:21   | Noticed an orb of fire
206639 | Zig:21   | Noticed an orb of fire
206642 | Zig:21   | Killed an orb of fire
206642 | Zig:21   | Noticed an orb of fire
206642 | Zig:21   | Noticed an orb of fire
206643 | Zig:21   | Killed an orb of fire
206643 | Zig:21   | Killed an orb of fire
206643 | Zig:21   | Noticed an orb of fire
206644 | Zig:21   | Killed an orb of fire
206644 | Zig:21   | Killed an orb of fire
206644 | Zig:21   | Killed an orb of fire
206644 | Zig:21   | Killed an orb of fire
206644 | Zig:21   | Noticed an orb of fire
206644 | Zig:21   | Noticed an orb of fire
206644 | Zig:21   | Noticed an orb of fire
206645 | Zig:21   | Killed an orb of fire
206645 | Zig:21   | Killed an orb of fire
206645 | Zig:21   | Noticed an orb of fire
206646 | Zig:21   | Noticed an orb of fire
206647 | Zig:21   | Killed an orb of fire
206647 | Zig:21   | Killed an orb of fire
206647 | Zig:21   | Killed an orb of fire
206647 | Zig:21   | Killed an orb of fire
206647 | Zig:21   | Noticed an orb of fire
206647 | Zig:21   | Noticed an orb of fire
206648 | Zig:21   | Killed an orb of fire
206648 | Zig:21   | Killed an orb of fire
206649 | Zig:21   | Killed an orb of fire
206650 | Zig:21   | Killed an orb of fire
206650 | Zig:21   | Noticed an orb of fire
206651 | Zig:21   | Noticed an orb of fire
206652 | Zig:21   | Killed an orb of fire
206653 | Zig:21   | Noticed an orb of fire
206654 | Zig:21   | Noticed an orb of fire
206655 | Zig:21   | Noticed an orb of fire
206656 | Zig:21   | Killed an orb of fire
206656 | Zig:21   | Killed an orb of fire
206657 | Zig:21   | Killed an orb of fire
206657 | Zig:21   | Killed an orb of fire
206659 | Zig:21   | Killed an orb of fire
206955 | Zig:21   | Identified the +6 scimitar of Keofogah {spect, rPois Str+2
                  | SInv}
206970 | Zig:21   | Identified the +5 chain mail "Nawe" {Fly}
206977 | Zig:21   | Identified the +8 scimitar of the Ass {freeze, rElec rF-
                  | rC++ MP+9}
206980 | Zig:21   | Identified the +1 plate armour of Josserr {rElec Dex+3}
206986 | Zig:21   | Identified the ring "Jeilo" {Ice Str+3 Int+2 Dex+4 Stlth-}
206990 | Zig:21   | Identified the +1 leather armour of Morality {Str+4 Dex+5}
206992 | Zig:21   | Identified the ring "Luinorisk" {rElec rF+ Will+ rCorr
                  | Dex+6}
206995 | Zig:21   | Identified the amulet of Wisdom {Acrobat rElec rC+ rN++
                  | Will-}
206997 | Zig:21   | Identified the +6 falchion of Osedi {flame, Dex+5}
207002 | Zig:21   | Identified the +2 tower shield "Koog" {Int+5}
207010 | Zig:21   | Identified the ring "Agrurgh" {rF+ rN+ Str+6 Dex+4}
207051 | Zig:22   | Entered Level 22 of a ziggurat
207409 | Zig:22   | Identified the amulet of Famanie {Spirit rF+ rN++ Dex-4}
207412 | Zig:22   | Identified the +5 scimitar of Nightmares {antimagic, rElec}
207415 | Zig:22   | Identified the +8 quarterstaff "Wuuteocw" {flame, *Noise
                  | rCorr Int+6}
207423 | Zig:22   | Identified the +5 spear "Newtbane" {freeze, rF+ Dex+2}
207433 | Zig:22   | Identified the +10 dagger "Feer" {vamp, rPois}
207440 | Zig:22   | Identified the +6 war axe "Fegur" {speed, rF+ Int+7}
207473 | Zig:22   | Identified the +11 scimitar "Bepafoch" {speed, *Corrode
                  | Str+5}
207479 | Zig:22   | Identified the +9 scimitar of Dithmenos {flame, *Rage rC++
                  | rN+ Dex+4}
207480 | Zig:22   | Identified the +5 mace of Poqon {vorpal, rF+ rN+ MP-9}
207506 | Zig:22   | Identified the ring "Kinnir" {rN+ Will+ rCorr Str-3 Dex+2}
207583 | Zig:22   | Acquired 675 gold pieces
207584 | Zig:22   | Acquired 812 gold pieces
207599 | Zig:23   | Entered Level 23 of a ziggurat
207599 | Zig:23   | Noticed a juggernaut
207599 | Zig:23   | Noticed a juggernaut
207599 | Zig:23   | Noticed a juggernaut
207599 | Zig:23   | Noticed a juggernaut
207599 | Zig:23   | Noticed a juggernaut
207599 | Zig:23   | Noticed a juggernaut
207599 | Zig:23   | Noticed a juggernaut
207599 | Zig:23   | Noticed a juggernaut
207599 | Zig:23   | Noticed a juggernaut
207599 | Zig:23   | Noticed a juggernaut
207604 | Zig:23   | Noticed a juggernaut
207604 | Zig:23   | Noticed a juggernaut
207605 | Zig:23   | Noticed a juggernaut
207605 | Zig:23   | Noticed a juggernaut
207605 | Zig:23   | Noticed a juggernaut
207606 | Zig:23   | Noticed a juggernaut
207606 | Zig:23   | Killed a juggernaut
207606 | Zig:23   | Killed a juggernaut
207607 | Zig:23   | Noticed a juggernaut
207607 | Zig:23   | Noticed a juggernaut
207607 | Zig:23   | Killed a juggernaut
207607 | Zig:23   | Killed a juggernaut
207608 | Zig:23   | Noticed a juggernaut
207608 | Zig:23   | Noticed a juggernaut
207608 | Zig:23   | Noticed a juggernaut
207608 | Zig:23   | Killed a juggernaut
207608 | Zig:23   | Killed a juggernaut
207609 | Zig:23   | Noticed a juggernaut
207609 | Zig:23   | Noticed a juggernaut
207609 | Zig:23   | Noticed a juggernaut
207609 | Zig:23   | Noticed a juggernaut
207610 | Zig:23   | Noticed a juggernaut
207610 | Zig:23   | Killed a juggernaut
207610 | Zig:23   | Killed a juggernaut
207610 | Zig:23   | Killed a juggernaut
207610 | Zig:23   | Killed a juggernaut
207610 | Zig:23   | Killed a juggernaut
207610 | Zig:23   | Killed a juggernaut
207610 | Zig:23   | Killed a juggernaut
207610 | Zig:23   | Killed a juggernaut
207610 | Zig:23   | Killed a juggernaut
207610 | Zig:23   | Killed a juggernaut
207610 | Zig:23   | Killed a juggernaut
207610 | Zig:23   | Noticed a juggernaut
207611 | Zig:23   | Killed a juggernaut
207611 | Zig:23   | Killed a juggernaut
207611 | Zig:23   | Killed a juggernaut
207611 | Zig:23   | Killed a juggernaut
207611 | Zig:23   | Killed a juggernaut
207611 | Zig:23   | Killed a juggernaut
207611 | Zig:23   | Killed a juggernaut
207611 | Zig:23   | Killed a juggernaut
207611 | Zig:23   | Killed a juggernaut
207611 | Zig:23   | Noticed a juggernaut
207611 | Zig:23   | Noticed a juggernaut
207611 | Zig:23   | Noticed a juggernaut
207612 | Zig:23   | Noticed a juggernaut
207612 | Zig:23   | Noticed a juggernaut
207612 | Zig:23   | Noticed a juggernaut
207613 | Zig:23   | Noticed a juggernaut
207614 | Zig:23   | Noticed a juggernaut
207614 | Zig:23   | Noticed a juggernaut
207618 | Zig:23   | Noticed a juggernaut
207618 | Zig:23   | Noticed a juggernaut
207619 | Zig:23   | Killed a juggernaut
207619 | Zig:23   | Killed a juggernaut
207619 | Zig:23   | Killed a juggernaut
207620 | Zig:23   | Killed a juggernaut
207622 | Zig:23   | Killed a juggernaut
207623 | Zig:23   | Killed a juggernaut
207624 | Zig:23   | Noticed a juggernaut
207624 | Zig:23   | Killed a juggernaut
207624 | Zig:23   | Killed a juggernaut
207624 | Zig:23   | Killed a juggernaut
207624 | Zig:23   | Killed a juggernaut
207625 | Zig:23   | Killed a juggernaut
207625 | Zig:23   | Killed a juggernaut
207625 | Zig:23   | Noticed a juggernaut
207626 | Zig:23   | Killed a juggernaut
207631 | Zig:23   | Killed a juggernaut
207677 | Zig:23   | Identified the +3 arbalest "Qeproc" {venom, rC+}
207681 | Zig:23   | Identified the +8 flail "Bopheh" {flame, Str+3}
207684 | Zig:23   | Identified the +4 flail of Defence by Offence {vorpal,
                  | Int+5}
207690 | Zig:23   | Identified the +1 ring mail "Okkadaasch" {Dex+4}
207720 | Zig:23   | Identified the amulet of the Rose {Will+ Regen+ Stlth+}
207726 | Zig:23   | Identified the amulet "Luetz" {Acrobat Contam rPois Str-3
                  | Slay+5}
207732 | Zig:23   | Identified the +0 ring mail of Ubiquitous Life {rElec Int-4
                  | Slay-5 Stlth+}
207761 | Zig:23   | Identified the +10 plate armour of Lethargy {rPois Str+7}
207816 | Zig:23   | Identified the +1 plate armour of Morality {rC+ Slay+3}
208225 | Zig:24   | Entered Level 24 of a ziggurat
208252 | Zig:24   | Noticed Qami the pandemonium lord
208264 | Zig:24   | Killed Qami the pandemonium lord
208750 | Zig:24   | Identified the +8 scimitar "Jurharam" {venom, Fragile
                  | +Blink rC++}
208751 | Zig:24   | Identified the +7 shortbow of Painful Death {flame, rN+
                  | Int-3 SInv}
208759 | Zig:24   | Identified the +6 dagger of the Healing Shark {drain, rPois
                  | rN+ Will+ Int-3}
208763 | Zig:24   | Identified the ring of Cowardice {Fire rCorr Int+6}
208767 | Zig:24   | Identified the +7 demon blade of Deflation {spect, rCorr
                  | Str+8 Dex-5 Stlth+}
208770 | Zig:24   | Identified the +9 battleaxe "Weskeru" {vorpal, Str+5}
208775 | Zig:24   | Identified the ring of Penukumn {Wiz *Corrode +Blink rC+
                  | Slay+2}
208777 | Zig:24   | Identified the +5 arbalest of the Lame Duck {elec, rC+
                  | Dex+6}
208779 | Zig:24   | Identified the +11 short sword of Accidental Termination
                  | {elec, rPois Str+4 Dex+6}
208780 | Zig:24   | Identified the ring "Nevoluc" {Ice rPois Int+6 Dex-3}
208807 | Zig:24   | Identified the +1 pair of boots of Dyspraxia {Rampage
                  | Stlth+}
208850 | Zig:25   | Entered Level 25 of a ziggurat
208880 | Zig:25   | Identified the +8 bardiche "Annedgh" {speed, +Blink}
208882 | Zig:25   | Identified the +1 mace of the Wilderness {spect, rF- Str+6}
208897 | Zig:25   | Identified the +11 war axe of Starshine {vorpal, *Rage
                  | rElec rN++}
208917 | Zig:25   | Identified the +6 rapier "Anyneof" {spect, rPois rC+ rN+
                  | Stlth+}
208919 | Zig:25   | Identified the ring of the Tuna {rF+ rN+ Will- Int+6 Dex+4}
208923 | Zig:25   | Identified the ring of Xom's Capriciousness {rElec EV+4}
208925 | Zig:25   | Identified the ring "Yddabb" {rPois rF+++ rC++ Str+6 Dex-5}
208949 | Zig:25   | Identified the +9 shortbow of Irritation {freeze, rElec
                  | Str+3 Dex-2}
208983 | Zig:25   | Identified the +8 whip "Uqistrual" {freeze, +Blink Str+4}
208987 | Zig:25   | Identified the +0 leather armour of Gallantry {rPois rC-
                  | Int+4}
208989 | Zig:25   | Identified the +8 scimitar "Eviscerator" {vorpal, rN+ Str-4
                  | Dex+4 SInv}
209006 | Zig:25   | Identified the +4 ring mail of Qutsethraum {*Corrode Int+7
                  | Dex+5}
209010 | Zig:25   | Identified the +8 quarterstaff of Tekhlij {holy, Str+5
                  | Int-3 Dex+5}
209161 | Zig:25   | Identified the +2 long sword of Hepliaklqana's Delight
                  | {speed, Str+5}
209510 | Zig:26   | Entered Level 26 of a ziggurat
209516 | Zig:26   | Paralysed by accursed screaming for 2 turns
209580 | Zig:26   | Found the +1 Delatra's gloves {ID++}
209582 | Zig:26   | Identified the +9 double sword of the Everdark {freeze,
                  | rElec rF+ Str+7}
209596 | Zig:26   | Identified the +8 battleaxe of Blind Justice {drain, rC+
                  | Dex+3}
210035 | Zig:26   | Identified the ring of Caleum Ira {Fly rN+ Will+}
210042 | Zig:26   | Identified the +4 glaive of Eternity {vorpal, Int+3}
210043 | Zig:26   | Identified the +8 mace of Veurot {spect, rPois Will+}
210045 | Zig:26   | Identified the ring of Oviuger {Fly rN+++ SInv Stlth-}
210070 | Zig:26   | Identified the +9 long sword "Moangal" {pain, rC+ Stlth+}
210073 | Zig:26   | Identified the +9 long sword of the Heart {venom, rElec
                  | rCorr Str-5}
210178 | Zig:27   | Entered Level 27 of a ziggurat
210200 | Zig:27   | Found the +7 Kryia's mail coat {PotionHeal*2 rC+}
210248 | Zig:27   | Identified the +8 spear "Qufug" {flame, rElec Will+ Str-3}
210249 | Zig:27   | Identified the +10 falchion of Weoneumi {flame, Contam
                  | rElec rF- rCorr}
210263 | Zig:27   | Identified the +5 scale mail "Get Ecus" {rN+ Dex+3}
210270 | Zig:27   | Identified the +1 scimitar "Saip" {protect, +Blink rCorr
                  | Dex-5 SInv}
210292 | Zig:27   | Identified the +6 long sword "Soegh" {elec, Will+ Str+4}
210304 | Zig:27   | Identified the +5 great sword of Defilement {drain, Dex+3}
210308 | Zig:27   | Identified the +6 shortbow of Moukuv {flame, *Slow Dex+2
                  | SInv}
210312 | Zig:27   | Identified the ring "Vuoxiove" {rPois rN+ Dex+2 SInv}
210314 | Zig:27   | Identified the +5 plate armour of the Apprentice {rElec
                  | MP+9 Str+4 Int+3}
210906 | Depths:4 | Lost mutation: Your mind is acute. (Int +4, Str/Dex -1)
                  | [potion of mutation]
210906 | Depths:4 | Lost mutation: Your natural rate of healing is unusually
                  | fast. [potion of mutation]
210906 | Depths:4 | Gained mutation: You occasionally lose the ability to read
                  | scrolls when taking damage. [potion of mutation]
210906 | Depths:4 | Gained mutation: Your natural rate of healing is unusually
                  | fast. [potion of mutation]
210906 | Depths:4 | Gained mutation: Your movements are slightly less
                  | encumbered by armour. (ER -2) [potion of mutation]
210907 | Depths:4 | Lost mutation: Your movements are slightly less encumbered
                  | by armour. (ER -2) [potion of mutation]
210907 | Depths:4 | Lost mutation: You have very sharp teeth. [potion of
                  | mutation]
210907 | Depths:4 | Gained mutation: Your mind is acute. (Int +4, Str/Dex -1)
                  | [potion of mutation]
210907 | Depths:4 | Gained mutation: You are agile. (Dex +4, Str/Int -1)
                  | [potion of mutation]
210908 | Depths:4 | Lost mutation: Your flesh is heat resistant. (rF+) [potion
                  | of mutation]
210908 | Depths:4 | Lost mutation: Your natural rate of healing is unusually
                  | fast. [potion of mutation]
210908 | Depths:4 | Lost mutation: Your mind is acute. (Int +4, Str/Dex -1)
                  | [potion of mutation]
210909 | Depths:4 | Lost mutation: You occasionally lose the ability to read
                  | scrolls when taking damage. [potion of mutation]
210909 | Depths:4 | Lost mutation: You are agile. (Dex +4, Str/Int -1) [potion
                  | of mutation]
210909 | Depths:4 | Lost mutation: Your flesh is cold resistant. (rC+) [potion
                  | of mutation]
210909 | Depths:4 | Gained mutation: You are weak. (Str -2) [potion of
                  | mutation]
210909 | Depths:4 | Gained mutation: Your system is resistant to poisons.
                  | (rPois) [potion of mutation]
210909 | Depths:4 | Gained mutation: You are clumsy. (Dex -2) [potion of
                  | mutation]
210909 | Depths:4 | Gained mutation: You passively map a small area around you.
                  | [potion of mutation]
210910 | Depths:4 | Lost mutation: Your system is resistant to poisons. (rPois)
                  | [potion of mutation]
210910 | Depths:4 | Lost mutation: You passively map a small area around you.
                  | [potion of mutation]
210910 | Depths:4 | Lost mutation: You are clumsy. (Dex -2) [potion of
                  | mutation]
210910 | Depths:4 | Gained mutation: You are very weak. (Str -4) [potion of
                  | mutation]
210910 | Depths:4 | Gained mutation: You have hidden genetic potential. [potion
                  | of mutation]
210911 | Depths:4 | Lost mutation: You have hidden genetic potential. [potion
                  | of mutation]
210911 | Depths:4 | Lost mutation: You are very weak. (Str -4) [potion of
                  | mutation]
210911 | Depths:4 | Lost mutation: You are weak. (Str -2) [potion of mutation]
210911 | Depths:4 | Gained mutation: You expend magic power (3 MP) to
                  | strengthen your wands. [potion of mutation]
210911 | Depths:4 | Gained mutation: Your mind is acute. (Int +4, Str/Dex -1)
                  | [potion of mutation]
210912 | Depths:4 | Lost mutation: You expend magic power (3 MP) to strengthen
                  | your wands. [potion of mutation]
210912 | Depths:4 | Lost mutation: Your mind is acute. (Int +4, Str/Dex -1)
                  | [potion of mutation]
210912 | Depths:4 | Gained mutation: You are partially covered in large bone
                  | plates. (SH +4) [potion of mutation]
210912 | Depths:4 | Gained mutation: Your flesh is cold resistant. (rC+)
                  | [potion of mutation]
210913 | Depths:4 | Lost mutation: Your flesh is cold resistant. (rC+) [potion
                  | of mutation]
210913 | Depths:4 | Lost mutation: You are partially covered in large bone
                  | plates. (SH +4) [potion of mutation]
210913 | Depths:4 | Gained mutation: You are weak. (Str -2) [potion of
                  | mutation]
210914 | Depths:4 | Lost mutation: You are weak. (Str -2) [potion of mutation]
210914 | Depths:4 | Gained mutation: You are agile. (Dex +4, Str/Int -1)
                  | [potion of mutation]
210914 | Depths:4 | Gained mutation: You have hidden genetic potential. [potion
                  | of mutation]
210914 | Depths:4 | Gained mutation: You expend magic power (3 MP) to
                  | strengthen your wands. [potion of mutation]
210914 | Depths:4 | Gained mutation: You are very agile. (Dex +8, Str/Int -2)
                  | [potion of mutation]
210915 | Depths:4 | Lost mutation: You expend magic power (3 MP) to strengthen
                  | your wands. [potion of mutation]
210915 | Depths:4 | Lost mutation: You have hidden genetic potential. [potion
                  | of mutation]
210915 | Depths:4 | Gained mutation: You have a pair of small antennae on your
                  | head. [potion of mutation]
210915 | Depths:4 | Gained mutation: You do not regenerate when monsters are
                  | visible. [potion of mutation]
210916 | Depths:4 | Lost mutation: You have a pair of small antennae on your
                  | head. [potion of mutation]
210916 | Depths:4 | Lost mutation: You are very agile. (Dex +8, Str/Int -2)
                  | [potion of mutation]
210916 | Depths:4 | Gained mutation: Potions are less effective at restoring
                  | your health. [potion of mutation]
210917 | Depths:4 | Lost mutation: You do not regenerate when monsters are
                  | visible. [potion of mutation]
210917 | Depths:4 | Lost mutation: Potions are less effective at restoring your
                  | health. [potion of mutation]
210917 | Depths:4 | Lost mutation: You are agile. (Dex +4, Str/Int -1) [potion
                  | of mutation]
210917 | Depths:4 | Gained mutation: You occasionally lose the ability to drink
                  | potions when taking damage. [potion of mutation]
210917 | Depths:4 | Gained mutation: You are strong-willed. (Will+) [potion of
                  | mutation]
210918 | Depths:4 | Lost mutation: You are strong-willed. (Will+) [potion of
                  | mutation]
210918 | Depths:4 | Lost mutation: You occasionally lose the ability to drink
                  | potions when taking damage. [potion of mutation]
210918 | Depths:4 | Gained mutation: You have hidden genetic potential. [potion
                  | of mutation]
210918 | Depths:4 | Gained mutation: You are clumsy. (Dex -2) [potion of
                  | mutation]
210918 | Depths:4 | Gained mutation: You have a beak for a mouth. [potion of
                  | mutation]
210918 | Depths:4 | Gained mutation: You are partially covered in large bone
                  | plates. (SH +4) [potion of mutation]
210919 | Depths:4 | Lost mutation: You are clumsy. (Dex -2) [potion of
                  | mutation]
210919 | Depths:4 | Lost mutation: You have hidden genetic potential. [potion
                  | of mutation]
210919 | Depths:4 | Lost mutation: You have a beak for a mouth. [potion of
                  | mutation]
210919 | Depths:4 | Gained mutation: You occasionally lose the ability to read
                  | scrolls when taking damage. [potion of mutation]
210919 | Depths:4 | Gained mutation: You have a pair of small horns on your
                  | head. [potion of mutation]
210920 | Depths:4 | Lost mutation: You occasionally lose the ability to read
                  | scrolls when taking damage. [potion of mutation]
210920 | Depths:4 | Lost mutation: You are partially covered in large bone
                  | plates. (SH +4) [potion of mutation]
210920 | Depths:4 | Lost mutation: You have a pair of small horns on your head.
                  | [potion of mutation]
210920 | Depths:4 | Gained mutation: Your movements are slightly less
                  | encumbered by armour. (ER -2) [potion of mutation]
210921 | Depths:4 | Lost mutation: Your movements are slightly less encumbered
                  | by armour. (ER -2) [potion of mutation]
210921 | Depths:4 | Gained mutation: You have a pair of small horns on your
                  | head. [potion of mutation]
210921 | Depths:4 | Gained mutation: You do not regenerate when monsters are
                  | visible. [potion of mutation]
210921 | Depths:4 | Gained mutation: You are strong-willed. (Will+) [potion of
                  | mutation]
210921 | Depths:4 | Gained mutation: You are highly strong-willed. (Will++)
                  | [potion of mutation]
210922 | Depths:4 | Lost mutation: You are highly strong-willed. (Will++)
                  | [potion of mutation]
210922 | Depths:4 | Lost mutation: You do not regenerate when monsters are
                  | visible. [potion of mutation]
210922 | Depths:4 | Lost mutation: You are strong-willed. (Will+) [potion of
                  | mutation]
210922 | Depths:4 | Gained mutation: You sometimes lose your temper in combat.
                  | [potion of mutation]
210922 | Depths:4 | Lost mutation: You sometimes lose your temper in combat.
                  | [potion of mutation]
210923 | Depths:4 | Lost mutation: You have a pair of small horns on your head.
                  | [potion of mutation]
210923 | Depths:4 | Gained mutation: You are dopey. (Int -2) [potion of
                  | mutation]
210923 | Depths:4 | Gained mutation: You have a pair of small horns on your
                  | head. [potion of mutation]
210923 | Depths:4 | Lost mutation: You are dopey. (Int -2) [potion of mutation]
210924 | Depths:4 | Lost mutation: You have a pair of small horns on your head.
                  | [potion of mutation]
210924 | Depths:4 | Gained mutation: Your system is resistant to poisons.
                  | (rPois) [potion of mutation]
210924 | Depths:4 | Gained mutation: Your flesh is heat resistant. (rF+)
                  | [potion of mutation]
210924 | Depths:4 | Gained mutation: Your spells are a little harder to cast,
                  | but a little more powerful. [potion of mutation]
210925 | Depths:4 | Lost mutation: Your spells are a little harder to cast, but
                  | a little more powerful. [potion of mutation]
210925 | Depths:4 | Lost mutation: Your flesh is heat resistant. (rF+) [potion
                  | of mutation]
210925 | Depths:4 | Gained mutation: You have a pair of small horns on your
                  | head. [potion of mutation]
210925 | Depths:4 | Gained mutation: You passively map a small area around you.
                  | [potion of mutation]
210925 | Depths:4 | Gained mutation: Your muscles are strong. (Str +4, Int/Dex
                  | -1) [potion of mutation]
210926 | Depths:4 | Lost mutation: You passively map a small area around you.
                  | [potion of mutation]
210926 | Depths:4 | Lost mutation: Your system is resistant to poisons. (rPois)
                  | [potion of mutation]
210926 | Depths:4 | Gained mutation: Your magical capacity is low. (-10% MP)
                  | [potion of mutation]
210926 | Depths:4 | Lost mutation: Your magical capacity is low. (-10% MP)
                  | [potion of mutation]
210926 | Depths:4 | Gained mutation: Armour fits poorly on your strangely
                  | shaped body. [potion of mutation]
210926 | Depths:4 | Gained mutation: You have hidden genetic potential. [potion
                  | of mutation]
210927 | Depths:4 | Lost mutation: You have a pair of small horns on your head.
                  | [potion of mutation]
210927 | Depths:4 | Lost mutation: Armour fits poorly on your strangely shaped
                  | body. [potion of mutation]
210927 | Depths:4 | Lost mutation: You have hidden genetic potential. [potion
                  | of mutation]
210927 | Depths:4 | Gained mutation: You are agile. (Dex +4, Str/Int -1)
                  | [potion of mutation]
210928 | Depths:4 | Lost mutation: You are agile. (Dex +4, Str/Int -1) [potion
                  | of mutation]
210928 | Depths:4 | Lost mutation: Your muscles are strong. (Str +4, Int/Dex
                  | -1) [potion of mutation]
210928 | Depths:4 | Gained mutation: Your muscles are strong. (Str +4, Int/Dex
                  | -1) [potion of mutation]
210928 | Depths:4 | Gained mutation: You have hidden genetic potential. [potion
                  | of mutation]
210928 | Depths:4 | Gained mutation: You are agile. (Dex +4, Str/Int -1)
                  | [potion of mutation]
210929 | Depths:4 | Lost mutation: You are agile. (Dex +4, Str/Int -1) [potion
                  | of mutation]
210929 | Depths:4 | Lost mutation: You have hidden genetic potential. [potion
                  | of mutation]
210929 | Depths:4 | Lost mutation: Your muscles are strong. (Str +4, Int/Dex
                  | -1) [potion of mutation]
210929 | Depths:4 | Gained mutation: Your skin changes colour to match your
                  | surroundings (Stealth+). [potion of mutation]
210929 | Depths:4 | Gained mutation: You are strong-willed. (Will+) [potion of
                  | mutation]
210930 | Depths:4 | Lost mutation: You are strong-willed. (Will+) [potion of
                  | mutation]
210930 | Depths:4 | Lost mutation: Your skin changes colour to match your
                  | surroundings (Stealth+). [potion of mutation]
210930 | Depths:4 | Gained mutation: You have a pair of small antennae on your
                  | head. [potion of mutation]
210931 | Depths:4 | Lost mutation: You have a pair of small antennae on your
                  | head. [potion of mutation]
210931 | Depths:4 | Gained mutation: You are clumsy. (Dex -2) [potion of
                  | mutation]
210931 | Depths:4 | Gained mutation: You possess an exceptional clarity of
                  | mind. [potion of mutation]
210932 | Depths:4 | Lost mutation: You possess an exceptional clarity of mind.
                  | [potion of mutation]
210932 | Depths:4 | Lost mutation: You are clumsy. (Dex -2) [potion of
                  | mutation]
210932 | Depths:4 | Gained mutation: You occasionally lose the ability to read
                  | scrolls when taking damage. [potion of mutation]
210932 | Depths:4 | Gained mutation: Armour fits poorly on your strangely
                  | shaped body. [potion of mutation]
210932 | Depths:4 | Gained mutation: Your muscles are strong. (Str +4, Int/Dex
                  | -1) [potion of mutation]
210933 | Depths:4 | Lost mutation: You occasionally lose the ability to read
                  | scrolls when taking damage. [potion of mutation]
210933 | Depths:4 | Lost mutation: Armour fits poorly on your strangely shaped
                  | body. [potion of mutation]
210933 | Depths:4 | Lost mutation: Your muscles are strong. (Str +4, Int/Dex
                  | -1) [potion of mutation]
210933 | Depths:4 | Gained mutation: You are agile. (Dex +4, Str/Int -1)
                  | [potion of mutation]
210933 | Depths:4 | Gained mutation: You are very agile. (Dex +8, Str/Int -2)
                  | [potion of mutation]
210933 | Depths:4 | Gained mutation: You have sharp fingernails. [potion of
                  | mutation]
210934 | Depths:4 | Lost mutation: You are very agile. (Dex +8, Str/Int -2)
                  | [potion of mutation]
210934 | Depths:4 | Lost mutation: You have sharp fingernails. [potion of
                  | mutation]
210934 | Depths:4 | Gained mutation: You have a pair of small horns on your
                  | head. [potion of mutation]
210935 | Depths:4 | Lost mutation: You have a pair of small horns on your head.
                  | [potion of mutation]
210935 | Depths:4 | Lost mutation: You are agile. (Dex +4, Str/Int -1) [potion
                  | of mutation]
210935 | Depths:4 | Gained mutation: Your spells are a little harder to cast,
                  | but a little more powerful. [potion of mutation]
210936 | Depths:4 | Lost mutation: Your spells are a little harder to cast, but
                  | a little more powerful. [potion of mutation]
210936 | Depths:4 | Gained mutation: You are weak. (Str -2) [potion of
                  | mutation]
210936 | Depths:4 | Gained mutation: Your spells are a little harder to cast,
                  | but a little more powerful. [potion of mutation]
210936 | Depths:4 | Gained mutation: Your movements are slightly less
                  | encumbered by armour. (ER -2) [potion of mutation]
210937 | Depths:4 | Lost mutation: You are weak. (Str -2) [potion of mutation]
210937 | Depths:4 | Lost mutation: Your movements are slightly less encumbered
                  | by armour. (ER -2) [potion of mutation]
210937 | Depths:4 | Gained mutation: Your flesh is heat resistant. (rF+)
                  | [potion of mutation]
210937 | Depths:4 | Gained mutation: Your muscles are strong. (Str +4, Int/Dex
                  | -1) [potion of mutation]
210937 | Depths:4 | Gained mutation: Your mind is acute. (Int +4, Str/Dex -1)
                  | [potion of mutation]
210938 | Depths:4 | Lost mutation: Your mind is acute. (Int +4, Str/Dex -1)
                  | [potion of mutation]
210938 | Depths:4 | Lost mutation: Your spells are a little harder to cast, but
                  | a little more powerful. [potion of mutation]
210938 | Depths:4 | Gained mutation: You are clumsy. (Dex -2) [potion of
                  | mutation]
210938 | Depths:4 | Gained mutation: You are strong-willed. (Will+) [potion of
                  | mutation]
210939 | Depths:4 | Lost mutation: You are strong-willed. (Will+) [potion of
                  | mutation]
210939 | Depths:4 | Lost mutation: You are clumsy. (Dex -2) [potion of
                  | mutation]
210939 | Depths:4 | Gained mutation: You have a pair of small horns on your
                  | head. [potion of mutation]
210939 | Depths:4 | Gained mutation: Your flesh is cold resistant. (rC+)
                  | [potion of mutation]
210940 | Depths:4 | Lost mutation: Your flesh is heat resistant. (rF+) [potion
                  | of mutation]
210940 | Depths:4 | Lost mutation: Your muscles are strong. (Str +4, Int/Dex
                  | -1) [potion of mutation]
210940 | Depths:4 | Lost mutation: Your flesh is cold resistant. (rC+) [potion
                  | of mutation]
210940 | Depths:4 | Gained mutation: You have hidden genetic potential. [potion
                  | of mutation]
210940 | Depths:4 | Lost mutation: You have hidden genetic potential. [potion
                  | of mutation]
210940 | Depths:4 | Gained mutation: You have hidden genetic potential. [potion
                  | of mutation]
210941 | Depths:4 | Lost mutation: You have a pair of small horns on your head.
                  | [potion of mutation]
210941 | Depths:4 | Lost mutation: You have hidden genetic potential. [potion
                  | of mutation]
210941 | Depths:4 | Gained mutation: Your spells are a little harder to cast,
                  | but a little more powerful. [potion of mutation]
210941 | Depths:4 | Gained mutation: Armour fits poorly on your strangely
                  | shaped body. [potion of mutation]
210941 | Depths:4 | Gained mutation: Your system is resistant to poisons.
                  | (rPois) [potion of mutation]
210941 | Depths:4 | Gained mutation: You have sharp fingernails. [potion of
                  | mutation]
210942 | Depths:4 | Lost mutation: You have sharp fingernails. [potion of
                  | mutation]
210942 | Depths:4 | Lost mutation: Your system is resistant to poisons. (rPois)
                  | [potion of mutation]
210942 | Depths:4 | Lost mutation: Armour fits poorly on your strangely shaped
                  | body. [potion of mutation]
210942 | Depths:4 | Gained mutation: You are occasionally teleported next to
                  | monsters. [potion of mutation]
210943 | Depths:4 | Lost mutation: Your spells are a little harder to cast, but
                  | a little more powerful. [potion of mutation]
210943 | Depths:4 | Lost mutation: You are occasionally teleported next to
                  | monsters. [potion of mutation]
210943 | Depths:4 | Gained mutation: Your spells are a little harder to cast,
                  | but a little more powerful. [potion of mutation]
210943 | Depths:4 | Gained mutation: Potions are less effective at restoring
                  | your health. [potion of mutation]
210943 | Depths:4 | Lost mutation: Your spells are a little harder to cast, but
                  | a little more powerful. [potion of mutation]
210944 | Depths:4 | Lost mutation: Potions are less effective at restoring your
                  | health. [potion of mutation]
210944 | Depths:4 | Gained mutation: You possess an exceptional clarity of
                  | mind. [potion of mutation]
210944 | Depths:4 | Gained mutation: Your mind is acute. (Int +4, Str/Dex -1)
                  | [potion of mutation]
210945 | Depths:4 | Lost mutation: You possess an exceptional clarity of mind.
                  | [potion of mutation]
210945 | Depths:4 | Lost mutation: Your mind is acute. (Int +4, Str/Dex -1)
                  | [potion of mutation]
210945 | Depths:4 | Gained mutation: You have a pair of small antennae on your
                  | head. [potion of mutation]
210945 | Depths:4 | Gained mutation: Your system is resistant to poisons.
                  | (rPois) [potion of mutation]
210945 | Depths:4 | Gained mutation: You have hidden genetic defects. [potion
                  | of mutation]
210945 | Depths:4 | Gained mutation: You have sharp fingernails. [potion of
                  | mutation]
210946 | Depths:4 | Lost mutation: Your system is resistant to poisons. (rPois)
                  | [potion of mutation]
210946 | Depths:4 | Lost mutation: You have sharp fingernails. [potion of
                  | mutation]
210946 | Depths:4 | Lost mutation: You have a pair of small antennae on your
                  | head. [potion of mutation]
210946 | Depths:4 | Gained mutation: Your muscles are strong. (Str +4, Int/Dex
                  | -1) [potion of mutation]
210946 | Depths:4 | Gained mutation: You are occasionally teleported next to
                  | monsters. [potion of mutation]
210946 | Depths:4 | Gained mutation: Your magical capacity is low. (-10% MP)
                  | [potion of mutation]
210946 | Depths:4 | Gained mutation: Your spells are a little harder to cast,
                  | but a little more powerful. [potion of mutation]
210947 | Depths:4 | Lost mutation: Your muscles are strong. (Str +4, Int/Dex
                  | -1) [potion of mutation]
210947 | Depths:4 | Lost mutation: You have hidden genetic defects. [potion of
                  | mutation]
210947 | Depths:4 | Lost mutation: Your magical capacity is low. (-10% MP)
                  | [potion of mutation]
210947 | Depths:4 | Gained mutation: You have a pair of small antennae on your
                  | head. [potion of mutation]
210948 | Depths:4 | Lost mutation: Your spells are a little harder to cast, but
                  | a little more powerful. [potion of mutation]
210948 | Depths:4 | Lost mutation: You have a pair of small antennae on your
                  | head. [potion of mutation]
210948 | Depths:4 | Lost mutation: You are occasionally teleported next to
                  | monsters. [potion of mutation]
210948 | Depths:4 | Gained mutation: Your spells are a little harder to cast,
                  | but a little more powerful. [potion of mutation]
210948 | Depths:4 | Gained mutation: You have a pair of small horns on your
                  | head. [potion of mutation]
210948 | Depths:4 | Gained mutation: You are weak. (Str -2) [potion of
                  | mutation]
210948 | Depths:4 | Lost mutation: You are weak. (Str -2) [potion of mutation]
210949 | Depths:4 | Lost mutation: Your spells are a little harder to cast, but
                  | a little more powerful. [potion of mutation]
210949 | Depths:4 | Lost mutation: You have a pair of small horns on your head.
                  | [potion of mutation]
210949 | Depths:4 | Gained mutation: You occasionally shout uncontrollably at
                  | your foes. [potion of mutation]
210949 | Depths:4 | Gained mutation: You have a beak for a mouth. [potion of
                  | mutation]
210949 | Depths:4 | Gained mutation: You do not regenerate when monsters are
                  | visible. [potion of mutation]
210950 | Depths:4 | Lost mutation: You have a beak for a mouth. [potion of
                  | mutation]
210950 | Depths:4 | Lost mutation: You occasionally shout uncontrollably at
                  | your foes. [potion of mutation]
210950 | Depths:4 | Gained mutation: Your body sometimes deteriorates upon
                  | taking damage. [potion of mutation]
210951 | Depths:4 | Lost mutation: You do not regenerate when monsters are
                  | visible. [potion of mutation]
210951 | Depths:4 | Lost mutation: Your body sometimes deteriorates upon taking
                  | damage. [potion of mutation]
210951 | Depths:4 | Gained mutation: Your muscles are strong. (Str +4, Int/Dex
                  | -1) [potion of mutation]
210951 | Depths:4 | Gained mutation: Your magical capacity is low. (-10% MP)
                  | [potion of mutation]
210952 | Depths:4 | Lost mutation: Your muscles are strong. (Str +4, Int/Dex
                  | -1) [potion of mutation]
210952 | Depths:4 | Lost mutation: Your magical capacity is low. (-10% MP)
                  | [potion of mutation]
210952 | Depths:4 | Gained mutation: Your magical capacity is low. (-10% MP)
                  | [potion of mutation]
210952 | Depths:4 | Gained mutation: Your spells are a little easier to cast,
                  | but a little less powerful. [potion of mutation]
210953 | Depths:4 | Lost mutation: Your magical capacity is low. (-10% MP)
                  | [potion of mutation]
210953 | Depths:4 | Lost mutation: Your spells are a little easier to cast, but
                  | a little less powerful. [potion of mutation]
210953 | Depths:4 | Gained mutation: Your flesh is cold resistant. (rC+)
                  | [potion of mutation]
210953 | Depths:4 | Gained mutation: You have sharp fingernails. [potion of
                  | mutation]
210953 | Depths:4 | Gained mutation: You have hidden genetic potential. [potion
                  | of mutation]
210954 | Depths:4 | Lost mutation: Your flesh is cold resistant. (rC+) [potion
                  | of mutation]
210954 | Depths:4 | Lost mutation: You have hidden genetic potential. [potion
                  | of mutation]
210954 | Depths:4 | Lost mutation: You have sharp fingernails. [potion of
                  | mutation]
210954 | Depths:4 | Gained mutation: You passively map a small area around you.
                  | [potion of mutation]
210954 | Depths:4 | Gained mutation: You have a pair of small antennae on your
                  | head. [potion of mutation]
210955 | Depths:4 | Lost mutation: You have a pair of small antennae on your
                  | head. [potion of mutation]
210955 | Depths:4 | Lost mutation: You passively map a small area around you.
                  | [potion of mutation]
210955 | Depths:4 | Gained mutation: You expend magic power (3 MP) to
                  | strengthen your wands. [potion of mutation]
210955 | Depths:4 | Gained mutation: You have a pair of small antennae on your
                  | head. [potion of mutation]
210955 | Depths:4 | Gained mutation: You are agile. (Dex +4, Str/Int -1)
                  | [potion of mutation]
210956 | Depths:4 | Lost mutation: You are agile. (Dex +4, Str/Int -1) [potion
                  | of mutation]
210956 | Depths:4 | Lost mutation: You have a pair of small antennae on your
                  | head. [potion of mutation]
210956 | Depths:4 | Lost mutation: You expend magic power (3 MP) to strengthen
                  | your wands. [potion of mutation]
210956 | Depths:4 | Gained mutation: Your spells are a little harder to cast,
                  | but a little more powerful. [potion of mutation]
210956 | Depths:4 | Gained mutation: Your muscles are strong. (Str +4, Int/Dex
                  | -1) [potion of mutation]
210957 | Depths:4 | Lost mutation: Your muscles are strong. (Str +4, Int/Dex
                  | -1) [potion of mutation]
210957 | Depths:4 | Lost mutation: Your spells are a little harder to cast, but
                  | a little more powerful. [potion of mutation]
210957 | Depths:4 | Gained mutation: You expend magic power (3 MP) to
                  | strengthen your wands. [potion of mutation]
210958 | Depths:4 | Lost mutation: You expend magic power (3 MP) to strengthen
                  | your wands. [potion of mutation]
210958 | Depths:4 | Gained mutation: Your mind is acute. (Int +4, Str/Dex -1)
                  | [potion of mutation]
210958 | Depths:4 | Gained mutation: You are resistant to electric shocks.
                  | (rElec) [potion of mutation]
210958 | Depths:4 | Gained mutation: You passively map a small area around you.
                  | [potion of mutation]
210959 | Depths:4 | Lost mutation: You are resistant to electric shocks.
                  | (rElec) [potion of mutation]
210959 | Depths:4 | Lost mutation: You passively map a small area around you.
                  | [potion of mutation]
210959 | Depths:4 | Gained mutation: Armour fits poorly on your strangely
                  | shaped body. [potion of mutation]
210959 | Depths:4 | Gained mutation: Your muscles are strong. (Str +4, Int/Dex
                  | -1) [potion of mutation]
210960 | Depths:4 | Lost mutation: Your muscles are strong. (Str +4, Int/Dex
                  | -1) [potion of mutation]
210960 | Depths:4 | Lost mutation: Armour fits poorly on your strangely shaped
                  | body. [potion of mutation]
210960 | Depths:4 | Gained mutation: Your magical capacity is low. (-10% MP)
                  | [potion of mutation]
210961 | Depths:4 | Lost mutation: Your mind is acute. (Int +4, Str/Dex -1)
                  | [potion of mutation]
210961 | Depths:4 | Lost mutation: Your magical capacity is low. (-10% MP)
                  | [potion of mutation]
210961 | Depths:4 | Gained mutation: You are dopey. (Int -2) [potion of
                  | mutation]
210961 | Depths:4 | Gained mutation: You occasionally lose the ability to read
                  | scrolls when taking damage. [potion of mutation]
210962 | Depths:4 | Lost mutation: You occasionally lose the ability to read
                  | scrolls when taking damage. [potion of mutation]
210962 | Depths:4 | Lost mutation: You are dopey. (Int -2) [potion of mutation]
210962 | Depths:4 | Gained mutation: You are strong-willed. (Will+) [potion of
                  | mutation]
210963 | Depths:4 | Lost mutation: You are strong-willed. (Will+) [potion of
                  | mutation]
210963 | Depths:4 | Gained mutation: Your body sometimes deteriorates upon
                  | taking damage. [potion of mutation]
210963 | Depths:4 | Gained mutation: You are somewhat resistant to further
                  | mutation. [potion of mutation]
210964 | Depths:4 | Lost mutation: Your body sometimes deteriorates upon taking
                  | damage. [potion of mutation]
210964 | Depths:4 | Lost mutation: You are somewhat resistant to further
                  | mutation. [potion of mutation]
210964 | Depths:4 | Gained mutation: You have hidden genetic potential. [potion
                  | of mutation]
210965 | Depths:4 | Lost mutation: You have hidden genetic potential. [potion
                  | of mutation]
210965 | Depths:4 | Gained mutation: Your mind is acute. (Int +4, Str/Dex -1)
                  | [potion of mutation]
210965 | Depths:4 | Lost mutation: Your mind is acute. (Int +4, Str/Dex -1)
                  | [potion of mutation]
210965 | Depths:4 | Gained mutation: You expend magic power (3 MP) to
                  | strengthen your wands. [potion of mutation]
210965 | Depths:4 | Gained mutation: You have sharp fingernails. [potion of
                  | mutation]
210966 | Depths:4 | Lost mutation: You have sharp fingernails. [potion of
                  | mutation]
210966 | Depths:4 | Lost mutation: You expend magic power (3 MP) to strengthen
                  | your wands. [potion of mutation]
210966 | Depths:4 | Gained mutation: You have very sharp teeth. [potion of
                  | mutation]
210966 | Depths:4 | Gained mutation: You are resistant to electric shocks.
                  | (rElec) [potion of mutation]
210967 | Depths:4 | Lost mutation: You have very sharp teeth. [potion of
                  | mutation]
210967 | Depths:4 | Lost mutation: You are resistant to electric shocks.
                  | (rElec) [potion of mutation]
210967 | Depths:4 | Gained mutation: Your spells are a little harder to cast,
                  | but a little more powerful. [potion of mutation]
210967 | Depths:4 | Gained mutation: You have sharp fingernails. [potion of
                  | mutation]
210967 | Depths:4 | Gained mutation: Your magical capacity is low. (-10% MP)
                  | [potion of mutation]
210967 | Depths:4 | Gained mutation: You passively map a small area around you.
                  | [potion of mutation]
210968 | Depths:4 | Lost mutation: Your magical capacity is low. (-10% MP)
                  | [potion of mutation]
210968 | Depths:4 | Lost mutation: Your spells are a little harder to cast, but
                  | a little more powerful. [potion of mutation]
210968 | Depths:4 | Lost mutation: You have sharp fingernails. [potion of
                  | mutation]
210968 | Depths:4 | Gained mutation: You have a pair of small horns on your
                  | head. [potion of mutation]
210968 | Depths:4 | Gained mutation: You are resistant to electric shocks.
                  | (rElec) [potion of mutation]
210968 | Depths:4 | Gained mutation: You are clumsy. (Dex -2) [potion of
                  | mutation]
210968 | Depths:4 | Gained mutation: You have a pair of horns on your head.
                  | [potion of mutation]
210969 | Depths:4 | Lost mutation: You passively map a small area around you.
                  | [potion of mutation]
210969 | Depths:4 | Lost mutation: You are clumsy. (Dex -2) [potion of
                  | mutation]
210969 | Depths:4 | Lost mutation: You are resistant to electric shocks.
                  | (rElec) [potion of mutation]
210969 | Depths:4 | Gained mutation: Your spells are a little easier to cast,
                  | but a little less powerful. [potion of mutation]
210969 | Depths:4 | Gained mutation: Your spells are easier to cast, but less
                  | powerful. [potion of mutation]
210970 | Depths:4 | Lost mutation: You have a pair of horns on your head.
                  | [potion of mutation]
210970 | Depths:4 | Lost mutation: You have a pair of small horns on your head.
                  | [potion of mutation]
210970 | Depths:4 | Lost mutation: Your spells are easier to cast, but less
                  | powerful. [potion of mutation]
210970 | Depths:4 | Gained mutation: You expend magic power (3 MP) to
                  | strengthen your wands. [potion of mutation]
210970 | Depths:4 | Gained mutation: Your natural rate of healing is unusually
                  | fast. [potion of mutation]
210971 | Depths:4 | Lost mutation: Your natural rate of healing is unusually
                  | fast. [potion of mutation]
210971 | Depths:4 | Lost mutation: Your spells are a little easier to cast, but
                  | a little less powerful. [potion of mutation]
210971 | Depths:4 | Gained mutation: You have a pair of small antennae on your
                  | head. [potion of mutation]
210971 | Depths:4 | Gained mutation: You are clumsy. (Dex -2) [potion of
                  | mutation]
210972 | Depths:4 | Lost mutation: You are clumsy. (Dex -2) [potion of
                  | mutation]
210972 | Depths:4 | Lost mutation: You have a pair of small antennae on your
                  | head. [potion of mutation]
210972 | Depths:4 | Gained mutation: You have an increased reservoir of magic.
                  | (+10% MP) [potion of mutation]
210972 | Depths:4 | Gained mutation: You have a pair of small antennae on your
                  | head. [potion of mutation]
210972 | Depths:4 | Gained mutation: You have a somewhat thin skeletal
                  | structure. (Dex +2, Stealth+) [potion of mutation]
210973 | Depths:4 | Lost mutation: You have an increased reservoir of magic.
                  | (+10% MP) [potion of mutation]
210973 | Depths:4 | Lost mutation: You expend magic power (3 MP) to strengthen
                  | your wands. [potion of mutation]
210973 | Depths:4 | Lost mutation: You have a somewhat thin skeletal structure.
                  | (Dex +2, Stealth+) [potion of mutation]
210973 | Depths:4 | Gained mutation: You occasionally shout uncontrollably at
                  | your foes. [potion of mutation]
210973 | Depths:4 | Gained mutation: Potions are less effective at restoring
                  | your health. [potion of mutation]
210973 | Depths:4 | Gained mutation: You are resistant to electric shocks.
                  | (rElec) [potion of mutation]
210974 | Depths:4 | Lost mutation: You are resistant to electric shocks.
                  | (rElec) [potion of mutation]
210974 | Depths:4 | Lost mutation: You have a pair of small antennae on your
                  | head. [potion of mutation]
210974 | Depths:4 | Lost mutation: You occasionally shout uncontrollably at
                  | your foes. [potion of mutation]
210974 | Depths:4 | Gained mutation: You have hidden genetic potential. [potion
                  | of mutation]
210975 | Depths:4 | Lost mutation: Potions are less effective at restoring your
                  | health. [potion of mutation]
210975 | Depths:4 | Lost mutation: You have hidden genetic potential. [potion
                  | of mutation]
210975 | Depths:4 | Gained mutation: Your body sometimes deteriorates upon
                  | taking damage. [potion of mutation]
210975 | Depths:4 | Gained mutation: Your mind is acute. (Int +4, Str/Dex -1)
                  | [potion of mutation]
210976 | Depths:4 | Lost mutation: Your mind is acute. (Int +4, Str/Dex -1)
                  | [potion of mutation]
210976 | Depths:4 | Lost mutation: Your body sometimes deteriorates upon taking
                  | damage. [potion of mutation]
210976 | Depths:4 | Gained mutation: Your magical capacity is low. (-10% MP)
                  | [potion of mutation]
210976 | Depths:4 | Gained mutation: You are dopey. (Int -2) [potion of
                  | mutation]
210976 | Depths:4 | Gained mutation: A frigid envelope surrounds you and
                  | freezes all who hurt you. [potion of mutation]
210977 | Depths:4 | Lost mutation: You are dopey. (Int -2) [potion of mutation]
210977 | Depths:4 | Lost mutation: A frigid envelope surrounds you and freezes
                  | all who hurt you. [potion of mutation]
210977 | Depths:4 | Lost mutation: Your magical capacity is low. (-10% MP)
                  | [potion of mutation]
210977 | Depths:4 | Gained mutation: Your magical capacity is low. (-10% MP)
                  | [potion of mutation]
210978 | Depths:4 | Lost mutation: Your magical capacity is low. (-10% MP)
                  | [potion of mutation]
210978 | Depths:4 | Gained mutation: You have hidden genetic potential. [potion
                  | of mutation]
210978 | Depths:4 | Gained mutation: Your flesh is heat resistant. (rF+)
                  | [potion of mutation]
210979 | Depths:4 | Lost mutation: Your flesh is heat resistant. (rF+) [potion
                  | of mutation]
210979 | Depths:4 | Lost mutation: You have hidden genetic potential. [potion
                  | of mutation]
210979 | Depths:4 | Gained mutation: You are strong-willed. (Will+) [potion of
                  | mutation]
210980 | Depths:4 | Lost mutation: You are strong-willed. (Will+) [potion of
                  | mutation]
210980 | Depths:4 | Gained mutation: You do not regenerate when monsters are
                  | visible. [potion of mutation]
210981 | Depths:4 | Lost mutation: You do not regenerate when monsters are
                  | visible. [potion of mutation]
210981 | Depths:4 | Gained mutation: You have supernaturally acute eyesight.
                  | (SInv) [potion of mutation]
210981 | Depths:4 | Gained mutation: You have hidden genetic defects. [potion
                  | of mutation]
210981 | Depths:4 | Gained mutation: You have a pair of small antennae on your
                  | head. [potion of mutation]
210982 | Depths:4 | Lost mutation: You have a pair of small antennae on your
                  | head. [potion of mutation]
210982 | Depths:4 | Lost mutation: You have supernaturally acute eyesight.
                  | (SInv) [potion of mutation]
210982 | Depths:4 | Lost mutation: You have hidden genetic defects. [potion of
                  | mutation]
210982 | Depths:4 | Gained mutation: You occasionally shout uncontrollably at
                  | your foes. [potion of mutation]
210982 | Depths:4 | Gained mutation: You have supernaturally acute eyesight.
                  | (SInv) [potion of mutation]
210983 | Depths:4 | Lost mutation: You occasionally shout uncontrollably at
                  | your foes. [potion of mutation]
210983 | Depths:4 | Lost mutation: You have supernaturally acute eyesight.
                  | (SInv) [potion of mutation]
210983 | Depths:4 | Gained mutation: Your spells are a little harder to cast,
                  | but a little more powerful. [potion of mutation]
210983 | Depths:4 | Gained mutation: Your system is resistant to poisons.
                  | (rPois) [potion of mutation]
210984 | Depths:4 | Lost mutation: Your system is resistant to poisons. (rPois)
                  | [potion of mutation]
210984 | Depths:4 | Lost mutation: Your spells are a little harder to cast, but
                  | a little more powerful. [potion of mutation]
210984 | Depths:4 | Gained mutation: Your system is resistant to poisons.
                  | (rPois) [potion of mutation]
210985 | Depths:4 | Lost mutation: Your system is resistant to poisons. (rPois)
                  | [potion of mutation]
210985 | Depths:4 | Gained mutation: You do not regenerate when monsters are
                  | visible. [potion of mutation]
210985 | Depths:4 | Gained mutation: You are strong-willed. (Will+) [potion of
                  | mutation]
210985 | Depths:4 | Gained mutation: Your movements are slightly less
                  | encumbered by armour. (ER -2) [potion of mutation]
210986 | Depths:4 | Lost mutation: Your movements are slightly less encumbered
                  | by armour. (ER -2) [potion of mutation]
210986 | Depths:4 | Lost mutation: You do not regenerate when monsters are
                  | visible. [potion of mutation]
210986 | Depths:4 | Lost mutation: You are strong-willed. (Will+) [potion of
                  | mutation]
210986 | Depths:4 | Gained mutation: Potions are less effective at restoring
                  | your health. [potion of mutation]
210986 | Depths:4 | Gained mutation: You are somewhat resistant to further
                  | mutation. [potion of mutation]
210987 | Depths:4 | Lost mutation: Potions are less effective at restoring your
                  | health. [potion of mutation]
210987 | Depths:4 | Lost mutation: You are somewhat resistant to further
                  | mutation. [potion of mutation]
210987 | Depths:4 | Gained mutation: You have a pair of small horns on your
                  | head. [potion of mutation]
210987 | Depths:4 | Gained mutation: You have hidden genetic potential. [potion
                  | of mutation]
210987 | Depths:4 | Gained mutation: You passively dampen the noise of your
                  | surroundings. [potion of mutation]
210987 | Depths:4 | Gained mutation: You have great hidden genetic potential.
                  | [potion of mutation]
210988 | Depths:4 | Lost mutation: You have great hidden genetic potential.
                  | [potion of mutation]
210988 | Depths:4 | Lost mutation: You have hidden genetic potential. [potion
                  | of mutation]
210988 | Depths:4 | Lost mutation: You have a pair of small horns on your head.
                  | [potion of mutation]
210989 | Depths:4 | Lost mutation: You passively dampen the noise of your
                  | surroundings. [potion of mutation]
210989 | Depths:4 | Gained mutation: You are dopey. (Int -2) [potion of
                  | mutation]
210989 | Depths:4 | Gained mutation: Armour fits poorly on your strangely
                  | shaped body. [potion of mutation]
210990 | Depths:4 | Lost mutation: You are dopey. (Int -2) [potion of mutation]
210990 | Depths:4 | Lost mutation: Armour fits poorly on your strangely shaped
                  | body. [potion of mutation]
210990 | Depths:4 | Gained mutation: You are partially covered in large bone
                  | plates. (SH +4) [potion of mutation]
210990 | Depths:4 | Gained mutation: You do not regenerate when monsters are
                  | visible. [potion of mutation]
210990 | Depths:4 | Gained mutation: You sometimes lose your temper in combat.
                  | [potion of mutation]
210991 | Depths:4 | Lost mutation: You do not regenerate when monsters are
                  | visible. [potion of mutation]
210991 | Depths:4 | Lost mutation: You are partially covered in large bone
                  | plates. (SH +4) [potion of mutation]
210991 | Depths:4 | Gained mutation: You have supernaturally acute eyesight.
                  | (SInv) [potion of mutation]
210991 | Depths:4 | Gained mutation: You occasionally lose the ability to drink
                  | potions when taking damage. [potion of mutation]
210992 | Depths:4 | Lost mutation: You sometimes lose your temper in combat.
                  | [potion of mutation]
210992 | Depths:4 | Lost mutation: You have supernaturally acute eyesight.
                  | (SInv) [potion of mutation]
210992 | Depths:4 | Lost mutation: You occasionally lose the ability to drink
                  | potions when taking damage. [potion of mutation]
210992 | Depths:4 | Gained mutation: You expend magic power (3 MP) to
                  | strengthen your wands. [potion of mutation]
210992 | Depths:4 | Gained mutation: Your body sometimes deteriorates upon
                  | taking damage. [potion of mutation]
210993 | Depths:4 | Lost mutation: Your body sometimes deteriorates upon taking
                  | damage. [potion of mutation]
210993 | Depths:4 | Lost mutation: You expend magic power (3 MP) to strengthen
                  | your wands. [potion of mutation]
210993 | Depths:4 | Gained mutation: Your magical capacity is low. (-10% MP)
                  | [potion of mutation]
210993 | Depths:4 | Gained mutation: You are agile. (Dex +4, Str/Int -1)
                  | [potion of mutation]
210994 | Depths:4 | Lost mutation: You are agile. (Dex +4, Str/Int -1) [potion
                  | of mutation]
210994 | Depths:4 | Lost mutation: Your magical capacity is low. (-10% MP)
                  | [potion of mutation]
210994 | Depths:4 | Gained mutation: You are weak. (Str -2) [potion of
                  | mutation]
210994 | Depths:4 | Gained mutation: You are somewhat resistant to further
                  | mutation. [potion of mutation]
210995 | Depths:4 | Lost mutation: You are somewhat resistant to further
                  | mutation. [potion of mutation]
210995 | Depths:4 | Lost mutation: You are weak. (Str -2) [potion of mutation]
210995 | Depths:4 | Gained mutation: You are strong-willed. (Will+) [potion of
                  | mutation]
210995 | Depths:4 | Gained mutation: Your skin changes colour to match your
                  | surroundings (Stealth+). [potion of mutation]
210996 | Depths:4 | Lost mutation: You are strong-willed. (Will+) [potion of
                  | mutation]
210996 | Depths:4 | Lost mutation: Your skin changes colour to match your
                  | surroundings (Stealth+). [potion of mutation]
210996 | Depths:4 | Gained mutation: You have a pair of small horns on your
                  | head. [potion of mutation]
210996 | Depths:4 | Gained mutation: You expend magic power (3 MP) to
                  | strengthen your wands. [potion of mutation]
210996 | Depths:4 | Gained mutation: Your muscles are strong. (Str +4, Int/Dex
                  | -1) [potion of mutation]
210997 | Depths:4 | Lost mutation: You have a pair of small horns on your head.
                  | [potion of mutation]
210997 | Depths:4 | Lost mutation: You expend magic power (3 MP) to strengthen
                  | your wands. [potion of mutation]
210997 | Depths:4 | Gained mutation: Your system is resistant to poisons.
                  | (rPois) [potion of mutation]
210997 | Depths:4 | Lost mutation: Your muscles are strong. (Str +4, Int/Dex
                  | -1) [potion of mutation]
210997 | Depths:4 | Gained mutation: You have a beak for a mouth. [potion of
                  | mutation]
210997 | Depths:4 | Gained mutation: You are agile. (Dex +4, Str/Int -1)
                  | [potion of mutation]
210998 | Depths:4 | Lost mutation: You are agile. (Dex +4, Str/Int -1) [potion
                  | of mutation]
210998 | Depths:4 | Lost mutation: You have a beak for a mouth. [potion of
                  | mutation]
210998 | Depths:4 | Lost mutation: Your system is resistant to poisons. (rPois)
                  | [potion of mutation]
210998 | Depths:4 | Gained mutation: You have a pair of small horns on your
                  | head. [potion of mutation]
210998 | Depths:4 | Gained mutation: Your flesh is cold resistant. (rC+)
                  | [potion of mutation]
210998 | Depths:4 | Gained mutation: Your spells are a little harder to cast,
                  | but a little more powerful. [potion of mutation]
210999 | Depths:4 | Lost mutation: Your flesh is cold resistant. (rC+) [potion
                  | of mutation]
210999 | Depths:4 | Lost mutation: Your spells are a little harder to cast, but
                  | a little more powerful. [potion of mutation]
210999 | Depths:4 | Gained mutation: Your mind is acute. (Int +4, Str/Dex -1)
                  | [potion of mutation]
211000 | Depths:4 | Lost mutation: Your mind is acute. (Int +4, Str/Dex -1)
                  | [potion of mutation]
211000 | Depths:4 | Lost mutation: You have a pair of small horns on your head.
                  | [potion of mutation]
211000 | Depths:4 | Gained mutation: You have a somewhat thin skeletal
                  | structure. (Dex +2, Stealth+) [potion of mutation]
211000 | Depths:4 | Gained mutation: You are agile. (Dex +4, Str/Int -1)
                  | [potion of mutation]
211000 | Depths:4 | Gained mutation: Your muscles are strong. (Str +4, Int/Dex
                  | -1) [potion of mutation]
211001 | Depths:4 | Lost mutation: Your muscles are strong. (Str +4, Int/Dex
                  | -1) [potion of mutation]
211001 | Depths:4 | Lost mutation: You have a somewhat thin skeletal structure.
                  | (Dex +2, Stealth+) [potion of mutation]
211001 | Depths:4 | Gained mutation: Your muscles are strong. (Str +4, Int/Dex
                  | -1) [potion of mutation]
211001 | Depths:4 | Gained mutation: Your mind is acute. (Int +4, Str/Dex -1)
                  | [potion of mutation]
211001 | Depths:4 | Lost mutation: You are agile. (Dex +4, Str/Int -1) [potion
                  | of mutation]
211001 | Depths:4 | Gained mutation: Your natural rate of healing is unusually
                  | fast. [potion of mutation]
211002 | Depths:4 | Lost mutation: Your mind is acute. (Int +4, Str/Dex -1)
                  | [potion of mutation]
211002 | Depths:4 | Lost mutation: Your muscles are strong. (Str +4, Int/Dex
                  | -1) [potion of mutation]
211002 | Depths:4 | Lost mutation: Your natural rate of healing is unusually
                  | fast. [potion of mutation]
211002 | Depths:4 | Gained mutation: You are strong-willed. (Will+) [potion of
                  | mutation]
211002 | Depths:4 | Gained mutation: You have a pair of small horns on your
                  | head. [potion of mutation]
211002 | Depths:4 | Gained mutation: Your magical capacity is low. (-10% MP)
                  | [potion of mutation]
211003 | Depths:4 | Lost mutation: Your magical capacity is low. (-10% MP)
                  | [potion of mutation]
211003 | Depths:4 | Lost mutation: You have a pair of small horns on your head.
                  | [potion of mutation]
211003 | Depths:4 | Gained mutation: You possess an exceptional clarity of
                  | mind. [potion of mutation]
211003 | Depths:4 | Gained mutation: Your mind is acute. (Int +4, Str/Dex -1)
                  | [potion of mutation]
211004 | Depths:4 | Lost mutation: Your mind is acute. (Int +4, Str/Dex -1)
                  | [potion of mutation]
211004 | Depths:4 | Lost mutation: You are strong-willed. (Will+) [potion of
                  | mutation]
211004 | Depths:4 | Gained mutation: You have a pair of small antennae on your
                  | head. [potion of mutation]
211004 | Depths:4 | Lost mutation: You possess an exceptional clarity of mind.
                  | [potion of mutation]
211005 | Depths:4 | Lost mutation: You have a pair of small antennae on your
                  | head. [potion of mutation]
211005 | Depths:4 | Gained mutation: Your magical capacity is low. (-10% MP)
                  | [potion of mutation]
211005 | Depths:4 | Gained mutation: Armour fits poorly on your strangely
                  | shaped body. [potion of mutation]
211006 | Depths:4 | Lost mutation: Armour fits poorly on your strangely shaped
                  | body. [potion of mutation]
211006 | Depths:4 | Lost mutation: Your magical capacity is low. (-10% MP)
                  | [potion of mutation]
211006 | Depths:4 | Gained mutation: Armour fits poorly on your strangely
                  | shaped body. [potion of mutation]
211006 | Depths:4 | Gained mutation: You are strong-willed. (Will+) [potion of
                  | mutation]
211007 | Depths:4 | Lost mutation: Armour fits poorly on your strangely shaped
                  | body. [potion of mutation]
211007 | Depths:4 | Lost mutation: You are strong-willed. (Will+) [potion of
                  | mutation]
211007 | Depths:4 | Gained mutation: You have hidden genetic potential. [potion
                  | of mutation]
211007 | Depths:4 | Gained mutation: You have a pair of small horns on your
                  | head. [potion of mutation]
211007 | Depths:4 | Gained mutation: Your skin changes colour to match your
                  | surroundings (Stealth+). [potion of mutation]
211008 | Depths:4 | Lost mutation: You have hidden genetic potential. [potion
                  | of mutation]
211008 | Depths:4 | Lost mutation: You have a pair of small horns on your head.
                  | [potion of mutation]
211008 | Depths:4 | Gained mutation: You are weak. (Str -2) [potion of
                  | mutation]
211008 | Depths:4 | Gained mutation: You possess an exceptional clarity of
                  | mind. [potion of mutation]
211009 | Depths:4 | Lost mutation: Your skin changes colour to match your
                  | surroundings (Stealth+). [potion of mutation]
211009 | Depths:4 | Lost mutation: You are weak. (Str -2) [potion of mutation]
211009 | Depths:4 | Lost mutation: You possess an exceptional clarity of mind.
                  | [potion of mutation]
211009 | Depths:4 | Gained mutation: You have a pair of small antennae on your
                  | head. [potion of mutation]
211009 | Depths:4 | Gained mutation: You possess an exceptional clarity of
                  | mind. [potion of mutation]
211009 | Depths:4 | Gained mutation: You are covered in fur. (AC +1) [potion of
                  | mutation]
211010 | Depths:4 | Lost mutation: You are covered in fur. (AC +1) [potion of
                  | mutation]
211010 | Depths:4 | Lost mutation: You possess an exceptional clarity of mind.
                  | [potion of mutation]
211010 | Depths:4 | Lost mutation: You have a pair of small antennae on your
                  | head. [potion of mutation]
211010 | Depths:4 | Gained mutation: You are weak. (Str -2) [potion of
                  | mutation]
211010 | Depths:4 | Gained mutation: You are somewhat resistant to further
                  | mutation. [potion of mutation]
211011 | Depths:4 | Lost mutation: You are weak. (Str -2) [potion of mutation]
211011 | Depths:4 | Lost mutation: You are somewhat resistant to further
                  | mutation. [potion of mutation]
211011 | Depths:4 | Gained mutation: You passively dampen the noise of your
                  | surroundings. [potion of mutation]
211011 | Depths:4 | Gained mutation: You have hidden genetic potential. [potion
                  | of mutation]
211011 | Depths:4 | Gained mutation: You occasionally lose the ability to read
                  | scrolls when taking damage. [potion of mutation]
211012 | Depths:4 | Lost mutation: You occasionally lose the ability to read
                  | scrolls when taking damage. [potion of mutation]
211012 | Depths:4 | Lost mutation: You passively dampen the noise of your
                  | surroundings. [potion of mutation]
211012 | Depths:4 | Gained mutation: You possess an exceptional clarity of
                  | mind. [potion of mutation]
211012 | Depths:4 | Gained mutation: Your mind is acute. (Int +4, Str/Dex -1)
                  | [potion of mutation]
211012 | Depths:4 | Gained mutation: You have a somewhat thin skeletal
                  | structure. (Dex +2, Stealth+) [potion of mutation]
211013 | Depths:4 | Lost mutation: You have a somewhat thin skeletal structure.
                  | (Dex +2, Stealth+) [potion of mutation]
211013 | Depths:4 | Lost mutation: You have hidden genetic potential. [potion
                  | of mutation]
211013 | Depths:4 | Lost mutation: Your mind is acute. (Int +4, Str/Dex -1)
                  | [potion of mutation]
211013 | Depths:4 | Gained mutation: You are strong-willed. (Will+) [potion of
                  | mutation]
211014 | Depths:4 | Lost mutation: You possess an exceptional clarity of mind.
                  | [potion of mutation]
211014 | Depths:4 | Lost mutation: You are strong-willed. (Will+) [potion of
                  | mutation]
211014 | Depths:4 | Gained mutation: You are occasionally teleported next to
                  | monsters. [potion of mutation]
211014 | Depths:4 | Gained mutation: You have an increased reservoir of magic.
                  | (+10% MP) [potion of mutation]
211014 | Depths:4 | Gained mutation: You are agile. (Dex +4, Str/Int -1)
                  | [potion of mutation]
211015 | Depths:4 | Lost mutation: You are agile. (Dex +4, Str/Int -1) [potion
                  | of mutation]
211015 | Depths:4 | Lost mutation: You have an increased reservoir of magic.
                  | (+10% MP) [potion of mutation]
211015 | Depths:4 | Gained mutation: Your flesh is heat resistant. (rF+)
                  | [potion of mutation]
211016 | Depths:4 | Lost mutation: Your flesh is heat resistant. (rF+) [potion
                  | of mutation]
211016 | Depths:4 | Lost mutation: You are occasionally teleported next to
                  | monsters. [potion of mutation]
211016 | Depths:4 | Gained mutation: You possess an exceptional clarity of
                  | mind. [potion of mutation]
211016 | Depths:4 | Gained mutation: Potions are less effective at restoring
                  | your health. [potion of mutation]
211016 | Depths:4 | Gained mutation: Your system is resistant to poisons.
                  | (rPois) [potion of mutation]
211017 | Depths:4 | Lost mutation: Potions are less effective at restoring your
                  | health. [potion of mutation]
211017 | Depths:4 | Lost mutation: You possess an exceptional clarity of mind.
                  | [potion of mutation]
211017 | Depths:4 | Lost mutation: Your system is resistant to poisons. (rPois)
                  | [potion of mutation]
211017 | Depths:4 | Gained mutation: You possess an exceptional clarity of
                  | mind. [potion of mutation]
211017 | Depths:4 | Gained mutation: You have a pair of small horns on your
                  | head. [potion of mutation]
211017 | Depths:4 | Gained mutation: Your flesh is cold resistant. (rC+)
                  | [potion of mutation]
211018 | Depths:4 | Lost mutation: Your flesh is cold resistant. (rC+) [potion
                  | of mutation]
211018 | Depths:4 | Lost mutation: You have a pair of small horns on your head.
                  | [potion of mutation]
211018 | Depths:4 | Lost mutation: You possess an exceptional clarity of mind.
                  | [potion of mutation]
211018 | Depths:4 | Gained mutation: Your spells are a little easier to cast,
                  | but a little less powerful. [potion of mutation]
211018 | Depths:4 | Gained mutation: Your mind is acute. (Int +4, Str/Dex -1)
                  | [potion of mutation]
211019 | Depths:4 | Lost mutation: Your spells are a little easier to cast, but
                  | a little less powerful. [potion of mutation]
211019 | Depths:4 | Lost mutation: Your mind is acute. (Int +4, Str/Dex -1)
                  | [potion of mutation]
211019 | Depths:4 | Gained mutation: Your mind is acute. (Int +4, Str/Dex -1)
                  | [potion of mutation]
211019 | Depths:4 | Gained mutation: Your system is resistant to poisons.
                  | (rPois) [potion of mutation]
211020 | Depths:4 | Lost mutation: Your mind is acute. (Int +4, Str/Dex -1)
                  | [potion of mutation]
211020 | Depths:4 | Lost mutation: Your system is resistant to poisons. (rPois)
                  | [potion of mutation]
211020 | Depths:4 | Gained mutation: Your flesh is cold resistant. (rC+)
                  | [potion of mutation]
211020 | Depths:4 | Gained mutation: Your spells are a little easier to cast,
                  | but a little less powerful. [potion of mutation]
211021 | Depths:4 | Lost mutation: Your flesh is cold resistant. (rC+) [potion
                  | of mutation]
211021 | Depths:4 | Lost mutation: Your spells are a little easier to cast, but
                  | a little less powerful. [potion of mutation]
211021 | Depths:4 | Gained mutation: You are clumsy. (Dex -2) [potion of
                  | mutation]
211021 | Depths:4 | Gained mutation: Your spells are a little easier to cast,
                  | but a little less powerful. [potion of mutation]
211021 | Depths:4 | Gained mutation: You occasionally lose the ability to drink
                  | potions when taking damage. [potion of mutation]
211022 | Depths:4 | Lost mutation: You occasionally lose the ability to drink
                  | potions when taking damage. [potion of mutation]
211022 | Depths:4 | Lost mutation: You are clumsy. (Dex -2) [potion of
                  | mutation]
211022 | Depths:4 | Lost mutation: Your spells are a little easier to cast, but
                  | a little less powerful. [potion of mutation]
211022 | Depths:4 | Gained mutation: You have a somewhat thin skeletal
                  | structure. (Dex +2, Stealth+) [potion of mutation]
211022 | Depths:4 | Gained mutation: You are strong-willed. (Will+) [potion of
                  | mutation]
211023 | Depths:4 | Lost mutation: You are strong-willed. (Will+) [potion of
                  | mutation]
211023 | Depths:4 | Lost mutation: You have a somewhat thin skeletal structure.
                  | (Dex +2, Stealth+) [potion of mutation]
211023 | Depths:4 | Gained mutation: Your spells are a little harder to cast,
                  | but a little more powerful. [potion of mutation]
211023 | Depths:4 | Gained mutation: You sometimes lose your temper in combat.
                  | [potion of mutation]
211023 | Depths:4 | Gained mutation: You have a pair of small horns on your
                  | head. [potion of mutation]
211024 | Depths:4 | Lost mutation: You have a pair of small horns on your head.
                  | [potion of mutation]
211024 | Depths:4 | Lost mutation: You sometimes lose your temper in combat.
                  | [potion of mutation]
211024 | Depths:4 | Gained mutation: You are agile. (Dex +4, Str/Int -1)
                  | [potion of mutation]
211024 | Depths:4 | Gained mutation: Your flesh is heat resistant. (rF+)
                  | [potion of mutation]
211024 | Depths:4 | Gained mutation: You occasionally shout uncontrollably at
                  | your foes. [potion of mutation]
211024 | Depths:4 | Gained mutation: Your flesh is cold resistant. (rC+)
                  | [potion of mutation]
211025 | Depths:4 | Lost mutation: Your spells are a little harder to cast, but
                  | a little more powerful. [potion of mutation]
211025 | Depths:4 | Lost mutation: Your flesh is heat resistant. (rF+) [potion
                  | of mutation]
211025 | Depths:4 | Lost mutation: You occasionally shout uncontrollably at
                  | your foes. [potion of mutation]
211025 | Depths:4 | Gained mutation: Your muscles are strong. (Str +4, Int/Dex
                  | -1) [potion of mutation]
211025 | Depths:4 | Gained mutation: Your natural rate of healing is unusually
                  | fast. [potion of mutation]
211025 | Depths:4 | Gained mutation: You expend magic power (3 MP) to
                  | strengthen your wands. [potion of mutation]
211026 | Depths:4 | Lost mutation: Your natural rate of healing is unusually
                  | fast. [potion of mutation]
211026 | Depths:4 | Lost mutation: You are agile. (Dex +4, Str/Int -1) [potion
                  | of mutation]
211026 | Depths:4 | Lost mutation: Your muscles are strong. (Str +4, Int/Dex
                  | -1) [potion of mutation]
211026 | Depths:4 | Gained mutation: You are somewhat resistant to further
                  | mutation. [potion of mutation]
211026 | Depths:4 | Gained mutation: Your spells are a little harder to cast,
                  | but a little more powerful. [potion of mutation]
211027 | Depths:4 | Lost mutation: Your flesh is cold resistant. (rC+) [potion
                  | of mutation]
211027 | Depths:4 | Lost mutation: You are somewhat resistant to further
                  | mutation. [potion of mutation]
211027 | Depths:4 | Gained mutation: Your flesh is heat resistant. (rF+)
                  | [potion of mutation]
211028 | Depths:4 | Lost mutation: You expend magic power (3 MP) to strengthen
                  | your wands. [potion of mutation]
211028 | Depths:4 | Lost mutation: Your spells are a little harder to cast, but
                  | a little more powerful. [potion of mutation]
211028 | Depths:4 | Gained mutation: You have a pair of small antennae on your
                  | head. [potion of mutation]
211028 | Depths:4 | Gained mutation: You are occasionally teleported next to
                  | monsters. [potion of mutation]
211028 | Depths:4 | Gained mutation: You passively dampen the noise of your
                  | surroundings. [potion of mutation]
211029 | Depths:4 | Lost mutation: Your flesh is heat resistant. (rF+) [potion
                  | of mutation]
211029 | Depths:4 | Lost mutation: You passively dampen the noise of your
                  | surroundings. [potion of mutation]
211029 | Depths:4 | Lost mutation: You have a pair of small antennae on your
                  | head. [potion of mutation]
211029 | Depths:4 | Gained mutation: Your mind is acute. (Int +4, Str/Dex -1)
                  | [potion of mutation]
211029 | Depths:4 | Gained mutation: Your natural rate of healing is unusually
                  | fast. [potion of mutation]
211030 | Depths:4 | Lost mutation: Your mind is acute. (Int +4, Str/Dex -1)
                  | [potion of mutation]
211030 | Depths:4 | Lost mutation: Your natural rate of healing is unusually
                  | fast. [potion of mutation]
211030 | Depths:4 | Lost mutation: You are occasionally teleported next to
                  | monsters. [potion of mutation]
211030 | Depths:4 | Gained mutation: You are agile. (Dex +4, Str/Int -1)
                  | [potion of mutation]
211030 | Depths:4 | Gained mutation: Your magical capacity is low. (-10% MP)
                  | [potion of mutation]
211031 | Depths:4 | Lost mutation: Your magical capacity is low. (-10% MP)
                  | [potion of mutation]
211031 | Depths:4 | Lost mutation: You are agile. (Dex +4, Str/Int -1) [potion
                  | of mutation]
211031 | Depths:4 | Gained mutation: You occasionally lose the ability to drink
                  | potions when taking damage. [potion of mutation]
211031 | Depths:4 | Gained mutation: You are dopey. (Int -2) [potion of
                  | mutation]
211031 | Depths:4 | Lost mutation: You are dopey. (Int -2) [potion of mutation]
211032 | Depths:4 | Lost mutation: You occasionally lose the ability to drink
                  | potions when taking damage. [potion of mutation]
211032 | Depths:4 | Gained mutation: You expend magic power (3 MP) to
                  | strengthen your wands. [potion of mutation]
211032 | Depths:4 | Gained mutation: You do not regenerate when monsters are
                  | visible. [potion of mutation]
211032 | Depths:4 | Gained mutation: You have sharp fingernails. [potion of
                  | mutation]
211033 | Depths:4 | Lost mutation: You have sharp fingernails. [potion of
                  | mutation]
211033 | Depths:4 | Lost mutation: You do not regenerate when monsters are
                  | visible. [potion of mutation]
211033 | Depths:4 | Lost mutation: You expend magic power (3 MP) to strengthen
                  | your wands. [potion of mutation]
211033 | Depths:4 | Gained mutation: You sometimes lose your temper in combat.
                  | [potion of mutation]
211033 | Depths:4 | Gained mutation: You have a pair of small antennae on your
                  | head. [potion of mutation]
211033 | Depths:4 | Gained mutation: Your body sometimes deteriorates upon
                  | taking damage. [potion of mutation]
211033 | Depths:4 | Gained mutation: You have hidden genetic potential. [potion
                  | of mutation]
211034 | Depths:4 | Lost mutation: You sometimes lose your temper in combat.
                  | [potion of mutation]
211034 | Depths:4 | Lost mutation: You have a pair of small antennae on your
                  | head. [potion of mutation]
211034 | Depths:4 | Lost mutation: Your body sometimes deteriorates upon taking
                  | damage. [potion of mutation]
211034 | Depths:4 | Gained mutation: Your spells are a little easier to cast,
                  | but a little less powerful. [potion of mutation]
211034 | Depths:4 | Gained mutation: You possess an exceptional clarity of
                  | mind. [potion of mutation]
211034 | Depths:4 | Gained mutation: Your body sometimes deteriorates upon
                  | taking damage. [potion of mutation]
211035 | Depths:4 | Lost mutation: Your spells are a little easier to cast, but
                  | a little less powerful. [potion of mutation]
211035 | Depths:4 | Lost mutation: Your body sometimes deteriorates upon taking
                  | damage. [potion of mutation]
211035 | Depths:4 | Lost mutation: You possess an exceptional clarity of mind.
                  | [potion of mutation]
211035 | Depths:4 | Gained mutation: Your skin changes colour to match your
                  | surroundings (Stealth+). [potion of mutation]
211035 | Depths:4 | Gained mutation: Your mind is acute. (Int +4, Str/Dex -1)
                  | [potion of mutation]
211035 | Depths:4 | Gained mutation: Your mind is very acute. (Int +8, Str/Dex
                  | -2) [potion of mutation]
211036 | Depths:4 | Lost mutation: You have hidden genetic potential. [potion
                  | of mutation]
211036 | Depths:4 | Lost mutation: Your skin changes colour to match your
                  | surroundings (Stealth+). [potion of mutation]
211036 | Depths:4 | Gained mutation: You have a pair of small antennae on your
                  | head. [potion of mutation]
211036 | Depths:4 | Gained mutation: Your flesh is cold resistant. (rC+)
                  | [potion of mutation]
211037 | Depths:4 | Lost mutation: Your flesh is cold resistant. (rC+) [potion
                  | of mutation]
211037 | Depths:4 | Lost mutation: Your mind is very acute. (Int +8, Str/Dex
                  | -2) [potion of mutation]
211037 | Depths:4 | Gained mutation: You have a pair of antennae on your head.
                  | [potion of mutation]
211038 | Depths:4 | Lost mutation: Your mind is acute. (Int +4, Str/Dex -1)
                  | [potion of mutation]
211038 | Depths:4 | Lost mutation: You have a pair of antennae on your head.
                  | [potion of mutation]
211038 | Depths:4 | Lost mutation: You have a pair of small antennae on your
                  | head. [potion of mutation]
211038 | Depths:4 | Gained mutation: Your system is resistant to poisons.
                  | (rPois) [potion of mutation]
211038 | Depths:4 | Gained mutation: You are covered in fur. (AC +1) [potion of
                  | mutation]
211039 | Depths:4 | Lost mutation: Your system is resistant to poisons. (rPois)
                  | [potion of mutation]
211039 | Depths:4 | Lost mutation: You are covered in fur. (AC +1) [potion of
                  | mutation]
211039 | Depths:4 | Gained mutation: Your spells are a little easier to cast,
                  | but a little less powerful. [potion of mutation]
211039 | Depths:4 | Gained mutation: You expend magic power (3 MP) to
                  | strengthen your wands. [potion of mutation]
211039 | Depths:4 | Gained mutation: You are agile. (Dex +4, Str/Int -1)
                  | [potion of mutation]
211039 | Depths:4 | Gained mutation: Your muscles are strong. (Str +4, Int/Dex
                  | -1) [potion of mutation]
211040 | Depths:4 | Lost mutation: You are agile. (Dex +4, Str/Int -1) [potion
                  | of mutation]
211040 | Depths:4 | Lost mutation: Your muscles are strong. (Str +4, Int/Dex
                  | -1) [potion of mutation]
211040 | Depths:4 | Lost mutation: You expend magic power (3 MP) to strengthen
                  | your wands. [potion of mutation]
211040 | Depths:4 | Gained mutation: You have supernaturally acute eyesight.
                  | (SInv) [potion of mutation]
211040 | Depths:4 | Gained mutation: Your flesh is cold resistant. (rC+)
                  | [potion of mutation]
211040 | Depths:4 | Gained mutation: You have a pair of small horns on your
                  | head. [potion of mutation]
211041 | Depths:4 | Lost mutation: Your spells are a little easier to cast, but
                  | a little less powerful. [potion of mutation]
211041 | Depths:4 | Lost mutation: Your flesh is cold resistant. (rC+) [potion
                  | of mutation]
211041 | Depths:4 | Lost mutation: You have a pair of small horns on your head.
                  | [potion of mutation]
211041 | Depths:4 | Gained mutation: Armour fits poorly on your strangely
                  | shaped body. [potion of mutation]
211041 | Depths:4 | Gained mutation: You are clumsy. (Dex -2) [potion of
                  | mutation]
211041 | Depths:4 | Gained mutation: Your flesh is cold resistant. (rC+)
                  | [potion of mutation]
211041 | Depths:4 | Gained mutation: Your flesh is heat resistant. (rF+)
                  | [potion of mutation]
211042 | Depths:4 | Lost mutation: Your flesh is cold resistant. (rC+) [potion
                  | of mutation]
211042 | Depths:4 | Lost mutation: You are clumsy. (Dex -2) [potion of
                  | mutation]
211042 | Depths:4 | Lost mutation: Your flesh is heat resistant. (rF+) [potion
                  | of mutation]
211042 | Depths:4 | Gained mutation: You have a pair of small horns on your
                  | head. [potion of mutation]
211042 | Depths:4 | Gained mutation: You are partially covered in large bone
                  | plates. (SH +4) [potion of mutation]
211043 | Depths:4 | Lost mutation: You are partially covered in large bone
                  | plates. (SH +4) [potion of mutation]
211043 | Depths:4 | Lost mutation: You have supernaturally acute eyesight.
                  | (SInv) [potion of mutation]
211043 | Depths:4 | Lost mutation: Armour fits poorly on your strangely shaped
                  | body. [potion of mutation]
211043 | Depths:4 | Gained mutation: Your spells are a little easier to cast,
                  | but a little less powerful. [potion of mutation]
211044 | Depths:4 | Lost mutation: Your spells are a little easier to cast, but
                  | a little less powerful. [potion of mutation]
211044 | Depths:4 | Lost mutation: You have a pair of small horns on your head.
                  | [potion of mutation]
211044 | Depths:4 | Gained mutation: You are clumsy. (Dex -2) [potion of
                  | mutation]
211045 | Depths:4 | Lost mutation: You are clumsy. (Dex -2) [potion of
                  | mutation]
211045 | Depths:4 | Gained mutation: You are covered in fur. (AC +1) [potion of
                  | mutation]
211045 | Depths:4 | Gained mutation: Your mind is acute. (Int +4, Str/Dex -1)
                  | [potion of mutation]
211045 | Depths:4 | Gained mutation: Your body sometimes deteriorates upon
                  | taking damage. [potion of mutation]
211046 | Depths:4 | Lost mutation: Your body sometimes deteriorates upon taking
                  | damage. [potion of mutation]
211046 | Depths:4 | Lost mutation: You are covered in fur. (AC +1) [potion of
                  | mutation]
211046 | Depths:4 | Gained mutation: Your natural rate of healing is unusually
                  | fast. [potion of mutation]
211047 | Depths:4 | Lost mutation: Your natural rate of healing is unusually
                  | fast. [potion of mutation]
211047 | Depths:4 | Lost mutation: Your mind is acute. (Int +4, Str/Dex -1)
                  | [potion of mutation]
211047 | Depths:4 | Gained mutation: You have sharp fingernails. [potion of
                  | mutation]
211047 | Depths:4 | Gained mutation: You are partially covered in large bone
                  | plates. (SH +4) [potion of mutation]
211048 | Depths:4 | Lost mutation: You are partially covered in large bone
                  | plates. (SH +4) [potion of mutation]
211048 | Depths:4 | Lost mutation: You have sharp fingernails. [potion of
                  | mutation]
211048 | Depths:4 | Gained mutation: Your mind is acute. (Int +4, Str/Dex -1)
                  | [potion of mutation]
211048 | Depths:4 | Gained mutation: You expend magic power (3 MP) to
                  | strengthen your wands. [potion of mutation]
211048 | Depths:4 | Gained mutation: You are agile. (Dex +4, Str/Int -1)
                  | [potion of mutation]
211049 | Depths:4 | Lost mutation: You are agile. (Dex +4, Str/Int -1) [potion
                  | of mutation]
211049 | Depths:4 | Lost mutation: Your mind is acute. (Int +4, Str/Dex -1)
                  | [potion of mutation]
211049 | Depths:4 | Gained mutation: You are dopey. (Int -2) [potion of
                  | mutation]
211049 | Depths:4 | Gained mutation: You are strong-willed. (Will+) [potion of
                  | mutation]
211050 | Depths:4 | Lost mutation: You are dopey. (Int -2) [potion of mutation]
211050 | Depths:4 | Lost mutation: You expend magic power (3 MP) to strengthen
                  | your wands. [potion of mutation]
211050 | Depths:4 | Gained mutation: Your body sometimes deteriorates upon
                  | taking damage. [potion of mutation]
211050 | Depths:4 | Gained mutation: You are somewhat resistant to further
                  | mutation. [potion of mutation]
211051 | Depths:4 | Lost mutation: You are strong-willed. (Will+) [potion of
                  | mutation]
211051 | Depths:4 | Lost mutation: Your body sometimes deteriorates upon taking
                  | damage. [potion of mutation]
211051 | Depths:4 | Lost mutation: You are somewhat resistant to further
                  | mutation. [potion of mutation]
211051 | Depths:4 | Gained mutation: You are partially covered in large bone
                  | plates. (SH +4) [potion of mutation]
211051 | Depths:4 | Gained mutation: Your skin changes colour to match your
                  | surroundings (Stealth+). [potion of mutation]
211052 | Depths:4 | Lost mutation: You are partially covered in large bone
                  | plates. (SH +4) [potion of mutation]
211052 | Depths:4 | Lost mutation: Your skin changes colour to match your
                  | surroundings (Stealth+). [potion of mutation]
211052 | Depths:4 | Gained mutation: Your spells are a little harder to cast,
                  | but a little more powerful. [potion of mutation]
211052 | Depths:4 | Gained mutation: You passively map a small area around you.
                  | [potion of mutation]
211053 | Depths:4 | Lost mutation: Your spells are a little harder to cast, but
                  | a little more powerful. [potion of mutation]
211053 | Depths:4 | Lost mutation: You passively map a small area around you.
                  | [potion of mutation]
211053 | Depths:4 | Gained mutation: You expend magic power (3 MP) to
                  | strengthen your wands. [potion of mutation]
211053 | Depths:4 | Gained mutation: Your spells are a little easier to cast,
                  | but a little less powerful. [potion of mutation]
211054 | Depths:4 | Lost mutation: You expend magic power (3 MP) to strengthen
                  | your wands. [potion of mutation]
211054 | Depths:4 | Lost mutation: Your spells are a little easier to cast, but
                  | a little less powerful. [potion of mutation]
211054 | Depths:4 | Gained mutation: You sometimes lose your temper in combat.
                  | [potion of mutation]
211054 | Depths:4 | Lost mutation: You sometimes lose your temper in combat.
                  | [potion of mutation]
211054 | Depths:4 | Gained mutation: You have sharp fingernails. [potion of
                  | mutation]
211055 | Depths:4 | Lost mutation: You have sharp fingernails. [potion of
                  | mutation]
211055 | Depths:4 | Gained mutation: You possess an exceptional clarity of
                  | mind. [potion of mutation]
211055 | Depths:4 | Gained mutation: You occasionally lose the ability to read
                  | scrolls when taking damage. [potion of mutation]
211055 | Depths:4 | Lost mutation: You occasionally lose the ability to read
                  | scrolls when taking damage. [potion of mutation]
211055 | Depths:4 | Gained mutation: You have a pair of small horns on your
                  | head. [potion of mutation]
211056 | Depths:4 | Lost mutation: You possess an exceptional clarity of mind.
                  | [potion of mutation]
211056 | Depths:4 | Lost mutation: You have a pair of small horns on your head.
                  | [potion of mutation]
211056 | Depths:4 | Gained mutation: Your spells are a little harder to cast,
                  | but a little more powerful. [potion of mutation]
211057 | Depths:4 | Lost mutation: Your spells are a little harder to cast, but
                  | a little more powerful. [potion of mutation]
211057 | Depths:4 | Gained mutation: Your magical capacity is low. (-10% MP)
                  | [potion of mutation]
211058 | Depths:4 | Lost mutation: Your magical capacity is low. (-10% MP)
                  | [potion of mutation]
211058 | Depths:4 | Gained mutation: You are agile. (Dex +4, Str/Int -1)
                  | [potion of mutation]
211058 | Depths:4 | Gained mutation: Your magical capacity is low. (-10% MP)
                  | [potion of mutation]
211059 | Depths:4 | Lost mutation: You are agile. (Dex +4, Str/Int -1) [potion
                  | of mutation]
211059 | Depths:4 | Lost mutation: Your magical capacity is low. (-10% MP)
                  | [potion of mutation]
211059 | Depths:4 | Gained mutation: Your spells are a little easier to cast,
                  | but a little less powerful. [potion of mutation]
211059 | Depths:4 | Gained mutation: You have hidden genetic potential. [potion
                  | of mutation]
211060 | Depths:4 | Lost mutation: You have hidden genetic potential. [potion
                  | of mutation]
211060 | Depths:4 | Lost mutation: Your spells are a little easier to cast, but
                  | a little less powerful. [potion of mutation]
211060 | Depths:4 | Gained mutation: Your movements are slightly less
                  | encumbered by armour. (ER -2) [potion of mutation]
211060 | Depths:4 | Gained mutation: Your muscles are strong. (Str +4, Int/Dex
                  | -1) [potion of mutation]
211061 | Depths:4 | Lost mutation: Your movements are slightly less encumbered
                  | by armour. (ER -2) [potion of mutation]
211061 | Depths:4 | Lost mutation: Your muscles are strong. (Str +4, Int/Dex
                  | -1) [potion of mutation]
211061 | Depths:4 | Gained mutation: Your mind is acute. (Int +4, Str/Dex -1)
                  | [potion of mutation]
211061 | Depths:4 | Gained mutation: You are occasionally teleported next to
                  | monsters. [potion of mutation]
211062 | Depths:4 | Lost mutation: You are occasionally teleported next to
                  | monsters. [potion of mutation]
211062 | Depths:4 | Lost mutation: Your mind is acute. (Int +4, Str/Dex -1)
                  | [potion of mutation]
211062 | Depths:4 | Gained mutation: Your system is resistant to poisons.
                  | (rPois) [potion of mutation]
211062 | Depths:4 | Gained mutation: You have an increased reservoir of magic.
                  | (+10% MP) [potion of mutation]
211062 | Depths:4 | Gained mutation: You are agile. (Dex +4, Str/Int -1)
                  | [potion of mutation]
211063 | Depths:4 | Lost mutation: You have an increased reservoir of magic.
                  | (+10% MP) [potion of mutation]
211063 | Depths:4 | Lost mutation: You are agile. (Dex +4, Str/Int -1) [potion
                  | of mutation]
211063 | Depths:4 | Gained mutation: You expend magic power (3 MP) to
                  | strengthen your wands. [potion of mutation]
211063 | Depths:4 | Gained mutation: You are clumsy. (Dex -2) [potion of
                  | mutation]
211064 | Depths:4 | Lost mutation: Your system is resistant to poisons. (rPois)
                  | [potion of mutation]
211064 | Depths:4 | Lost mutation: You are clumsy. (Dex -2) [potion of
                  | mutation]
211064 | Depths:4 | Lost mutation: You expend magic power (3 MP) to strengthen
                  | your wands. [potion of mutation]
211064 | Depths:4 | Gained mutation: You are occasionally teleported next to
                  | monsters. [potion of mutation]
211064 | Depths:4 | Gained mutation: You have a pair of small horns on your
                  | head. [potion of mutation]
211064 | Depths:4 | Gained mutation: You have sharp fingernails. [potion of
                  | mutation]
211065 | Depths:4 | Lost mutation: You are occasionally teleported next to
                  | monsters. [potion of mutation]
211065 | Depths:4 | Lost mutation: You have sharp fingernails. [potion of
                  | mutation]
211065 | Depths:4 | Lost mutation: You have a pair of small horns on your head.
                  | [potion of mutation]
211065 | Depths:4 | Gained mutation: You have an increased reservoir of magic.
                  | (+10% MP) [potion of mutation]
211065 | Depths:4 | Gained mutation: You have a considerably increased
                  | reservoir of magic. (+20% MP) [potion of mutation]
211065 | Depths:4 | Gained mutation: You are resistant to electric shocks.
                  | (rElec) [potion of mutation]
211066 | Depths:4 | Lost mutation: You have a considerably increased reservoir
                  | of magic. (+20% MP) [potion of mutation]
211066 | Depths:4 | Lost mutation: You have an increased reservoir of magic.
                  | (+10% MP) [potion of mutation]
211066 | Depths:4 | Gained mutation: You passively dampen the noise of your
                  | surroundings. [potion of mutation]
211066 | Depths:4 | Gained mutation: Your movements are slightly less
                  | encumbered by armour. (ER -2) [potion of mutation]
211067 | Depths:4 | Lost mutation: You passively dampen the noise of your
                  | surroundings. [potion of mutation]
211067 | Depths:4 | Lost mutation: You are resistant to electric shocks.
                  | (rElec) [potion of mutation]
211067 | Depths:4 | Lost mutation: Your movements are slightly less encumbered
                  | by armour. (ER -2) [potion of mutation]
211067 | Depths:4 | Gained mutation: You are partially covered in large bone
                  | plates. (SH +4) [potion of mutation]
211068 | Depths:4 | Lost mutation: You are partially covered in large bone
                  | plates. (SH +4) [potion of mutation]
211068 | Depths:4 | Gained mutation: Your muscles are strong. (Str +4, Int/Dex
                  | -1) [potion of mutation]
211068 | Depths:4 | Gained mutation: Your flesh is heat resistant. (rF+)
                  | [potion of mutation]
211068 | Depths:4 | Lost mutation: Your muscles are strong. (Str +4, Int/Dex
                  | -1) [potion of mutation]
211069 | Depths:4 | Lost mutation: Your flesh is heat resistant. (rF+) [potion
                  | of mutation]
211069 | Depths:4 | Gained mutation: Your body sometimes deteriorates upon
                  | taking damage. [potion of mutation]
211069 | Depths:4 | Gained mutation: You have hidden genetic potential. [potion
                  | of mutation]
211070 | Depths:4 | Lost mutation: You have hidden genetic potential. [potion
                  | of mutation]
211070 | Depths:4 | Lost mutation: Your body sometimes deteriorates upon taking
                  | damage. [potion of mutation]
211070 | Depths:4 | Gained mutation: Your system is resistant to poisons.
                  | (rPois) [potion of mutation]
211070 | Depths:4 | Gained mutation: You have sharp fingernails. [potion of
                  | mutation]
211070 | Depths:4 | Gained mutation: Your muscles are strong. (Str +4, Int/Dex
                  | -1) [potion of mutation]
211071 | Depths:4 | Lost mutation: You have sharp fingernails. [potion of
                  | mutation]
211071 | Depths:4 | Lost mutation: Your muscles are strong. (Str +4, Int/Dex
                  | -1) [potion of mutation]
211071 | Depths:4 | Lost mutation: Your system is resistant to poisons. (rPois)
                  | [potion of mutation]
211071 | Depths:4 | Gained mutation: You are clumsy. (Dex -2) [potion of
                  | mutation]
211071 | Depths:4 | Gained mutation: You are strong-willed. (Will+) [potion of
                  | mutation]
211072 | Depths:4 | Lost mutation: You are strong-willed. (Will+) [potion of
                  | mutation]
211072 | Depths:4 | Lost mutation: You are clumsy. (Dex -2) [potion of
                  | mutation]
211072 | Depths:4 | Gained mutation: Your muscles are strong. (Str +4, Int/Dex
                  | -1) [potion of mutation]
211072 | Depths:4 | Lost mutation: Your muscles are strong. (Str +4, Int/Dex
                  | -1) [potion of mutation]
211073 | Depths:4 | Gained mutation: You occasionally lose the ability to read
                  | scrolls when taking damage. [potion of mutation]
211073 | Depths:4 | Gained mutation: You are agile. (Dex +4, Str/Int -1)
                  | [potion of mutation]
211073 | Depths:4 | Gained mutation: You expend magic power (3 MP) to
                  | strengthen your wands. [potion of mutation]
211074 | Depths:4 | Lost mutation: You occasionally lose the ability to read
                  | scrolls when taking damage. [potion of mutation]
211074 | Depths:4 | Lost mutation: You expend magic power (3 MP) to strengthen
                  | your wands. [potion of mutation]
211074 | Depths:4 | Lost mutation: You are agile. (Dex +4, Str/Int -1) [potion
                  | of mutation]
211074 | Depths:4 | Gained mutation: Your system is resistant to poisons.
                  | (rPois) [potion of mutation]
211074 | Depths:4 | Gained mutation: Your muscles are strong. (Str +4, Int/Dex
                  | -1) [potion of mutation]
211074 | Depths:4 | Gained mutation: You are clumsy. (Dex -2) [potion of
                  | mutation]
211074 | Depths:4 | Gained mutation: You possess an exceptional clarity of
                  | mind. [potion of mutation]
211075 | Depths:4 | Lost mutation: Your muscles are strong. (Str +4, Int/Dex
                  | -1) [potion of mutation]
211075 | Depths:4 | Lost mutation: You possess an exceptional clarity of mind.
                  | [potion of mutation]
211075 | Depths:4 | Lost mutation: Your system is resistant to poisons. (rPois)
                  | [potion of mutation]
211075 | Depths:4 | Gained mutation: Your spells are a little harder to cast,
                  | but a little more powerful. [potion of mutation]
211075 | Depths:4 | Gained mutation: Your flesh is heat resistant. (rF+)
                  | [potion of mutation]
211075 | Depths:4 | Gained mutation: You have an increased reservoir of magic.
                  | (+10% MP) [potion of mutation]
211076 | Depths:4 | Lost mutation: Your spells are a little harder to cast, but
                  | a little more powerful. [potion of mutation]
211076 | Depths:4 | Lost mutation: You are clumsy. (Dex -2) [potion of
                  | mutation]
211076 | Depths:4 | Lost mutation: You have an increased reservoir of magic.
                  | (+10% MP) [potion of mutation]
211076 | Depths:4 | Gained mutation: You have a pair of small antennae on your
                  | head. [potion of mutation]
211076 | Depths:4 | Gained mutation: You passively dampen the noise of your
                  | surroundings. [potion of mutation]
211076 | Depths:4 | Gained mutation: You are covered in fur. (AC +1) [potion of
                  | mutation]
211076 | Depths:4 | Gained mutation: Your spells are a little harder to cast,
                  | but a little more powerful. [potion of mutation]
211077 | Depths:4 | Lost mutation: You have a pair of small antennae on your
                  | head. [potion of mutation]
211077 | Depths:4 | Lost mutation: Your spells are a little harder to cast, but
                  | a little more powerful. [potion of mutation]
211077 | Depths:4 | Gained mutation: Your mind is acute. (Int +4, Str/Dex -1)
                  | [potion of mutation]
211077 | Depths:4 | Gained mutation: Your magical capacity is low. (-10% MP)
                  | [potion of mutation]
211077 | Depths:4 | Gained mutation: You expend magic power (3 MP) to
                  | strengthen your wands. [potion of mutation]
211078 | Depths:4 | Lost mutation: You expend magic power (3 MP) to strengthen
                  | your wands. [potion of mutation]
211078 | Depths:4 | Lost mutation: Your mind is acute. (Int +4, Str/Dex -1)
                  | [potion of mutation]
211078 | Depths:4 | Gained mutation: Your magical capacity is very low. (-20%
                  | MP) [potion of mutation]
211078 | Depths:4 | Gained mutation: You occasionally shout uncontrollably at
                  | your foes. [potion of mutation]
211078 | Depths:4 | Gained mutation: Your muscles are strong. (Str +4, Int/Dex
                  | -1) [potion of mutation]
211079 | Depths:4 | Lost mutation: You passively dampen the noise of your
                  | surroundings. [potion of mutation]
211079 | Depths:4 | Lost mutation: Your flesh is heat resistant. (rF+) [potion
                  | of mutation]
211079 | Depths:4 | Lost mutation: You are covered in fur. (AC +1) [potion of
                  | mutation]
211079 | Depths:4 | Gained mutation: You have supernaturally acute eyesight.
                  | (SInv) [potion of mutation]
211079 | Depths:4 | Gained mutation: You are agile. (Dex +4, Str/Int -1)
                  | [potion of mutation]
211080 | Depths:4 | Lost mutation: You have supernaturally acute eyesight.
                  | (SInv) [potion of mutation]
211080 | Depths:4 | Lost mutation: Your muscles are strong. (Str +4, Int/Dex
                  | -1) [potion of mutation]
211080 | Depths:4 | Lost mutation: You occasionally shout uncontrollably at
                  | your foes. [potion of mutation]
211080 | Depths:4 | Gained mutation: You have sharp fingernails. [potion of
                  | mutation]
211081 | Depths:4 | Lost mutation: You have sharp fingernails. [potion of
                  | mutation]
211081 | Depths:4 | Lost mutation: You are agile. (Dex +4, Str/Int -1) [potion
                  | of mutation]
211081 | Depths:4 | Gained mutation: Your movements are slightly less
                  | encumbered by armour. (ER -2) [potion of mutation]
211081 | Depths:4 | Gained mutation: Your spells are a little easier to cast,
                  | but a little less powerful. [potion of mutation]
211081 | Depths:4 | Gained mutation: Your muscles are strong. (Str +4, Int/Dex
                  | -1) [potion of mutation]
211082 | Depths:4 | Lost mutation: Your muscles are strong. (Str +4, Int/Dex
                  | -1) [potion of mutation]
211082 | Depths:4 | Lost mutation: Your magical capacity is very low. (-20% MP)
                  | [potion of mutation]
211082 | Depths:4 | Lost mutation: Your movements are slightly less encumbered
                  | by armour. (ER -2) [potion of mutation]
211082 | Depths:4 | Gained mutation: Potions are less effective at restoring
                  | your health. [potion of mutation]
211082 | Depths:4 | Gained mutation: You passively dampen the noise of your
                  | surroundings. [potion of mutation]
211082 | Depths:4 | Gained mutation: You are strong-willed. (Will+) [potion of
                  | mutation]
211082 | Depths:4 | Gained mutation: Your flesh is cold resistant. (rC+)
                  | [potion of mutation]
211083 | Depths:4 | Lost mutation: You passively dampen the noise of your
                  | surroundings. [potion of mutation]
211083 | Depths:4 | Lost mutation: Potions are less effective at restoring your
                  | health. [potion of mutation]
211083 | Depths:4 | Gained mutation: You possess an exceptional clarity of
                  | mind. [potion of mutation]
211083 | Depths:4 | Gained mutation: You have a pair of small horns on your
                  | head. [potion of mutation]
211084 | Depths:4 | Lost mutation: You are strong-willed. (Will+) [potion of
                  | mutation]
211084 | Depths:4 | Lost mutation: Your magical capacity is low. (-10% MP)
                  | [potion of mutation]
211084 | Depths:4 | Lost mutation: You possess an exceptional clarity of mind.
                  | [potion of mutation]
211084 | Depths:4 | Gained mutation: Your muscles are strong. (Str +4, Int/Dex
                  | -1) [potion of mutation]
211084 | Depths:4 | Gained mutation: You expend magic power (3 MP) to
                  | strengthen your wands. [potion of mutation]
211085 | Depths:4 | Lost mutation: Your spells are a little easier to cast, but
                  | a little less powerful. [potion of mutation]
211085 | Depths:4 | Lost mutation: You have a pair of small horns on your head.
                  | [potion of mutation]
211085 | Depths:4 | Lost mutation: Your flesh is cold resistant. (rC+) [potion
                  | of mutation]
211086 | Depths:4 | Lost mutation: Your muscles are strong. (Str +4, Int/Dex
                  | -1) [potion of mutation]
211086 | Depths:4 | Lost mutation: You expend magic power (3 MP) to strengthen
                  | your wands. [potion of mutation]
211086 | Depths:4 | Gained mutation: You are strong-willed. (Will+) [potion of
                  | mutation]
211086 | Depths:4 | Lost mutation: You are strong-willed. (Will+) [potion of
                  | mutation]
211087 | Depths:4 | Gained mutation: You are clumsy. (Dex -2) [potion of
                  | mutation]
211087 | Depths:4 | Gained mutation: You have a pair of small horns on your
                  | head. [potion of mutation]
211088 | Depths:4 | Lost mutation: You are clumsy. (Dex -2) [potion of
                  | mutation]
211088 | Depths:4 | Lost mutation: You have a pair of small horns on your head.
                  | [potion of mutation]
211088 | Depths:4 | Gained mutation: You possess an exceptional clarity of
                  | mind. [potion of mutation]
211089 | Depths:4 | Lost mutation: You possess an exceptional clarity of mind.
                  | [potion of mutation]
211089 | Depths:4 | Gained mutation: You have hidden genetic defects. [potion
                  | of mutation]
211089 | Depths:4 | Gained mutation: You possess an exceptional clarity of
                  | mind. [potion of mutation]
211090 | Depths:4 | Lost mutation: You possess an exceptional clarity of mind.
                  | [potion of mutation]
211090 | Depths:4 | Lost mutation: You have hidden genetic defects. [potion of
                  | mutation]
211090 | Depths:4 | Gained mutation: You are clumsy. (Dex -2) [potion of
                  | mutation]
211090 | Depths:4 | Gained mutation: Your spells are a little harder to cast,
                  | but a little more powerful. [potion of mutation]
211090 | Depths:4 | Gained mutation: Your mind is acute. (Int +4, Str/Dex -1)
                  | [potion of mutation]
211090 | Depths:4 | Gained mutation: Your mind is very acute. (Int +8, Str/Dex
                  | -2) [potion of mutation]
211091 | Depths:4 | Lost mutation: Your spells are a little harder to cast, but
                  | a little more powerful. [potion of mutation]
211091 | Depths:4 | Lost mutation: Your mind is very acute. (Int +8, Str/Dex
                  | -2) [potion of mutation]
211091 | Depths:4 | Gained mutation: You passively map a small area around you.
                  | [potion of mutation]
211091 | Depths:4 | Gained mutation: Your natural rate of healing is unusually
                  | fast. [potion of mutation]
211091 | Depths:4 | Lost mutation: You are clumsy. (Dex -2) [potion of
                  | mutation]
211092 | Depths:4 | Lost mutation: Your mind is acute. (Int +4, Str/Dex -1)
                  | [potion of mutation]
211092 | Depths:4 | Lost mutation: You passively map a small area around you.
                  | [potion of mutation]
211092 | Depths:4 | Gained mutation: You have an increased reservoir of magic.
                  | (+10% MP) [potion of mutation]
211092 | Depths:4 | Gained mutation: Your muscles are strong. (Str +4, Int/Dex
                  | -1) [potion of mutation]
211093 | Depths:4 | Lost mutation: Your muscles are strong. (Str +4, Int/Dex
                  | -1) [potion of mutation]
211093 | Depths:4 | Lost mutation: You have an increased reservoir of magic.
                  | (+10% MP) [potion of mutation]
211093 | Depths:4 | Gained mutation: Your magical capacity is low. (-10% MP)
                  | [potion of mutation]
211094 | Depths:4 | Lost mutation: Your magical capacity is low. (-10% MP)
                  | [potion of mutation]
211094 | Depths:4 | Lost mutation: Your natural rate of healing is unusually
                  | fast. [potion of mutation]
211094 | Depths:4 | Gained mutation: Your mind is acute. (Int +4, Str/Dex -1)
                  | [potion of mutation]
211094 | Depths:4 | Gained mutation: Your mind is very acute. (Int +8, Str/Dex
                  | -2) [potion of mutation]
211095 | Depths:4 | Lost mutation: Your mind is very acute. (Int +8, Str/Dex
                  | -2) [potion of mutation]
211095 | Depths:4 | Lost mutation: Your mind is acute. (Int +4, Str/Dex -1)
                  | [potion of mutation]
211095 | Depths:4 | Gained mutation: Your body sometimes deteriorates upon
                  | taking damage. [potion of mutation]
211095 | Depths:4 | Gained mutation: You are somewhat resistant to further
                  | mutation. [potion of mutation]
211096 | Depths:4 | Lost mutation: Your body sometimes deteriorates upon taking
                  | damage. [potion of mutation]
211096 | Depths:4 | Lost mutation: You are somewhat resistant to further
                  | mutation. [potion of mutation]
211096 | Depths:4 | Gained mutation: You are partially covered in large bone
                  | plates. (SH +4) [potion of mutation]
211096 | Depths:4 | Gained mutation: Your magical capacity is low. (-10% MP)
                  | [potion of mutation]
211096 | Depths:4 | Gained mutation: You expend magic power (3 MP) to
                  | strengthen your wands. [potion of mutation]
211096 | Depths:4 | Gained mutation: You have a pair of small horns on your
                  | head. [potion of mutation]
211097 | Depths:4 | Lost mutation: You have a pair of small horns on your head.
                  | [potion of mutation]
211097 | Depths:4 | Lost mutation: Your magical capacity is low. (-10% MP)
                  | [potion of mutation]
211097 | Depths:4 | Lost mutation: You are partially covered in large bone
                  | plates. (SH +4) [potion of mutation]
211097 | Depths:4 | Gained mutation: Your muscles are strong. (Str +4, Int/Dex
                  | -1) [potion of mutation]
211097 | Depths:4 | Gained mutation: You have hidden genetic potential. [potion
                  | of mutation]
211098 | Depths:4 | Lost mutation: Your muscles are strong. (Str +4, Int/Dex
                  | -1) [potion of mutation]
211098 | Depths:4 | Lost mutation: You expend magic power (3 MP) to strengthen
                  | your wands. [potion of mutation]
211098 | Depths:4 | Gained mutation: A frigid envelope surrounds you and
                  | freezes all who hurt you. [potion of mutation]
211338 | Zot:5    | Learned a level 2 spell: Passwall
211340 | Zot:5    | Got the Orb of Zot
211799 | D:6      | Noticed Diseet the pandemonium lord
211801 | D:6      | Killed Diseet the pandemonium lord
211878 | D:3      | Noticed Nayvik the pandemonium lord
211883 | D:3      | Killed Nayvik the pandemonium lord
211960 | D:$      | Escaped with the Orb!

Illustrated notes

Levels and vault maps discovered:
D:1:      minmay_arrival_wavy_path, layout_basic, serial_shops,
          nicolae_shop_waterfront, interstate_on_off
D:2:      layout_loops_ring, serial_forest, infiniplex_forest_clump_long,
          infiniplex_forest_corner_2, infiniplex_forest_end_2,
          infiniplex_forest_lined_room_, infiniplex_forest_lined_room_,
          infiniplex_forest_clump_medium, infiniplex_forest_clump_small,
          chequers_ecumenical_altar_grove
D:3:      layout_loops_ring, mainiacjoe_overflow_cross_hatched,
          lemuel_zombie_altar_yredelemnul, minmay_misc_feat_ornament
D:4:      layout_basic, gammafunk_ghost_icy, uniq_eustachio, uniq_ijyb,
          uniq_sigmund
D:5:      layout_loops_corners, fedhas_altar_decomposition,
          minmay_temple_entry_waves, uniq_grinder
D:6:      layout_basic, nicolae_uskayaw_murder_on_the_dancefloor,
          nicolae_overflow_crystal_walls, nicolae_hepliaklqana_hazy_memory,
          serial_shops, nicolae_shop_bloodbath_and_beyond
D:7:      layout_basic, lemuel_round_altar, mainiacjoe_overflow_big_doors,
          serial_rivers, chequers_serial_rivers_micro_e,
          chequers_serial_rivers_micro_b, chequers_serial_rivers_micro_a,
          chequers_serial_rivers_micro_b, chequers_serial_rivers_micro_c,
          chequers_serial_rivers_marsh, minmay_lizard_king
D:8:      layout_basic, grunt_temple_overflow_open, minivault_21,
          minmay_fractal_squares_diagonal_5, uniq_joseph
D:9:      layout_basic, mainiacjoe_overflow_small_starburst, lair_entry_dummy
D:10:     layout_loops_cross, kennysheep_mini_moat, enter_bailey_3,
          hangedman_abyss_or_decor_lesser_grid, fungi_pond_lemuel, uniq_sonja
D:11:     layout_loops_ring, kennysheep_orc_monster_closet_entryway,
          nicolae_qazlal_style_of_elements
D:12:     minmay_the_grid_4x2 [minmay_the_grid_tree, minmay_the_grid_garden,
          minmay_the_grid_dragon_a, minmay_the_grid_pillar_ring,
          minmay_the_grid_embedded, minmay_the_grid_slots,
          minmay_the_grid_rooms, minmay_the_grid_prize_big_room],
          layout_stronghold, uniq_urug
D:13:     layout_basic, skrybe_vaults_entry_preservation,
          ebering_ghost_funeral_grove, kennysheep_generic_room_14
D:14:     layout_basic, minmay_guarded_unrand_variability
D:15:     grunt_enter_depths_hoard, layout_basic, abandoned_shop
Temple:   hellmonk_temple_rainy
Lair:1:   layout_loops_ring, dpeg_stationary_puzzle
Lair:2:   cheibrodos_lair_overgrown_chateau, layout_regular_city,
          minmay_shoals_entry_beasts
Lair:3:   layout_chaotic_city, spider_nest_entry_webs,
          chequers_serial_rivers_room_a
Lair:4:   layout_gridlike, nicolae_slime_entry_slimehenge, serial_bayou_shore_b,
          infiniplex_staircase_pool, lemuel_fruit_fields
Lair:5:   minmay_lair_end_enchanted_forest, layout_regular_city,
          minmay_lair_oklob_items, lemuel_oklob_altar
Shoals:1: cheibrodos_shoals_three_sisters, layout_shoals,
          nicolae_shoals_sun_and_surf, uniq_nikola
Shoals:2: nicolae_shoals_island_circles, layout_shoals, serial_shops, shop,
          nicolae_shoals_mertower
Shoals:3: cheibrodos_shoals_oceanic_diplomacy, layout_shoals
Shoals:4: shoals_end_grunt_ice, layout_shoals
Spider:1: layout_spider_delve, hellmonk_ghost_happy_afterlife, drop_trap,
          nicolae_spider_eight_legs
Spider:2: layout_spider_delve
Spider:3: spiders_nest_a
Spider:4: spider_rune_water, nicolae_spider_wall_of_niches, uniq_arachne,
          uniq_louise
Slime:1:  layout_caves, cheibrodos_slime_lost_civilization_4
Slime:2:  layout_caves
Slime:3:  layout_caves, cheibrodos_slime_lost_civilization_5
Slime:4:  layout_caves
Slime:5
Orc:1:    layout_caves, serial_shops, nicolae_shop_hallway_stairs,
          abandoned_shop, minmay_orc_treasury, uniq_erolcha
Orc:2:    st_orc_elflike, layout_diamond_mine, minmay_orc_temple_a
Elf:1:    elf_arrival_001, layout_geoelf_octagon,
          gammafunk_ghost_fury_of_okawaru, minmay_elf_annihilation, uniq_jorgrun
Elf:2:    elven_hall_of_blades_hangedman_original
          [nicolae_blade_entry_antechamber], layout_geoelf_octagon,
          serial_shops, nicolae_shop_waterfront, nicolae_shop_statue_plus,
          shop_fountains, shop_fountains
Elf:3:    grunt_elf_hall_asides, layout_gridlike, basic_altar, serial_shops,
          nicolae_square_shop, grunt_ministairs_13, uniq_saint_roka
Vaults:1: mu_enter_wizlab_5, vaults_room_pool, v_rooms_1,
          vaults_mumra_minichess, door_vault, nicolae_vaults_twisting_passages,
          ontoclasm_vaults_decontamination, dpeg_vaults_monster_box,
          vaults_room_pool, nicolae_vaults_network_square,
          ontoclasm_vaults_spin, layout_vaults_omnicross
Vaults:2: blue_anna_dwarven_crypt, minmay_guarded_unrand_guard_vaults,
          vaults_room_grunt_arrival_ludios, ontoclasm_vaults_twist, v_misc_33,
          v_misc_9, nicolae_vaults_alarming, hangedman_vaults_slice,
          layout_vaults_omnigrid
Vaults:3: grunt_vaults_diagonal, nicolae_vaults_little_squares_1, v_rooms_2,
          ontoclasm_vaults_fault, grunt_vaults_trifunnel,
          hangedman_vaults_stretched_pinwheel, hangedman_vaults_cutoff,
          v_alt_pattern_5, hangedman_vaults_locks, nicolae_vaults_asterisk,
          nicolae_vaults_little_squares_6, ontoclasm_vaults_shuriken,
          nicolae_vaults_murderbox, hangedman_vaults_impose,
          grunt_vaults_bifocal, layout_vaults_maze_bifur, uniq_frederick
Vaults:4: grunt_vaults_funnel, v_misc_19, hangedman_vaults_capsules,
          vaults_mumra_chevron, v_misc_13, nicolae_vaults_hallways_thing,
          nicolae_vaults_little_ls, vaults_dpeg_ring, vaults_room_pool,
          hangedman_vaults_stream, layout_vaults_chaotic_city, serial_shops,
          bzr_entry_road
Vaults:5
Crypt:1:  layout_rooms
Crypt:2:  layout_misc_corridors
Crypt:3:  david_glass_crypt, layout_rooms,
          nicolae_tomb_entry_unfolded_pyramid_diagonal, gammafunk_ghost_cemetery
Tomb:1:   uniq_khufu
Tomb:2
Tomb:3
Depths:1: layout_forbidden_donut, abyss_entry, kennysheep_another_room,
          serial_column_ruins, column_ruins_portal_island, column_ruins_hut,
          column_ruins_corridor_corner, column_ruins_columns_corner,
          column_ruins_grid_4, column_ruins_columns_straight,
          hangedman_coc_ice_floe, nicolae_twisting_strands,
          nicolae_wu_jian_immortal_techniques
Depths:2: nzn_winding_woodlands_small [nzn_winding_woodlands_5x15_sidewinder,
          nzn_winding_woodlands_center_triple_pond,
          nzn_winding_woodlands_5x15_river_crossing], layout_cave_pools,
          pan_entry, hellmouth_1, minmay_staircase_windowed_small,
          uniq_enchantress, uniq_vv, uniq_mara
Depths:3: minmay_three_patterns, layout_gridlike, hell_entry, abyss_entry,
          amcnicky_mini_rare_corridor_liquid, grunt_pan_entry_zigzag,
          serial_shops, shop, grunt_megastairs_1, minmay_staircase_bubble
Depths:4: evilmike_zot_entry_castle, layout_basic, enter_ziggurat_d,
          serial_shops, nicolae_shop_advertising_works
          [nicolae_subvault_shop_adworks], serial_glass, glass_columns_b,
          glass_columns_c, hell_entry, chequers_serial_rivers_micro_c,
          uniq_josephina, uniq_boris
Hell
Dis:1:    layout_jigsaw
Dis:2:    layout_subdivisions
Dis:3:    layout_gridville, nicolae_dis_strange_trophy_room
Dis:4:    layout_jigsaw
Dis:5:    layout_jigsaw, lemuel_dis_dragons
Dis:6:    layout_subdivisions, nicolae_dis_liches_on_tour
Dis:7:    dis_st
Geh:1:    nicolae_hells_titanomachy
Geh:2:    layout_gehenna_pools_box
Geh:3:    layout_gehenna_lava_caves
Geh:4:    layout_gehenna_pools_triple, nicolae_geh_fiery_graves
          [nicolae_geh_single_fiery_grave, nicolae_geh_single_fiery_grave,
          nicolae_geh_single_fiery_grave, nicolae_geh_single_fiery_grave,
          nicolae_geh_single_fiery_grave, nicolae_geh_single_fiery_grave,
          nicolae_geh_single_fiery_grave, nicolae_geh_single_fiery_grave,
          nicolae_geh_single_fiery_grave], nicolae_geh_single_fiery_grave
Geh:5:    layout_gehenna_pools_triple
Geh:6:    layout_gehenna_pools_basic, special_room [special_room_morgue]
Geh:7:    geh_grunt
Coc:1:    layout_cocytus_water_paths
Coc:2:    layout_cocytus_water_paths
Coc:3:    layout_cocytus_water_paths
Coc:4:    layout_cocytus_water_paths
Coc:5:    layout_cocytus_water_paths
Coc:6:    layout_ice_bergs
Coc:7:    coc_grunt
Tar:1:    layout_cathedral_of_symmetry
Tar:2:    layout_grid_maze
Tar:3:    layout_grid_maze, nicolae_tar_cuneiform_not
Tar:5:    layout_honeycomb, nicolae_tar_windowcombs
Tar:6:    layout_grid_maze, nicolae_hells_leichenhalle
Tar:7:    tar_grunt_cathedral
Zot:1:    layout_twisted_circle
Zot:2:    layout_onion, st_large_dragon_hoard_4
Zot:3:    layout_twisted_circle, zot_minivault_2
Zot:4:    layout_concentric_octagons
Zot:5:    layout_twisted_circle

Skill      XL: |  1  2  3  4  5  6  7  8  9 10 11 12 13 14 15 16 17 18 19 20 21 22 23 24 25 26 27 |
---------------+----------------------------------------------------------------------------------+-----
Fighting       | 1 2 3 4 5 7 8 10 11 12 13 14 15 16 18 20 21 27 | 27.0
Earth Magic    | 3 4 5 6 7 8 9 10 11 12 13 14 15 27 | 27.0
Spellcasting   | 3 4 5 6 7 9 10 11 12 13 14 15 16 18 19 20 21 27 | 27.0
Armour         | 1 2 3 4 5 6 7 9 10 11 12 13 14 15 16 27 | 27.0
Dodging        | 2 3 27 | 27.0
Poison Magic   | 1 3 27 | 27.0
Air Magic      | 1 2 3 4 6 27 | 27.0
Conjurations   | 2 3 5 6 7 8 9 10 11 12 13 15 27 | 27.0
Transmutations | 3 6 10 13 27 | 27.0
Stealth        | 3 27 | 27.0
Shields        | 3 5 7 8 10 11 12 14 15 27 | 27.0
Necromancy     | 2 5 7 9 11 14 15 27 | 27.0
Ice Magic      | 3 4 6 27 | 27.0
Fire Magic     | 5 11 14 15 27 | 27.0
Throwing       | 27 | 27.0
Axes           | 27 | 27.0
Evocations     | 27 | 27.0
Staves         | 27 | 27.0
Maces & Flails | 27 | 27.0
Polearms       | 27 | 27.0
Short Blades   | 27 | 27.0
Long Blades    | 27 | 27.0
Ranged Weapons | 27 | 27.0
Unarmed Combat | 27 | 27.0
Translocations | 27 | 27.0
Hexes          | 27 | 27.0
Summonings     | 27 | 27.0
Invocations    | 27 | 27.0

Action                   |  1- 3 |  4- 6 |  7- 9 | 10-12 | 13-15 | 16-18 | 19-21 | 22-24 | 25-27 || total
-------------------------+-------+-------+-------+-------+-------+-------+-------+-------+-------++-------
Melee: Unarmed           |     3 |       |       |       |       |       |       |       |       ||     3
       Dagger            |    53 |    69 |   143 |   168 |    46 |       |       |       |       ||   479
       Punch             |     1 |     3 |     4 |     2 |       |       |       |       |       ||    10
       Kick              |       |     5 |    65 |    82 |   147 |   161 |   234 |   170 |   631 ||  1495
       Spear             |       |       |    45 |       |   286 |   429 |   453 |   293 |   187 ||  1693
       Hand axe          |       |       |       |    30 |       |       |       |       |       ||    30
       Bardiche          |       |       |       |     4 |       |       |       |       |       ||     4
       Katana            |       |       |       |       |       |       |       |    33 |       ||    33
       Staff             |       |       |       |       |       |       |       |     8 |   619 ||   627
       Short sword       |       |       |       |       |       |       |       |    10 |    10 ||    20
       Trident           |       |       |       |       |       |       |       |     1 |   223 ||   224
       Broad axe         |       |       |       |       |       |       |       |       |    98 ||    98
       Rapier            |       |       |       |       |       |       |       |       |    22 ||    22
       Lance             |       |       |       |       |       |       |       |       |    17 ||    17
       Bite              |       |       |       |       |       |       |       |       |     7 ||     7
Throw: Javelin           |       |       |       |       |       |     2 |       |       |    74 ||    76
 Cast: Sandblast         |    33 |    24 |   134 |   152 |    46 |    15 |       |       |       ||   404
       Stone Arrow       |       |       |    10 |   122 |   318 |   178 |    22 |     6 |     2 ||   658
       Passwall          |       |       |     1 |     3 |     4 |     2 |     1 |     5 |    62 ||    78
       Mephitic Cloud    |       |       |       |    22 |    26 |     4 |     5 |     1 |       ||    58
       Iskenderun's Myst |       |       |       |    11 |   121 |   104 |    72 |    65 |    39 ||   412
       Olgreb's Toxic Ra |       |       |       |     1 |    90 |    19 |       |       |       ||   110
       Borgnjor's Vile C |       |       |       |       |    20 |   279 |   351 |   300 |   420 ||  1370
       Freezing Cloud    |       |       |       |       |     3 |   128 |   101 |    39 |    13 ||   284
       Swiftness         |       |       |       |       |     2 |     2 |     3 |    12 |    29 ||    48
       Iron Shot         |       |       |       |       |       |       |   272 |   403 |   802 ||  1477
       Lehudib's Crystal |       |       |       |       |       |       |     6 |     5 |    54 ||    65
       Ignition          |       |       |       |       |       |       |       |    30 |   897 ||   927
       Fire Storm        |       |       |       |       |       |       |       |       |   307 ||   307
       Necromutation     |       |       |       |       |       |       |       |       |   627 ||   627
       Shatter           |       |       |       |       |       |       |       |       |  1385 ||  1385
       Chain Lightning   |       |       |       |       |       |       |       |       |  1044 ||  1044
       Polar Vortex      |       |       |       |       |       |       |       |       |   350 ||   350
       Ozocubu's Refrige |       |       |       |       |       |       |       |       |   246 ||   246
Invok: Potion Petition   |       |       |       |       |       |       |       |       |   655 ||   655
       Renounce Religion |       |       |       |       |       |       |       |       |     1 ||     1
 Abil: End Transformatio |       |       |       |       |       |       |       |       |    88 ||    88
       Evoke Invisibilit |       |       |       |       |       |       |       |       |    28 ||    28
Evoke: Wand              |       |       |     4 |     6 |     9 |     1 |       |       |     4 ||    24
       Condenser vane    |       |       |       |     1 |     1 |       |       |     1 |    17 ||    20
       Phantom mirror    |       |       |       |       |       |     2 |       |       |     2 ||     4
       Figurine of a zig |       |       |       |       |       |       |       |       |    12 ||    12
  Use: Scroll            |       |       |    10 |     7 |    16 |    14 |    11 |     6 |    93 ||   157
       Potion            |       |       |     1 |     1 |     6 |     2 |       |     7 |   442 ||   459
 Stab: Paralysed         |     5 |    11 |    21 |    38 |    55 |    77 |    98 |    53 |    81 ||   439
       Sleeping          |     4 |     1 |       |       |     1 |     1 |     2 |     1 |     2 ||    12
       Confused          |       |       |       |    15 |    10 |       |     2 |       |       ||    27
       Distracted        |       |       |       |       |       |     1 |       |     1 |    25 ||    27
       Invisible         |       |       |       |       |       |       |       |       |    17 ||    17
Armor: Robe              |    16 |    11 |       |       |       |       |       |       |   263 ||   290
       Scale mail        |       |    16 |    93 |   218 |    66 |       |       |       |       ||   393
       Swamp dragon scal |       |       |       |       |   140 |   302 |   166 |   166 |       ||   774
       Chain mail        |       |       |       |       |       |       |    11 |   156 |   245 ||   412
       Skin              |       |       |       |       |       |       |       |       |     1 ||     1
       Crystal plate arm |       |       |       |       |       |       |       |       |  1704 ||  1704
       Troll leather arm |       |       |       |       |       |       |       |       |   242 ||   242
Dodge: Dodged            |    59 |    40 |    78 |   161 |   162 |   195 |   146 |   175 |  1106 ||  2122
       Repelled          |       |       |       |       |       |     2 |     9 |    10 |   168 ||   189
Block: Kite shield       |       |       |       |       |   449 |   596 |   496 |   461 |  3046 ||  5048
       Reflection        |       |       |       |       |    17 |    60 |    78 |    15 |       ||   170
